 Dungeon Crawl Stone Soup version 0.29.0-4-gdea44cf6ec (webtiles) character file.

Game seed: 17116635807844066603

2058 qw the Grappler (level 9, 1/1 (71) HPs)
             Began as a Ghoul Fire Elementalist on Aug 29, 2022.
             Tarried too long and was consumed by Zot
             ... on level 7 of the Dungeon.
             The game lasted 01:50:22 (36872 turns).

qw the Grappler (Ghoul Fire Elementalist)          Turns: 36872, Time: 01:50:22

HP:   1/1 (71)      AC: 14    Str: 16    XL:     9   Next: 25%
MP:   11/11         EV: 18    Int: 10    God:
Gold: 317           SH:  8    Dex:  9    Spells: 10/11 levels left

rFire   + + .      SeeInvis .     - Unarmed
rCold   + + .      Faith    .   c - +0 kite shield
rNeg    + + +      Spirit   .   g - +1 plate armour {rPois}
rPois   inf        Reflect  .   (no helmet)
rElec   .          Harm     .   j - scarf {rC+ rF+}
rCorr   .          Rampage  .   h - +0 pair of gloves
Will    .....                   a - +0 pair of boots
Stlth   ..........              l - amulet of the acrobat
HPRegen 0.00/turn               f - ring of protection from fire
MPRegen 0.12/turn               (no ring)

@: acrobatic, inhibited regen, extremely drained, bezotted and risking death
A: claws 1, cold resistance 1, negative energy resistance 3, inhibited
regeneration, torment resistance 2, devour on kill
a: no special abilities


You were on level 7 of the Dungeon.
You visited 1 branch of the dungeon, and saw 7 of its levels.

You collected 317 gold pieces.


Innate Abilities, Weirdness & Mutations

You are immune to poison.
You have sharp fingernails.
Your flesh is cold resistant. (rC+)
You are immune to negative energy. (rN+++)
You do not regenerate when monsters are visible.
You are immune to unholy pain and torment.
You thrive by killing the living.


   Skills:
 - Level 4.0 Fighting
 - Level 3.1 Armour
 - Level 1.7 Dodging
 - Level 2.1 Stealth
 + Level 4.0 Shields
 - Level 9.2 Unarmed Combat
 - Level 1.7 Spellcasting
 - Level 0.7 Conjurations
 - Level 2.4 Fire Magic
 - Level 4.5 Invocations


You had 10 spell levels left.
You knew the following spells:

 Your Spells              Type           Power      Damage    Failure   Level
a - Foxfire               Conj/Fire      16%        2x1d4     100%        1

Your spell library contained the following spells:

 Spells                   Type           Power      Damage    Failure   Level
 Scorch                   Fire           10%        2d6       100%        2
 Conjure Flame            Conj/Fire      4%         6-21      100%        3
 Inner Flame              Hex/Fire       3%         N/A       100%        3
 Flame Wave               Conj/Fire      4%         2d5       100%        4

Inventory:

Armour
 a - a +0 pair of boots (worn)
 c - a +0 kite shield (worn)
 g - a +1 plate armour of poison resistance (worn)
 h - a +0 pair of gloves (worn)
 j - a scarf of resistance (worn)
Jewellery
 f - a ring of protection from fire (left hand)
 l - an amulet of the acrobat (around neck)
Scrolls
 d - 3 scrolls of identify
Potions
 b - a potion of mutation
 e - 2 potions of curing
 k - a potion of cancellation

Dungeon Overview and Level Annotations

Branches:
Dungeon (7/15) Zot: 0! Temple: D:4-7 You are so drained that the power of Zot will kill you!

Altars:
Fedhas
Nemelex Xobeh
Okawaru
Ru

Shops:
D:7 (


Message History

You see here a stone.
36799 ||| Stepping ~*~*~tactically~*~*~ (outnumbered).
You see here a stone.
36801 ||| Stepping ~*~*~tactically~*~*~ (outnumbered).
You see here a stone.
36803 ||| Stepping ~*~*~tactically~*~*~ (outnumbered).
You see here a stone.
36805 ||| Stepping ~*~*~tactically~*~*~ (outnumbered).
You see here a stone.
36817 ||| Stepping ~*~*~tactically~*~*~ (outnumbered).
You see here a stone.
36819 ||| Stepping ~*~*~tactically~*~*~ (outnumbered).
You see here a stone.
36821 ||| Stepping ~*~*~tactically~*~*~ (outnumbered).
You see here a stone.
36823 ||| Stepping ~*~*~tactically~*~*~ (outnumbered).
You see here a stone.
36825 ||| Stepping ~*~*~tactically~*~*~ (outnumbered).
You see here a stone.
36837 ||| Stepping ~*~*~tactically~*~*~ (outnumbered).
You see here a stone.
36839 ||| Stepping ~*~*~tactically~*~*~ (outnumbered).
You see here a stone.
36841 ||| Stepping ~*~*~tactically~*~*~ (outnumbered).
You see here a stone.
36843 ||| Stepping ~*~*~tactically~*~*~ (outnumbered).
You see here a stone.
36845 ||| Stepping ~*~*~tactically~*~*~ (outnumbered).
You see here a stone.
36857 ||| Stepping ~*~*~tactically~*~*~ (outnumbered).
You see here a stone.
36859 ||| Stepping ~*~*~tactically~*~*~ (outnumbered).
You see here a stone.
36861 ||| Stepping ~*~*~tactically~*~*~ (outnumbered).
You see here a stone.
36863 ||| Stepping ~*~*~tactically~*~*~ (outnumbered).
You see here a stone.
36865 ||| Stepping ~*~*~tactically~*~*~ (outnumbered).
Zot excises you from existence.
You die...

....# .>....#
.......##
.........
.........
........########
.......#...@(8#
#...\(....8#
#.#.#....(8#
#...########
#..)....#
#.#####.# #. #.#
#. #.### #.# #
#...# #.#


You could see 3 training dummies.

Vanquished Creatures
  Pikel (D:6)
  3 water moccasins
  An ice beast (D:6)
  2 black bears
  An ogre (D:7)
  2 phantoms (D:6)
  A bullfrog (D:7)
  3 hounds
  3 jellies
  2 gnoll boudas
  3 orc priests
  5 orc wizards
  An iguana (D:4)
  9 gnolls
  7 adders
  A white imp (D:6)
  3 worms
  4 dart slugs
  10 orcs
  3 bats
  9 endoplasms
  2 giant cockroaches (D:4)
  7 goblins
  2 hobgoblins (D:3)
  4 jackals
  5 kobolds
  3 quokkas
  6 ball pythons
  3 frilled lizards
  A rat (D:2)
107 creatures vanquished.

Notes
Turn   | Place    | Note
-------+----------+-------------------------------------------
     0 | D:1      | qw the Ghoul Fire Elementalist began the quest for the Orb.
     0 | D:1      | Reached XP level 1. HP: 14/14 MP: 2/2
     0 | D:1      | 0 ||| qw: Version: 0.1-a-90-g952f4b7
     0 | D:1      | 0 ||| qw: Game counter: 4212
     0 | D:1      | 0 ||| qw: Always use a shield: true
     0 | D:1      | 0 ||| qw: God list: Okawaru
     0 | D:1      | 0 ||| qw: Allow faded altars: false
     0 | D:1      | 0 ||| qw: Do Orc after D:15 true
     0 | D:1      | 0 ||| qw: Do second Lair branch before Depths: true
     0 | D:1      | 0 ||| qw: Lair rune preference: random
     0 | D:1      | 0 ||| qw: Plans: Normal
     0 | D:1      | 0 ||| PLANNING D:1-11
   376 | D:1      | Reached skill level 1 in Unarmed Combat
   638 | D:1      | Reached skill level 1 in Fighting
   638 | D:1      | Reached XP level 2. HP: 10/23 MP: 3/3
  1369 | D:1      | 1369 ||| UPGRADING to +1 plate armour of poison resistance.
  1379 | D:1      | 1379 ||| DROPPING +0 robe.
  1380 | D:1      | 1380 ||| READING 2 scrolls labelled WAAPTY IDYEB.
  1381 | D:1      | 1381 ||| READING scroll labelled CERIJI LEMA.
  1382 | D:1      | 1382 ||| READING scroll labelled DASOGU LOWU.
  1483 | D:1      | 1483 ||| DROPPING potion of magic.
  1509 | D:2      | 1509 ||| STAIRDANCE
  1519 | D:2      | 1519 ||| STAIRDANCE
  1535 | D:2      | 1535 ||| Stepping ~*~*~tactically~*~*~ (outnumbered).
  1556 | D:2      | Reached skill level 2 in Unarmed Combat
  1565 | D:2      | Reached XP level 3. HP: 20/28 MP: 4/4
  1570 | D:2      | 1570 ||| FLEEEEING.
  1571 | D:2      | 1571 ||| STAIRDANCE
  1654 | D:2      | 1654 ||| STAIRDANCE
  1685 | D:2      | 1685 ||| STAIRDANCE
  1755 | D:2      | 1755 ||| Stepping ~*~*~tactically~*~*~ (hiding).
  1759 | D:2      | 1759 ||| Stepping ~*~*~tactically~*~*~ (hiding).
  1765 | D:2      | Reached skill level 3 in Unarmed Combat
  1915 | D:2      | 1915 ||| FLEEEEING.
  1916 | D:2      | 1916 ||| FLEEEEING.
  1917 | D:2      | 1917 ||| FLEEEEING.
  1918 | D:2      | 1918 ||| FLEEEEING.
  1919 | D:2      | 1919 ||| STAIRDANCE
  1977 | D:2      | Found an iron altar of Okawaru.
  1986 | D:2      | Became a worshipper of Warmaster Okawaru
  2036 | D:2      | 2036 ||| Stepping ~*~*~tactically~*~*~ (stealth).
  2180 | D:2      | Found a faded altar of an unknown god.
  2216 | D:2      | Reached skill level 1 in Armour
  2309 | D:2      | 2309 ||| UPGRADING to +0 pair of boots.
  2314 | D:2      | 2314 ||| READING scroll labelled UNIOLITAHY.
  2315 | D:2      | 2315 ||| READING scroll labelled ZUFIGI XOI.
  2316 | D:2      | 2316 ||| READING scroll labelled ZOSOXAIDOTA.
  2317 | D:2      | 2317 ||| DRINKING 2 inky potions.
  2318 | D:2      | 2318 ||| DRINKING 2 cyan potions.
  2319 | D:2      | 2319 ||| DRINKING 2 golden potions.
  2320 | D:2      | 2320 ||| DROPPING potion of degeneration.
  2321 | D:2      | 2321 ||| DROPPING potion of attraction.
  2389 | D:3      | 2389 ||| Stepping ~*~*~tactically~*~*~ (outnumbered).
  2390 | D:3      | 2390 ||| Stepping ~*~*~tactically~*~*~ (outnumbered).
  2391 | D:3      | 2391 ||| Stepping ~*~*~tactically~*~*~ (outnumbered).
  2392 | D:3      | 2392 ||| Stepping ~*~*~tactically~*~*~ (outnumbered).
  2393 | D:3      | 2393 ||| Stepping ~*~*~tactically~*~*~ (outnumbered).
  2394 | D:3      | 2394 ||| Stepping ~*~*~tactically~*~*~ (outnumbered).
  2395 | D:3      | 2395 ||| Stepping ~*~*~tactically~*~*~ (outnumbered).
  2396 | D:3      | 2396 ||| Stepping ~*~*~tactically~*~*~ (outnumbered).
  2398 | D:3      | 2398 ||| Stepping ~*~*~tactically~*~*~ (hiding).
  2401 | D:3      | Reached XP level 4. HP: 34/35 MP: 5/5
  2567 | D:3      | 2567 ||| Stepping ~*~*~tactically~*~*~ (stealth).
  2641 | D:3      | 2641 ||| Stepping ~*~*~tactically~*~*~ (hiding).
  2933 | D:3      | 2933 ||| UPGRADING to +0 kite shield.
  2938 | D:3      | 2938 ||| UPGRADING to scarf of resistance.
  2943 | D:3      | 2943 ||| READING scroll labelled LOGGOXK WANGEOT.
  2944 | D:3      | 2944 ||| READING scroll labelled QAANEN WIPO.
  2945 | D:3      | 2945 ||| DRINKING 2 silvery potions.
  2946 | D:3      | 2946 ||| DRINKING 2 sedimented silvery potions.
  2947 | D:3      | 2947 ||| READING 3 scrolls of identify.
  2947 | D:3      | 2947 ||| IDENTIFYING green potion
  2948 | D:3      | 2948 ||| DROPPING potion of brilliance.
  2949 | D:3      | 2949 ||| DROPPING potion of invisibility.
  3287 | D:4      | Noticed a black bear
  3298 | D:4      | Killed a black bear
  3299 | D:4      | Reached XP level 5. HP: 23/40 MP: 6/6
  3550 | D:4      | Reached skill level 4 in Unarmed Combat
  3705 | D:4      | Found a sacrificial altar of Ru.
  3707 | D:4      | 3707 ||| Stepping ~*~*~tactically~*~*~ (hiding).
  3710 | D:4      | 3710 ||| Stepping ~*~*~tactically~*~*~ (hiding).
  3747 | D:4      | 3747 ||| Stepping ~*~*~tactically~*~*~ (stealth).
  3799 | D:4      | Reached XP level 6. HP: 43/47 MP: 7/7
  3905 | D:4      | Found an iron altar of Okawaru.
  4149 | D:4      | Found a blossoming altar of Fedhas.
  4410 | D:4      | 4410 ||| DROPPING ring of wizardry.
  4411 | D:4      | 4411 ||| UPGRADING to ring of protection from fire.
  4412 | D:4      | 4412 ||| READING scroll labelled ARHEDGH VOMNI.
  4413 | D:4      | 4413 ||| READING scroll labelled FOOXKA ROAQ.
  4426 | D:5      | Entered Level 5 of the Dungeon
  4645 | D:5      | Identified the +1 ring mail "Erropr Hinae" {rF+ Dex+4}
  4792 | D:5      | 4792 ||| DRINKING 2 potions of curing.
  4792 | D:5      | 4792 ||| (to cure confusion)
  4792 | D:5      | HP: 12/48 [orc priest/divine providence (10)]
  4795 | D:5      | Reached * piety under Okawaru
  4796 | D:5      | Reached skill level 5 in Unarmed Combat
  5181 | D:5      | 5181 ||| INVOKING Heroism.
  5211 | D:5      | Reached skill level 3 in Shields
  5211 | D:5      | Reached skill level 1 in Invocations
  5240 | D:5      | 5240 ||| Stepping ~*~*~tactically~*~*~ (stealth).
  5242 | D:5      | 5242 ||| INVOKING Heroism.
  5252 | D:5      | 5252 ||| Stepping ~*~*~tactically~*~*~ (stealth).
  5263 | D:5      | 5263 ||| Stepping ~*~*~tactically~*~*~ (stealth).
  5265 | D:5      | 5265 ||| Stepping ~*~*~tactically~*~*~ (stealth).
  5268 | D:5      | 5268 ||| Stepping ~*~*~tactically~*~*~ (stealth).
  5269 | D:5      | 5269 ||| Stepping ~*~*~tactically~*~*~ (stealth).
  5271 | D:5      | 5271 ||| Stepping ~*~*~tactically~*~*~ (hiding).
  5275 | D:5      | 5275 ||| INVOKING Heroism.
  5278 | D:5      | Reached XP level 7. HP: 55/55 MP: 5/8
  5509 | D:5      | 5509 ||| UPGRADING to +0 pair of gloves.
  5514 | D:5      | 5514 ||| READING scroll labelled YNWOPT JEELU.
  5515 | D:5      | 5515 ||| READING 4 scrolls of identify.
  5515 | D:5      | 5515 ||| IDENTIFYING metallic blue potion
  5590 | D:6      | Noticed Pikel
  5591 | D:6      | 5591 ||| INVOKING Heroism.
  5609 | D:6      | 5609 ||| INVOKING Heroism.
  5619 | D:6      | Killed Pikel
  5619 | D:6      | Reached ** piety under Okawaru
  5620 | D:6      | Reached skill level 6 in Unarmed Combat
  5620 | D:6      | Reached XP level 8. HP: 16/61 MP: 7/10
  5883 | D:6      | 5883 ||| INVOKING Heroism.
  5944 | D:6      | Reached skill level 3 in Fighting
  5973 | D:6      | 5973 ||| INVOKING Heroism.
  5982 | D:6      | Reached skill level 7 in Unarmed Combat
  6315 | D:6      | 6315 ||| INVOKING Heroism.
  6554 | D:6      | Found a sparkling altar of Nemelex Xobeh.
  6577 | D:6      | 6577 ||| INVOKING Heroism.
  6586 | D:6      | Reached skill level 8 in Unarmed Combat
  6728 | D:6      | 6728 ||| Stepping ~*~*~tactically~*~*~ (hiding).
  6734 | D:6      | 6734 ||| INVOKING Heroism.
  6852 | D:6      | 6852 ||| UPGRADING to amulet of the acrobat.
  6857 | D:6      | 6857 ||| READING scroll labelled XAHIWU ALUSH.
  6860 | D:6      | 6860 ||| READING scroll labelled ILIT FIPTEUSE.
  6884 | D:7      | 6884 ||| Stepping ~*~*~tactically~*~*~ (hiding).
  6961 | D:7      | 6961 ||| INVOKING Heroism.
  6965 | D:7      | 6965 ||| Stepping ~*~*~tactically~*~*~ (hiding).
  6977 | D:7      | Reached XP level 9. HP: 71/71 MP: 9/11
  6978 | D:7      | 6978 ||| INVOKING Heroism.
  6983 | D:7      | 6983 ||| Stepping ~*~*~tactically~*~*~ (hiding).
  6989 | D:7      | 6989 ||| Stepping ~*~*~tactically~*~*~ (outnumbered).
  7043 | D:7      | 7043 ||| INVOKING Heroism.
  7127 | D:7      | Found Torghu's Firing Range.
  7138 | D:7      | 7138 ||| INVOKING Heroism.
  7140 | D:7      | Reached skill level 9 in Unarmed Combat
  7270 | D:7      | 7270 ||| Stepping ~*~*~tactically~*~*~ (outnumbered).
  7272 | D:7      | 7272 ||| Stepping ~*~*~tactically~*~*~ (outnumbered).
  7284 | D:7      | 7284 ||| Stepping ~*~*~tactically~*~*~ (outnumbered).
  7286 | D:7      | 7286 ||| Stepping ~*~*~tactically~*~*~ (outnumbered).
  7288 | D:7      | 7288 ||| Stepping ~*~*~tactically~*~*~ (outnumbered).
  7290 | D:7      | 7290 ||| Stepping ~*~*~tactically~*~*~ (outnumbered).
  7292 | D:7      | 7292 ||| Stepping ~*~*~tactically~*~*~ (outnumbered).
  7304 | D:7      | 7304 ||| Stepping ~*~*~tactically~*~*~ (outnumbered).
  7306 | D:7      | 7306 ||| Stepping ~*~*~tactically~*~*~ (outnumbered).
  7308 | D:7      | 7308 ||| Stepping ~*~*~tactically~*~*~ (outnumbered).
  7310 | D:7      | 7310 ||| Stepping ~*~*~tactically~*~*~ (outnumbered).
  7312 | D:7      | 7312 ||| Stepping ~*~*~tactically~*~*~ (outnumbered).
  7324 | D:7      | 7324 ||| Stepping ~*~*~tactically~*~*~ (outnumbered).
  7326 | D:7      | 7326 ||| Stepping ~*~*~tactically~*~*~ (outnumbered).
  7328 | D:7      | 7328 ||| Stepping ~*~*~tactically~*~*~ (outnumbered).
  7330 | D:7      | 7330 ||| Stepping ~*~*~tactically~*~*~ (outnumbered).
  7332 | D:7      | 7332 ||| Stepping ~*~*~tactically~*~*~ (outnumbered).
  7344 | D:7      | 7344 ||| Stepping ~*~*~tactically~*~*~ (outnumbered).
  7346 | D:7      | 7346 ||| Stepping ~*~*~tactically~*~*~ (outnumbered).
  7348 | D:7      | 7348 ||| Stepping ~*~*~tactically~*~*~ (outnumbered).
  7350 | D:7      | 7350 ||| Stepping ~*~*~tactically~*~*~ (outnumbered).
  7352 | D:7      | 7352 ||| Stepping ~*~*~tactically~*~*~ (outnumbered).
  7364 | D:7      | 7364 ||| Stepping ~*~*~tactically~*~*~ (outnumbered).
  7366 | D:7      | 7366 ||| Stepping ~*~*~tactically~*~*~ (outnumbered).
  7368 | D:7      | 7368 ||| Stepping ~*~*~tactically~*~*~ (outnumbered).
  7370 | D:7      | 7370 ||| Stepping ~*~*~tactically~*~*~ (outnumbered).
  7372 | D:7      | 7372 ||| Stepping ~*~*~tactically~*~*~ (outnumbered).
  7384 | D:7      | 7384 ||| Stepping ~*~*~tactically~*~*~ (outnumbered).
  7386 | D:7      | 7386 ||| Stepping ~*~*~tactically~*~*~ (outnumbered).
  7388 | D:7      | 7388 ||| Stepping ~*~*~tactically~*~*~ (outnumbered).
  7390 | D:7      | 7390 ||| Stepping ~*~*~tactically~*~*~ (outnumbered).
  7392 | D:7      | 7392 ||| Stepping ~*~*~tactically~*~*~ (outnumbered).
  7404 | D:7      | 7404 ||| Stepping ~*~*~tactically~*~*~ (outnumbered).
  7406 | D:7      | 7406 ||| Stepping ~*~*~tactically~*~*~ (outnumbered).
  7408 | D:7      | 7408 ||| Stepping ~*~*~tactically~*~*~ (outnumbered).
  7410 | D:7      | 7410 ||| Stepping ~*~*~tactically~*~*~ (outnumbered).
  7412 | D:7      | 7412 ||| Stepping ~*~*~tactically~*~*~ (outnumbered).
  7424 | D:7      | 7424 ||| Stepping ~*~*~tactically~*~*~ (outnumbered).
  7426 | D:7      | 7426 ||| Stepping ~*~*~tactically~*~*~ (outnumbered).
  7428 | D:7      | 7428 ||| Stepping ~*~*~tactically~*~*~ (outnumbered).
  7430 | D:7      | 7430 ||| Stepping ~*~*~tactically~*~*~ (outnumbered).
  7432 | D:7      | 7432 ||| Stepping ~*~*~tactically~*~*~ (outnumbered).
  7444 | D:7      | 7444 ||| Stepping ~*~*~tactically~*~*~ (outnumbered).
  7446 | D:7      | 7446 ||| Stepping ~*~*~tactically~*~*~ (outnumbered).
  7448 | D:7      | 7448 ||| Stepping ~*~*~tactically~*~*~ (outnumbered).
  7450 | D:7      | 7450 ||| Stepping ~*~*~tactically~*~*~ (outnumbered).
  7452 | D:7      | 7452 ||| Stepping ~*~*~tactically~*~*~ (outnumbered).
  7462 | D:7      | 7462 ||| INVOKING Heroism.
  7467 | D:7      | Reached skill level 3 in Armour
  7479 | D:7      | 7479 ||| Stepping ~*~*~tactically~*~*~ (outnumbered).
  7481 | D:7      | 7481 ||| Stepping ~*~*~tactically~*~*~ (outnumbered).
  7483 | D:7      | 7483 ||| Stepping ~*~*~tactically~*~*~ (outnumbered).
  7485 | D:7      | 7485 ||| Stepping ~*~*~tactically~*~*~ (outnumbered).
  7497 | D:7      | 7497 ||| Stepping ~*~*~tactically~*~*~ (outnumbered).
  7499 | D:7      | 7499 ||| Stepping ~*~*~tactically~*~*~ (outnumbered).
  7501 | D:7      | 7501 ||| Stepping ~*~*~tactically~*~*~ (outnumbered).
  7503 | D:7      | 7503 ||| Stepping ~*~*~tactically~*~*~ (outnumbered).
  7505 | D:7      | 7505 ||| Stepping ~*~*~tactically~*~*~ (outnumbered).
  7517 | D:7      | 7517 ||| Stepping ~*~*~tactically~*~*~ (outnumbered).
  7519 | D:7      | 7519 ||| Stepping ~*~*~tactically~*~*~ (outnumbered).
  7521 | D:7      | 7521 ||| Stepping ~*~*~tactically~*~*~ (outnumbered).
  7523 | D:7      | 7523 ||| Stepping ~*~*~tactically~*~*~ (outnumbered).
  7525 | D:7      | 7525 ||| Stepping ~*~*~tactically~*~*~ (outnumbered).
  7537 | D:7      | 7537 ||| Stepping ~*~*~tactically~*~*~ (outnumbered).
  7539 | D:7      | 7539 ||| Stepping ~*~*~tactically~*~*~ (outnumbered).
  7541 | D:7      | 7541 ||| Stepping ~*~*~tactically~*~*~ (outnumbered).
  7543 | D:7      | 7543 ||| Stepping ~*~*~tactically~*~*~ (outnumbered).
  7545 | D:7      | 7545 ||| Stepping ~*~*~tactically~*~*~ (outnumbered).
  7557 | D:7      | 7557 ||| Stepping ~*~*~tactically~*~*~ (outnumbered).
  7559 | D:7      | 7559 ||| Stepping ~*~*~tactically~*~*~ (outnumbered).
  7561 | D:7      | 7561 ||| Stepping ~*~*~tactically~*~*~ (outnumbered).
  7563 | D:7      | 7563 ||| Stepping ~*~*~tactically~*~*~ (outnumbered).
  7565 | D:7      | 7565 ||| Stepping ~*~*~tactically~*~*~ (outnumbered).
  7577 | D:7      | 7577 ||| Stepping ~*~*~tactically~*~*~ (outnumbered).
  7579 | D:7      | 7579 ||| Stepping ~*~*~tactically~*~*~ (outnumbered).
  7581 | D:7      | 7581 ||| Stepping ~*~*~tactically~*~*~ (outnumbered).
  7583 | D:7      | 7583 ||| Stepping ~*~*~tactically~*~*~ (outnumbered).
  7585 | D:7      | 7585 ||| Stepping ~*~*~tactically~*~*~ (outnumbered).
  7597 | D:7      | 7597 ||| Stepping ~*~*~tactically~*~*~ (outnumbered).
  7599 | D:7      | 7599 ||| Stepping ~*~*~tactically~*~*~ (outnumbered).
  7601 | D:7      | 7601 ||| Stepping ~*~*~tactically~*~*~ (outnumbered).
  7603 | D:7      | 7603 ||| Stepping ~*~*~tactically~*~*~ (outnumbered).
  7605 | D:7      | 7605 ||| Stepping ~*~*~tactically~*~*~ (outnumbered).
  7617 | D:7      | 7617 ||| Stepping ~*~*~tactically~*~*~ (outnumbered).
  7619 | D:7      | 7619 ||| Stepping ~*~*~tactically~*~*~ (outnumbered).
  7621 | D:7      | 7621 ||| Stepping ~*~*~tactically~*~*~ (outnumbered).
  7623 | D:7      | 7623 ||| Stepping ~*~*~tactically~*~*~ (outnumbered).
  7625 | D:7      | 7625 ||| Stepping ~*~*~tactically~*~*~ (outnumbered).
  7637 | D:7      | 7637 ||| Stepping ~*~*~tactically~*~*~ (outnumbered).
  7639 | D:7      | 7639 ||| Stepping ~*~*~tactically~*~*~ (outnumbered).
  7641 | D:7      | 7641 ||| Stepping ~*~*~tactically~*~*~ (outnumbered).
  7643 | D:7      | 7643 ||| Stepping ~*~*~tactically~*~*~ (outnumbered).
  7645 | D:7      | 7645 ||| Stepping ~*~*~tactically~*~*~ (outnumbered).
  7657 | D:7      | 7657 ||| Stepping ~*~*~tactically~*~*~ (outnumbered).
  7659 | D:7      | 7659 ||| Stepping ~*~*~tactically~*~*~ (outnumbered).
  7661 | D:7      | 7661 ||| Stepping ~*~*~tactically~*~*~ (outnumbered).
  7663 | D:7      | 7663 ||| Stepping ~*~*~tactically~*~*~ (outnumbered).
  7665 | D:7      | 7665 ||| Stepping ~*~*~tactically~*~*~ (outnumbered).
  7677 | D:7      | 7677 ||| Stepping ~*~*~tactically~*~*~ (outnumbered).
  7679 | D:7      | 7679 ||| Stepping ~*~*~tactically~*~*~ (outnumbered).
  7681 | D:7      | 7681 ||| Stepping ~*~*~tactically~*~*~ (outnumbered).
  7683 | D:7      | 7683 ||| Stepping ~*~*~tactically~*~*~ (outnumbered).
  7685 | D:7      | 7685 ||| Stepping ~*~*~tactically~*~*~ (outnumbered).
  7697 | D:7      | 7697 ||| Stepping ~*~*~tactically~*~*~ (outnumbered).
  7699 | D:7      | 7699 ||| Stepping ~*~*~tactically~*~*~ (outnumbered).
  7701 | D:7      | 7701 ||| Stepping ~*~*~tactically~*~*~ (outnumbered).
  7703 | D:7      | 7703 ||| Stepping ~*~*~tactically~*~*~ (outnumbered).
  7705 | D:7      | 7705 ||| Stepping ~*~*~tactically~*~*~ (outnumbered).
  7717 | D:7      | 7717 ||| Stepping ~*~*~tactically~*~*~ (outnumbered).
  7719 | D:7      | 7719 ||| Stepping ~*~*~tactically~*~*~ (outnumbered).
  7721 | D:7      | 7721 ||| Stepping ~*~*~tactically~*~*~ (outnumbered).
  7723 | D:7      | 7723 ||| Stepping ~*~*~tactically~*~*~ (outnumbered).
  7725 | D:7      | 7725 ||| Stepping ~*~*~tactically~*~*~ (outnumbered).
  7737 | D:7      | 7737 ||| Stepping ~*~*~tactically~*~*~ (outnumbered).
  7739 | D:7      | 7739 ||| Stepping ~*~*~tactically~*~*~ (outnumbered).
  7741 | D:7      | 7741 ||| Stepping ~*~*~tactically~*~*~ (outnumbered).
  7743 | D:7      | 7743 ||| Stepping ~*~*~tactically~*~*~ (outnumbered).
  7745 | D:7      | 7745 ||| Stepping ~*~*~tactically~*~*~ (outnumbered).
  7757 | D:7      | 7757 ||| Stepping ~*~*~tactically~*~*~ (outnumbered).
  7759 | D:7      | 7759 ||| Stepping ~*~*~tactically~*~*~ (outnumbered).
  7761 | D:7      | 7761 ||| Stepping ~*~*~tactically~*~*~ (outnumbered).
  7763 | D:7      | 7763 ||| Stepping ~*~*~tactically~*~*~ (outnumbered).
  7765 | D:7      | 7765 ||| Stepping ~*~*~tactically~*~*~ (outnumbered).
  7777 | D:7      | 7777 ||| Stepping ~*~*~tactically~*~*~ (outnumbered).
  7779 | D:7      | 7779 ||| Stepping ~*~*~tactically~*~*~ (outnumbered).
  7781 | D:7      | 7781 ||| Stepping ~*~*~tactically~*~*~ (outnumbered).
  7783 | D:7      | 7783 ||| Stepping ~*~*~tactically~*~*~ (outnumbered).
  7785 | D:7      | 7785 ||| Stepping ~*~*~tactically~*~*~ (outnumbered).
  7797 | D:7      | 7797 ||| Stepping ~*~*~tactically~*~*~ (outnumbered).
  7799 | D:7      | 7799 ||| Stepping ~*~*~tactically~*~*~ (outnumbered).
  7801 | D:7      | 7801 ||| Stepping ~*~*~tactically~*~*~ (outnumbered).
  7803 | D:7      | 7803 ||| Stepping ~*~*~tactically~*~*~ (outnumbered).
  7805 | D:7      | 7805 ||| Stepping ~*~*~tactically~*~*~ (outnumbered).
  7817 | D:7      | 7817 ||| Stepping ~*~*~tactically~*~*~ (outnumbered).
  7819 | D:7      | 7819 ||| Stepping ~*~*~tactically~*~*~ (outnumbered).
  7821 | D:7      | 7821 ||| Stepping ~*~*~tactically~*~*~ (outnumbered).
  7823 | D:7      | 7823 ||| Stepping ~*~*~tactically~*~*~ (outnumbered).
  7825 | D:7      | 7825 ||| Stepping ~*~*~tactically~*~*~ (outnumbered).
  7837 | D:7      | 7837 ||| Stepping ~*~*~tactically~*~*~ (outnumbered).
  7839 | D:7      | 7839 ||| Stepping ~*~*~tactically~*~*~ (outnumbered).
  7841 | D:7      | 7841 ||| Stepping ~*~*~tactically~*~*~ (outnumbered).
  7843 | D:7      | 7843 ||| Stepping ~*~*~tactically~*~*~ (outnumbered).
  7845 | D:7      | 7845 ||| Stepping ~*~*~tactically~*~*~ (outnumbered).
  7857 | D:7      | 7857 ||| Stepping ~*~*~tactically~*~*~ (outnumbered).
  7859 | D:7      | 7859 ||| Stepping ~*~*~tactically~*~*~ (outnumbered).
  7861 | D:7      | 7861 ||| Stepping ~*~*~tactically~*~*~ (outnumbered).
  7863 | D:7      | 7863 ||| Stepping ~*~*~tactically~*~*~ (outnumbered).
  7865 | D:7      | 7865 ||| Stepping ~*~*~tactically~*~*~ (outnumbered).
  7877 | D:7      | 7877 ||| Stepping ~*~*~tactically~*~*~ (outnumbered).
  7879 | D:7      | 7879 ||| Stepping ~*~*~tactically~*~*~ (outnumbered).
  7881 | D:7      | 7881 ||| Stepping ~*~*~tactically~*~*~ (outnumbered).
  7883 | D:7      | 7883 ||| Stepping ~*~*~tactically~*~*~ (outnumbered).
  7885 | D:7      | 7885 ||| Stepping ~*~*~tactically~*~*~ (outnumbered).
  7897 | D:7      | 7897 ||| Stepping ~*~*~tactically~*~*~ (outnumbered).
  7899 | D:7      | 7899 ||| Stepping ~*~*~tactically~*~*~ (outnumbered).
  7901 | D:7      | 7901 ||| Stepping ~*~*~tactically~*~*~ (outnumbered).
  7903 | D:7      | 7903 ||| Stepping ~*~*~tactically~*~*~ (outnumbered).
  7905 | D:7      | 7905 ||| Stepping ~*~*~tactically~*~*~ (outnumbered).
  7917 | D:7      | 7917 ||| Stepping ~*~*~tactically~*~*~ (outnumbered).
  7919 | D:7      | 7919 ||| Stepping ~*~*~tactically~*~*~ (outnumbered).
  7921 | D:7      | 7921 ||| Stepping ~*~*~tactically~*~*~ (outnumbered).
  7923 | D:7      | 7923 ||| Stepping ~*~*~tactically~*~*~ (outnumbered).
  7925 | D:7      | 7925 ||| Stepping ~*~*~tactically~*~*~ (outnumbered).
  7937 | D:7      | 7937 ||| Stepping ~*~*~tactically~*~*~ (outnumbered).
  7939 | D:7      | 7939 ||| Stepping ~*~*~tactically~*~*~ (outnumbered).
  7941 | D:7      | 7941 ||| Stepping ~*~*~tactically~*~*~ (outnumbered).
  7943 | D:7      | 7943 ||| Stepping ~*~*~tactically~*~*~ (outnumbered).
  7945 | D:7      | 7945 ||| Stepping ~*~*~tactically~*~*~ (outnumbered).
  7957 | D:7      | 7957 ||| Stepping ~*~*~tactically~*~*~ (outnumbered).
  7959 | D:7      | 7959 ||| Stepping ~*~*~tactically~*~*~ (outnumbered).
  7961 | D:7      | 7961 ||| Stepping ~*~*~tactically~*~*~ (outnumbered).
  7963 | D:7      | 7963 ||| Stepping ~*~*~tactically~*~*~ (outnumbered).
  7965 | D:7      | 7965 ||| Stepping ~*~*~tactically~*~*~ (outnumbered).
  7977 | D:7      | 7977 ||| Stepping ~*~*~tactically~*~*~ (outnumbered).
  7979 | D:7      | 7979 ||| Stepping ~*~*~tactically~*~*~ (outnumbered).
  7981 | D:7      | 7981 ||| Stepping ~*~*~tactically~*~*~ (outnumbered).
  7983 | D:7      | 7983 ||| Stepping ~*~*~tactically~*~*~ (outnumbered).
  7985 | D:7      | 7985 ||| Stepping ~*~*~tactically~*~*~ (outnumbered).
  7997 | D:7      | 7997 ||| Stepping ~*~*~tactically~*~*~ (outnumbered).
  7999 | D:7      | 7999 ||| Stepping ~*~*~tactically~*~*~ (outnumbered).
  8001 | D:7      | 8001 ||| Stepping ~*~*~tactically~*~*~ (outnumbered).
  8003 | D:7      | 8003 ||| Stepping ~*~*~tactically~*~*~ (outnumbered).
  8005 | D:7      | 8005 ||| Stepping ~*~*~tactically~*~*~ (outnumbered).
  8017 | D:7      | 8017 ||| Stepping ~*~*~tactically~*~*~ (outnumbered).
  8019 | D:7      | 8019 ||| Stepping ~*~*~tactically~*~*~ (outnumbered).
  8021 | D:7      | 8021 ||| Stepping ~*~*~tactically~*~*~ (outnumbered).
  8023 | D:7      | 8023 ||| Stepping ~*~*~tactically~*~*~ (outnumbered).
  8025 | D:7      | 8025 ||| Stepping ~*~*~tactically~*~*~ (outnumbered).
  8037 | D:7      | 8037 ||| Stepping ~*~*~tactically~*~*~ (outnumbered).
  8039 | D:7      | 8039 ||| Stepping ~*~*~tactically~*~*~ (outnumbered).
  8041 | D:7      | 8041 ||| Stepping ~*~*~tactically~*~*~ (outnumbered).
  8043 | D:7      | 8043 ||| Stepping ~*~*~tactically~*~*~ (outnumbered).
  8045 | D:7      | 8045 ||| Stepping ~*~*~tactically~*~*~ (outnumbered).
  8057 | D:7      | 8057 ||| Stepping ~*~*~tactically~*~*~ (outnumbered).
  8059 | D:7      | 8059 ||| Stepping ~*~*~tactically~*~*~ (outnumbered).
  8061 | D:7      | 8061 ||| Stepping ~*~*~tactically~*~*~ (outnumbered).
  8063 | D:7      | 8063 ||| Stepping ~*~*~tactically~*~*~ (outnumbered).
  8065 | D:7      | 8065 ||| Stepping ~*~*~tactically~*~*~ (outnumbered).
  8077 | D:7      | 8077 ||| Stepping ~*~*~tactically~*~*~ (outnumbered).
  8079 | D:7      | 8079 ||| Stepping ~*~*~tactically~*~*~ (outnumbered).
  8081 | D:7      | 8081 ||| Stepping ~*~*~tactically~*~*~ (outnumbered).
  8083 | D:7      | 8083 ||| Stepping ~*~*~tactically~*~*~ (outnumbered).
  8085 | D:7      | 8085 ||| Stepping ~*~*~tactically~*~*~ (outnumbered).
  8097 | D:7      | 8097 ||| Stepping ~*~*~tactically~*~*~ (outnumbered).
  8099 | D:7      | 8099 ||| Stepping ~*~*~tactically~*~*~ (outnumbered).
  8101 | D:7      | 8101 ||| Stepping ~*~*~tactically~*~*~ (outnumbered).
  8103 | D:7      | 8103 ||| Stepping ~*~*~tactically~*~*~ (outnumbered).
  8105 | D:7      | 8105 ||| Stepping ~*~*~tactically~*~*~ (outnumbered).
  8117 | D:7      | 8117 ||| Stepping ~*~*~tactically~*~*~ (outnumbered).
  8119 | D:7      | 8119 ||| Stepping ~*~*~tactically~*~*~ (outnumbered).
  8121 | D:7      | 8121 ||| Stepping ~*~*~tactically~*~*~ (outnumbered).
  8123 | D:7      | 8123 ||| Stepping ~*~*~tactically~*~*~ (outnumbered).
  8125 | D:7      | 8125 ||| Stepping ~*~*~tactically~*~*~ (outnumbered).
  8137 | D:7      | 8137 ||| Stepping ~*~*~tactically~*~*~ (outnumbered).
  8139 | D:7      | 8139 ||| Stepping ~*~*~tactically~*~*~ (outnumbered).
  8141 | D:7      | 8141 ||| Stepping ~*~*~tactically~*~*~ (outnumbered).
  8143 | D:7      | 8143 ||| Stepping ~*~*~tactically~*~*~ (outnumbered).
  8145 | D:7      | 8145 ||| Stepping ~*~*~tactically~*~*~ (outnumbered).
  8157 | D:7      | 8157 ||| Stepping ~*~*~tactically~*~*~ (outnumbered).
  8159 | D:7      | 8159 ||| Stepping ~*~*~tactically~*~*~ (outnumbered).
  8161 | D:7      | 8161 ||| Stepping ~*~*~tactically~*~*~ (outnumbered).
  8163 | D:7      | 8163 ||| Stepping ~*~*~tactically~*~*~ (outnumbered).
  8165 | D:7      | 8165 ||| Stepping ~*~*~tactically~*~*~ (outnumbered).
  8177 | D:7      | 8177 ||| Stepping ~*~*~tactically~*~*~ (outnumbered).
  8179 | D:7      | 8179 ||| Stepping ~*~*~tactically~*~*~ (outnumbered).
  8181 | D:7      | 8181 ||| Stepping ~*~*~tactically~*~*~ (outnumbered).
  8183 | D:7      | 8183 ||| Stepping ~*~*~tactically~*~*~ (outnumbered).
  8185 | D:7      | 8185 ||| Stepping ~*~*~tactically~*~*~ (outnumbered).
  8197 | D:7      | 8197 ||| Stepping ~*~*~tactically~*~*~ (outnumbered).
  8199 | D:7      | 8199 ||| Stepping ~*~*~tactically~*~*~ (outnumbered).
  8201 | D:7      | 8201 ||| Stepping ~*~*~tactically~*~*~ (outnumbered).
  8203 | D:7      | 8203 ||| Stepping ~*~*~tactically~*~*~ (outnumbered).
  8205 | D:7      | 8205 ||| Stepping ~*~*~tactically~*~*~ (outnumbered).
  8217 | D:7      | 8217 ||| Stepping ~*~*~tactically~*~*~ (outnumbered).
  8219 | D:7      | 8219 ||| Stepping ~*~*~tactically~*~*~ (outnumbered).
  8221 | D:7      | 8221 ||| Stepping ~*~*~tactically~*~*~ (outnumbered).
  8223 | D:7      | 8223 ||| Stepping ~*~*~tactically~*~*~ (outnumbered).
  8225 | D:7      | 8225 ||| Stepping ~*~*~tactically~*~*~ (outnumbered).
  8237 | D:7      | 8237 ||| Stepping ~*~*~tactically~*~*~ (outnumbered).
  8239 | D:7      | 8239 ||| Stepping ~*~*~tactically~*~*~ (outnumbered).
  8241 | D:7      | 8241 ||| Stepping ~*~*~tactically~*~*~ (outnumbered).
  8243 | D:7      | 8243 ||| Stepping ~*~*~tactically~*~*~ (outnumbered).
  8245 | D:7      | 8245 ||| Stepping ~*~*~tactically~*~*~ (outnumbered).
  8257 | D:7      | 8257 ||| Stepping ~*~*~tactically~*~*~ (outnumbered).
  8259 | D:7      | 8259 ||| Stepping ~*~*~tactically~*~*~ (outnumbered).
  8261 | D:7      | 8261 ||| Stepping ~*~*~tactically~*~*~ (outnumbered).
  8263 | D:7      | 8263 ||| Stepping ~*~*~tactically~*~*~ (outnumbered).
  8265 | D:7      | 8265 ||| Stepping ~*~*~tactically~*~*~ (outnumbered).
  8277 | D:7      | 8277 ||| Stepping ~*~*~tactically~*~*~ (outnumbered).
  8279 | D:7      | 8279 ||| Stepping ~*~*~tactically~*~*~ (outnumbered).
  8281 | D:7      | 8281 ||| Stepping ~*~*~tactically~*~*~ (outnumbered).
  8283 | D:7      | 8283 ||| Stepping ~*~*~tactically~*~*~ (outnumbered).
  8285 | D:7      | 8285 ||| Stepping ~*~*~tactically~*~*~ (outnumbered).
  8297 | D:7      | 8297 ||| Stepping ~*~*~tactically~*~*~ (outnumbered).
  8299 | D:7      | 8299 ||| Stepping ~*~*~tactically~*~*~ (outnumbered).
  8301 | D:7      | 8301 ||| Stepping ~*~*~tactically~*~*~ (outnumbered).
  8303 | D:7      | 8303 ||| Stepping ~*~*~tactically~*~*~ (outnumbered).
  8305 | D:7      | 8305 ||| Stepping ~*~*~tactically~*~*~ (outnumbered).
  8317 | D:7      | 8317 ||| Stepping ~*~*~tactically~*~*~ (outnumbered).
  8319 | D:7      | 8319 ||| Stepping ~*~*~tactically~*~*~ (outnumbered).
  8321 | D:7      | 8321 ||| Stepping ~*~*~tactically~*~*~ (outnumbered).
  8323 | D:7      | 8323 ||| Stepping ~*~*~tactically~*~*~ (outnumbered).
  8325 | D:7      | 8325 ||| Stepping ~*~*~tactically~*~*~ (outnumbered).
  8337 | D:7      | 8337 ||| Stepping ~*~*~tactically~*~*~ (outnumbered).
  8339 | D:7      | 8339 ||| Stepping ~*~*~tactically~*~*~ (outnumbered).
  8341 | D:7      | 8341 ||| Stepping ~*~*~tactically~*~*~ (outnumbered).
  8343 | D:7      | 8343 ||| Stepping ~*~*~tactically~*~*~ (outnumbered).
  8345 | D:7      | 8345 ||| Stepping ~*~*~tactically~*~*~ (outnumbered).
  8357 | D:7      | 8357 ||| Stepping ~*~*~tactically~*~*~ (outnumbered).
  8359 | D:7      | 8359 ||| Stepping ~*~*~tactically~*~*~ (outnumbered).
  8361 | D:7      | 8361 ||| Stepping ~*~*~tactically~*~*~ (outnumbered).
  8363 | D:7      | 8363 ||| Stepping ~*~*~tactically~*~*~ (outnumbered).
  8365 | D:7      | 8365 ||| Stepping ~*~*~tactically~*~*~ (outnumbered).
  8377 | D:7      | 8377 ||| Stepping ~*~*~tactically~*~*~ (outnumbered).
  8379 | D:7      | 8379 ||| Stepping ~*~*~tactically~*~*~ (outnumbered).
  8381 | D:7      | 8381 ||| Stepping ~*~*~tactically~*~*~ (outnumbered).
  8383 | D:7      | 8383 ||| Stepping ~*~*~tactically~*~*~ (outnumbered).
  8385 | D:7      | 8385 ||| Stepping ~*~*~tactically~*~*~ (outnumbered).
  8397 | D:7      | 8397 ||| Stepping ~*~*~tactically~*~*~ (outnumbered).
  8399 | D:7      | 8399 ||| Stepping ~*~*~tactically~*~*~ (outnumbered).
  8401 | D:7      | 8401 ||| Stepping ~*~*~tactically~*~*~ (outnumbered).
  8403 | D:7      | 8403 ||| Stepping ~*~*~tactically~*~*~ (outnumbered).
  8405 | D:7      | 8405 ||| Stepping ~*~*~tactically~*~*~ (outnumbered).
  8417 | D:7      | 8417 ||| Stepping ~*~*~tactically~*~*~ (outnumbered).
  8419 | D:7      | 8419 ||| Stepping ~*~*~tactically~*~*~ (outnumbered).
  8421 | D:7      | 8421 ||| Stepping ~*~*~tactically~*~*~ (outnumbered).
  8423 | D:7      | 8423 ||| Stepping ~*~*~tactically~*~*~ (outnumbered).
  8425 | D:7      | 8425 ||| Stepping ~*~*~tactically~*~*~ (outnumbered).
  8437 | D:7      | 8437 ||| Stepping ~*~*~tactically~*~*~ (outnumbered).
  8439 | D:7      | 8439 ||| Stepping ~*~*~tactically~*~*~ (outnumbered).
  8441 | D:7      | 8441 ||| Stepping ~*~*~tactically~*~*~ (outnumbered).
  8443 | D:7      | 8443 ||| Stepping ~*~*~tactically~*~*~ (outnumbered).
  8445 | D:7      | 8445 ||| Stepping ~*~*~tactically~*~*~ (outnumbered).
  8457 | D:7      | 8457 ||| Stepping ~*~*~tactically~*~*~ (outnumbered).
  8459 | D:7      | 8459 ||| Stepping ~*~*~tactically~*~*~ (outnumbered).
  8461 | D:7      | 8461 ||| Stepping ~*~*~tactically~*~*~ (outnumbered).
  8463 | D:7      | 8463 ||| Stepping ~*~*~tactically~*~*~ (outnumbered).
  8465 | D:7      | 8465 ||| Stepping ~*~*~tactically~*~*~ (outnumbered).
  8477 | D:7      | 8477 ||| Stepping ~*~*~tactically~*~*~ (outnumbered).
  8479 | D:7      | 8479 ||| Stepping ~*~*~tactically~*~*~ (outnumbered).
  8481 | D:7      | 8481 ||| Stepping ~*~*~tactically~*~*~ (outnumbered).
  8483 | D:7      | 8483 ||| Stepping ~*~*~tactically~*~*~ (outnumbered).
  8485 | D:7      | 8485 ||| Stepping ~*~*~tactically~*~*~ (outnumbered).
  8497 | D:7      | 8497 ||| Stepping ~*~*~tactically~*~*~ (outnumbered).
  8499 | D:7      | 8499 ||| Stepping ~*~*~tactically~*~*~ (outnumbered).
  8501 | D:7      | 8501 ||| Stepping ~*~*~tactically~*~*~ (outnumbered).
  8503 | D:7      | 8503 ||| Stepping ~*~*~tactically~*~*~ (outnumbered).
  8505 | D:7      | 8505 ||| Stepping ~*~*~tactically~*~*~ (outnumbered).
  8517 | D:7      | 8517 ||| Stepping ~*~*~tactically~*~*~ (outnumbered).
  8519 | D:7      | 8519 ||| Stepping ~*~*~tactically~*~*~ (outnumbered).
  8521 | D:7      | 8521 ||| Stepping ~*~*~tactically~*~*~ (outnumbered).
  8523 | D:7      | 8523 ||| Stepping ~*~*~tactically~*~*~ (outnumbered).
  8525 | D:7      | 8525 ||| Stepping ~*~*~tactically~*~*~ (outnumbered).
  8537 | D:7      | 8537 ||| Stepping ~*~*~tactically~*~*~ (outnumbered).
  8539 | D:7      | 8539 ||| Stepping ~*~*~tactically~*~*~ (outnumbered).
  8541 | D:7      | 8541 ||| Stepping ~*~*~tactically~*~*~ (outnumbered).
  8543 | D:7      | 8543 ||| Stepping ~*~*~tactically~*~*~ (outnumbered).
  8545 | D:7      | 8545 ||| Stepping ~*~*~tactically~*~*~ (outnumbered).
  8557 | D:7      | 8557 ||| Stepping ~*~*~tactically~*~*~ (outnumbered).
  8559 | D:7      | 8559 ||| Stepping ~*~*~tactically~*~*~ (outnumbered).
  8561 | D:7      | 8561 ||| Stepping ~*~*~tactically~*~*~ (outnumbered).
  8563 | D:7      | 8563 ||| Stepping ~*~*~tactically~*~*~ (outnumbered).
  8565 | D:7      | 8565 ||| Stepping ~*~*~tactically~*~*~ (outnumbered).
  8577 | D:7      | 8577 ||| Stepping ~*~*~tactically~*~*~ (outnumbered).
  8579 | D:7      | 8579 ||| Stepping ~*~*~tactically~*~*~ (outnumbered).
  8581 | D:7      | 8581 ||| Stepping ~*~*~tactically~*~*~ (outnumbered).
  8583 | D:7      | 8583 ||| Stepping ~*~*~tactically~*~*~ (outnumbered).
  8585 | D:7      | 8585 ||| Stepping ~*~*~tactically~*~*~ (outnumbered).
  8597 | D:7      | 8597 ||| Stepping ~*~*~tactically~*~*~ (outnumbered).
  8599 | D:7      | 8599 ||| Stepping ~*~*~tactically~*~*~ (outnumbered).
  8601 | D:7      | 8601 ||| Stepping ~*~*~tactically~*~*~ (outnumbered).
  8603 | D:7      | 8603 ||| Stepping ~*~*~tactically~*~*~ (outnumbered).
  8605 | D:7      | 8605 ||| Stepping ~*~*~tactically~*~*~ (outnumbered).
  8617 | D:7      | 8617 ||| Stepping ~*~*~tactically~*~*~ (outnumbered).
  8619 | D:7      | 8619 ||| Stepping ~*~*~tactically~*~*~ (outnumbered).
  8621 | D:7      | 8621 ||| Stepping ~*~*~tactically~*~*~ (outnumbered).
  8623 | D:7      | 8623 ||| Stepping ~*~*~tactically~*~*~ (outnumbered).
  8625 | D:7      | 8625 ||| Stepping ~*~*~tactically~*~*~ (outnumbered).
  8637 | D:7      | 8637 ||| Stepping ~*~*~tactically~*~*~ (outnumbered).
  8639 | D:7      | 8639 ||| Stepping ~*~*~tactically~*~*~ (outnumbered).
  8641 | D:7      | 8641 ||| Stepping ~*~*~tactically~*~*~ (outnumbered).
  8643 | D:7      | 8643 ||| Stepping ~*~*~tactically~*~*~ (outnumbered).
  8645 | D:7      | 8645 ||| Stepping ~*~*~tactically~*~*~ (outnumbered).
  8657 | D:7      | 8657 ||| Stepping ~*~*~tactically~*~*~ (outnumbered).
  8659 | D:7      | 8659 ||| Stepping ~*~*~tactically~*~*~ (outnumbered).
  8661 | D:7      | 8661 ||| Stepping ~*~*~tactically~*~*~ (outnumbered).
  8663 | D:7      | 8663 ||| Stepping ~*~*~tactically~*~*~ (outnumbered).
  8665 | D:7      | 8665 ||| Stepping ~*~*~tactically~*~*~ (outnumbered).
  8677 | D:7      | 8677 ||| Stepping ~*~*~tactically~*~*~ (outnumbered).
  8679 | D:7      | 8679 ||| Stepping ~*~*~tactically~*~*~ (outnumbered).
  8681 | D:7      | 8681 ||| Stepping ~*~*~tactically~*~*~ (outnumbered).
  8683 | D:7      | 8683 ||| Stepping ~*~*~tactically~*~*~ (outnumbered).
  8685 | D:7      | 8685 ||| Stepping ~*~*~tactically~*~*~ (outnumbered).
  8697 | D:7      | 8697 ||| Stepping ~*~*~tactically~*~*~ (outnumbered).
  8699 | D:7      | 8699 ||| Stepping ~*~*~tactically~*~*~ (outnumbered).
  8701 | D:7      | 8701 ||| Stepping ~*~*~tactically~*~*~ (outnumbered).
  8703 | D:7      | 8703 ||| Stepping ~*~*~tactically~*~*~ (outnumbered).
  8705 | D:7      | 8705 ||| Stepping ~*~*~tactically~*~*~ (outnumbered).
  8717 | D:7      | 8717 ||| Stepping ~*~*~tactically~*~*~ (outnumbered).
  8719 | D:7      | 8719 ||| Stepping ~*~*~tactically~*~*~ (outnumbered).
  8721 | D:7      | 8721 ||| Stepping ~*~*~tactically~*~*~ (outnumbered).
  8723 | D:7      | 8723 ||| Stepping ~*~*~tactically~*~*~ (outnumbered).
  8725 | D:7      | 8725 ||| Stepping ~*~*~tactically~*~*~ (outnumbered).
  8737 | D:7      | 8737 ||| Stepping ~*~*~tactically~*~*~ (outnumbered).
  8739 | D:7      | 8739 ||| Stepping ~*~*~tactically~*~*~ (outnumbered).
  8741 | D:7      | 8741 ||| Stepping ~*~*~tactically~*~*~ (outnumbered).
  8743 | D:7      | 8743 ||| Stepping ~*~*~tactically~*~*~ (outnumbered).
  8745 | D:7      | 8745 ||| Stepping ~*~*~tactically~*~*~ (outnumbered).
  8757 | D:7      | 8757 ||| Stepping ~*~*~tactically~*~*~ (outnumbered).
  8759 | D:7      | 8759 ||| Stepping ~*~*~tactically~*~*~ (outnumbered).
  8761 | D:7      | 8761 ||| Stepping ~*~*~tactically~*~*~ (outnumbered).
  8763 | D:7      | 8763 ||| Stepping ~*~*~tactically~*~*~ (outnumbered).
  8765 | D:7      | 8765 ||| Stepping ~*~*~tactically~*~*~ (outnumbered).
  8777 | D:7      | 8777 ||| Stepping ~*~*~tactically~*~*~ (outnumbered).
  8779 | D:7      | 8779 ||| Stepping ~*~*~tactically~*~*~ (outnumbered).
  8781 | D:7      | 8781 ||| Stepping ~*~*~tactically~*~*~ (outnumbered).
  8783 | D:7      | 8783 ||| Stepping ~*~*~tactically~*~*~ (outnumbered).
  8785 | D:7      | 8785 ||| Stepping ~*~*~tactically~*~*~ (outnumbered).
  8797 | D:7      | 8797 ||| Stepping ~*~*~tactically~*~*~ (outnumbered).
  8799 | D:7      | 8799 ||| Stepping ~*~*~tactically~*~*~ (outnumbered).
  8801 | D:7      | 8801 ||| Stepping ~*~*~tactically~*~*~ (outnumbered).
  8803 | D:7      | 8803 ||| Stepping ~*~*~tactically~*~*~ (outnumbered).
  8805 | D:7      | 8805 ||| Stepping ~*~*~tactically~*~*~ (outnumbered).
  8817 | D:7      | 8817 ||| Stepping ~*~*~tactically~*~*~ (outnumbered).
  8819 | D:7      | 8819 ||| Stepping ~*~*~tactically~*~*~ (outnumbered).
  8821 | D:7      | 8821 ||| Stepping ~*~*~tactically~*~*~ (outnumbered).
  8823 | D:7      | 8823 ||| Stepping ~*~*~tactically~*~*~ (outnumbered).
  8825 | D:7      | 8825 ||| Stepping ~*~*~tactically~*~*~ (outnumbered).
  8837 | D:7      | 8837 ||| Stepping ~*~*~tactically~*~*~ (outnumbered).
  8839 | D:7      | 8839 ||| Stepping ~*~*~tactically~*~*~ (outnumbered).
  8841 | D:7      | 8841 ||| Stepping ~*~*~tactically~*~*~ (outnumbered).
  8843 | D:7      | 8843 ||| Stepping ~*~*~tactically~*~*~ (outnumbered).
  8845 | D:7      | 8845 ||| Stepping ~*~*~tactically~*~*~ (outnumbered).
  8857 | D:7      | 8857 ||| Stepping ~*~*~tactically~*~*~ (outnumbered).
  8859 | D:7      | 8859 ||| Stepping ~*~*~tactically~*~*~ (outnumbered).
  8861 | D:7      | 8861 ||| Stepping ~*~*~tactically~*~*~ (outnumbered).
  8863 | D:7      | 8863 ||| Stepping ~*~*~tactically~*~*~ (outnumbered).
  8865 | D:7      | 8865 ||| Stepping ~*~*~tactically~*~*~ (outnumbered).
  8877 | D:7      | 8877 ||| Stepping ~*~*~tactically~*~*~ (outnumbered).
  8879 | D:7      | 8879 ||| Stepping ~*~*~tactically~*~*~ (outnumbered).
  8881 | D:7      | 8881 ||| Stepping ~*~*~tactically~*~*~ (outnumbered).
  8883 | D:7      | 8883 ||| Stepping ~*~*~tactically~*~*~ (outnumbered).
  8885 | D:7      | 8885 ||| Stepping ~*~*~tactically~*~*~ (outnumbered).
  8897 | D:7      | 8897 ||| Stepping ~*~*~tactically~*~*~ (outnumbered).
  8899 | D:7      | 8899 ||| Stepping ~*~*~tactically~*~*~ (outnumbered).
  8901 | D:7      | 8901 ||| Stepping ~*~*~tactically~*~*~ (outnumbered).
  8903 | D:7      | 8903 ||| Stepping ~*~*~tactically~*~*~ (outnumbered).
  8905 | D:7      | 8905 ||| Stepping ~*~*~tactically~*~*~ (outnumbered).
  8917 | D:7      | 8917 ||| Stepping ~*~*~tactically~*~*~ (outnumbered).
  8919 | D:7      | 8919 ||| Stepping ~*~*~tactically~*~*~ (outnumbered).
  8921 | D:7      | 8921 ||| Stepping ~*~*~tactically~*~*~ (outnumbered).
  8923 | D:7      | 8923 ||| Stepping ~*~*~tactically~*~*~ (outnumbered).
  8925 | D:7      | 8925 ||| Stepping ~*~*~tactically~*~*~ (outnumbered).
  8937 | D:7      | 8937 ||| Stepping ~*~*~tactically~*~*~ (outnumbered).
  8939 | D:7      | 8939 ||| Stepping ~*~*~tactically~*~*~ (outnumbered).
  8941 | D:7      | 8941 ||| Stepping ~*~*~tactically~*~*~ (outnumbered).
  8943 | D:7      | 8943 ||| Stepping ~*~*~tactically~*~*~ (outnumbered).
  8945 | D:7      | 8945 ||| Stepping ~*~*~tactically~*~*~ (outnumbered).
  8957 | D:7      | 8957 ||| Stepping ~*~*~tactically~*~*~ (outnumbered).
  8959 | D:7      | 8959 ||| Stepping ~*~*~tactically~*~*~ (outnumbered).
  8961 | D:7      | 8961 ||| Stepping ~*~*~tactically~*~*~ (outnumbered).
  8963 | D:7      | 8963 ||| Stepping ~*~*~tactically~*~*~ (outnumbered).
  8965 | D:7      | 8965 ||| Stepping ~*~*~tactically~*~*~ (outnumbered).
  8977 | D:7      | 8977 ||| Stepping ~*~*~tactically~*~*~ (outnumbered).
  8979 | D:7      | 8979 ||| Stepping ~*~*~tactically~*~*~ (outnumbered).
  8981 | D:7      | 8981 ||| Stepping ~*~*~tactically~*~*~ (outnumbered).
  8983 | D:7      | 8983 ||| Stepping ~*~*~tactically~*~*~ (outnumbered).
  8985 | D:7      | 8985 ||| Stepping ~*~*~tactically~*~*~ (outnumbered).
  8997 | D:7      | 8997 ||| Stepping ~*~*~tactically~*~*~ (outnumbered).
  8999 | D:7      | 8999 ||| Stepping ~*~*~tactically~*~*~ (outnumbered).
  9001 | D:7      | 9001 ||| Stepping ~*~*~tactically~*~*~ (outnumbered).
  9003 | D:7      | 9003 ||| Stepping ~*~*~tactically~*~*~ (outnumbered).
  9005 | D:7      | 9005 ||| Stepping ~*~*~tactically~*~*~ (outnumbered).
  9017 | D:7      | 9017 ||| Stepping ~*~*~tactically~*~*~ (outnumbered).
  9019 | D:7      | 9019 ||| Stepping ~*~*~tactically~*~*~ (outnumbered).
  9021 | D:7      | 9021 ||| Stepping ~*~*~tactically~*~*~ (outnumbered).
  9023 | D:7      | 9023 ||| Stepping ~*~*~tactically~*~*~ (outnumbered).
  9025 | D:7      | 9025 ||| Stepping ~*~*~tactically~*~*~ (outnumbered).
  9037 | D:7      | 9037 ||| Stepping ~*~*~tactically~*~*~ (outnumbered).
  9039 | D:7      | 9039 ||| Stepping ~*~*~tactically~*~*~ (outnumbered).
  9041 | D:7      | 9041 ||| Stepping ~*~*~tactically~*~*~ (outnumbered).
  9043 | D:7      | 9043 ||| Stepping ~*~*~tactically~*~*~ (outnumbered).
  9045 | D:7      | 9045 ||| Stepping ~*~*~tactically~*~*~ (outnumbered).
  9057 | D:7      | 9057 ||| Stepping ~*~*~tactically~*~*~ (outnumbered).
  9059 | D:7      | 9059 ||| Stepping ~*~*~tactically~*~*~ (outnumbered).
  9061 | D:7      | 9061 ||| Stepping ~*~*~tactically~*~*~ (outnumbered).
  9063 | D:7      | 9063 ||| Stepping ~*~*~tactically~*~*~ (outnumbered).
  9065 | D:7      | 9065 ||| Stepping ~*~*~tactically~*~*~ (outnumbered).
  9077 | D:7      | 9077 ||| Stepping ~*~*~tactically~*~*~ (outnumbered).
  9079 | D:7      | 9079 ||| Stepping ~*~*~tactically~*~*~ (outnumbered).
  9081 | D:7      | 9081 ||| Stepping ~*~*~tactically~*~*~ (outnumbered).
  9083 | D:7      | 9083 ||| Stepping ~*~*~tactically~*~*~ (outnumbered).
  9085 | D:7      | 9085 ||| Stepping ~*~*~tactically~*~*~ (outnumbered).
  9097 | D:7      | 9097 ||| Stepping ~*~*~tactically~*~*~ (outnumbered).
  9099 | D:7      | 9099 ||| Stepping ~*~*~tactically~*~*~ (outnumbered).
  9101 | D:7      | 9101 ||| Stepping ~*~*~tactically~*~*~ (outnumbered).
  9103 | D:7      | 9103 ||| Stepping ~*~*~tactically~*~*~ (outnumbered).
  9105 | D:7      | 9105 ||| Stepping ~*~*~tactically~*~*~ (outnumbered).
  9117 | D:7      | 9117 ||| Stepping ~*~*~tactically~*~*~ (outnumbered).
  9119 | D:7      | 9119 ||| Stepping ~*~*~tactically~*~*~ (outnumbered).
  9121 | D:7      | 9121 ||| Stepping ~*~*~tactically~*~*~ (outnumbered).
  9123 | D:7      | 9123 ||| Stepping ~*~*~tactically~*~*~ (outnumbered).
  9125 | D:7      | 9125 ||| Stepping ~*~*~tactically~*~*~ (outnumbered).
  9137 | D:7      | 9137 ||| Stepping ~*~*~tactically~*~*~ (outnumbered).
  9139 | D:7      | 9139 ||| Stepping ~*~*~tactically~*~*~ (outnumbered).
  9141 | D:7      | 9141 ||| Stepping ~*~*~tactically~*~*~ (outnumbered).
  9143 | D:7      | 9143 ||| Stepping ~*~*~tactically~*~*~ (outnumbered).
  9145 | D:7      | 9145 ||| Stepping ~*~*~tactically~*~*~ (outnumbered).
  9157 | D:7      | 9157 ||| Stepping ~*~*~tactically~*~*~ (outnumbered).
  9159 | D:7      | 9159 ||| Stepping ~*~*~tactically~*~*~ (outnumbered).
  9161 | D:7      | 9161 ||| Stepping ~*~*~tactically~*~*~ (outnumbered).
  9163 | D:7      | 9163 ||| Stepping ~*~*~tactically~*~*~ (outnumbered).
  9165 | D:7      | 9165 ||| Stepping ~*~*~tactically~*~*~ (outnumbered).
  9177 | D:7      | 9177 ||| Stepping ~*~*~tactically~*~*~ (outnumbered).
  9179 | D:7      | 9179 ||| Stepping ~*~*~tactically~*~*~ (outnumbered).
  9181 | D:7      | 9181 ||| Stepping ~*~*~tactically~*~*~ (outnumbered).
  9183 | D:7      | 9183 ||| Stepping ~*~*~tactically~*~*~ (outnumbered).
  9185 | D:7      | 9185 ||| Stepping ~*~*~tactically~*~*~ (outnumbered).
  9197 | D:7      | 9197 ||| Stepping ~*~*~tactically~*~*~ (outnumbered).
  9199 | D:7      | 9199 ||| Stepping ~*~*~tactically~*~*~ (outnumbered).
  9201 | D:7      | 9201 ||| Stepping ~*~*~tactically~*~*~ (outnumbered).
  9203 | D:7      | 9203 ||| Stepping ~*~*~tactically~*~*~ (outnumbered).
  9205 | D:7      | 9205 ||| Stepping ~*~*~tactically~*~*~ (outnumbered).
  9217 | D:7      | 9217 ||| Stepping ~*~*~tactically~*~*~ (outnumbered).
  9219 | D:7      | 9219 ||| Stepping ~*~*~tactically~*~*~ (outnumbered).
  9221 | D:7      | 9221 ||| Stepping ~*~*~tactically~*~*~ (outnumbered).
  9223 | D:7      | 9223 ||| Stepping ~*~*~tactically~*~*~ (outnumbered).
  9225 | D:7      | 9225 ||| Stepping ~*~*~tactically~*~*~ (outnumbered).
  9237 | D:7      | 9237 ||| Stepping ~*~*~tactically~*~*~ (outnumbered).
  9239 | D:7      | 9239 ||| Stepping ~*~*~tactically~*~*~ (outnumbered).
  9241 | D:7      | 9241 ||| Stepping ~*~*~tactically~*~*~ (outnumbered).
  9243 | D:7      | 9243 ||| Stepping ~*~*~tactically~*~*~ (outnumbered).
  9245 | D:7      | 9245 ||| Stepping ~*~*~tactically~*~*~ (outnumbered).
  9257 | D:7      | 9257 ||| Stepping ~*~*~tactically~*~*~ (outnumbered).
  9259 | D:7      | 9259 ||| Stepping ~*~*~tactically~*~*~ (outnumbered).
  9261 | D:7      | 9261 ||| Stepping ~*~*~tactically~*~*~ (outnumbered).
  9263 | D:7      | 9263 ||| Stepping ~*~*~tactically~*~*~ (outnumbered).
  9265 | D:7      | 9265 ||| Stepping ~*~*~tactically~*~*~ (outnumbered).
  9277 | D:7      | 9277 ||| Stepping ~*~*~tactically~*~*~ (outnumbered).
  9279 | D:7      | 9279 ||| Stepping ~*~*~tactically~*~*~ (outnumbered).
  9281 | D:7      | 9281 ||| Stepping ~*~*~tactically~*~*~ (outnumbered).
  9283 | D:7      | 9283 ||| Stepping ~*~*~tactically~*~*~ (outnumbered).
  9285 | D:7      | 9285 ||| Stepping ~*~*~tactically~*~*~ (outnumbered).
  9297 | D:7      | 9297 ||| Stepping ~*~*~tactically~*~*~ (outnumbered).
  9299 | D:7      | 9299 ||| Stepping ~*~*~tactically~*~*~ (outnumbered).
  9301 | D:7      | 9301 ||| Stepping ~*~*~tactically~*~*~ (outnumbered).
  9303 | D:7      | 9303 ||| Stepping ~*~*~tactically~*~*~ (outnumbered).
  9305 | D:7      | 9305 ||| Stepping ~*~*~tactically~*~*~ (outnumbered).
  9317 | D:7      | 9317 ||| Stepping ~*~*~tactically~*~*~ (outnumbered).
  9319 | D:7      | 9319 ||| Stepping ~*~*~tactically~*~*~ (outnumbered).
  9321 | D:7      | 9321 ||| Stepping ~*~*~tactically~*~*~ (outnumbered).
  9323 | D:7      | 9323 ||| Stepping ~*~*~tactically~*~*~ (outnumbered).
  9325 | D:7      | 9325 ||| Stepping ~*~*~tactically~*~*~ (outnumbered).
  9337 | D:7      | 9337 ||| Stepping ~*~*~tactically~*~*~ (outnumbered).
  9339 | D:7      | 9339 ||| Stepping ~*~*~tactically~*~*~ (outnumbered).
  9341 | D:7      | 9341 ||| Stepping ~*~*~tactically~*~*~ (outnumbered).
  9343 | D:7      | 9343 ||| Stepping ~*~*~tactically~*~*~ (outnumbered).
  9345 | D:7      | 9345 ||| Stepping ~*~*~tactically~*~*~ (outnumbered).
  9357 | D:7      | 9357 ||| Stepping ~*~*~tactically~*~*~ (outnumbered).
  9359 | D:7      | 9359 ||| Stepping ~*~*~tactically~*~*~ (outnumbered).
  9361 | D:7      | 9361 ||| Stepping ~*~*~tactically~*~*~ (outnumbered).
  9363 | D:7      | 9363 ||| Stepping ~*~*~tactically~*~*~ (outnumbered).
  9365 | D:7      | 9365 ||| Stepping ~*~*~tactically~*~*~ (outnumbered).
  9377 | D:7      | 9377 ||| Stepping ~*~*~tactically~*~*~ (outnumbered).
  9379 | D:7      | 9379 ||| Stepping ~*~*~tactically~*~*~ (outnumbered).
  9381 | D:7      | 9381 ||| Stepping ~*~*~tactically~*~*~ (outnumbered).
  9383 | D:7      | 9383 ||| Stepping ~*~*~tactically~*~*~ (outnumbered).
  9385 | D:7      | 9385 ||| Stepping ~*~*~tactically~*~*~ (outnumbered).
  9397 | D:7      | 9397 ||| Stepping ~*~*~tactically~*~*~ (outnumbered).
  9399 | D:7      | 9399 ||| Stepping ~*~*~tactically~*~*~ (outnumbered).
  9401 | D:7      | 9401 ||| Stepping ~*~*~tactically~*~*~ (outnumbered).
  9403 | D:7      | 9403 ||| Stepping ~*~*~tactically~*~*~ (outnumbered).
  9405 | D:7      | 9405 ||| Stepping ~*~*~tactically~*~*~ (outnumbered).
  9417 | D:7      | 9417 ||| Stepping ~*~*~tactically~*~*~ (outnumbered).
  9419 | D:7      | 9419 ||| Stepping ~*~*~tactically~*~*~ (outnumbered).
  9421 | D:7      | 9421 ||| Stepping ~*~*~tactically~*~*~ (outnumbered).
  9423 | D:7      | 9423 ||| Stepping ~*~*~tactically~*~*~ (outnumbered).
  9425 | D:7      | 9425 ||| Stepping ~*~*~tactically~*~*~ (outnumbered).
  9437 | D:7      | 9437 ||| Stepping ~*~*~tactically~*~*~ (outnumbered).
  9439 | D:7      | 9439 ||| Stepping ~*~*~tactically~*~*~ (outnumbered).
  9441 | D:7      | 9441 ||| Stepping ~*~*~tactically~*~*~ (outnumbered).
  9443 | D:7      | 9443 ||| Stepping ~*~*~tactically~*~*~ (outnumbered).
  9445 | D:7      | 9445 ||| Stepping ~*~*~tactically~*~*~ (outnumbered).
  9457 | D:7      | 9457 ||| Stepping ~*~*~tactically~*~*~ (outnumbered).
  9459 | D:7      | 9459 ||| Stepping ~*~*~tactically~*~*~ (outnumbered).
  9461 | D:7      | 9461 ||| Stepping ~*~*~tactically~*~*~ (outnumbered).
  9463 | D:7      | 9463 ||| Stepping ~*~*~tactically~*~*~ (outnumbered).
  9465 | D:7      | 9465 ||| Stepping ~*~*~tactically~*~*~ (outnumbered).
  9477 | D:7      | 9477 ||| Stepping ~*~*~tactically~*~*~ (outnumbered).
  9479 | D:7      | 9479 ||| Stepping ~*~*~tactically~*~*~ (outnumbered).
  9481 | D:7      | 9481 ||| Stepping ~*~*~tactically~*~*~ (outnumbered).
  9483 | D:7      | 9483 ||| Stepping ~*~*~tactically~*~*~ (outnumbered).
  9485 | D:7      | 9485 ||| Stepping ~*~*~tactically~*~*~ (outnumbered).
  9497 | D:7      | 9497 ||| Stepping ~*~*~tactically~*~*~ (outnumbered).
  9499 | D:7      | 9499 ||| Stepping ~*~*~tactically~*~*~ (outnumbered).
  9501 | D:7      | 9501 ||| Stepping ~*~*~tactically~*~*~ (outnumbered).
  9503 | D:7      | 9503 ||| Stepping ~*~*~tactically~*~*~ (outnumbered).
  9505 | D:7      | 9505 ||| Stepping ~*~*~tactically~*~*~ (outnumbered).
  9517 | D:7      | 9517 ||| Stepping ~*~*~tactically~*~*~ (outnumbered).
  9519 | D:7      | 9519 ||| Stepping ~*~*~tactically~*~*~ (outnumbered).
  9521 | D:7      | 9521 ||| Stepping ~*~*~tactically~*~*~ (outnumbered).
  9523 | D:7      | 9523 ||| Stepping ~*~*~tactically~*~*~ (outnumbered).
  9525 | D:7      | 9525 ||| Stepping ~*~*~tactically~*~*~ (outnumbered).
  9537 | D:7      | 9537 ||| Stepping ~*~*~tactically~*~*~ (outnumbered).
  9539 | D:7      | 9539 ||| Stepping ~*~*~tactically~*~*~ (outnumbered).
  9541 | D:7      | 9541 ||| Stepping ~*~*~tactically~*~*~ (outnumbered).
  9543 | D:7      | 9543 ||| Stepping ~*~*~tactically~*~*~ (outnumbered).
  9545 | D:7      | 9545 ||| Stepping ~*~*~tactically~*~*~ (outnumbered).
  9557 | D:7      | 9557 ||| Stepping ~*~*~tactically~*~*~ (outnumbered).
  9559 | D:7      | 9559 ||| Stepping ~*~*~tactically~*~*~ (outnumbered).
  9561 | D:7      | 9561 ||| Stepping ~*~*~tactically~*~*~ (outnumbered).
  9563 | D:7      | 9563 ||| Stepping ~*~*~tactically~*~*~ (outnumbered).
  9565 | D:7      | 9565 ||| Stepping ~*~*~tactically~*~*~ (outnumbered).
  9577 | D:7      | 9577 ||| Stepping ~*~*~tactically~*~*~ (outnumbered).
  9579 | D:7      | 9579 ||| Stepping ~*~*~tactically~*~*~ (outnumbered).
  9581 | D:7      | 9581 ||| Stepping ~*~*~tactically~*~*~ (outnumbered).
  9583 | D:7      | 9583 ||| Stepping ~*~*~tactically~*~*~ (outnumbered).
  9585 | D:7      | 9585 ||| Stepping ~*~*~tactically~*~*~ (outnumbered).
  9597 | D:7      | 9597 ||| Stepping ~*~*~tactically~*~*~ (outnumbered).
  9599 | D:7      | 9599 ||| Stepping ~*~*~tactically~*~*~ (outnumbered).
  9601 | D:7      | 9601 ||| Stepping ~*~*~tactically~*~*~ (outnumbered).
  9603 | D:7      | 9603 ||| Stepping ~*~*~tactically~*~*~ (outnumbered).
  9605 | D:7      | 9605 ||| Stepping ~*~*~tactically~*~*~ (outnumbered).
  9617 | D:7      | 9617 ||| Stepping ~*~*~tactically~*~*~ (outnumbered).
  9619 | D:7      | 9619 ||| Stepping ~*~*~tactically~*~*~ (outnumbered).
  9621 | D:7      | 9621 ||| Stepping ~*~*~tactically~*~*~ (outnumbered).
  9623 | D:7      | 9623 ||| Stepping ~*~*~tactically~*~*~ (outnumbered).
  9625 | D:7      | 9625 ||| Stepping ~*~*~tactically~*~*~ (outnumbered).
  9637 | D:7      | 9637 ||| Stepping ~*~*~tactically~*~*~ (outnumbered).
  9639 | D:7      | 9639 ||| Stepping ~*~*~tactically~*~*~ (outnumbered).
  9641 | D:7      | 9641 ||| Stepping ~*~*~tactically~*~*~ (outnumbered).
  9643 | D:7      | 9643 ||| Stepping ~*~*~tactically~*~*~ (outnumbered).
  9645 | D:7      | 9645 ||| Stepping ~*~*~tactically~*~*~ (outnumbered).
  9657 | D:7      | 9657 ||| Stepping ~*~*~tactically~*~*~ (outnumbered).
  9659 | D:7      | 9659 ||| Stepping ~*~*~tactically~*~*~ (outnumbered).
  9661 | D:7      | 9661 ||| Stepping ~*~*~tactically~*~*~ (outnumbered).
  9663 | D:7      | 9663 ||| Stepping ~*~*~tactically~*~*~ (outnumbered).
  9665 | D:7      | 9665 ||| Stepping ~*~*~tactically~*~*~ (outnumbered).
  9677 | D:7      | 9677 ||| Stepping ~*~*~tactically~*~*~ (outnumbered).
  9679 | D:7      | 9679 ||| Stepping ~*~*~tactically~*~*~ (outnumbered).
  9681 | D:7      | 9681 ||| Stepping ~*~*~tactically~*~*~ (outnumbered).
  9683 | D:7      | 9683 ||| Stepping ~*~*~tactically~*~*~ (outnumbered).
  9685 | D:7      | 9685 ||| Stepping ~*~*~tactically~*~*~ (outnumbered).
  9697 | D:7      | 9697 ||| Stepping ~*~*~tactically~*~*~ (outnumbered).
  9699 | D:7      | 9699 ||| Stepping ~*~*~tactically~*~*~ (outnumbered).
  9701 | D:7      | 9701 ||| Stepping ~*~*~tactically~*~*~ (outnumbered).
  9703 | D:7      | 9703 ||| Stepping ~*~*~tactically~*~*~ (outnumbered).
  9705 | D:7      | 9705 ||| Stepping ~*~*~tactically~*~*~ (outnumbered).
  9717 | D:7      | 9717 ||| Stepping ~*~*~tactically~*~*~ (outnumbered).
  9719 | D:7      | 9719 ||| Stepping ~*~*~tactically~*~*~ (outnumbered).
  9721 | D:7      | 9721 ||| Stepping ~*~*~tactically~*~*~ (outnumbered).
  9723 | D:7      | 9723 ||| Stepping ~*~*~tactically~*~*~ (outnumbered).
  9725 | D:7      | 9725 ||| Stepping ~*~*~tactically~*~*~ (outnumbered).
  9737 | D:7      | 9737 ||| Stepping ~*~*~tactically~*~*~ (outnumbered).
  9739 | D:7      | 9739 ||| Stepping ~*~*~tactically~*~*~ (outnumbered).
  9741 | D:7      | 9741 ||| Stepping ~*~*~tactically~*~*~ (outnumbered).
  9743 | D:7      | 9743 ||| Stepping ~*~*~tactically~*~*~ (outnumbered).
  9745 | D:7      | 9745 ||| Stepping ~*~*~tactically~*~*~ (outnumbered).
  9757 | D:7      | 9757 ||| Stepping ~*~*~tactically~*~*~ (outnumbered).
  9759 | D:7      | 9759 ||| Stepping ~*~*~tactically~*~*~ (outnumbered).
  9761 | D:7      | 9761 ||| Stepping ~*~*~tactically~*~*~ (outnumbered).
  9763 | D:7      | 9763 ||| Stepping ~*~*~tactically~*~*~ (outnumbered).
  9765 | D:7      | 9765 ||| Stepping ~*~*~tactically~*~*~ (outnumbered).
  9777 | D:7      | 9777 ||| Stepping ~*~*~tactically~*~*~ (outnumbered).
  9779 | D:7      | 9779 ||| Stepping ~*~*~tactically~*~*~ (outnumbered).
  9781 | D:7      | 9781 ||| Stepping ~*~*~tactically~*~*~ (outnumbered).
  9783 | D:7      | 9783 ||| Stepping ~*~*~tactically~*~*~ (outnumbered).
  9785 | D:7      | 9785 ||| Stepping ~*~*~tactically~*~*~ (outnumbered).
  9797 | D:7      | 9797 ||| Stepping ~*~*~tactically~*~*~ (outnumbered).
  9799 | D:7      | 9799 ||| Stepping ~*~*~tactically~*~*~ (outnumbered).
  9801 | D:7      | 9801 ||| Stepping ~*~*~tactically~*~*~ (outnumbered).
  9803 | D:7      | 9803 ||| Stepping ~*~*~tactically~*~*~ (outnumbered).
  9805 | D:7      | 9805 ||| Stepping ~*~*~tactically~*~*~ (outnumbered).
  9817 | D:7      | 9817 ||| Stepping ~*~*~tactically~*~*~ (outnumbered).
  9819 | D:7      | 9819 ||| Stepping ~*~*~tactically~*~*~ (outnumbered).
  9821 | D:7      | 9821 ||| Stepping ~*~*~tactically~*~*~ (outnumbered).
  9823 | D:7      | 9823 ||| Stepping ~*~*~tactically~*~*~ (outnumbered).
  9825 | D:7      | 9825 ||| Stepping ~*~*~tactically~*~*~ (outnumbered).
  9837 | D:7      | 9837 ||| Stepping ~*~*~tactically~*~*~ (outnumbered).
  9839 | D:7      | 9839 ||| Stepping ~*~*~tactically~*~*~ (outnumbered).
  9841 | D:7      | 9841 ||| Stepping ~*~*~tactically~*~*~ (outnumbered).
  9843 | D:7      | 9843 ||| Stepping ~*~*~tactically~*~*~ (outnumbered).
  9845 | D:7      | 9845 ||| Stepping ~*~*~tactically~*~*~ (outnumbered).
  9857 | D:7      | 9857 ||| Stepping ~*~*~tactically~*~*~ (outnumbered).
  9859 | D:7      | 9859 ||| Stepping ~*~*~tactically~*~*~ (outnumbered).
  9861 | D:7      | 9861 ||| Stepping ~*~*~tactically~*~*~ (outnumbered).
  9863 | D:7      | 9863 ||| Stepping ~*~*~tactically~*~*~ (outnumbered).
  9865 | D:7      | 9865 ||| Stepping ~*~*~tactically~*~*~ (outnumbered).
  9877 | D:7      | 9877 ||| Stepping ~*~*~tactically~*~*~ (outnumbered).
  9879 | D:7      | 9879 ||| Stepping ~*~*~tactically~*~*~ (outnumbered).
  9881 | D:7      | 9881 ||| Stepping ~*~*~tactically~*~*~ (outnumbered).
  9883 | D:7      | 9883 ||| Stepping ~*~*~tactically~*~*~ (outnumbered).
  9885 | D:7      | 9885 ||| Stepping ~*~*~tactically~*~*~ (outnumbered).
  9897 | D:7      | 9897 ||| Stepping ~*~*~tactically~*~*~ (outnumbered).
  9899 | D:7      | 9899 ||| Stepping ~*~*~tactically~*~*~ (outnumbered).
  9901 | D:7      | 9901 ||| Stepping ~*~*~tactically~*~*~ (outnumbered).
  9903 | D:7      | 9903 ||| Stepping ~*~*~tactically~*~*~ (outnumbered).
  9905 | D:7      | 9905 ||| Stepping ~*~*~tactically~*~*~ (outnumbered).
  9917 | D:7      | 9917 ||| Stepping ~*~*~tactically~*~*~ (outnumbered).
  9919 | D:7      | 9919 ||| Stepping ~*~*~tactically~*~*~ (outnumbered).
  9921 | D:7      | 9921 ||| Stepping ~*~*~tactically~*~*~ (outnumbered).
  9923 | D:7      | 9923 ||| Stepping ~*~*~tactically~*~*~ (outnumbered).
  9925 | D:7      | 9925 ||| Stepping ~*~*~tactically~*~*~ (outnumbered).
  9937 | D:7      | 9937 ||| Stepping ~*~*~tactically~*~*~ (outnumbered).
  9939 | D:7      | 9939 ||| Stepping ~*~*~tactically~*~*~ (outnumbered).
  9941 | D:7      | 9941 ||| Stepping ~*~*~tactically~*~*~ (outnumbered).
  9943 | D:7      | 9943 ||| Stepping ~*~*~tactically~*~*~ (outnumbered).
  9945 | D:7      | 9945 ||| Stepping ~*~*~tactically~*~*~ (outnumbered).
  9957 | D:7      | 9957 ||| Stepping ~*~*~tactically~*~*~ (outnumbered).
  9959 | D:7      | 9959 ||| Stepping ~*~*~tactically~*~*~ (outnumbered).
  9961 | D:7      | 9961 ||| Stepping ~*~*~tactically~*~*~ (outnumbered).
  9963 | D:7      | 9963 ||| Stepping ~*~*~tactically~*~*~ (outnumbered).
  9965 | D:7      | 9965 ||| Stepping ~*~*~tactically~*~*~ (outnumbered).
  9977 | D:7      | 9977 ||| Stepping ~*~*~tactically~*~*~ (outnumbered).
  9979 | D:7      | 9979 ||| Stepping ~*~*~tactically~*~*~ (outnumbered).
  9981 | D:7      | 9981 ||| Stepping ~*~*~tactically~*~*~ (outnumbered).
  9983 | D:7      | 9983 ||| Stepping ~*~*~tactically~*~*~ (outnumbered).
  9985 | D:7      | 9985 ||| Stepping ~*~*~tactically~*~*~ (outnumbered).
  9997 | D:7      | 9997 ||| Stepping ~*~*~tactically~*~*~ (outnumbered).
  9999 | D:7      | 9999 ||| Stepping ~*~*~tactically~*~*~ (outnumbered).
 10001 | D:7      | 10001 ||| Stepping ~*~*~tactically~*~*~ (outnumbered).
 10003 | D:7      | 10003 ||| Stepping ~*~*~tactically~*~*~ (outnumbered).
 10005 | D:7      | 10005 ||| Stepping ~*~*~tactically~*~*~ (outnumbered).
 10017 | D:7      | 10017 ||| Stepping ~*~*~tactically~*~*~ (outnumbered).
 10019 | D:7      | 10019 ||| Stepping ~*~*~tactically~*~*~ (outnumbered).
 10021 | D:7      | 10021 ||| Stepping ~*~*~tactically~*~*~ (outnumbered).
 10023 | D:7      | 10023 ||| Stepping ~*~*~tactically~*~*~ (outnumbered).
 10025 | D:7      | 10025 ||| Stepping ~*~*~tactically~*~*~ (outnumbered).
 10037 | D:7      | 10037 ||| Stepping ~*~*~tactically~*~*~ (outnumbered).
 10039 | D:7      | 10039 ||| Stepping ~*~*~tactically~*~*~ (outnumbered).
 10041 | D:7      | 10041 ||| Stepping ~*~*~tactically~*~*~ (outnumbered).
 10043 | D:7      | 10043 ||| Stepping ~*~*~tactically~*~*~ (outnumbered).
 10045 | D:7      | 10045 ||| Stepping ~*~*~tactically~*~*~ (outnumbered).
 10057 | D:7      | 10057 ||| Stepping ~*~*~tactically~*~*~ (outnumbered).
 10059 | D:7      | 10059 ||| Stepping ~*~*~tactically~*~*~ (outnumbered).
 10061 | D:7      | 10061 ||| Stepping ~*~*~tactically~*~*~ (outnumbered).
 10063 | D:7      | 10063 ||| Stepping ~*~*~tactically~*~*~ (outnumbered).
 10065 | D:7      | 10065 ||| Stepping ~*~*~tactically~*~*~ (outnumbered).
 10077 | D:7      | 10077 ||| Stepping ~*~*~tactically~*~*~ (outnumbered).
 10079 | D:7      | 10079 ||| Stepping ~*~*~tactically~*~*~ (outnumbered).
 10081 | D:7      | 10081 ||| Stepping ~*~*~tactically~*~*~ (outnumbered).
 10083 | D:7      | 10083 ||| Stepping ~*~*~tactically~*~*~ (outnumbered).
 10085 | D:7      | 10085 ||| Stepping ~*~*~tactically~*~*~ (outnumbered).
 10097 | D:7      | 10097 ||| Stepping ~*~*~tactically~*~*~ (outnumbered).
 10099 | D:7      | 10099 ||| Stepping ~*~*~tactically~*~*~ (outnumbered).
 10101 | D:7      | 10101 ||| Stepping ~*~*~tactically~*~*~ (outnumbered).
 10103 | D:7      | 10103 ||| Stepping ~*~*~tactically~*~*~ (outnumbered).
 10105 | D:7      | 10105 ||| Stepping ~*~*~tactically~*~*~ (outnumbered).
 10117 | D:7      | 10117 ||| Stepping ~*~*~tactically~*~*~ (outnumbered).
 10119 | D:7      | 10119 ||| Stepping ~*~*~tactically~*~*~ (outnumbered).
 10121 | D:7      | 10121 ||| Stepping ~*~*~tactically~*~*~ (outnumbered).
 10123 | D:7      | 10123 ||| Stepping ~*~*~tactically~*~*~ (outnumbered).
 10125 | D:7      | 10125 ||| Stepping ~*~*~tactically~*~*~ (outnumbered).
 10137 | D:7      | 10137 ||| Stepping ~*~*~tactically~*~*~ (outnumbered).
 10139 | D:7      | 10139 ||| Stepping ~*~*~tactically~*~*~ (outnumbered).
 10141 | D:7      | 10141 ||| Stepping ~*~*~tactically~*~*~ (outnumbered).
 10143 | D:7      | 10143 ||| Stepping ~*~*~tactically~*~*~ (outnumbered).
 10145 | D:7      | 10145 ||| Stepping ~*~*~tactically~*~*~ (outnumbered).
 10157 | D:7      | 10157 ||| Stepping ~*~*~tactically~*~*~ (outnumbered).
 10159 | D:7      | 10159 ||| Stepping ~*~*~tactically~*~*~ (outnumbered).
 10161 | D:7      | 10161 ||| Stepping ~*~*~tactically~*~*~ (outnumbered).
 10163 | D:7      | 10163 ||| Stepping ~*~*~tactically~*~*~ (outnumbered).
 10165 | D:7      | 10165 ||| Stepping ~*~*~tactically~*~*~ (outnumbered).
 10177 | D:7      | 10177 ||| Stepping ~*~*~tactically~*~*~ (outnumbered).
 10179 | D:7      | 10179 ||| Stepping ~*~*~tactically~*~*~ (outnumbered).
 10181 | D:7      | 10181 ||| Stepping ~*~*~tactically~*~*~ (outnumbered).
 10183 | D:7      | 10183 ||| Stepping ~*~*~tactically~*~*~ (outnumbered).
 10185 | D:7      | 10185 ||| Stepping ~*~*~tactically~*~*~ (outnumbered).
 10197 | D:7      | 10197 ||| Stepping ~*~*~tactically~*~*~ (outnumbered).
 10199 | D:7      | 10199 ||| Stepping ~*~*~tactically~*~*~ (outnumbered).
 10201 | D:7      | 10201 ||| Stepping ~*~*~tactically~*~*~ (outnumbered).
 10203 | D:7      | 10203 ||| Stepping ~*~*~tactically~*~*~ (outnumbered).
 10205 | D:7      | 10205 ||| Stepping ~*~*~tactically~*~*~ (outnumbered).
 10217 | D:7      | 10217 ||| Stepping ~*~*~tactically~*~*~ (outnumbered).
 10219 | D:7      | 10219 ||| Stepping ~*~*~tactically~*~*~ (outnumbered).
 10221 | D:7      | 10221 ||| Stepping ~*~*~tactically~*~*~ (outnumbered).
 10223 | D:7      | 10223 ||| Stepping ~*~*~tactically~*~*~ (outnumbered).
 10225 | D:7      | 10225 ||| Stepping ~*~*~tactically~*~*~ (outnumbered).
 10237 | D:7      | 10237 ||| Stepping ~*~*~tactically~*~*~ (outnumbered).
 10239 | D:7      | 10239 ||| Stepping ~*~*~tactically~*~*~ (outnumbered).
 10241 | D:7      | 10241 ||| Stepping ~*~*~tactically~*~*~ (outnumbered).
 10243 | D:7      | 10243 ||| Stepping ~*~*~tactically~*~*~ (outnumbered).
 10245 | D:7      | 10245 ||| Stepping ~*~*~tactically~*~*~ (outnumbered).
 10257 | D:7      | 10257 ||| Stepping ~*~*~tactically~*~*~ (outnumbered).
 10259 | D:7      | 10259 ||| Stepping ~*~*~tactically~*~*~ (outnumbered).
 10261 | D:7      | 10261 ||| Stepping ~*~*~tactically~*~*~ (outnumbered).
 10263 | D:7      | 10263 ||| Stepping ~*~*~tactically~*~*~ (outnumbered).
 10265 | D:7      | 10265 ||| Stepping ~*~*~tactically~*~*~ (outnumbered).
 10277 | D:7      | 10277 ||| Stepping ~*~*~tactically~*~*~ (outnumbered).
 10279 | D:7      | 10279 ||| Stepping ~*~*~tactically~*~*~ (outnumbered).
 10281 | D:7      | 10281 ||| Stepping ~*~*~tactically~*~*~ (outnumbered).
 10283 | D:7      | 10283 ||| Stepping ~*~*~tactically~*~*~ (outnumbered).
 10285 | D:7      | 10285 ||| Stepping ~*~*~tactically~*~*~ (outnumbered).
 10297 | D:7      | 10297 ||| Stepping ~*~*~tactically~*~*~ (outnumbered).
 10299 | D:7      | 10299 ||| Stepping ~*~*~tactically~*~*~ (outnumbered).
 10301 | D:7      | 10301 ||| Stepping ~*~*~tactically~*~*~ (outnumbered).
 10303 | D:7      | 10303 ||| Stepping ~*~*~tactically~*~*~ (outnumbered).
 10305 | D:7      | 10305 ||| Stepping ~*~*~tactically~*~*~ (outnumbered).
 10317 | D:7      | 10317 ||| Stepping ~*~*~tactically~*~*~ (outnumbered).
 10319 | D:7      | 10319 ||| Stepping ~*~*~tactically~*~*~ (outnumbered).
 10321 | D:7      | 10321 ||| Stepping ~*~*~tactically~*~*~ (outnumbered).
 10323 | D:7      | 10323 ||| Stepping ~*~*~tactically~*~*~ (outnumbered).
 10325 | D:7      | 10325 ||| Stepping ~*~*~tactically~*~*~ (outnumbered).
 10337 | D:7      | 10337 ||| Stepping ~*~*~tactically~*~*~ (outnumbered).
 10339 | D:7      | 10339 ||| Stepping ~*~*~tactically~*~*~ (outnumbered).
 10341 | D:7      | 10341 ||| Stepping ~*~*~tactically~*~*~ (outnumbered).
 10343 | D:7      | 10343 ||| Stepping ~*~*~tactically~*~*~ (outnumbered).
 10345 | D:7      | 10345 ||| Stepping ~*~*~tactically~*~*~ (outnumbered).
 10357 | D:7      | 10357 ||| Stepping ~*~*~tactically~*~*~ (outnumbered).
 10359 | D:7      | 10359 ||| Stepping ~*~*~tactically~*~*~ (outnumbered).
 10361 | D:7      | 10361 ||| Stepping ~*~*~tactically~*~*~ (outnumbered).
 10363 | D:7      | 10363 ||| Stepping ~*~*~tactically~*~*~ (outnumbered).
 10365 | D:7      | 10365 ||| Stepping ~*~*~tactically~*~*~ (outnumbered).
 10377 | D:7      | 10377 ||| Stepping ~*~*~tactically~*~*~ (outnumbered).
 10379 | D:7      | 10379 ||| Stepping ~*~*~tactically~*~*~ (outnumbered).
 10381 | D:7      | 10381 ||| Stepping ~*~*~tactically~*~*~ (outnumbered).
 10383 | D:7      | 10383 ||| Stepping ~*~*~tactically~*~*~ (outnumbered).
 10385 | D:7      | 10385 ||| Stepping ~*~*~tactically~*~*~ (outnumbered).
 10397 | D:7      | 10397 ||| Stepping ~*~*~tactically~*~*~ (outnumbered).
 10399 | D:7      | 10399 ||| Stepping ~*~*~tactically~*~*~ (outnumbered).
 10401 | D:7      | 10401 ||| Stepping ~*~*~tactically~*~*~ (outnumbered).
 10403 | D:7      | 10403 ||| Stepping ~*~*~tactically~*~*~ (outnumbered).
 10405 | D:7      | 10405 ||| Stepping ~*~*~tactically~*~*~ (outnumbered).
 10417 | D:7      | 10417 ||| Stepping ~*~*~tactically~*~*~ (outnumbered).
 10419 | D:7      | 10419 ||| Stepping ~*~*~tactically~*~*~ (outnumbered).
 10421 | D:7      | 10421 ||| Stepping ~*~*~tactically~*~*~ (outnumbered).
 10423 | D:7      | 10423 ||| Stepping ~*~*~tactically~*~*~ (outnumbered).
 10425 | D:7      | 10425 ||| Stepping ~*~*~tactically~*~*~ (outnumbered).
 10437 | D:7      | 10437 ||| Stepping ~*~*~tactically~*~*~ (outnumbered).
 10439 | D:7      | 10439 ||| Stepping ~*~*~tactically~*~*~ (outnumbered).
 10441 | D:7      | 10441 ||| Stepping ~*~*~tactically~*~*~ (outnumbered).
 10443 | D:7      | 10443 ||| Stepping ~*~*~tactically~*~*~ (outnumbered).
 10445 | D:7      | 10445 ||| Stepping ~*~*~tactically~*~*~ (outnumbered).
 10457 | D:7      | 10457 ||| Stepping ~*~*~tactically~*~*~ (outnumbered).
 10459 | D:7      | 10459 ||| Stepping ~*~*~tactically~*~*~ (outnumbered).
 10461 | D:7      | 10461 ||| Stepping ~*~*~tactically~*~*~ (outnumbered).
 10463 | D:7      | 10463 ||| Stepping ~*~*~tactically~*~*~ (outnumbered).
 10465 | D:7      | 10465 ||| Stepping ~*~*~tactically~*~*~ (outnumbered).
 10477 | D:7      | 10477 ||| Stepping ~*~*~tactically~*~*~ (outnumbered).
 10479 | D:7      | 10479 ||| Stepping ~*~*~tactically~*~*~ (outnumbered).
 10481 | D:7      | 10481 ||| Stepping ~*~*~tactically~*~*~ (outnumbered).
 10483 | D:7      | 10483 ||| Stepping ~*~*~tactically~*~*~ (outnumbered).
 10485 | D:7      | 10485 ||| Stepping ~*~*~tactically~*~*~ (outnumbered).
 10497 | D:7      | 10497 ||| Stepping ~*~*~tactically~*~*~ (outnumbered).
 10499 | D:7      | 10499 ||| Stepping ~*~*~tactically~*~*~ (outnumbered).
 10501 | D:7      | 10501 ||| Stepping ~*~*~tactically~*~*~ (outnumbered).
 10503 | D:7      | 10503 ||| Stepping ~*~*~tactically~*~*~ (outnumbered).
 10505 | D:7      | 10505 ||| Stepping ~*~*~tactically~*~*~ (outnumbered).
 10517 | D:7      | 10517 ||| Stepping ~*~*~tactically~*~*~ (outnumbered).
 10519 | D:7      | 10519 ||| Stepping ~*~*~tactically~*~*~ (outnumbered).
 10521 | D:7      | 10521 ||| Stepping ~*~*~tactically~*~*~ (outnumbered).
 10523 | D:7      | 10523 ||| Stepping ~*~*~tactically~*~*~ (outnumbered).
 10525 | D:7      | 10525 ||| Stepping ~*~*~tactically~*~*~ (outnumbered).
 10537 | D:7      | 10537 ||| Stepping ~*~*~tactically~*~*~ (outnumbered).
 10539 | D:7      | 10539 ||| Stepping ~*~*~tactically~*~*~ (outnumbered).
 10541 | D:7      | 10541 ||| Stepping ~*~*~tactically~*~*~ (outnumbered).
 10543 | D:7      | 10543 ||| Stepping ~*~*~tactically~*~*~ (outnumbered).
 10545 | D:7      | 10545 ||| Stepping ~*~*~tactically~*~*~ (outnumbered).
 10557 | D:7      | 10557 ||| Stepping ~*~*~tactically~*~*~ (outnumbered).
 10559 | D:7      | 10559 ||| Stepping ~*~*~tactically~*~*~ (outnumbered).
 10561 | D:7      | 10561 ||| Stepping ~*~*~tactically~*~*~ (outnumbered).
 10563 | D:7      | 10563 ||| Stepping ~*~*~tactically~*~*~ (outnumbered).
 10565 | D:7      | 10565 ||| Stepping ~*~*~tactically~*~*~ (outnumbered).
 10577 | D:7      | 10577 ||| Stepping ~*~*~tactically~*~*~ (outnumbered).
 10579 | D:7      | 10579 ||| Stepping ~*~*~tactically~*~*~ (outnumbered).
 10581 | D:7      | 10581 ||| Stepping ~*~*~tactically~*~*~ (outnumbered).
 10583 | D:7      | 10583 ||| Stepping ~*~*~tactically~*~*~ (outnumbered).
 10585 | D:7      | 10585 ||| Stepping ~*~*~tactically~*~*~ (outnumbered).
 10597 | D:7      | 10597 ||| Stepping ~*~*~tactically~*~*~ (outnumbered).
 10599 | D:7      | 10599 ||| Stepping ~*~*~tactically~*~*~ (outnumbered).
 10601 | D:7      | 10601 ||| Stepping ~*~*~tactically~*~*~ (outnumbered).
 10603 | D:7      | 10603 ||| Stepping ~*~*~tactically~*~*~ (outnumbered).
 10605 | D:7      | 10605 ||| Stepping ~*~*~tactically~*~*~ (outnumbered).
 10617 | D:7      | 10617 ||| Stepping ~*~*~tactically~*~*~ (outnumbered).
 10619 | D:7      | 10619 ||| Stepping ~*~*~tactically~*~*~ (outnumbered).
 10621 | D:7      | 10621 ||| Stepping ~*~*~tactically~*~*~ (outnumbered).
 10623 | D:7      | 10623 ||| Stepping ~*~*~tactically~*~*~ (outnumbered).
 10625 | D:7      | 10625 ||| Stepping ~*~*~tactically~*~*~ (outnumbered).
 10637 | D:7      | 10637 ||| Stepping ~*~*~tactically~*~*~ (outnumbered).
 10639 | D:7      | 10639 ||| Stepping ~*~*~tactically~*~*~ (outnumbered).
 10641 | D:7      | 10641 ||| Stepping ~*~*~tactically~*~*~ (outnumbered).
 10643 | D:7      | 10643 ||| Stepping ~*~*~tactically~*~*~ (outnumbered).
 10645 | D:7      | 10645 ||| Stepping ~*~*~tactically~*~*~ (outnumbered).
 10657 | D:7      | 10657 ||| Stepping ~*~*~tactically~*~*~ (outnumbered).
 10659 | D:7      | 10659 ||| Stepping ~*~*~tactically~*~*~ (outnumbered).
 10661 | D:7      | 10661 ||| Stepping ~*~*~tactically~*~*~ (outnumbered).
 10663 | D:7      | 10663 ||| Stepping ~*~*~tactically~*~*~ (outnumbered).
 10665 | D:7      | 10665 ||| Stepping ~*~*~tactically~*~*~ (outnumbered).
 10677 | D:7      | 10677 ||| Stepping ~*~*~tactically~*~*~ (outnumbered).
 10679 | D:7      | 10679 ||| Stepping ~*~*~tactically~*~*~ (outnumbered).
 10681 | D:7      | 10681 ||| Stepping ~*~*~tactically~*~*~ (outnumbered).
 10683 | D:7      | 10683 ||| Stepping ~*~*~tactically~*~*~ (outnumbered).
 10685 | D:7      | 10685 ||| Stepping ~*~*~tactically~*~*~ (outnumbered).
 10697 | D:7      | 10697 ||| Stepping ~*~*~tactically~*~*~ (outnumbered).
 10699 | D:7      | 10699 ||| Stepping ~*~*~tactically~*~*~ (outnumbered).
 10701 | D:7      | 10701 ||| Stepping ~*~*~tactically~*~*~ (outnumbered).
 10703 | D:7      | 10703 ||| Stepping ~*~*~tactically~*~*~ (outnumbered).
 10705 | D:7      | 10705 ||| Stepping ~*~*~tactically~*~*~ (outnumbered).
 10717 | D:7      | 10717 ||| Stepping ~*~*~tactically~*~*~ (outnumbered).
 10719 | D:7      | 10719 ||| Stepping ~*~*~tactically~*~*~ (outnumbered).
 10721 | D:7      | 10721 ||| Stepping ~*~*~tactically~*~*~ (outnumbered).
 10723 | D:7      | 10723 ||| Stepping ~*~*~tactically~*~*~ (outnumbered).
 10725 | D:7      | 10725 ||| Stepping ~*~*~tactically~*~*~ (outnumbered).
 10737 | D:7      | 10737 ||| Stepping ~*~*~tactically~*~*~ (outnumbered).
 10739 | D:7      | 10739 ||| Stepping ~*~*~tactically~*~*~ (outnumbered).
 10741 | D:7      | 10741 ||| Stepping ~*~*~tactically~*~*~ (outnumbered).
 10743 | D:7      | 10743 ||| Stepping ~*~*~tactically~*~*~ (outnumbered).
 10745 | D:7      | 10745 ||| Stepping ~*~*~tactically~*~*~ (outnumbered).
 10757 | D:7      | 10757 ||| Stepping ~*~*~tactically~*~*~ (outnumbered).
 10759 | D:7      | 10759 ||| Stepping ~*~*~tactically~*~*~ (outnumbered).
 10761 | D:7      | 10761 ||| Stepping ~*~*~tactically~*~*~ (outnumbered).
 10763 | D:7      | 10763 ||| Stepping ~*~*~tactically~*~*~ (outnumbered).
 10765 | D:7      | 10765 ||| Stepping ~*~*~tactically~*~*~ (outnumbered).
 10777 | D:7      | 10777 ||| Stepping ~*~*~tactically~*~*~ (outnumbered).
 10779 | D:7      | 10779 ||| Stepping ~*~*~tactically~*~*~ (outnumbered).
 10781 | D:7      | 10781 ||| Stepping ~*~*~tactically~*~*~ (outnumbered).
 10783 | D:7      | 10783 ||| Stepping ~*~*~tactically~*~*~ (outnumbered).
 10785 | D:7      | 10785 ||| Stepping ~*~*~tactically~*~*~ (outnumbered).
 10797 | D:7      | 10797 ||| Stepping ~*~*~tactically~*~*~ (outnumbered).
 10799 | D:7      | 10799 ||| Stepping ~*~*~tactically~*~*~ (outnumbered).
 10801 | D:7      | 10801 ||| Stepping ~*~*~tactically~*~*~ (outnumbered).
 10803 | D:7      | 10803 ||| Stepping ~*~*~tactically~*~*~ (outnumbered).
 10805 | D:7      | 10805 ||| Stepping ~*~*~tactically~*~*~ (outnumbered).
 10817 | D:7      | 10817 ||| Stepping ~*~*~tactically~*~*~ (outnumbered).
 10819 | D:7      | 10819 ||| Stepping ~*~*~tactically~*~*~ (outnumbered).
 10821 | D:7      | 10821 ||| Stepping ~*~*~tactically~*~*~ (outnumbered).
 10823 | D:7      | 10823 ||| Stepping ~*~*~tactically~*~*~ (outnumbered).
 10825 | D:7      | 10825 ||| Stepping ~*~*~tactically~*~*~ (outnumbered).
 10837 | D:7      | 10837 ||| Stepping ~*~*~tactically~*~*~ (outnumbered).
 10839 | D:7      | 10839 ||| Stepping ~*~*~tactically~*~*~ (outnumbered).
 10841 | D:7      | 10841 ||| Stepping ~*~*~tactically~*~*~ (outnumbered).
 10843 | D:7      | 10843 ||| Stepping ~*~*~tactically~*~*~ (outnumbered).
 10845 | D:7      | 10845 ||| Stepping ~*~*~tactically~*~*~ (outnumbered).
 10857 | D:7      | 10857 ||| Stepping ~*~*~tactically~*~*~ (outnumbered).
 10859 | D:7      | 10859 ||| Stepping ~*~*~tactically~*~*~ (outnumbered).
 10861 | D:7      | 10861 ||| Stepping ~*~*~tactically~*~*~ (outnumbered).
 10863 | D:7      | 10863 ||| Stepping ~*~*~tactically~*~*~ (outnumbered).
 10865 | D:7      | 10865 ||| Stepping ~*~*~tactically~*~*~ (outnumbered).
 10877 | D:7      | 10877 ||| Stepping ~*~*~tactically~*~*~ (outnumbered).
 10879 | D:7      | 10879 ||| Stepping ~*~*~tactically~*~*~ (outnumbered).
 10881 | D:7      | 10881 ||| Stepping ~*~*~tactically~*~*~ (outnumbered).
 10883 | D:7      | 10883 ||| Stepping ~*~*~tactically~*~*~ (outnumbered).
 10885 | D:7      | 10885 ||| Stepping ~*~*~tactically~*~*~ (outnumbered).
 10897 | D:7      | 10897 ||| Stepping ~*~*~tactically~*~*~ (outnumbered).
 10899 | D:7      | 10899 ||| Stepping ~*~*~tactically~*~*~ (outnumbered).
 10901 | D:7      | 10901 ||| Stepping ~*~*~tactically~*~*~ (outnumbered).
 10903 | D:7      | 10903 ||| Stepping ~*~*~tactically~*~*~ (outnumbered).
 10905 | D:7      | 10905 ||| Stepping ~*~*~tactically~*~*~ (outnumbered).
 10917 | D:7      | 10917 ||| Stepping ~*~*~tactically~*~*~ (outnumbered).
 10919 | D:7      | 10919 ||| Stepping ~*~*~tactically~*~*~ (outnumbered).
 10921 | D:7      | 10921 ||| Stepping ~*~*~tactically~*~*~ (outnumbered).
 10923 | D:7      | 10923 ||| Stepping ~*~*~tactically~*~*~ (outnumbered).
 10925 | D:7      | 10925 ||| Stepping ~*~*~tactically~*~*~ (outnumbered).
 10937 | D:7      | 10937 ||| Stepping ~*~*~tactically~*~*~ (outnumbered).
 10939 | D:7      | 10939 ||| Stepping ~*~*~tactically~*~*~ (outnumbered).
 10941 | D:7      | 10941 ||| Stepping ~*~*~tactically~*~*~ (outnumbered).
 10943 | D:7      | 10943 ||| Stepping ~*~*~tactically~*~*~ (outnumbered).
 10945 | D:7      | 10945 ||| Stepping ~*~*~tactically~*~*~ (outnumbered).
 10957 | D:7      | 10957 ||| Stepping ~*~*~tactically~*~*~ (outnumbered).
 10959 | D:7      | 10959 ||| Stepping ~*~*~tactically~*~*~ (outnumbered).
 10961 | D:7      | 10961 ||| Stepping ~*~*~tactically~*~*~ (outnumbered).
 10963 | D:7      | 10963 ||| Stepping ~*~*~tactically~*~*~ (outnumbered).
 10965 | D:7      | 10965 ||| Stepping ~*~*~tactically~*~*~ (outnumbered).
 10977 | D:7      | 10977 ||| Stepping ~*~*~tactically~*~*~ (outnumbered).
 10979 | D:7      | 10979 ||| Stepping ~*~*~tactically~*~*~ (outnumbered).
 10981 | D:7      | 10981 ||| Stepping ~*~*~tactically~*~*~ (outnumbered).
 10983 | D:7      | 10983 ||| Stepping ~*~*~tactically~*~*~ (outnumbered).
 10985 | D:7      | 10985 ||| Stepping ~*~*~tactically~*~*~ (outnumbered).
 10997 | D:7      | 10997 ||| Stepping ~*~*~tactically~*~*~ (outnumbered).
 10999 | D:7      | 10999 ||| Stepping ~*~*~tactically~*~*~ (outnumbered).
 11001 | D:7      | 11001 ||| Stepping ~*~*~tactically~*~*~ (outnumbered).
 11003 | D:7      | 11003 ||| Stepping ~*~*~tactically~*~*~ (outnumbered).
 11005 | D:7      | 11005 ||| Stepping ~*~*~tactically~*~*~ (outnumbered).
 11017 | D:7      | 11017 ||| Stepping ~*~*~tactically~*~*~ (outnumbered).
 11019 | D:7      | 11019 ||| Stepping ~*~*~tactically~*~*~ (outnumbered).
 11021 | D:7      | 11021 ||| Stepping ~*~*~tactically~*~*~ (outnumbered).
 11023 | D:7      | 11023 ||| Stepping ~*~*~tactically~*~*~ (outnumbered).
 11025 | D:7      | 11025 ||| Stepping ~*~*~tactically~*~*~ (outnumbered).
 11037 | D:7      | 11037 ||| Stepping ~*~*~tactically~*~*~ (outnumbered).
 11039 | D:7      | 11039 ||| Stepping ~*~*~tactically~*~*~ (outnumbered).
 11041 | D:7      | 11041 ||| Stepping ~*~*~tactically~*~*~ (outnumbered).
 11043 | D:7      | 11043 ||| Stepping ~*~*~tactically~*~*~ (outnumbered).
 11045 | D:7      | 11045 ||| Stepping ~*~*~tactically~*~*~ (outnumbered).
 11057 | D:7      | 11057 ||| Stepping ~*~*~tactically~*~*~ (outnumbered).
 11059 | D:7      | 11059 ||| Stepping ~*~*~tactically~*~*~ (outnumbered).
 11061 | D:7      | 11061 ||| Stepping ~*~*~tactically~*~*~ (outnumbered).
 11063 | D:7      | 11063 ||| Stepping ~*~*~tactically~*~*~ (outnumbered).
 11065 | D:7      | 11065 ||| Stepping ~*~*~tactically~*~*~ (outnumbered).
 11077 | D:7      | 11077 ||| Stepping ~*~*~tactically~*~*~ (outnumbered).
 11079 | D:7      | 11079 ||| Stepping ~*~*~tactically~*~*~ (outnumbered).
 11081 | D:7      | 11081 ||| Stepping ~*~*~tactically~*~*~ (outnumbered).
 11083 | D:7      | 11083 ||| Stepping ~*~*~tactically~*~*~ (outnumbered).
 11085 | D:7      | 11085 ||| Stepping ~*~*~tactically~*~*~ (outnumbered).
 11097 | D:7      | 11097 ||| Stepping ~*~*~tactically~*~*~ (outnumbered).
 11099 | D:7      | 11099 ||| Stepping ~*~*~tactically~*~*~ (outnumbered).
 11101 | D:7      | 11101 ||| Stepping ~*~*~tactically~*~*~ (outnumbered).
 11103 | D:7      | 11103 ||| Stepping ~*~*~tactically~*~*~ (outnumbered).
 11105 | D:7      | 11105 ||| Stepping ~*~*~tactically~*~*~ (outnumbered).
 11117 | D:7      | 11117 ||| Stepping ~*~*~tactically~*~*~ (outnumbered).
 11119 | D:7      | 11119 ||| Stepping ~*~*~tactically~*~*~ (outnumbered).
 11121 | D:7      | 11121 ||| Stepping ~*~*~tactically~*~*~ (outnumbered).
 11123 | D:7      | 11123 ||| Stepping ~*~*~tactically~*~*~ (outnumbered).
 11125 | D:7      | 11125 ||| Stepping ~*~*~tactically~*~*~ (outnumbered).
 11137 | D:7      | 11137 ||| Stepping ~*~*~tactically~*~*~ (outnumbered).
 11139 | D:7      | 11139 ||| Stepping ~*~*~tactically~*~*~ (outnumbered).
 11141 | D:7      | 11141 ||| Stepping ~*~*~tactically~*~*~ (outnumbered).
 11143 | D:7      | 11143 ||| Stepping ~*~*~tactically~*~*~ (outnumbered).
 11145 | D:7      | 11145 ||| Stepping ~*~*~tactically~*~*~ (outnumbered).
 11157 | D:7      | 11157 ||| Stepping ~*~*~tactically~*~*~ (outnumbered).
 11159 | D:7      | 11159 ||| Stepping ~*~*~tactically~*~*~ (outnumbered).
 11161 | D:7      | 11161 ||| Stepping ~*~*~tactically~*~*~ (outnumbered).
 11163 | D:7      | 11163 ||| Stepping ~*~*~tactically~*~*~ (outnumbered).
 11165 | D:7      | 11165 ||| Stepping ~*~*~tactically~*~*~ (outnumbered).
 11177 | D:7      | 11177 ||| Stepping ~*~*~tactically~*~*~ (outnumbered).
 11179 | D:7      | 11179 ||| Stepping ~*~*~tactically~*~*~ (outnumbered).
 11181 | D:7      | 11181 ||| Stepping ~*~*~tactically~*~*~ (outnumbered).
 11183 | D:7      | 11183 ||| Stepping ~*~*~tactically~*~*~ (outnumbered).
 11185 | D:7      | 11185 ||| Stepping ~*~*~tactically~*~*~ (outnumbered).
 11197 | D:7      | 11197 ||| Stepping ~*~*~tactically~*~*~ (outnumbered).
 11199 | D:7      | 11199 ||| Stepping ~*~*~tactically~*~*~ (outnumbered).
 11201 | D:7      | 11201 ||| Stepping ~*~*~tactically~*~*~ (outnumbered).
 11203 | D:7      | 11203 ||| Stepping ~*~*~tactically~*~*~ (outnumbered).
 11205 | D:7      | 11205 ||| Stepping ~*~*~tactically~*~*~ (outnumbered).
 11217 | D:7      | 11217 ||| Stepping ~*~*~tactically~*~*~ (outnumbered).
 11219 | D:7      | 11219 ||| Stepping ~*~*~tactically~*~*~ (outnumbered).
 11221 | D:7      | 11221 ||| Stepping ~*~*~tactically~*~*~ (outnumbered).
 11223 | D:7      | 11223 ||| Stepping ~*~*~tactically~*~*~ (outnumbered).
 11225 | D:7      | 11225 ||| Stepping ~*~*~tactically~*~*~ (outnumbered).
 11237 | D:7      | 11237 ||| Stepping ~*~*~tactically~*~*~ (outnumbered).
 11239 | D:7      | 11239 ||| Stepping ~*~*~tactically~*~*~ (outnumbered).
 11241 | D:7      | 11241 ||| Stepping ~*~*~tactically~*~*~ (outnumbered).
 11243 | D:7      | 11243 ||| Stepping ~*~*~tactically~*~*~ (outnumbered).
 11245 | D:7      | 11245 ||| Stepping ~*~*~tactically~*~*~ (outnumbered).
 11257 | D:7      | 11257 ||| Stepping ~*~*~tactically~*~*~ (outnumbered).
 11259 | D:7      | 11259 ||| Stepping ~*~*~tactically~*~*~ (outnumbered).
 11261 | D:7      | 11261 ||| Stepping ~*~*~tactically~*~*~ (outnumbered).
 11263 | D:7      | 11263 ||| Stepping ~*~*~tactically~*~*~ (outnumbered).
 11265 | D:7      | 11265 ||| Stepping ~*~*~tactically~*~*~ (outnumbered).
 11277 | D:7      | 11277 ||| Stepping ~*~*~tactically~*~*~ (outnumbered).
 11279 | D:7      | 11279 ||| Stepping ~*~*~tactically~*~*~ (outnumbered).
 11281 | D:7      | 11281 ||| Stepping ~*~*~tactically~*~*~ (outnumbered).
 11283 | D:7      | 11283 ||| Stepping ~*~*~tactically~*~*~ (outnumbered).
 11285 | D:7      | 11285 ||| Stepping ~*~*~tactically~*~*~ (outnumbered).
 11297 | D:7      | 11297 ||| Stepping ~*~*~tactically~*~*~ (outnumbered).
 11299 | D:7      | 11299 ||| Stepping ~*~*~tactically~*~*~ (outnumbered).
 11301 | D:7      | 11301 ||| Stepping ~*~*~tactically~*~*~ (outnumbered).
 11303 | D:7      | 11303 ||| Stepping ~*~*~tactically~*~*~ (outnumbered).
 11305 | D:7      | 11305 ||| Stepping ~*~*~tactically~*~*~ (outnumbered).
 11317 | D:7      | 11317 ||| Stepping ~*~*~tactically~*~*~ (outnumbered).
 11319 | D:7      | 11319 ||| Stepping ~*~*~tactically~*~*~ (outnumbered).
 11321 | D:7      | 11321 ||| Stepping ~*~*~tactically~*~*~ (outnumbered).
 11323 | D:7      | 11323 ||| Stepping ~*~*~tactically~*~*~ (outnumbered).
 11325 | D:7      | 11325 ||| Stepping ~*~*~tactically~*~*~ (outnumbered).
 11337 | D:7      | 11337 ||| Stepping ~*~*~tactically~*~*~ (outnumbered).
 11339 | D:7      | 11339 ||| Stepping ~*~*~tactically~*~*~ (outnumbered).
 11341 | D:7      | 11341 ||| Stepping ~*~*~tactically~*~*~ (outnumbered).
 11343 | D:7      | 11343 ||| Stepping ~*~*~tactically~*~*~ (outnumbered).
 11345 | D:7      | 11345 ||| Stepping ~*~*~tactically~*~*~ (outnumbered).
 11357 | D:7      | 11357 ||| Stepping ~*~*~tactically~*~*~ (outnumbered).
 11359 | D:7      | 11359 ||| Stepping ~*~*~tactically~*~*~ (outnumbered).
 11361 | D:7      | 11361 ||| Stepping ~*~*~tactically~*~*~ (outnumbered).
 11363 | D:7      | 11363 ||| Stepping ~*~*~tactically~*~*~ (outnumbered).
 11365 | D:7      | 11365 ||| Stepping ~*~*~tactically~*~*~ (outnumbered).
 11377 | D:7      | 11377 ||| Stepping ~*~*~tactically~*~*~ (outnumbered).
 11379 | D:7      | 11379 ||| Stepping ~*~*~tactically~*~*~ (outnumbered).
 11381 | D:7      | 11381 ||| Stepping ~*~*~tactically~*~*~ (outnumbered).
 11383 | D:7      | 11383 ||| Stepping ~*~*~tactically~*~*~ (outnumbered).
 11385 | D:7      | 11385 ||| Stepping ~*~*~tactically~*~*~ (outnumbered).
 11397 | D:7      | 11397 ||| Stepping ~*~*~tactically~*~*~ (outnumbered).
 11399 | D:7      | 11399 ||| Stepping ~*~*~tactically~*~*~ (outnumbered).
 11401 | D:7      | 11401 ||| Stepping ~*~*~tactically~*~*~ (outnumbered).
 11403 | D:7      | 11403 ||| Stepping ~*~*~tactically~*~*~ (outnumbered).
 11405 | D:7      | 11405 ||| Stepping ~*~*~tactically~*~*~ (outnumbered).
 11417 | D:7      | 11417 ||| Stepping ~*~*~tactically~*~*~ (outnumbered).
 11419 | D:7      | 11419 ||| Stepping ~*~*~tactically~*~*~ (outnumbered).
 11421 | D:7      | 11421 ||| Stepping ~*~*~tactically~*~*~ (outnumbered).
 11423 | D:7      | 11423 ||| Stepping ~*~*~tactically~*~*~ (outnumbered).
 11425 | D:7      | 11425 ||| Stepping ~*~*~tactically~*~*~ (outnumbered).
 11437 | D:7      | 11437 ||| Stepping ~*~*~tactically~*~*~ (outnumbered).
 11439 | D:7      | 11439 ||| Stepping ~*~*~tactically~*~*~ (outnumbered).
 11441 | D:7      | 11441 ||| Stepping ~*~*~tactically~*~*~ (outnumbered).
 11443 | D:7      | 11443 ||| Stepping ~*~*~tactically~*~*~ (outnumbered).
 11445 | D:7      | 11445 ||| Stepping ~*~*~tactically~*~*~ (outnumbered).
 11457 | D:7      | 11457 ||| Stepping ~*~*~tactically~*~*~ (outnumbered).
 11459 | D:7      | 11459 ||| Stepping ~*~*~tactically~*~*~ (outnumbered).
 11461 | D:7      | 11461 ||| Stepping ~*~*~tactically~*~*~ (outnumbered).
 11463 | D:7      | 11463 ||| Stepping ~*~*~tactically~*~*~ (outnumbered).
 11465 | D:7      | 11465 ||| Stepping ~*~*~tactically~*~*~ (outnumbered).
 11477 | D:7      | 11477 ||| Stepping ~*~*~tactically~*~*~ (outnumbered).
 11479 | D:7      | 11479 ||| Stepping ~*~*~tactically~*~*~ (outnumbered).
 11481 | D:7      | 11481 ||| Stepping ~*~*~tactically~*~*~ (outnumbered).
 11483 | D:7      | 11483 ||| Stepping ~*~*~tactically~*~*~ (outnumbered).
 11485 | D:7      | 11485 ||| Stepping ~*~*~tactically~*~*~ (outnumbered).
 11497 | D:7      | 11497 ||| Stepping ~*~*~tactically~*~*~ (outnumbered).
 11499 | D:7      | 11499 ||| Stepping ~*~*~tactically~*~*~ (outnumbered).
 11501 | D:7      | 11501 ||| Stepping ~*~*~tactically~*~*~ (outnumbered).
 11503 | D:7      | 11503 ||| Stepping ~*~*~tactically~*~*~ (outnumbered).
 11505 | D:7      | 11505 ||| Stepping ~*~*~tactically~*~*~ (outnumbered).
 11517 | D:7      | 11517 ||| Stepping ~*~*~tactically~*~*~ (outnumbered).
 11519 | D:7      | 11519 ||| Stepping ~*~*~tactically~*~*~ (outnumbered).
 11521 | D:7      | 11521 ||| Stepping ~*~*~tactically~*~*~ (outnumbered).
 11523 | D:7      | 11523 ||| Stepping ~*~*~tactically~*~*~ (outnumbered).
 11525 | D:7      | 11525 ||| Stepping ~*~*~tactically~*~*~ (outnumbered).
 11537 | D:7      | 11537 ||| Stepping ~*~*~tactically~*~*~ (outnumbered).
 11539 | D:7      | 11539 ||| Stepping ~*~*~tactically~*~*~ (outnumbered).
 11541 | D:7      | 11541 ||| Stepping ~*~*~tactically~*~*~ (outnumbered).
 11543 | D:7      | 11543 ||| Stepping ~*~*~tactically~*~*~ (outnumbered).
 11545 | D:7      | 11545 ||| Stepping ~*~*~tactically~*~*~ (outnumbered).
 11557 | D:7      | 11557 ||| Stepping ~*~*~tactically~*~*~ (outnumbered).
 11559 | D:7      | 11559 ||| Stepping ~*~*~tactically~*~*~ (outnumbered).
 11561 | D:7      | 11561 ||| Stepping ~*~*~tactically~*~*~ (outnumbered).
 11563 | D:7      | 11563 ||| Stepping ~*~*~tactically~*~*~ (outnumbered).
 11565 | D:7      | 11565 ||| Stepping ~*~*~tactically~*~*~ (outnumbered).
 11577 | D:7      | 11577 ||| Stepping ~*~*~tactically~*~*~ (outnumbered).
 11579 | D:7      | 11579 ||| Stepping ~*~*~tactically~*~*~ (outnumbered).
 11581 | D:7      | 11581 ||| Stepping ~*~*~tactically~*~*~ (outnumbered).
 11583 | D:7      | 11583 ||| Stepping ~*~*~tactically~*~*~ (outnumbered).
 11585 | D:7      | 11585 ||| Stepping ~*~*~tactically~*~*~ (outnumbered).
 11597 | D:7      | 11597 ||| Stepping ~*~*~tactically~*~*~ (outnumbered).
 11599 | D:7      | 11599 ||| Stepping ~*~*~tactically~*~*~ (outnumbered).
 11601 | D:7      | 11601 ||| Stepping ~*~*~tactically~*~*~ (outnumbered).
 11603 | D:7      | 11603 ||| Stepping ~*~*~tactically~*~*~ (outnumbered).
 11605 | D:7      | 11605 ||| Stepping ~*~*~tactically~*~*~ (outnumbered).
 11617 | D:7      | 11617 ||| Stepping ~*~*~tactically~*~*~ (outnumbered).
 11619 | D:7      | 11619 ||| Stepping ~*~*~tactically~*~*~ (outnumbered).
 11621 | D:7      | 11621 ||| Stepping ~*~*~tactically~*~*~ (outnumbered).
 11623 | D:7      | 11623 ||| Stepping ~*~*~tactically~*~*~ (outnumbered).
 11625 | D:7      | 11625 ||| Stepping ~*~*~tactically~*~*~ (outnumbered).
 11637 | D:7      | 11637 ||| Stepping ~*~*~tactically~*~*~ (outnumbered).
 11639 | D:7      | 11639 ||| Stepping ~*~*~tactically~*~*~ (outnumbered).
 11641 | D:7      | 11641 ||| Stepping ~*~*~tactically~*~*~ (outnumbered).
 11643 | D:7      | 11643 ||| Stepping ~*~*~tactically~*~*~ (outnumbered).
 11645 | D:7      | 11645 ||| Stepping ~*~*~tactically~*~*~ (outnumbered).
 11657 | D:7      | 11657 ||| Stepping ~*~*~tactically~*~*~ (outnumbered).
 11659 | D:7      | 11659 ||| Stepping ~*~*~tactically~*~*~ (outnumbered).
 11661 | D:7      | 11661 ||| Stepping ~*~*~tactically~*~*~ (outnumbered).
 11663 | D:7      | 11663 ||| Stepping ~*~*~tactically~*~*~ (outnumbered).
 11665 | D:7      | 11665 ||| Stepping ~*~*~tactically~*~*~ (outnumbered).
 11677 | D:7      | 11677 ||| Stepping ~*~*~tactically~*~*~ (outnumbered).
 11679 | D:7      | 11679 ||| Stepping ~*~*~tactically~*~*~ (outnumbered).
 11681 | D:7      | 11681 ||| Stepping ~*~*~tactically~*~*~ (outnumbered).
 11683 | D:7      | 11683 ||| Stepping ~*~*~tactically~*~*~ (outnumbered).
 11685 | D:7      | 11685 ||| Stepping ~*~*~tactically~*~*~ (outnumbered).
 11697 | D:7      | 11697 ||| Stepping ~*~*~tactically~*~*~ (outnumbered).
 11699 | D:7      | 11699 ||| Stepping ~*~*~tactically~*~*~ (outnumbered).
 11701 | D:7      | 11701 ||| Stepping ~*~*~tactically~*~*~ (outnumbered).
 11703 | D:7      | 11703 ||| Stepping ~*~*~tactically~*~*~ (outnumbered).
 11705 | D:7      | 11705 ||| Stepping ~*~*~tactically~*~*~ (outnumbered).
 11717 | D:7      | 11717 ||| Stepping ~*~*~tactically~*~*~ (outnumbered).
 11719 | D:7      | 11719 ||| Stepping ~*~*~tactically~*~*~ (outnumbered).
 11721 | D:7      | 11721 ||| Stepping ~*~*~tactically~*~*~ (outnumbered).
 11723 | D:7      | 11723 ||| Stepping ~*~*~tactically~*~*~ (outnumbered).
 11725 | D:7      | 11725 ||| Stepping ~*~*~tactically~*~*~ (outnumbered).
 11737 | D:7      | 11737 ||| Stepping ~*~*~tactically~*~*~ (outnumbered).
 11739 | D:7      | 11739 ||| Stepping ~*~*~tactically~*~*~ (outnumbered).
 11741 | D:7      | 11741 ||| Stepping ~*~*~tactically~*~*~ (outnumbered).
 11743 | D:7      | 11743 ||| Stepping ~*~*~tactically~*~*~ (outnumbered).
 11745 | D:7      | 11745 ||| Stepping ~*~*~tactically~*~*~ (outnumbered).
 11757 | D:7      | 11757 ||| Stepping ~*~*~tactically~*~*~ (outnumbered).
 11759 | D:7      | 11759 ||| Stepping ~*~*~tactically~*~*~ (outnumbered).
 11761 | D:7      | 11761 ||| Stepping ~*~*~tactically~*~*~ (outnumbered).
 11763 | D:7      | 11763 ||| Stepping ~*~*~tactically~*~*~ (outnumbered).
 11765 | D:7      | 11765 ||| Stepping ~*~*~tactically~*~*~ (outnumbered).
 11777 | D:7      | 11777 ||| Stepping ~*~*~tactically~*~*~ (outnumbered).
 11779 | D:7      | 11779 ||| Stepping ~*~*~tactically~*~*~ (outnumbered).
 11781 | D:7      | 11781 ||| Stepping ~*~*~tactically~*~*~ (outnumbered).
 11783 | D:7      | 11783 ||| Stepping ~*~*~tactically~*~*~ (outnumbered).
 11785 | D:7      | 11785 ||| Stepping ~*~*~tactically~*~*~ (outnumbered).
 11797 | D:7      | 11797 ||| Stepping ~*~*~tactically~*~*~ (outnumbered).
 11799 | D:7      | 11799 ||| Stepping ~*~*~tactically~*~*~ (outnumbered).
 11801 | D:7      | 11801 ||| Stepping ~*~*~tactically~*~*~ (outnumbered).
 11803 | D:7      | 11803 ||| Stepping ~*~*~tactically~*~*~ (outnumbered).
 11805 | D:7      | 11805 ||| Stepping ~*~*~tactically~*~*~ (outnumbered).
 11817 | D:7      | 11817 ||| Stepping ~*~*~tactically~*~*~ (outnumbered).
 11819 | D:7      | 11819 ||| Stepping ~*~*~tactically~*~*~ (outnumbered).
 11821 | D:7      | 11821 ||| Stepping ~*~*~tactically~*~*~ (outnumbered).
 11823 | D:7      | 11823 ||| Stepping ~*~*~tactically~*~*~ (outnumbered).
 11825 | D:7      | 11825 ||| Stepping ~*~*~tactically~*~*~ (outnumbered).
 11837 | D:7      | 11837 ||| Stepping ~*~*~tactically~*~*~ (outnumbered).
 11839 | D:7      | 11839 ||| Stepping ~*~*~tactically~*~*~ (outnumbered).
 11841 | D:7      | 11841 ||| Stepping ~*~*~tactically~*~*~ (outnumbered).
 11843 | D:7      | 11843 ||| Stepping ~*~*~tactically~*~*~ (outnumbered).
 11845 | D:7      | 11845 ||| Stepping ~*~*~tactically~*~*~ (outnumbered).
 11857 | D:7      | 11857 ||| Stepping ~*~*~tactically~*~*~ (outnumbered).
 11859 | D:7      | 11859 ||| Stepping ~*~*~tactically~*~*~ (outnumbered).
 11861 | D:7      | 11861 ||| Stepping ~*~*~tactically~*~*~ (outnumbered).
 11863 | D:7      | 11863 ||| Stepping ~*~*~tactically~*~*~ (outnumbered).
 11865 | D:7      | 11865 ||| Stepping ~*~*~tactically~*~*~ (outnumbered).
 11877 | D:7      | 11877 ||| Stepping ~*~*~tactically~*~*~ (outnumbered).
 11879 | D:7      | 11879 ||| Stepping ~*~*~tactically~*~*~ (outnumbered).
 11881 | D:7      | 11881 ||| Stepping ~*~*~tactically~*~*~ (outnumbered).
 11883 | D:7      | 11883 ||| Stepping ~*~*~tactically~*~*~ (outnumbered).
 11885 | D:7      | 11885 ||| Stepping ~*~*~tactically~*~*~ (outnumbered).
 11897 | D:7      | 11897 ||| Stepping ~*~*~tactically~*~*~ (outnumbered).
 11899 | D:7      | 11899 ||| Stepping ~*~*~tactically~*~*~ (outnumbered).
 11901 | D:7      | 11901 ||| Stepping ~*~*~tactically~*~*~ (outnumbered).
 11903 | D:7      | 11903 ||| Stepping ~*~*~tactically~*~*~ (outnumbered).
 11905 | D:7      | 11905 ||| Stepping ~*~*~tactically~*~*~ (outnumbered).
 11917 | D:7      | 11917 ||| Stepping ~*~*~tactically~*~*~ (outnumbered).
 11919 | D:7      | 11919 ||| Stepping ~*~*~tactically~*~*~ (outnumbered).
 11921 | D:7      | 11921 ||| Stepping ~*~*~tactically~*~*~ (outnumbered).
 11923 | D:7      | 11923 ||| Stepping ~*~*~tactically~*~*~ (outnumbered).
 11925 | D:7      | 11925 ||| Stepping ~*~*~tactically~*~*~ (outnumbered).
 11937 | D:7      | 11937 ||| Stepping ~*~*~tactically~*~*~ (outnumbered).
 11939 | D:7      | 11939 ||| Stepping ~*~*~tactically~*~*~ (outnumbered).
 11941 | D:7      | 11941 ||| Stepping ~*~*~tactically~*~*~ (outnumbered).
 11943 | D:7      | 11943 ||| Stepping ~*~*~tactically~*~*~ (outnumbered).
 11945 | D:7      | 11945 ||| Stepping ~*~*~tactically~*~*~ (outnumbered).
 11957 | D:7      | 11957 ||| Stepping ~*~*~tactically~*~*~ (outnumbered).
 11959 | D:7      | 11959 ||| Stepping ~*~*~tactically~*~*~ (outnumbered).
 11961 | D:7      | 11961 ||| Stepping ~*~*~tactically~*~*~ (outnumbered).
 11963 | D:7      | 11963 ||| Stepping ~*~*~tactically~*~*~ (outnumbered).
 11965 | D:7      | 11965 ||| Stepping ~*~*~tactically~*~*~ (outnumbered).
 11977 | D:7      | 11977 ||| Stepping ~*~*~tactically~*~*~ (outnumbered).
 11979 | D:7      | 11979 ||| Stepping ~*~*~tactically~*~*~ (outnumbered).
 11981 | D:7      | 11981 ||| Stepping ~*~*~tactically~*~*~ (outnumbered).
 11983 | D:7      | 11983 ||| Stepping ~*~*~tactically~*~*~ (outnumbered).
 11985 | D:7      | 11985 ||| Stepping ~*~*~tactically~*~*~ (outnumbered).
 11997 | D:7      | 11997 ||| Stepping ~*~*~tactically~*~*~ (outnumbered).
 11999 | D:7      | 11999 ||| Stepping ~*~*~tactically~*~*~ (outnumbered).
 12001 | D:7      | 12001 ||| Stepping ~*~*~tactically~*~*~ (outnumbered).
 12003 | D:7      | 12003 ||| Stepping ~*~*~tactically~*~*~ (outnumbered).
 12005 | D:7      | 12005 ||| Stepping ~*~*~tactically~*~*~ (outnumbered).
 12017 | D:7      | 12017 ||| Stepping ~*~*~tactically~*~*~ (outnumbered).
 12019 | D:7      | 12019 ||| Stepping ~*~*~tactically~*~*~ (outnumbered).
 12021 | D:7      | 12021 ||| Stepping ~*~*~tactically~*~*~ (outnumbered).
 12023 | D:7      | 12023 ||| Stepping ~*~*~tactically~*~*~ (outnumbered).
 12025 | D:7      | 12025 ||| Stepping ~*~*~tactically~*~*~ (outnumbered).
 12037 | D:7      | 12037 ||| Stepping ~*~*~tactically~*~*~ (outnumbered).
 12039 | D:7      | 12039 ||| Stepping ~*~*~tactically~*~*~ (outnumbered).
 12041 | D:7      | 12041 ||| Stepping ~*~*~tactically~*~*~ (outnumbered).
 12043 | D:7      | 12043 ||| Stepping ~*~*~tactically~*~*~ (outnumbered).
 12045 | D:7      | 12045 ||| Stepping ~*~*~tactically~*~*~ (outnumbered).
 12057 | D:7      | 12057 ||| Stepping ~*~*~tactically~*~*~ (outnumbered).
 12059 | D:7      | 12059 ||| Stepping ~*~*~tactically~*~*~ (outnumbered).
 12061 | D:7      | 12061 ||| Stepping ~*~*~tactically~*~*~ (outnumbered).
 12063 | D:7      | 12063 ||| Stepping ~*~*~tactically~*~*~ (outnumbered).
 12065 | D:7      | 12065 ||| Stepping ~*~*~tactically~*~*~ (outnumbered).
 12077 | D:7      | 12077 ||| Stepping ~*~*~tactically~*~*~ (outnumbered).
 12079 | D:7      | 12079 ||| Stepping ~*~*~tactically~*~*~ (outnumbered).
 12081 | D:7      | 12081 ||| Stepping ~*~*~tactically~*~*~ (outnumbered).
 12083 | D:7      | 12083 ||| Stepping ~*~*~tactically~*~*~ (outnumbered).
 12085 | D:7      | 12085 ||| Stepping ~*~*~tactically~*~*~ (outnumbered).
 12097 | D:7      | 12097 ||| Stepping ~*~*~tactically~*~*~ (outnumbered).
 12099 | D:7      | 12099 ||| Stepping ~*~*~tactically~*~*~ (outnumbered).
 12101 | D:7      | 12101 ||| Stepping ~*~*~tactically~*~*~ (outnumbered).
 12103 | D:7      | 12103 ||| Stepping ~*~*~tactically~*~*~ (outnumbered).
 12105 | D:7      | 12105 ||| Stepping ~*~*~tactically~*~*~ (outnumbered).
 12117 | D:7      | 12117 ||| Stepping ~*~*~tactically~*~*~ (outnumbered).
 12119 | D:7      | 12119 ||| Stepping ~*~*~tactically~*~*~ (outnumbered).
 12121 | D:7      | 12121 ||| Stepping ~*~*~tactically~*~*~ (outnumbered).
 12123 | D:7      | 12123 ||| Stepping ~*~*~tactically~*~*~ (outnumbered).
 12125 | D:7      | 12125 ||| Stepping ~*~*~tactically~*~*~ (outnumbered).
 12137 | D:7      | 12137 ||| Stepping ~*~*~tactically~*~*~ (outnumbered).
 12139 | D:7      | 12139 ||| Stepping ~*~*~tactically~*~*~ (outnumbered).
 12141 | D:7      | 12141 ||| Stepping ~*~*~tactically~*~*~ (outnumbered).
 12143 | D:7      | 12143 ||| Stepping ~*~*~tactically~*~*~ (outnumbered).
 12145 | D:7      | 12145 ||| Stepping ~*~*~tactically~*~*~ (outnumbered).
 12157 | D:7      | 12157 ||| Stepping ~*~*~tactically~*~*~ (outnumbered).
 12159 | D:7      | 12159 ||| Stepping ~*~*~tactically~*~*~ (outnumbered).
 12161 | D:7      | 12161 ||| Stepping ~*~*~tactically~*~*~ (outnumbered).
 12163 | D:7      | 12163 ||| Stepping ~*~*~tactically~*~*~ (outnumbered).
 12165 | D:7      | 12165 ||| Stepping ~*~*~tactically~*~*~ (outnumbered).
 12177 | D:7      | 12177 ||| Stepping ~*~*~tactically~*~*~ (outnumbered).
 12179 | D:7      | 12179 ||| Stepping ~*~*~tactically~*~*~ (outnumbered).
 12181 | D:7      | 12181 ||| Stepping ~*~*~tactically~*~*~ (outnumbered).
 12183 | D:7      | 12183 ||| Stepping ~*~*~tactically~*~*~ (outnumbered).
 12185 | D:7      | 12185 ||| Stepping ~*~*~tactically~*~*~ (outnumbered).
 12197 | D:7      | 12197 ||| Stepping ~*~*~tactically~*~*~ (outnumbered).
 12199 | D:7      | 12199 ||| Stepping ~*~*~tactically~*~*~ (outnumbered).
 12201 | D:7      | 12201 ||| Stepping ~*~*~tactically~*~*~ (outnumbered).
 12203 | D:7      | 12203 ||| Stepping ~*~*~tactically~*~*~ (outnumbered).
 12205 | D:7      | 12205 ||| Stepping ~*~*~tactically~*~*~ (outnumbered).
 12217 | D:7      | 12217 ||| Stepping ~*~*~tactically~*~*~ (outnumbered).
 12219 | D:7      | 12219 ||| Stepping ~*~*~tactically~*~*~ (outnumbered).
 12221 | D:7      | 12221 ||| Stepping ~*~*~tactically~*~*~ (outnumbered).
 12223 | D:7      | 12223 ||| Stepping ~*~*~tactically~*~*~ (outnumbered).
 12225 | D:7      | 12225 ||| Stepping ~*~*~tactically~*~*~ (outnumbered).
 12237 | D:7      | 12237 ||| Stepping ~*~*~tactically~*~*~ (outnumbered).
 12239 | D:7      | 12239 ||| Stepping ~*~*~tactically~*~*~ (outnumbered).
 12241 | D:7      | 12241 ||| Stepping ~*~*~tactically~*~*~ (outnumbered).
 12243 | D:7      | 12243 ||| Stepping ~*~*~tactically~*~*~ (outnumbered).
 12245 | D:7      | 12245 ||| Stepping ~*~*~tactically~*~*~ (outnumbered).
 12257 | D:7      | 12257 ||| Stepping ~*~*~tactically~*~*~ (outnumbered).
 12259 | D:7      | 12259 ||| Stepping ~*~*~tactically~*~*~ (outnumbered).
 12261 | D:7      | 12261 ||| Stepping ~*~*~tactically~*~*~ (outnumbered).
 12263 | D:7      | 12263 ||| Stepping ~*~*~tactically~*~*~ (outnumbered).
 12265 | D:7      | 12265 ||| Stepping ~*~*~tactically~*~*~ (outnumbered).
 12277 | D:7      | 12277 ||| Stepping ~*~*~tactically~*~*~ (outnumbered).
 12279 | D:7      | 12279 ||| Stepping ~*~*~tactically~*~*~ (outnumbered).
 12281 | D:7      | 12281 ||| Stepping ~*~*~tactically~*~*~ (outnumbered).
 12283 | D:7      | 12283 ||| Stepping ~*~*~tactically~*~*~ (outnumbered).
 12285 | D:7      | 12285 ||| Stepping ~*~*~tactically~*~*~ (outnumbered).
 12297 | D:7      | 12297 ||| Stepping ~*~*~tactically~*~*~ (outnumbered).
 12299 | D:7      | 12299 ||| Stepping ~*~*~tactically~*~*~ (outnumbered).
 12301 | D:7      | 12301 ||| Stepping ~*~*~tactically~*~*~ (outnumbered).
 12303 | D:7      | 12303 ||| Stepping ~*~*~tactically~*~*~ (outnumbered).
 12305 | D:7      | 12305 ||| Stepping ~*~*~tactically~*~*~ (outnumbered).
 12317 | D:7      | 12317 ||| Stepping ~*~*~tactically~*~*~ (outnumbered).
 12319 | D:7      | 12319 ||| Stepping ~*~*~tactically~*~*~ (outnumbered).
 12321 | D:7      | 12321 ||| Stepping ~*~*~tactically~*~*~ (outnumbered).
 12323 | D:7      | 12323 ||| Stepping ~*~*~tactically~*~*~ (outnumbered).
 12325 | D:7      | 12325 ||| Stepping ~*~*~tactically~*~*~ (outnumbered).
 12337 | D:7      | 12337 ||| Stepping ~*~*~tactically~*~*~ (outnumbered).
 12339 | D:7      | 12339 ||| Stepping ~*~*~tactically~*~*~ (outnumbered).
 12341 | D:7      | 12341 ||| Stepping ~*~*~tactically~*~*~ (outnumbered).
 12343 | D:7      | 12343 ||| Stepping ~*~*~tactically~*~*~ (outnumbered).
 12345 | D:7      | 12345 ||| Stepping ~*~*~tactically~*~*~ (outnumbered).
 12357 | D:7      | 12357 ||| Stepping ~*~*~tactically~*~*~ (outnumbered).
 12359 | D:7      | 12359 ||| Stepping ~*~*~tactically~*~*~ (outnumbered).
 12361 | D:7      | 12361 ||| Stepping ~*~*~tactically~*~*~ (outnumbered).
 12363 | D:7      | 12363 ||| Stepping ~*~*~tactically~*~*~ (outnumbered).
 12365 | D:7      | 12365 ||| Stepping ~*~*~tactically~*~*~ (outnumbered).
 12377 | D:7      | 12377 ||| Stepping ~*~*~tactically~*~*~ (outnumbered).
 12379 | D:7      | 12379 ||| Stepping ~*~*~tactically~*~*~ (outnumbered).
 12381 | D:7      | 12381 ||| Stepping ~*~*~tactically~*~*~ (outnumbered).
 12383 | D:7      | 12383 ||| Stepping ~*~*~tactically~*~*~ (outnumbered).
 12385 | D:7      | 12385 ||| Stepping ~*~*~tactically~*~*~ (outnumbered).
 12397 | D:7      | 12397 ||| Stepping ~*~*~tactically~*~*~ (outnumbered).
 12399 | D:7      | 12399 ||| Stepping ~*~*~tactically~*~*~ (outnumbered).
 12401 | D:7      | 12401 ||| Stepping ~*~*~tactically~*~*~ (outnumbered).
 12403 | D:7      | 12403 ||| Stepping ~*~*~tactically~*~*~ (outnumbered).
 12405 | D:7      | 12405 ||| Stepping ~*~*~tactically~*~*~ (outnumbered).
 12417 | D:7      | 12417 ||| Stepping ~*~*~tactically~*~*~ (outnumbered).
 12419 | D:7      | 12419 ||| Stepping ~*~*~tactically~*~*~ (outnumbered).
 12421 | D:7      | 12421 ||| Stepping ~*~*~tactically~*~*~ (outnumbered).
 12423 | D:7      | 12423 ||| Stepping ~*~*~tactically~*~*~ (outnumbered).
 12425 | D:7      | 12425 ||| Stepping ~*~*~tactically~*~*~ (outnumbered).
 12437 | D:7      | 12437 ||| Stepping ~*~*~tactically~*~*~ (outnumbered).
 12439 | D:7      | 12439 ||| Stepping ~*~*~tactically~*~*~ (outnumbered).
 12441 | D:7      | 12441 ||| Stepping ~*~*~tactically~*~*~ (outnumbered).
 12443 | D:7      | 12443 ||| Stepping ~*~*~tactically~*~*~ (outnumbered).
 12445 | D:7      | 12445 ||| Stepping ~*~*~tactically~*~*~ (outnumbered).
 12457 | D:7      | 12457 ||| Stepping ~*~*~tactically~*~*~ (outnumbered).
 12459 | D:7      | 12459 ||| Stepping ~*~*~tactically~*~*~ (outnumbered).
 12461 | D:7      | 12461 ||| Stepping ~*~*~tactically~*~*~ (outnumbered).
 12463 | D:7      | 12463 ||| Stepping ~*~*~tactically~*~*~ (outnumbered).
 12465 | D:7      | 12465 ||| Stepping ~*~*~tactically~*~*~ (outnumbered).
 12477 | D:7      | 12477 ||| Stepping ~*~*~tactically~*~*~ (outnumbered).
 12479 | D:7      | 12479 ||| Stepping ~*~*~tactically~*~*~ (outnumbered).
 12481 | D:7      | 12481 ||| Stepping ~*~*~tactically~*~*~ (outnumbered).
 12483 | D:7      | 12483 ||| Stepping ~*~*~tactically~*~*~ (outnumbered).
 12485 | D:7      | 12485 ||| Stepping ~*~*~tactically~*~*~ (outnumbered).
 12497 | D:7      | 12497 ||| Stepping ~*~*~tactically~*~*~ (outnumbered).
 12499 | D:7      | 12499 ||| Stepping ~*~*~tactically~*~*~ (outnumbered).
 12501 | D:7      | 12501 ||| Stepping ~*~*~tactically~*~*~ (outnumbered).
 12503 | D:7      | 12503 ||| Stepping ~*~*~tactically~*~*~ (outnumbered).
 12505 | D:7      | 12505 ||| Stepping ~*~*~tactically~*~*~ (outnumbered).
 12517 | D:7      | 12517 ||| Stepping ~*~*~tactically~*~*~ (outnumbered).
 12519 | D:7      | 12519 ||| Stepping ~*~*~tactically~*~*~ (outnumbered).
 12521 | D:7      | 12521 ||| Stepping ~*~*~tactically~*~*~ (outnumbered).
 12523 | D:7      | 12523 ||| Stepping ~*~*~tactically~*~*~ (outnumbered).
 12525 | D:7      | 12525 ||| Stepping ~*~*~tactically~*~*~ (outnumbered).
 12537 | D:7      | 12537 ||| Stepping ~*~*~tactically~*~*~ (outnumbered).
 12539 | D:7      | 12539 ||| Stepping ~*~*~tactically~*~*~ (outnumbered).
 12541 | D:7      | 12541 ||| Stepping ~*~*~tactically~*~*~ (outnumbered).
 12543 | D:7      | 12543 ||| Stepping ~*~*~tactically~*~*~ (outnumbered).
 12545 | D:7      | 12545 ||| Stepping ~*~*~tactically~*~*~ (outnumbered).
 12557 | D:7      | 12557 ||| Stepping ~*~*~tactically~*~*~ (outnumbered).
 12559 | D:7      | 12559 ||| Stepping ~*~*~tactically~*~*~ (outnumbered).
 12561 | D:7      | 12561 ||| Stepping ~*~*~tactically~*~*~ (outnumbered).
 12563 | D:7      | 12563 ||| Stepping ~*~*~tactically~*~*~ (outnumbered).
 12565 | D:7      | 12565 ||| Stepping ~*~*~tactically~*~*~ (outnumbered).
 12577 | D:7      | 12577 ||| Stepping ~*~*~tactically~*~*~ (outnumbered).
 12579 | D:7      | 12579 ||| Stepping ~*~*~tactically~*~*~ (outnumbered).
 12581 | D:7      | 12581 ||| Stepping ~*~*~tactically~*~*~ (outnumbered).
 12583 | D:7      | 12583 ||| Stepping ~*~*~tactically~*~*~ (outnumbered).
 12585 | D:7      | 12585 ||| Stepping ~*~*~tactically~*~*~ (outnumbered).
 12597 | D:7      | 12597 ||| Stepping ~*~*~tactically~*~*~ (outnumbered).
 12599 | D:7      | 12599 ||| Stepping ~*~*~tactically~*~*~ (outnumbered).
 12601 | D:7      | 12601 ||| Stepping ~*~*~tactically~*~*~ (outnumbered).
 12603 | D:7      | 12603 ||| Stepping ~*~*~tactically~*~*~ (outnumbered).
 12605 | D:7      | 12605 ||| Stepping ~*~*~tactically~*~*~ (outnumbered).
 12617 | D:7      | 12617 ||| Stepping ~*~*~tactically~*~*~ (outnumbered).
 12619 | D:7      | 12619 ||| Stepping ~*~*~tactically~*~*~ (outnumbered).
 12621 | D:7      | 12621 ||| Stepping ~*~*~tactically~*~*~ (outnumbered).
 12623 | D:7      | 12623 ||| Stepping ~*~*~tactically~*~*~ (outnumbered).
 12625 | D:7      | 12625 ||| Stepping ~*~*~tactically~*~*~ (outnumbered).
 12637 | D:7      | 12637 ||| Stepping ~*~*~tactically~*~*~ (outnumbered).
 12639 | D:7      | 12639 ||| Stepping ~*~*~tactically~*~*~ (outnumbered).
 12641 | D:7      | 12641 ||| Stepping ~*~*~tactically~*~*~ (outnumbered).
 12643 | D:7      | 12643 ||| Stepping ~*~*~tactically~*~*~ (outnumbered).
 12645 | D:7      | 12645 ||| Stepping ~*~*~tactically~*~*~ (outnumbered).
 12657 | D:7      | 12657 ||| Stepping ~*~*~tactically~*~*~ (outnumbered).
 12659 | D:7      | 12659 ||| Stepping ~*~*~tactically~*~*~ (outnumbered).
 12661 | D:7      | 12661 ||| Stepping ~*~*~tactically~*~*~ (outnumbered).
 12663 | D:7      | 12663 ||| Stepping ~*~*~tactically~*~*~ (outnumbered).
 12665 | D:7      | 12665 ||| Stepping ~*~*~tactically~*~*~ (outnumbered).
 12677 | D:7      | 12677 ||| Stepping ~*~*~tactically~*~*~ (outnumbered).
 12679 | D:7      | 12679 ||| Stepping ~*~*~tactically~*~*~ (outnumbered).
 12681 | D:7      | 12681 ||| Stepping ~*~*~tactically~*~*~ (outnumbered).
 12683 | D:7      | 12683 ||| Stepping ~*~*~tactically~*~*~ (outnumbered).
 12685 | D:7      | 12685 ||| Stepping ~*~*~tactically~*~*~ (outnumbered).
 12697 | D:7      | 12697 ||| Stepping ~*~*~tactically~*~*~ (outnumbered).
 12699 | D:7      | 12699 ||| Stepping ~*~*~tactically~*~*~ (outnumbered).
 12701 | D:7      | 12701 ||| Stepping ~*~*~tactically~*~*~ (outnumbered).
 12703 | D:7      | 12703 ||| Stepping ~*~*~tactically~*~*~ (outnumbered).
 12705 | D:7      | 12705 ||| Stepping ~*~*~tactically~*~*~ (outnumbered).
 12717 | D:7      | 12717 ||| Stepping ~*~*~tactically~*~*~ (outnumbered).
 12719 | D:7      | 12719 ||| Stepping ~*~*~tactically~*~*~ (outnumbered).
 12721 | D:7      | 12721 ||| Stepping ~*~*~tactically~*~*~ (outnumbered).
 12723 | D:7      | 12723 ||| Stepping ~*~*~tactically~*~*~ (outnumbered).
 12725 | D:7      | 12725 ||| Stepping ~*~*~tactically~*~*~ (outnumbered).
 12737 | D:7      | 12737 ||| Stepping ~*~*~tactically~*~*~ (outnumbered).
 12739 | D:7      | 12739 ||| Stepping ~*~*~tactically~*~*~ (outnumbered).
 12741 | D:7      | 12741 ||| Stepping ~*~*~tactically~*~*~ (outnumbered).
 12743 | D:7      | 12743 ||| Stepping ~*~*~tactically~*~*~ (outnumbered).
 12745 | D:7      | 12745 ||| Stepping ~*~*~tactically~*~*~ (outnumbered).
 12757 | D:7      | 12757 ||| Stepping ~*~*~tactically~*~*~ (outnumbered).
 12759 | D:7      | 12759 ||| Stepping ~*~*~tactically~*~*~ (outnumbered).
 12761 | D:7      | 12761 ||| Stepping ~*~*~tactically~*~*~ (outnumbered).
 12763 | D:7      | 12763 ||| Stepping ~*~*~tactically~*~*~ (outnumbered).
 12765 | D:7      | 12765 ||| Stepping ~*~*~tactically~*~*~ (outnumbered).
 12777 | D:7      | 12777 ||| Stepping ~*~*~tactically~*~*~ (outnumbered).
 12779 | D:7      | 12779 ||| Stepping ~*~*~tactically~*~*~ (outnumbered).
 12781 | D:7      | 12781 ||| Stepping ~*~*~tactically~*~*~ (outnumbered).
 12783 | D:7      | 12783 ||| Stepping ~*~*~tactically~*~*~ (outnumbered).
 12785 | D:7      | 12785 ||| Stepping ~*~*~tactically~*~*~ (outnumbered).
 12797 | D:7      | 12797 ||| Stepping ~*~*~tactically~*~*~ (outnumbered).
 12799 | D:7      | 12799 ||| Stepping ~*~*~tactically~*~*~ (outnumbered).
 12801 | D:7      | 12801 ||| Stepping ~*~*~tactically~*~*~ (outnumbered).
 12803 | D:7      | 12803 ||| Stepping ~*~*~tactically~*~*~ (outnumbered).
 12805 | D:7      | 12805 ||| Stepping ~*~*~tactically~*~*~ (outnumbered).
 12817 | D:7      | 12817 ||| Stepping ~*~*~tactically~*~*~ (outnumbered).
 12819 | D:7      | 12819 ||| Stepping ~*~*~tactically~*~*~ (outnumbered).
 12821 | D:7      | 12821 ||| Stepping ~*~*~tactically~*~*~ (outnumbered).
 12823 | D:7      | 12823 ||| Stepping ~*~*~tactically~*~*~ (outnumbered).
 12825 | D:7      | 12825 ||| Stepping ~*~*~tactically~*~*~ (outnumbered).
 12837 | D:7      | 12837 ||| Stepping ~*~*~tactically~*~*~ (outnumbered).
 12839 | D:7      | 12839 ||| Stepping ~*~*~tactically~*~*~ (outnumbered).
 12841 | D:7      | 12841 ||| Stepping ~*~*~tactically~*~*~ (outnumbered).
 12843 | D:7      | 12843 ||| Stepping ~*~*~tactically~*~*~ (outnumbered).
 12845 | D:7      | 12845 ||| Stepping ~*~*~tactically~*~*~ (outnumbered).
 12857 | D:7      | 12857 ||| Stepping ~*~*~tactically~*~*~ (outnumbered).
 12859 | D:7      | 12859 ||| Stepping ~*~*~tactically~*~*~ (outnumbered).
 12861 | D:7      | 12861 ||| Stepping ~*~*~tactically~*~*~ (outnumbered).
 12863 | D:7      | 12863 ||| Stepping ~*~*~tactically~*~*~ (outnumbered).
 12865 | D:7      | 12865 ||| Stepping ~*~*~tactically~*~*~ (outnumbered).
 12877 | D:7      | 12877 ||| Stepping ~*~*~tactically~*~*~ (outnumbered).
 12879 | D:7      | 12879 ||| Stepping ~*~*~tactically~*~*~ (outnumbered).
 12881 | D:7      | 12881 ||| Stepping ~*~*~tactically~*~*~ (outnumbered).
 12883 | D:7      | 12883 ||| Stepping ~*~*~tactically~*~*~ (outnumbered).
 12885 | D:7      | 12885 ||| Stepping ~*~*~tactically~*~*~ (outnumbered).
 12897 | D:7      | 12897 ||| Stepping ~*~*~tactically~*~*~ (outnumbered).
 12899 | D:7      | 12899 ||| Stepping ~*~*~tactically~*~*~ (outnumbered).
 12901 | D:7      | 12901 ||| Stepping ~*~*~tactically~*~*~ (outnumbered).
 12903 | D:7      | 12903 ||| Stepping ~*~*~tactically~*~*~ (outnumbered).
 12905 | D:7      | 12905 ||| Stepping ~*~*~tactically~*~*~ (outnumbered).
 12917 | D:7      | 12917 ||| Stepping ~*~*~tactically~*~*~ (outnumbered).
 12919 | D:7      | 12919 ||| Stepping ~*~*~tactically~*~*~ (outnumbered).
 12921 | D:7      | 12921 ||| Stepping ~*~*~tactically~*~*~ (outnumbered).
 12923 | D:7      | 12923 ||| Stepping ~*~*~tactically~*~*~ (outnumbered).
 12925 | D:7      | 12925 ||| Stepping ~*~*~tactically~*~*~ (outnumbered).
 12937 | D:7      | 12937 ||| Stepping ~*~*~tactically~*~*~ (outnumbered).
 12939 | D:7      | 12939 ||| Stepping ~*~*~tactically~*~*~ (outnumbered).
 12941 | D:7      | 12941 ||| Stepping ~*~*~tactically~*~*~ (outnumbered).
 12943 | D:7      | 12943 ||| Stepping ~*~*~tactically~*~*~ (outnumbered).
 12945 | D:7      | 12945 ||| Stepping ~*~*~tactically~*~*~ (outnumbered).
 12957 | D:7      | 12957 ||| Stepping ~*~*~tactically~*~*~ (outnumbered).
 12959 | D:7      | 12959 ||| Stepping ~*~*~tactically~*~*~ (outnumbered).
 12961 | D:7      | 12961 ||| Stepping ~*~*~tactically~*~*~ (outnumbered).
 12963 | D:7      | 12963 ||| Stepping ~*~*~tactically~*~*~ (outnumbered).
 12965 | D:7      | 12965 ||| Stepping ~*~*~tactically~*~*~ (outnumbered).
 12977 | D:7      | 12977 ||| Stepping ~*~*~tactically~*~*~ (outnumbered).
 12979 | D:7      | 12979 ||| Stepping ~*~*~tactically~*~*~ (outnumbered).
 12981 | D:7      | 12981 ||| Stepping ~*~*~tactically~*~*~ (outnumbered).
 12983 | D:7      | 12983 ||| Stepping ~*~*~tactically~*~*~ (outnumbered).
 12985 | D:7      | 12985 ||| Stepping ~*~*~tactically~*~*~ (outnumbered).
 12997 | D:7      | 12997 ||| Stepping ~*~*~tactically~*~*~ (outnumbered).
 12999 | D:7      | 12999 ||| Stepping ~*~*~tactically~*~*~ (outnumbered).
 13001 | D:7      | 13001 ||| Stepping ~*~*~tactically~*~*~ (outnumbered).
 13003 | D:7      | 13003 ||| Stepping ~*~*~tactically~*~*~ (outnumbered).
 13005 | D:7      | 13005 ||| Stepping ~*~*~tactically~*~*~ (outnumbered).
 13017 | D:7      | 13017 ||| Stepping ~*~*~tactically~*~*~ (outnumbered).
 13019 | D:7      | 13019 ||| Stepping ~*~*~tactically~*~*~ (outnumbered).
 13021 | D:7      | 13021 ||| Stepping ~*~*~tactically~*~*~ (outnumbered).
 13023 | D:7      | 13023 ||| Stepping ~*~*~tactically~*~*~ (outnumbered).
 13025 | D:7      | 13025 ||| Stepping ~*~*~tactically~*~*~ (outnumbered).
 13037 | D:7      | 13037 ||| Stepping ~*~*~tactically~*~*~ (outnumbered).
 13039 | D:7      | 13039 ||| Stepping ~*~*~tactically~*~*~ (outnumbered).
 13041 | D:7      | 13041 ||| Stepping ~*~*~tactically~*~*~ (outnumbered).
 13043 | D:7      | 13043 ||| Stepping ~*~*~tactically~*~*~ (outnumbered).
 13045 | D:7      | 13045 ||| Stepping ~*~*~tactically~*~*~ (outnumbered).
 13057 | D:7      | 13057 ||| Stepping ~*~*~tactically~*~*~ (outnumbered).
 13059 | D:7      | 13059 ||| Stepping ~*~*~tactically~*~*~ (outnumbered).
 13061 | D:7      | 13061 ||| Stepping ~*~*~tactically~*~*~ (outnumbered).
 13063 | D:7      | 13063 ||| Stepping ~*~*~tactically~*~*~ (outnumbered).
 13065 | D:7      | 13065 ||| Stepping ~*~*~tactically~*~*~ (outnumbered).
 13077 | D:7      | 13077 ||| Stepping ~*~*~tactically~*~*~ (outnumbered).
 13079 | D:7      | 13079 ||| Stepping ~*~*~tactically~*~*~ (outnumbered).
 13081 | D:7      | 13081 ||| Stepping ~*~*~tactically~*~*~ (outnumbered).
 13083 | D:7      | 13083 ||| Stepping ~*~*~tactically~*~*~ (outnumbered).
 13085 | D:7      | 13085 ||| Stepping ~*~*~tactically~*~*~ (outnumbered).
 13097 | D:7      | 13097 ||| Stepping ~*~*~tactically~*~*~ (outnumbered).
 13099 | D:7      | 13099 ||| Stepping ~*~*~tactically~*~*~ (outnumbered).
 13101 | D:7      | 13101 ||| Stepping ~*~*~tactically~*~*~ (outnumbered).
 13103 | D:7      | 13103 ||| Stepping ~*~*~tactically~*~*~ (outnumbered).
 13105 | D:7      | 13105 ||| Stepping ~*~*~tactically~*~*~ (outnumbered).
 13117 | D:7      | 13117 ||| Stepping ~*~*~tactically~*~*~ (outnumbered).
 13119 | D:7      | 13119 ||| Stepping ~*~*~tactically~*~*~ (outnumbered).
 13121 | D:7      | 13121 ||| Stepping ~*~*~tactically~*~*~ (outnumbered).
 13123 | D:7      | 13123 ||| Stepping ~*~*~tactically~*~*~ (outnumbered).
 13125 | D:7      | 13125 ||| Stepping ~*~*~tactically~*~*~ (outnumbered).
 13137 | D:7      | 13137 ||| Stepping ~*~*~tactically~*~*~ (outnumbered).
 13139 | D:7      | 13139 ||| Stepping ~*~*~tactically~*~*~ (outnumbered).
 13141 | D:7      | 13141 ||| Stepping ~*~*~tactically~*~*~ (outnumbered).
 13143 | D:7      | 13143 ||| Stepping ~*~*~tactically~*~*~ (outnumbered).
 13145 | D:7      | 13145 ||| Stepping ~*~*~tactically~*~*~ (outnumbered).
 13157 | D:7      | 13157 ||| Stepping ~*~*~tactically~*~*~ (outnumbered).
 13159 | D:7      | 13159 ||| Stepping ~*~*~tactically~*~*~ (outnumbered).
 13161 | D:7      | 13161 ||| Stepping ~*~*~tactically~*~*~ (outnumbered).
 13163 | D:7      | 13163 ||| Stepping ~*~*~tactically~*~*~ (outnumbered).
 13165 | D:7      | 13165 ||| Stepping ~*~*~tactically~*~*~ (outnumbered).
 13177 | D:7      | 13177 ||| Stepping ~*~*~tactically~*~*~ (outnumbered).
 13179 | D:7      | 13179 ||| Stepping ~*~*~tactically~*~*~ (outnumbered).
 13181 | D:7      | 13181 ||| Stepping ~*~*~tactically~*~*~ (outnumbered).
 13183 | D:7      | 13183 ||| Stepping ~*~*~tactically~*~*~ (outnumbered).
 13185 | D:7      | 13185 ||| Stepping ~*~*~tactically~*~*~ (outnumbered).
 13197 | D:7      | 13197 ||| Stepping ~*~*~tactically~*~*~ (outnumbered).
 13199 | D:7      | 13199 ||| Stepping ~*~*~tactically~*~*~ (outnumbered).
 13201 | D:7      | 13201 ||| Stepping ~*~*~tactically~*~*~ (outnumbered).
 13203 | D:7      | 13203 ||| Stepping ~*~*~tactically~*~*~ (outnumbered).
 13205 | D:7      | 13205 ||| Stepping ~*~*~tactically~*~*~ (outnumbered).
 13217 | D:7      | 13217 ||| Stepping ~*~*~tactically~*~*~ (outnumbered).
 13219 | D:7      | 13219 ||| Stepping ~*~*~tactically~*~*~ (outnumbered).
 13221 | D:7      | 13221 ||| Stepping ~*~*~tactically~*~*~ (outnumbered).
 13223 | D:7      | 13223 ||| Stepping ~*~*~tactically~*~*~ (outnumbered).
 13225 | D:7      | 13225 ||| Stepping ~*~*~tactically~*~*~ (outnumbered).
 13237 | D:7      | 13237 ||| Stepping ~*~*~tactically~*~*~ (outnumbered).
 13239 | D:7      | 13239 ||| Stepping ~*~*~tactically~*~*~ (outnumbered).
 13241 | D:7      | 13241 ||| Stepping ~*~*~tactically~*~*~ (outnumbered).
 13243 | D:7      | 13243 ||| Stepping ~*~*~tactically~*~*~ (outnumbered).
 13245 | D:7      | 13245 ||| Stepping ~*~*~tactically~*~*~ (outnumbered).
 13257 | D:7      | 13257 ||| Stepping ~*~*~tactically~*~*~ (outnumbered).
 13259 | D:7      | 13259 ||| Stepping ~*~*~tactically~*~*~ (outnumbered).
 13261 | D:7      | 13261 ||| Stepping ~*~*~tactically~*~*~ (outnumbered).
 13263 | D:7      | 13263 ||| Stepping ~*~*~tactically~*~*~ (outnumbered).
 13265 | D:7      | 13265 ||| Stepping ~*~*~tactically~*~*~ (outnumbered).
 13277 | D:7      | 13277 ||| Stepping ~*~*~tactically~*~*~ (outnumbered).
 13279 | D:7      | 13279 ||| Stepping ~*~*~tactically~*~*~ (outnumbered).
 13281 | D:7      | 13281 ||| Stepping ~*~*~tactically~*~*~ (outnumbered).
 13283 | D:7      | 13283 ||| Stepping ~*~*~tactically~*~*~ (outnumbered).
 13285 | D:7      | 13285 ||| Stepping ~*~*~tactically~*~*~ (outnumbered).
 13297 | D:7      | 13297 ||| Stepping ~*~*~tactically~*~*~ (outnumbered).
 13299 | D:7      | 13299 ||| Stepping ~*~*~tactically~*~*~ (outnumbered).
 13301 | D:7      | 13301 ||| Stepping ~*~*~tactically~*~*~ (outnumbered).
 13303 | D:7      | 13303 ||| Stepping ~*~*~tactically~*~*~ (outnumbered).
 13305 | D:7      | 13305 ||| Stepping ~*~*~tactically~*~*~ (outnumbered).
 13317 | D:7      | 13317 ||| Stepping ~*~*~tactically~*~*~ (outnumbered).
 13319 | D:7      | 13319 ||| Stepping ~*~*~tactically~*~*~ (outnumbered).
 13321 | D:7      | 13321 ||| Stepping ~*~*~tactically~*~*~ (outnumbered).
 13323 | D:7      | 13323 ||| Stepping ~*~*~tactically~*~*~ (outnumbered).
 13325 | D:7      | 13325 ||| Stepping ~*~*~tactically~*~*~ (outnumbered).
 13337 | D:7      | 13337 ||| Stepping ~*~*~tactically~*~*~ (outnumbered).
 13339 | D:7      | 13339 ||| Stepping ~*~*~tactically~*~*~ (outnumbered).
 13341 | D:7      | 13341 ||| Stepping ~*~*~tactically~*~*~ (outnumbered).
 13343 | D:7      | 13343 ||| Stepping ~*~*~tactically~*~*~ (outnumbered).
 13345 | D:7      | 13345 ||| Stepping ~*~*~tactically~*~*~ (outnumbered).
 13357 | D:7      | 13357 ||| Stepping ~*~*~tactically~*~*~ (outnumbered).
 13359 | D:7      | 13359 ||| Stepping ~*~*~tactically~*~*~ (outnumbered).
 13361 | D:7      | 13361 ||| Stepping ~*~*~tactically~*~*~ (outnumbered).
 13363 | D:7      | 13363 ||| Stepping ~*~*~tactically~*~*~ (outnumbered).
 13365 | D:7      | 13365 ||| Stepping ~*~*~tactically~*~*~ (outnumbered).
 13377 | D:7      | 13377 ||| Stepping ~*~*~tactically~*~*~ (outnumbered).
 13379 | D:7      | 13379 ||| Stepping ~*~*~tactically~*~*~ (outnumbered).
 13381 | D:7      | 13381 ||| Stepping ~*~*~tactically~*~*~ (outnumbered).
 13383 | D:7      | 13383 ||| Stepping ~*~*~tactically~*~*~ (outnumbered).
 13385 | D:7      | 13385 ||| Stepping ~*~*~tactically~*~*~ (outnumbered).
 13397 | D:7      | 13397 ||| Stepping ~*~*~tactically~*~*~ (outnumbered).
 13399 | D:7      | 13399 ||| Stepping ~*~*~tactically~*~*~ (outnumbered).
 13401 | D:7      | 13401 ||| Stepping ~*~*~tactically~*~*~ (outnumbered).
 13403 | D:7      | 13403 ||| Stepping ~*~*~tactically~*~*~ (outnumbered).
 13405 | D:7      | 13405 ||| Stepping ~*~*~tactically~*~*~ (outnumbered).
 13417 | D:7      | 13417 ||| Stepping ~*~*~tactically~*~*~ (outnumbered).
 13419 | D:7      | 13419 ||| Stepping ~*~*~tactically~*~*~ (outnumbered).
 13421 | D:7      | 13421 ||| Stepping ~*~*~tactically~*~*~ (outnumbered).
 13423 | D:7      | 13423 ||| Stepping ~*~*~tactically~*~*~ (outnumbered).
 13425 | D:7      | 13425 ||| Stepping ~*~*~tactically~*~*~ (outnumbered).
 13437 | D:7      | 13437 ||| Stepping ~*~*~tactically~*~*~ (outnumbered).
 13439 | D:7      | 13439 ||| Stepping ~*~*~tactically~*~*~ (outnumbered).
 13441 | D:7      | 13441 ||| Stepping ~*~*~tactically~*~*~ (outnumbered).
 13443 | D:7      | 13443 ||| Stepping ~*~*~tactically~*~*~ (outnumbered).
 13445 | D:7      | 13445 ||| Stepping ~*~*~tactically~*~*~ (outnumbered).
 13457 | D:7      | 13457 ||| Stepping ~*~*~tactically~*~*~ (outnumbered).
 13459 | D:7      | 13459 ||| Stepping ~*~*~tactically~*~*~ (outnumbered).
 13461 | D:7      | 13461 ||| Stepping ~*~*~tactically~*~*~ (outnumbered).
 13463 | D:7      | 13463 ||| Stepping ~*~*~tactically~*~*~ (outnumbered).
 13465 | D:7      | 13465 ||| Stepping ~*~*~tactically~*~*~ (outnumbered).
 13477 | D:7      | 13477 ||| Stepping ~*~*~tactically~*~*~ (outnumbered).
 13479 | D:7      | 13479 ||| Stepping ~*~*~tactically~*~*~ (outnumbered).
 13481 | D:7      | 13481 ||| Stepping ~*~*~tactically~*~*~ (outnumbered).
 13483 | D:7      | 13483 ||| Stepping ~*~*~tactically~*~*~ (outnumbered).
 13485 | D:7      | 13485 ||| Stepping ~*~*~tactically~*~*~ (outnumbered).
 13497 | D:7      | 13497 ||| Stepping ~*~*~tactically~*~*~ (outnumbered).
 13499 | D:7      | 13499 ||| Stepping ~*~*~tactically~*~*~ (outnumbered).
 13501 | D:7      | 13501 ||| Stepping ~*~*~tactically~*~*~ (outnumbered).
 13503 | D:7      | 13503 ||| Stepping ~*~*~tactically~*~*~ (outnumbered).
 13505 | D:7      | 13505 ||| Stepping ~*~*~tactically~*~*~ (outnumbered).
 13517 | D:7      | 13517 ||| Stepping ~*~*~tactically~*~*~ (outnumbered).
 13519 | D:7      | 13519 ||| Stepping ~*~*~tactically~*~*~ (outnumbered).
 13521 | D:7      | 13521 ||| Stepping ~*~*~tactically~*~*~ (outnumbered).
 13523 | D:7      | 13523 ||| Stepping ~*~*~tactically~*~*~ (outnumbered).
 13525 | D:7      | 13525 ||| Stepping ~*~*~tactically~*~*~ (outnumbered).
 13537 | D:7      | 13537 ||| Stepping ~*~*~tactically~*~*~ (outnumbered).
 13539 | D:7      | 13539 ||| Stepping ~*~*~tactically~*~*~ (outnumbered).
 13541 | D:7      | 13541 ||| Stepping ~*~*~tactically~*~*~ (outnumbered).
 13543 | D:7      | 13543 ||| Stepping ~*~*~tactically~*~*~ (outnumbered).
 13545 | D:7      | 13545 ||| Stepping ~*~*~tactically~*~*~ (outnumbered).
 13557 | D:7      | 13557 ||| Stepping ~*~*~tactically~*~*~ (outnumbered).
 13559 | D:7      | 13559 ||| Stepping ~*~*~tactically~*~*~ (outnumbered).
 13561 | D:7      | 13561 ||| Stepping ~*~*~tactically~*~*~ (outnumbered).
 13563 | D:7      | 13563 ||| Stepping ~*~*~tactically~*~*~ (outnumbered).
 13565 | D:7      | 13565 ||| Stepping ~*~*~tactically~*~*~ (outnumbered).
 13577 | D:7      | 13577 ||| Stepping ~*~*~tactically~*~*~ (outnumbered).
 13579 | D:7      | 13579 ||| Stepping ~*~*~tactically~*~*~ (outnumbered).
 13581 | D:7      | 13581 ||| Stepping ~*~*~tactically~*~*~ (outnumbered).
 13583 | D:7      | 13583 ||| Stepping ~*~*~tactically~*~*~ (outnumbered).
 13585 | D:7      | 13585 ||| Stepping ~*~*~tactically~*~*~ (outnumbered).
 13597 | D:7      | 13597 ||| Stepping ~*~*~tactically~*~*~ (outnumbered).
 13599 | D:7      | 13599 ||| Stepping ~*~*~tactically~*~*~ (outnumbered).
 13601 | D:7      | 13601 ||| Stepping ~*~*~tactically~*~*~ (outnumbered).
 13603 | D:7      | 13603 ||| Stepping ~*~*~tactically~*~*~ (outnumbered).
 13605 | D:7      | 13605 ||| Stepping ~*~*~tactically~*~*~ (outnumbered).
 13617 | D:7      | 13617 ||| Stepping ~*~*~tactically~*~*~ (outnumbered).
 13619 | D:7      | 13619 ||| Stepping ~*~*~tactically~*~*~ (outnumbered).
 13621 | D:7      | 13621 ||| Stepping ~*~*~tactically~*~*~ (outnumbered).
 13623 | D:7      | 13623 ||| Stepping ~*~*~tactically~*~*~ (outnumbered).
 13625 | D:7      | 13625 ||| Stepping ~*~*~tactically~*~*~ (outnumbered).
 13637 | D:7      | 13637 ||| Stepping ~*~*~tactically~*~*~ (outnumbered).
 13639 | D:7      | 13639 ||| Stepping ~*~*~tactically~*~*~ (outnumbered).
 13641 | D:7      | 13641 ||| Stepping ~*~*~tactically~*~*~ (outnumbered).
 13643 | D:7      | 13643 ||| Stepping ~*~*~tactically~*~*~ (outnumbered).
 13645 | D:7      | 13645 ||| Stepping ~*~*~tactically~*~*~ (outnumbered).
 13657 | D:7      | 13657 ||| Stepping ~*~*~tactically~*~*~ (outnumbered).
 13659 | D:7      | 13659 ||| Stepping ~*~*~tactically~*~*~ (outnumbered).
 13661 | D:7      | 13661 ||| Stepping ~*~*~tactically~*~*~ (outnumbered).
 13663 | D:7      | 13663 ||| Stepping ~*~*~tactically~*~*~ (outnumbered).
 13665 | D:7      | 13665 ||| Stepping ~*~*~tactically~*~*~ (outnumbered).
 13677 | D:7      | 13677 ||| Stepping ~*~*~tactically~*~*~ (outnumbered).
 13679 | D:7      | 13679 ||| Stepping ~*~*~tactically~*~*~ (outnumbered).
 13681 | D:7      | 13681 ||| Stepping ~*~*~tactically~*~*~ (outnumbered).
 13683 | D:7      | 13683 ||| Stepping ~*~*~tactically~*~*~ (outnumbered).
 13685 | D:7      | 13685 ||| Stepping ~*~*~tactically~*~*~ (outnumbered).
 13697 | D:7      | 13697 ||| Stepping ~*~*~tactically~*~*~ (outnumbered).
 13699 | D:7      | 13699 ||| Stepping ~*~*~tactically~*~*~ (outnumbered).
 13701 | D:7      | 13701 ||| Stepping ~*~*~tactically~*~*~ (outnumbered).
 13703 | D:7      | 13703 ||| Stepping ~*~*~tactically~*~*~ (outnumbered).
 13705 | D:7      | 13705 ||| Stepping ~*~*~tactically~*~*~ (outnumbered).
 13717 | D:7      | 13717 ||| Stepping ~*~*~tactically~*~*~ (outnumbered).
 13719 | D:7      | 13719 ||| Stepping ~*~*~tactically~*~*~ (outnumbered).
 13721 | D:7      | 13721 ||| Stepping ~*~*~tactically~*~*~ (outnumbered).
 13723 | D:7      | 13723 ||| Stepping ~*~*~tactically~*~*~ (outnumbered).
 13725 | D:7      | 13725 ||| Stepping ~*~*~tactically~*~*~ (outnumbered).
 13737 | D:7      | 13737 ||| Stepping ~*~*~tactically~*~*~ (outnumbered).
 13739 | D:7      | 13739 ||| Stepping ~*~*~tactically~*~*~ (outnumbered).
 13741 | D:7      | 13741 ||| Stepping ~*~*~tactically~*~*~ (outnumbered).
 13743 | D:7      | 13743 ||| Stepping ~*~*~tactically~*~*~ (outnumbered).
 13745 | D:7      | 13745 ||| Stepping ~*~*~tactically~*~*~ (outnumbered).
 13757 | D:7      | 13757 ||| Stepping ~*~*~tactically~*~*~ (outnumbered).
 13759 | D:7      | 13759 ||| Stepping ~*~*~tactically~*~*~ (outnumbered).
 13761 | D:7      | 13761 ||| Stepping ~*~*~tactically~*~*~ (outnumbered).
 13763 | D:7      | 13763 ||| Stepping ~*~*~tactically~*~*~ (outnumbered).
 13765 | D:7      | 13765 ||| Stepping ~*~*~tactically~*~*~ (outnumbered).
 13777 | D:7      | 13777 ||| Stepping ~*~*~tactically~*~*~ (outnumbered).
 13779 | D:7      | 13779 ||| Stepping ~*~*~tactically~*~*~ (outnumbered).
 13781 | D:7      | 13781 ||| Stepping ~*~*~tactically~*~*~ (outnumbered).
 13783 | D:7      | 13783 ||| Stepping ~*~*~tactically~*~*~ (outnumbered).
 13785 | D:7      | 13785 ||| Stepping ~*~*~tactically~*~*~ (outnumbered).
 13797 | D:7      | 13797 ||| Stepping ~*~*~tactically~*~*~ (outnumbered).
 13799 | D:7      | 13799 ||| Stepping ~*~*~tactically~*~*~ (outnumbered).
 13801 | D:7      | 13801 ||| Stepping ~*~*~tactically~*~*~ (outnumbered).
 13803 | D:7      | 13803 ||| Stepping ~*~*~tactically~*~*~ (outnumbered).
 13805 | D:7      | 13805 ||| Stepping ~*~*~tactically~*~*~ (outnumbered).
 13817 | D:7      | 13817 ||| Stepping ~*~*~tactically~*~*~ (outnumbered).
 13819 | D:7      | 13819 ||| Stepping ~*~*~tactically~*~*~ (outnumbered).
 13821 | D:7      | 13821 ||| Stepping ~*~*~tactically~*~*~ (outnumbered).
 13823 | D:7      | 13823 ||| Stepping ~*~*~tactically~*~*~ (outnumbered).
 13825 | D:7      | 13825 ||| Stepping ~*~*~tactically~*~*~ (outnumbered).
 13837 | D:7      | 13837 ||| Stepping ~*~*~tactically~*~*~ (outnumbered).
 13839 | D:7      | 13839 ||| Stepping ~*~*~tactically~*~*~ (outnumbered).
 13841 | D:7      | 13841 ||| Stepping ~*~*~tactically~*~*~ (outnumbered).
 13843 | D:7      | 13843 ||| Stepping ~*~*~tactically~*~*~ (outnumbered).
 13845 | D:7      | 13845 ||| Stepping ~*~*~tactically~*~*~ (outnumbered).
 13857 | D:7      | 13857 ||| Stepping ~*~*~tactically~*~*~ (outnumbered).
 13859 | D:7      | 13859 ||| Stepping ~*~*~tactically~*~*~ (outnumbered).
 13861 | D:7      | 13861 ||| Stepping ~*~*~tactically~*~*~ (outnumbered).
 13863 | D:7      | 13863 ||| Stepping ~*~*~tactically~*~*~ (outnumbered).
 13865 | D:7      | 13865 ||| Stepping ~*~*~tactically~*~*~ (outnumbered).
 13877 | D:7      | 13877 ||| Stepping ~*~*~tactically~*~*~ (outnumbered).
 13879 | D:7      | 13879 ||| Stepping ~*~*~tactically~*~*~ (outnumbered).
 13881 | D:7      | 13881 ||| Stepping ~*~*~tactically~*~*~ (outnumbered).
 13883 | D:7      | 13883 ||| Stepping ~*~*~tactically~*~*~ (outnumbered).
 13885 | D:7      | 13885 ||| Stepping ~*~*~tactically~*~*~ (outnumbered).
 13897 | D:7      | 13897 ||| Stepping ~*~*~tactically~*~*~ (outnumbered).
 13899 | D:7      | 13899 ||| Stepping ~*~*~tactically~*~*~ (outnumbered).
 13901 | D:7      | 13901 ||| Stepping ~*~*~tactically~*~*~ (outnumbered).
 13903 | D:7      | 13903 ||| Stepping ~*~*~tactically~*~*~ (outnumbered).
 13905 | D:7      | 13905 ||| Stepping ~*~*~tactically~*~*~ (outnumbered).
 13917 | D:7      | 13917 ||| Stepping ~*~*~tactically~*~*~ (outnumbered).
 13919 | D:7      | 13919 ||| Stepping ~*~*~tactically~*~*~ (outnumbered).
 13921 | D:7      | 13921 ||| Stepping ~*~*~tactically~*~*~ (outnumbered).
 13923 | D:7      | 13923 ||| Stepping ~*~*~tactically~*~*~ (outnumbered).
 13925 | D:7      | 13925 ||| Stepping ~*~*~tactically~*~*~ (outnumbered).
 13937 | D:7      | 13937 ||| Stepping ~*~*~tactically~*~*~ (outnumbered).
 13939 | D:7      | 13939 ||| Stepping ~*~*~tactically~*~*~ (outnumbered).
 13941 | D:7      | 13941 ||| Stepping ~*~*~tactically~*~*~ (outnumbered).
 13943 | D:7      | 13943 ||| Stepping ~*~*~tactically~*~*~ (outnumbered).
 13945 | D:7      | 13945 ||| Stepping ~*~*~tactically~*~*~ (outnumbered).
 13957 | D:7      | 13957 ||| Stepping ~*~*~tactically~*~*~ (outnumbered).
 13959 | D:7      | 13959 ||| Stepping ~*~*~tactically~*~*~ (outnumbered).
 13961 | D:7      | 13961 ||| Stepping ~*~*~tactically~*~*~ (outnumbered).
 13963 | D:7      | 13963 ||| Stepping ~*~*~tactically~*~*~ (outnumbered).
 13965 | D:7      | 13965 ||| Stepping ~*~*~tactically~*~*~ (outnumbered).
 13977 | D:7      | 13977 ||| Stepping ~*~*~tactically~*~*~ (outnumbered).
 13979 | D:7      | 13979 ||| Stepping ~*~*~tactically~*~*~ (outnumbered).
 13981 | D:7      | 13981 ||| Stepping ~*~*~tactically~*~*~ (outnumbered).
 13983 | D:7      | 13983 ||| Stepping ~*~*~tactically~*~*~ (outnumbered).
 13985 | D:7      | 13985 ||| Stepping ~*~*~tactically~*~*~ (outnumbered).
 13997 | D:7      | 13997 ||| Stepping ~*~*~tactically~*~*~ (outnumbered).
 13999 | D:7      | 13999 ||| Stepping ~*~*~tactically~*~*~ (outnumbered).
 14001 | D:7      | 14001 ||| Stepping ~*~*~tactically~*~*~ (outnumbered).
 14003 | D:7      | 14003 ||| Stepping ~*~*~tactically~*~*~ (outnumbered).
 14005 | D:7      | 14005 ||| Stepping ~*~*~tactically~*~*~ (outnumbered).
 14017 | D:7      | 14017 ||| Stepping ~*~*~tactically~*~*~ (outnumbered).
 14019 | D:7      | 14019 ||| Stepping ~*~*~tactically~*~*~ (outnumbered).
 14021 | D:7      | 14021 ||| Stepping ~*~*~tactically~*~*~ (outnumbered).
 14023 | D:7      | 14023 ||| Stepping ~*~*~tactically~*~*~ (outnumbered).
 14025 | D:7      | 14025 ||| Stepping ~*~*~tactically~*~*~ (outnumbered).
 14037 | D:7      | 14037 ||| Stepping ~*~*~tactically~*~*~ (outnumbered).
 14039 | D:7      | 14039 ||| Stepping ~*~*~tactically~*~*~ (outnumbered).
 14041 | D:7      | 14041 ||| Stepping ~*~*~tactically~*~*~ (outnumbered).
 14043 | D:7      | 14043 ||| Stepping ~*~*~tactically~*~*~ (outnumbered).
 14045 | D:7      | 14045 ||| Stepping ~*~*~tactically~*~*~ (outnumbered).
 14057 | D:7      | 14057 ||| Stepping ~*~*~tactically~*~*~ (outnumbered).
 14059 | D:7      | 14059 ||| Stepping ~*~*~tactically~*~*~ (outnumbered).
 14061 | D:7      | 14061 ||| Stepping ~*~*~tactically~*~*~ (outnumbered).
 14063 | D:7      | 14063 ||| Stepping ~*~*~tactically~*~*~ (outnumbered).
 14065 | D:7      | 14065 ||| Stepping ~*~*~tactically~*~*~ (outnumbered).
 14077 | D:7      | 14077 ||| Stepping ~*~*~tactically~*~*~ (outnumbered).
 14079 | D:7      | 14079 ||| Stepping ~*~*~tactically~*~*~ (outnumbered).
 14081 | D:7      | 14081 ||| Stepping ~*~*~tactically~*~*~ (outnumbered).
 14083 | D:7      | 14083 ||| Stepping ~*~*~tactically~*~*~ (outnumbered).
 14085 | D:7      | 14085 ||| Stepping ~*~*~tactically~*~*~ (outnumbered).
 14097 | D:7      | 14097 ||| Stepping ~*~*~tactically~*~*~ (outnumbered).
 14099 | D:7      | 14099 ||| Stepping ~*~*~tactically~*~*~ (outnumbered).
 14101 | D:7      | 14101 ||| Stepping ~*~*~tactically~*~*~ (outnumbered).
 14103 | D:7      | 14103 ||| Stepping ~*~*~tactically~*~*~ (outnumbered).
 14105 | D:7      | 14105 ||| Stepping ~*~*~tactically~*~*~ (outnumbered).
 14117 | D:7      | 14117 ||| Stepping ~*~*~tactically~*~*~ (outnumbered).
 14119 | D:7      | 14119 ||| Stepping ~*~*~tactically~*~*~ (outnumbered).
 14121 | D:7      | 14121 ||| Stepping ~*~*~tactically~*~*~ (outnumbered).
 14123 | D:7      | 14123 ||| Stepping ~*~*~tactically~*~*~ (outnumbered).
 14125 | D:7      | 14125 ||| Stepping ~*~*~tactically~*~*~ (outnumbered).
 14137 | D:7      | 14137 ||| Stepping ~*~*~tactically~*~*~ (outnumbered).
 14139 | D:7      | 14139 ||| Stepping ~*~*~tactically~*~*~ (outnumbered).
 14141 | D:7      | 14141 ||| Stepping ~*~*~tactically~*~*~ (outnumbered).
 14143 | D:7      | 14143 ||| Stepping ~*~*~tactically~*~*~ (outnumbered).
 14145 | D:7      | 14145 ||| Stepping ~*~*~tactically~*~*~ (outnumbered).
 14157 | D:7      | 14157 ||| Stepping ~*~*~tactically~*~*~ (outnumbered).
 14159 | D:7      | 14159 ||| Stepping ~*~*~tactically~*~*~ (outnumbered).
 14161 | D:7      | 14161 ||| Stepping ~*~*~tactically~*~*~ (outnumbered).
 14163 | D:7      | 14163 ||| Stepping ~*~*~tactically~*~*~ (outnumbered).
 14165 | D:7      | 14165 ||| Stepping ~*~*~tactically~*~*~ (outnumbered).
 14177 | D:7      | 14177 ||| Stepping ~*~*~tactically~*~*~ (outnumbered).
 14179 | D:7      | 14179 ||| Stepping ~*~*~tactically~*~*~ (outnumbered).
 14181 | D:7      | 14181 ||| Stepping ~*~*~tactically~*~*~ (outnumbered).
 14183 | D:7      | 14183 ||| Stepping ~*~*~tactically~*~*~ (outnumbered).
 14185 | D:7      | 14185 ||| Stepping ~*~*~tactically~*~*~ (outnumbered).
 14197 | D:7      | 14197 ||| Stepping ~*~*~tactically~*~*~ (outnumbered).
 14199 | D:7      | 14199 ||| Stepping ~*~*~tactically~*~*~ (outnumbered).
 14201 | D:7      | 14201 ||| Stepping ~*~*~tactically~*~*~ (outnumbered).
 14203 | D:7      | 14203 ||| Stepping ~*~*~tactically~*~*~ (outnumbered).
 14205 | D:7      | 14205 ||| Stepping ~*~*~tactically~*~*~ (outnumbered).
 14217 | D:7      | 14217 ||| Stepping ~*~*~tactically~*~*~ (outnumbered).
 14219 | D:7      | 14219 ||| Stepping ~*~*~tactically~*~*~ (outnumbered).
 14221 | D:7      | 14221 ||| Stepping ~*~*~tactically~*~*~ (outnumbered).
 14223 | D:7      | 14223 ||| Stepping ~*~*~tactically~*~*~ (outnumbered).
 14225 | D:7      | 14225 ||| Stepping ~*~*~tactically~*~*~ (outnumbered).
 14237 | D:7      | 14237 ||| Stepping ~*~*~tactically~*~*~ (outnumbered).
 14239 | D:7      | 14239 ||| Stepping ~*~*~tactically~*~*~ (outnumbered).
 14241 | D:7      | 14241 ||| Stepping ~*~*~tactically~*~*~ (outnumbered).
 14243 | D:7      | 14243 ||| Stepping ~*~*~tactically~*~*~ (outnumbered).
 14245 | D:7      | 14245 ||| Stepping ~*~*~tactically~*~*~ (outnumbered).
 14257 | D:7      | 14257 ||| Stepping ~*~*~tactically~*~*~ (outnumbered).
 14259 | D:7      | 14259 ||| Stepping ~*~*~tactically~*~*~ (outnumbered).
 14261 | D:7      | 14261 ||| Stepping ~*~*~tactically~*~*~ (outnumbered).
 14263 | D:7      | 14263 ||| Stepping ~*~*~tactically~*~*~ (outnumbered).
 14265 | D:7      | 14265 ||| Stepping ~*~*~tactically~*~*~ (outnumbered).
 14277 | D:7      | 14277 ||| Stepping ~*~*~tactically~*~*~ (outnumbered).
 14279 | D:7      | 14279 ||| Stepping ~*~*~tactically~*~*~ (outnumbered).
 14281 | D:7      | 14281 ||| Stepping ~*~*~tactically~*~*~ (outnumbered).
 14283 | D:7      | 14283 ||| Stepping ~*~*~tactically~*~*~ (outnumbered).
 14285 | D:7      | 14285 ||| Stepping ~*~*~tactically~*~*~ (outnumbered).
 14297 | D:7      | 14297 ||| Stepping ~*~*~tactically~*~*~ (outnumbered).
 14299 | D:7      | 14299 ||| Stepping ~*~*~tactically~*~*~ (outnumbered).
 14301 | D:7      | 14301 ||| Stepping ~*~*~tactically~*~*~ (outnumbered).
 14303 | D:7      | 14303 ||| Stepping ~*~*~tactically~*~*~ (outnumbered).
 14305 | D:7      | 14305 ||| Stepping ~*~*~tactically~*~*~ (outnumbered).
 14317 | D:7      | 14317 ||| Stepping ~*~*~tactically~*~*~ (outnumbered).
 14319 | D:7      | 14319 ||| Stepping ~*~*~tactically~*~*~ (outnumbered).
 14321 | D:7      | 14321 ||| Stepping ~*~*~tactically~*~*~ (outnumbered).
 14323 | D:7      | 14323 ||| Stepping ~*~*~tactically~*~*~ (outnumbered).
 14325 | D:7      | 14325 ||| Stepping ~*~*~tactically~*~*~ (outnumbered).
 14337 | D:7      | 14337 ||| Stepping ~*~*~tactically~*~*~ (outnumbered).
 14339 | D:7      | 14339 ||| Stepping ~*~*~tactically~*~*~ (outnumbered).
 14341 | D:7      | 14341 ||| Stepping ~*~*~tactically~*~*~ (outnumbered).
 14343 | D:7      | 14343 ||| Stepping ~*~*~tactically~*~*~ (outnumbered).
 14345 | D:7      | 14345 ||| Stepping ~*~*~tactically~*~*~ (outnumbered).
 14357 | D:7      | 14357 ||| Stepping ~*~*~tactically~*~*~ (outnumbered).
 14359 | D:7      | 14359 ||| Stepping ~*~*~tactically~*~*~ (outnumbered).
 14361 | D:7      | 14361 ||| Stepping ~*~*~tactically~*~*~ (outnumbered).
 14363 | D:7      | 14363 ||| Stepping ~*~*~tactically~*~*~ (outnumbered).
 14365 | D:7      | 14365 ||| Stepping ~*~*~tactically~*~*~ (outnumbered).
 14377 | D:7      | 14377 ||| Stepping ~*~*~tactically~*~*~ (outnumbered).
 14379 | D:7      | 14379 ||| Stepping ~*~*~tactically~*~*~ (outnumbered).
 14381 | D:7      | 14381 ||| Stepping ~*~*~tactically~*~*~ (outnumbered).
 14383 | D:7      | 14383 ||| Stepping ~*~*~tactically~*~*~ (outnumbered).
 14385 | D:7      | 14385 ||| Stepping ~*~*~tactically~*~*~ (outnumbered).
 14397 | D:7      | 14397 ||| Stepping ~*~*~tactically~*~*~ (outnumbered).
 14399 | D:7      | 14399 ||| Stepping ~*~*~tactically~*~*~ (outnumbered).
 14401 | D:7      | 14401 ||| Stepping ~*~*~tactically~*~*~ (outnumbered).
 14403 | D:7      | 14403 ||| Stepping ~*~*~tactically~*~*~ (outnumbered).
 14405 | D:7      | 14405 ||| Stepping ~*~*~tactically~*~*~ (outnumbered).
 14417 | D:7      | 14417 ||| Stepping ~*~*~tactically~*~*~ (outnumbered).
 14419 | D:7      | 14419 ||| Stepping ~*~*~tactically~*~*~ (outnumbered).
 14421 | D:7      | 14421 ||| Stepping ~*~*~tactically~*~*~ (outnumbered).
 14423 | D:7      | 14423 ||| Stepping ~*~*~tactically~*~*~ (outnumbered).
 14425 | D:7      | 14425 ||| Stepping ~*~*~tactically~*~*~ (outnumbered).
 14437 | D:7      | 14437 ||| Stepping ~*~*~tactically~*~*~ (outnumbered).
 14439 | D:7      | 14439 ||| Stepping ~*~*~tactically~*~*~ (outnumbered).
 14441 | D:7      | 14441 ||| Stepping ~*~*~tactically~*~*~ (outnumbered).
 14443 | D:7      | 14443 ||| Stepping ~*~*~tactically~*~*~ (outnumbered).
 14445 | D:7      | 14445 ||| Stepping ~*~*~tactically~*~*~ (outnumbered).
 14457 | D:7      | 14457 ||| Stepping ~*~*~tactically~*~*~ (outnumbered).
 14459 | D:7      | 14459 ||| Stepping ~*~*~tactically~*~*~ (outnumbered).
 14461 | D:7      | 14461 ||| Stepping ~*~*~tactically~*~*~ (outnumbered).
 14463 | D:7      | 14463 ||| Stepping ~*~*~tactically~*~*~ (outnumbered).
 14465 | D:7      | 14465 ||| Stepping ~*~*~tactically~*~*~ (outnumbered).
 14477 | D:7      | 14477 ||| Stepping ~*~*~tactically~*~*~ (outnumbered).
 14479 | D:7      | 14479 ||| Stepping ~*~*~tactically~*~*~ (outnumbered).
 14481 | D:7      | 14481 ||| Stepping ~*~*~tactically~*~*~ (outnumbered).
 14483 | D:7      | 14483 ||| Stepping ~*~*~tactically~*~*~ (outnumbered).
 14485 | D:7      | 14485 ||| Stepping ~*~*~tactically~*~*~ (outnumbered).
 14497 | D:7      | 14497 ||| Stepping ~*~*~tactically~*~*~ (outnumbered).
 14499 | D:7      | 14499 ||| Stepping ~*~*~tactically~*~*~ (outnumbered).
 14501 | D:7      | 14501 ||| Stepping ~*~*~tactically~*~*~ (outnumbered).
 14503 | D:7      | 14503 ||| Stepping ~*~*~tactically~*~*~ (outnumbered).
 14505 | D:7      | 14505 ||| Stepping ~*~*~tactically~*~*~ (outnumbered).
 14517 | D:7      | 14517 ||| Stepping ~*~*~tactically~*~*~ (outnumbered).
 14519 | D:7      | 14519 ||| Stepping ~*~*~tactically~*~*~ (outnumbered).
 14521 | D:7      | 14521 ||| Stepping ~*~*~tactically~*~*~ (outnumbered).
 14523 | D:7      | 14523 ||| Stepping ~*~*~tactically~*~*~ (outnumbered).
 14525 | D:7      | 14525 ||| Stepping ~*~*~tactically~*~*~ (outnumbered).
 14537 | D:7      | 14537 ||| Stepping ~*~*~tactically~*~*~ (outnumbered).
 14539 | D:7      | 14539 ||| Stepping ~*~*~tactically~*~*~ (outnumbered).
 14541 | D:7      | 14541 ||| Stepping ~*~*~tactically~*~*~ (outnumbered).
 14543 | D:7      | 14543 ||| Stepping ~*~*~tactically~*~*~ (outnumbered).
 14545 | D:7      | 14545 ||| Stepping ~*~*~tactically~*~*~ (outnumbered).
 14557 | D:7      | 14557 ||| Stepping ~*~*~tactically~*~*~ (outnumbered).
 14559 | D:7      | 14559 ||| Stepping ~*~*~tactically~*~*~ (outnumbered).
 14561 | D:7      | 14561 ||| Stepping ~*~*~tactically~*~*~ (outnumbered).
 14563 | D:7      | 14563 ||| Stepping ~*~*~tactically~*~*~ (outnumbered).
 14565 | D:7      | 14565 ||| Stepping ~*~*~tactically~*~*~ (outnumbered).
 14577 | D:7      | 14577 ||| Stepping ~*~*~tactically~*~*~ (outnumbered).
 14579 | D:7      | 14579 ||| Stepping ~*~*~tactically~*~*~ (outnumbered).
 14581 | D:7      | 14581 ||| Stepping ~*~*~tactically~*~*~ (outnumbered).
 14583 | D:7      | 14583 ||| Stepping ~*~*~tactically~*~*~ (outnumbered).
 14585 | D:7      | 14585 ||| Stepping ~*~*~tactically~*~*~ (outnumbered).
 14597 | D:7      | 14597 ||| Stepping ~*~*~tactically~*~*~ (outnumbered).
 14599 | D:7      | 14599 ||| Stepping ~*~*~tactically~*~*~ (outnumbered).
 14601 | D:7      | 14601 ||| Stepping ~*~*~tactically~*~*~ (outnumbered).
 14603 | D:7      | 14603 ||| Stepping ~*~*~tactically~*~*~ (outnumbered).
 14605 | D:7      | 14605 ||| Stepping ~*~*~tactically~*~*~ (outnumbered).
 14617 | D:7      | 14617 ||| Stepping ~*~*~tactically~*~*~ (outnumbered).
 14619 | D:7      | 14619 ||| Stepping ~*~*~tactically~*~*~ (outnumbered).
 14621 | D:7      | 14621 ||| Stepping ~*~*~tactically~*~*~ (outnumbered).
 14623 | D:7      | 14623 ||| Stepping ~*~*~tactically~*~*~ (outnumbered).
 14625 | D:7      | 14625 ||| Stepping ~*~*~tactically~*~*~ (outnumbered).
 14637 | D:7      | 14637 ||| Stepping ~*~*~tactically~*~*~ (outnumbered).
 14639 | D:7      | 14639 ||| Stepping ~*~*~tactically~*~*~ (outnumbered).
 14641 | D:7      | 14641 ||| Stepping ~*~*~tactically~*~*~ (outnumbered).
 14643 | D:7      | 14643 ||| Stepping ~*~*~tactically~*~*~ (outnumbered).
 14645 | D:7      | 14645 ||| Stepping ~*~*~tactically~*~*~ (outnumbered).
 14657 | D:7      | 14657 ||| Stepping ~*~*~tactically~*~*~ (outnumbered).
 14659 | D:7      | 14659 ||| Stepping ~*~*~tactically~*~*~ (outnumbered).
 14661 | D:7      | 14661 ||| Stepping ~*~*~tactically~*~*~ (outnumbered).
 14663 | D:7      | 14663 ||| Stepping ~*~*~tactically~*~*~ (outnumbered).
 14665 | D:7      | 14665 ||| Stepping ~*~*~tactically~*~*~ (outnumbered).
 14677 | D:7      | 14677 ||| Stepping ~*~*~tactically~*~*~ (outnumbered).
 14679 | D:7      | 14679 ||| Stepping ~*~*~tactically~*~*~ (outnumbered).
 14681 | D:7      | 14681 ||| Stepping ~*~*~tactically~*~*~ (outnumbered).
 14683 | D:7      | 14683 ||| Stepping ~*~*~tactically~*~*~ (outnumbered).
 14685 | D:7      | 14685 ||| Stepping ~*~*~tactically~*~*~ (outnumbered).
 14697 | D:7      | 14697 ||| Stepping ~*~*~tactically~*~*~ (outnumbered).
 14699 | D:7      | 14699 ||| Stepping ~*~*~tactically~*~*~ (outnumbered).
 14701 | D:7      | 14701 ||| Stepping ~*~*~tactically~*~*~ (outnumbered).
 14703 | D:7      | 14703 ||| Stepping ~*~*~tactically~*~*~ (outnumbered).
 14705 | D:7      | 14705 ||| Stepping ~*~*~tactically~*~*~ (outnumbered).
 14717 | D:7      | 14717 ||| Stepping ~*~*~tactically~*~*~ (outnumbered).
 14719 | D:7      | 14719 ||| Stepping ~*~*~tactically~*~*~ (outnumbered).
 14721 | D:7      | 14721 ||| Stepping ~*~*~tactically~*~*~ (outnumbered).
 14723 | D:7      | 14723 ||| Stepping ~*~*~tactically~*~*~ (outnumbered).
 14725 | D:7      | 14725 ||| Stepping ~*~*~tactically~*~*~ (outnumbered).
 14737 | D:7      | 14737 ||| Stepping ~*~*~tactically~*~*~ (outnumbered).
 14739 | D:7      | 14739 ||| Stepping ~*~*~tactically~*~*~ (outnumbered).
 14741 | D:7      | 14741 ||| Stepping ~*~*~tactically~*~*~ (outnumbered).
 14743 | D:7      | 14743 ||| Stepping ~*~*~tactically~*~*~ (outnumbered).
 14745 | D:7      | 14745 ||| Stepping ~*~*~tactically~*~*~ (outnumbered).
 14757 | D:7      | 14757 ||| Stepping ~*~*~tactically~*~*~ (outnumbered).
 14759 | D:7      | 14759 ||| Stepping ~*~*~tactically~*~*~ (outnumbered).
 14761 | D:7      | 14761 ||| Stepping ~*~*~tactically~*~*~ (outnumbered).
 14763 | D:7      | 14763 ||| Stepping ~*~*~tactically~*~*~ (outnumbered).
 14765 | D:7      | 14765 ||| Stepping ~*~*~tactically~*~*~ (outnumbered).
 14777 | D:7      | 14777 ||| Stepping ~*~*~tactically~*~*~ (outnumbered).
 14779 | D:7      | 14779 ||| Stepping ~*~*~tactically~*~*~ (outnumbered).
 14781 | D:7      | 14781 ||| Stepping ~*~*~tactically~*~*~ (outnumbered).
 14783 | D:7      | 14783 ||| Stepping ~*~*~tactically~*~*~ (outnumbered).
 14785 | D:7      | 14785 ||| Stepping ~*~*~tactically~*~*~ (outnumbered).
 14797 | D:7      | 14797 ||| Stepping ~*~*~tactically~*~*~ (outnumbered).
 14799 | D:7      | 14799 ||| Stepping ~*~*~tactically~*~*~ (outnumbered).
 14801 | D:7      | 14801 ||| Stepping ~*~*~tactically~*~*~ (outnumbered).
 14803 | D:7      | 14803 ||| Stepping ~*~*~tactically~*~*~ (outnumbered).
 14805 | D:7      | 14805 ||| Stepping ~*~*~tactically~*~*~ (outnumbered).
 14817 | D:7      | 14817 ||| Stepping ~*~*~tactically~*~*~ (outnumbered).
 14819 | D:7      | 14819 ||| Stepping ~*~*~tactically~*~*~ (outnumbered).
 14821 | D:7      | 14821 ||| Stepping ~*~*~tactically~*~*~ (outnumbered).
 14823 | D:7      | 14823 ||| Stepping ~*~*~tactically~*~*~ (outnumbered).
 14825 | D:7      | 14825 ||| Stepping ~*~*~tactically~*~*~ (outnumbered).
 14837 | D:7      | 14837 ||| Stepping ~*~*~tactically~*~*~ (outnumbered).
 14839 | D:7      | 14839 ||| Stepping ~*~*~tactically~*~*~ (outnumbered).
 14841 | D:7      | 14841 ||| Stepping ~*~*~tactically~*~*~ (outnumbered).
 14843 | D:7      | 14843 ||| Stepping ~*~*~tactically~*~*~ (outnumbered).
 14845 | D:7      | 14845 ||| Stepping ~*~*~tactically~*~*~ (outnumbered).
 14857 | D:7      | 14857 ||| Stepping ~*~*~tactically~*~*~ (outnumbered).
 14859 | D:7      | 14859 ||| Stepping ~*~*~tactically~*~*~ (outnumbered).
 14861 | D:7      | 14861 ||| Stepping ~*~*~tactically~*~*~ (outnumbered).
 14863 | D:7      | 14863 ||| Stepping ~*~*~tactically~*~*~ (outnumbered).
 14865 | D:7      | 14865 ||| Stepping ~*~*~tactically~*~*~ (outnumbered).
 14877 | D:7      | 14877 ||| Stepping ~*~*~tactically~*~*~ (outnumbered).
 14879 | D:7      | 14879 ||| Stepping ~*~*~tactically~*~*~ (outnumbered).
 14881 | D:7      | 14881 ||| Stepping ~*~*~tactically~*~*~ (outnumbered).
 14883 | D:7      | 14883 ||| Stepping ~*~*~tactically~*~*~ (outnumbered).
 14885 | D:7      | 14885 ||| Stepping ~*~*~tactically~*~*~ (outnumbered).
 14897 | D:7      | 14897 ||| Stepping ~*~*~tactically~*~*~ (outnumbered).
 14899 | D:7      | 14899 ||| Stepping ~*~*~tactically~*~*~ (outnumbered).
 14901 | D:7      | 14901 ||| Stepping ~*~*~tactically~*~*~ (outnumbered).
 14903 | D:7      | 14903 ||| Stepping ~*~*~tactically~*~*~ (outnumbered).
 14905 | D:7      | 14905 ||| Stepping ~*~*~tactically~*~*~ (outnumbered).
 14917 | D:7      | 14917 ||| Stepping ~*~*~tactically~*~*~ (outnumbered).
 14919 | D:7      | 14919 ||| Stepping ~*~*~tactically~*~*~ (outnumbered).
 14921 | D:7      | 14921 ||| Stepping ~*~*~tactically~*~*~ (outnumbered).
 14923 | D:7      | 14923 ||| Stepping ~*~*~tactically~*~*~ (outnumbered).
 14925 | D:7      | 14925 ||| Stepping ~*~*~tactically~*~*~ (outnumbered).
 14937 | D:7      | 14937 ||| Stepping ~*~*~tactically~*~*~ (outnumbered).
 14939 | D:7      | 14939 ||| Stepping ~*~*~tactically~*~*~ (outnumbered).
 14941 | D:7      | 14941 ||| Stepping ~*~*~tactically~*~*~ (outnumbered).
 14943 | D:7      | 14943 ||| Stepping ~*~*~tactically~*~*~ (outnumbered).
 14945 | D:7      | 14945 ||| Stepping ~*~*~tactically~*~*~ (outnumbered).
 14957 | D:7      | 14957 ||| Stepping ~*~*~tactically~*~*~ (outnumbered).
 14959 | D:7      | 14959 ||| Stepping ~*~*~tactically~*~*~ (outnumbered).
 14961 | D:7      | 14961 ||| Stepping ~*~*~tactically~*~*~ (outnumbered).
 14963 | D:7      | 14963 ||| Stepping ~*~*~tactically~*~*~ (outnumbered).
 14965 | D:7      | 14965 ||| Stepping ~*~*~tactically~*~*~ (outnumbered).
 14977 | D:7      | 14977 ||| Stepping ~*~*~tactically~*~*~ (outnumbered).
 14979 | D:7      | 14979 ||| Stepping ~*~*~tactically~*~*~ (outnumbered).
 14981 | D:7      | 14981 ||| Stepping ~*~*~tactically~*~*~ (outnumbered).
 14983 | D:7      | 14983 ||| Stepping ~*~*~tactically~*~*~ (outnumbered).
 14985 | D:7      | 14985 ||| Stepping ~*~*~tactically~*~*~ (outnumbered).
 14997 | D:7      | 14997 ||| Stepping ~*~*~tactically~*~*~ (outnumbered).
 14999 | D:7      | 14999 ||| Stepping ~*~*~tactically~*~*~ (outnumbered).
 15001 | D:7      | 15001 ||| Stepping ~*~*~tactically~*~*~ (outnumbered).
 15003 | D:7      | 15003 ||| Stepping ~*~*~tactically~*~*~ (outnumbered).
 15005 | D:7      | 15005 ||| Stepping ~*~*~tactically~*~*~ (outnumbered).
 15017 | D:7      | 15017 ||| Stepping ~*~*~tactically~*~*~ (outnumbered).
 15019 | D:7      | 15019 ||| Stepping ~*~*~tactically~*~*~ (outnumbered).
 15021 | D:7      | 15021 ||| Stepping ~*~*~tactically~*~*~ (outnumbered).
 15023 | D:7      | 15023 ||| Stepping ~*~*~tactically~*~*~ (outnumbered).
 15025 | D:7      | 15025 ||| Stepping ~*~*~tactically~*~*~ (outnumbered).
 15037 | D:7      | 15037 ||| Stepping ~*~*~tactically~*~*~ (outnumbered).
 15039 | D:7      | 15039 ||| Stepping ~*~*~tactically~*~*~ (outnumbered).
 15041 | D:7      | 15041 ||| Stepping ~*~*~tactically~*~*~ (outnumbered).
 15043 | D:7      | 15043 ||| Stepping ~*~*~tactically~*~*~ (outnumbered).
 15045 | D:7      | 15045 ||| Stepping ~*~*~tactically~*~*~ (outnumbered).
 15057 | D:7      | 15057 ||| Stepping ~*~*~tactically~*~*~ (outnumbered).
 15059 | D:7      | 15059 ||| Stepping ~*~*~tactically~*~*~ (outnumbered).
 15061 | D:7      | 15061 ||| Stepping ~*~*~tactically~*~*~ (outnumbered).
 15063 | D:7      | 15063 ||| Stepping ~*~*~tactically~*~*~ (outnumbered).
 15065 | D:7      | 15065 ||| Stepping ~*~*~tactically~*~*~ (outnumbered).
 15077 | D:7      | 15077 ||| Stepping ~*~*~tactically~*~*~ (outnumbered).
 15079 | D:7      | 15079 ||| Stepping ~*~*~tactically~*~*~ (outnumbered).
 15081 | D:7      | 15081 ||| Stepping ~*~*~tactically~*~*~ (outnumbered).
 15083 | D:7      | 15083 ||| Stepping ~*~*~tactically~*~*~ (outnumbered).
 15085 | D:7      | 15085 ||| Stepping ~*~*~tactically~*~*~ (outnumbered).
 15097 | D:7      | 15097 ||| Stepping ~*~*~tactically~*~*~ (outnumbered).
 15099 | D:7      | 15099 ||| Stepping ~*~*~tactically~*~*~ (outnumbered).
 15101 | D:7      | 15101 ||| Stepping ~*~*~tactically~*~*~ (outnumbered).
 15103 | D:7      | 15103 ||| Stepping ~*~*~tactically~*~*~ (outnumbered).
 15105 | D:7      | 15105 ||| Stepping ~*~*~tactically~*~*~ (outnumbered).
 15117 | D:7      | 15117 ||| Stepping ~*~*~tactically~*~*~ (outnumbered).
 15119 | D:7      | 15119 ||| Stepping ~*~*~tactically~*~*~ (outnumbered).
 15121 | D:7      | 15121 ||| Stepping ~*~*~tactically~*~*~ (outnumbered).
 15123 | D:7      | 15123 ||| Stepping ~*~*~tactically~*~*~ (outnumbered).
 15125 | D:7      | 15125 ||| Stepping ~*~*~tactically~*~*~ (outnumbered).
 15137 | D:7      | 15137 ||| Stepping ~*~*~tactically~*~*~ (outnumbered).
 15139 | D:7      | 15139 ||| Stepping ~*~*~tactically~*~*~ (outnumbered).
 15141 | D:7      | 15141 ||| Stepping ~*~*~tactically~*~*~ (outnumbered).
 15143 | D:7      | 15143 ||| Stepping ~*~*~tactically~*~*~ (outnumbered).
 15145 | D:7      | 15145 ||| Stepping ~*~*~tactically~*~*~ (outnumbered).
 15157 | D:7      | 15157 ||| Stepping ~*~*~tactically~*~*~ (outnumbered).
 15159 | D:7      | 15159 ||| Stepping ~*~*~tactically~*~*~ (outnumbered).
 15161 | D:7      | 15161 ||| Stepping ~*~*~tactically~*~*~ (outnumbered).
 15163 | D:7      | 15163 ||| Stepping ~*~*~tactically~*~*~ (outnumbered).
 15165 | D:7      | 15165 ||| Stepping ~*~*~tactically~*~*~ (outnumbered).
 15177 | D:7      | 15177 ||| Stepping ~*~*~tactically~*~*~ (outnumbered).
 15179 | D:7      | 15179 ||| Stepping ~*~*~tactically~*~*~ (outnumbered).
 15181 | D:7      | 15181 ||| Stepping ~*~*~tactically~*~*~ (outnumbered).
 15183 | D:7      | 15183 ||| Stepping ~*~*~tactically~*~*~ (outnumbered).
 15185 | D:7      | 15185 ||| Stepping ~*~*~tactically~*~*~ (outnumbered).
 15197 | D:7      | 15197 ||| Stepping ~*~*~tactically~*~*~ (outnumbered).
 15199 | D:7      | 15199 ||| Stepping ~*~*~tactically~*~*~ (outnumbered).
 15201 | D:7      | 15201 ||| Stepping ~*~*~tactically~*~*~ (outnumbered).
 15203 | D:7      | 15203 ||| Stepping ~*~*~tactically~*~*~ (outnumbered).
 15205 | D:7      | 15205 ||| Stepping ~*~*~tactically~*~*~ (outnumbered).
 15217 | D:7      | 15217 ||| Stepping ~*~*~tactically~*~*~ (outnumbered).
 15219 | D:7      | 15219 ||| Stepping ~*~*~tactically~*~*~ (outnumbered).
 15221 | D:7      | 15221 ||| Stepping ~*~*~tactically~*~*~ (outnumbered).
 15223 | D:7      | 15223 ||| Stepping ~*~*~tactically~*~*~ (outnumbered).
 15225 | D:7      | 15225 ||| Stepping ~*~*~tactically~*~*~ (outnumbered).
 15237 | D:7      | 15237 ||| Stepping ~*~*~tactically~*~*~ (outnumbered).
 15239 | D:7      | 15239 ||| Stepping ~*~*~tactically~*~*~ (outnumbered).
 15241 | D:7      | 15241 ||| Stepping ~*~*~tactically~*~*~ (outnumbered).
 15243 | D:7      | 15243 ||| Stepping ~*~*~tactically~*~*~ (outnumbered).
 15245 | D:7      | 15245 ||| Stepping ~*~*~tactically~*~*~ (outnumbered).
 15257 | D:7      | 15257 ||| Stepping ~*~*~tactically~*~*~ (outnumbered).
 15259 | D:7      | 15259 ||| Stepping ~*~*~tactically~*~*~ (outnumbered).
 15261 | D:7      | 15261 ||| Stepping ~*~*~tactically~*~*~ (outnumbered).
 15263 | D:7      | 15263 ||| Stepping ~*~*~tactically~*~*~ (outnumbered).
 15265 | D:7      | 15265 ||| Stepping ~*~*~tactically~*~*~ (outnumbered).
 15277 | D:7      | 15277 ||| Stepping ~*~*~tactically~*~*~ (outnumbered).
 15279 | D:7      | 15279 ||| Stepping ~*~*~tactically~*~*~ (outnumbered).
 15281 | D:7      | 15281 ||| Stepping ~*~*~tactically~*~*~ (outnumbered).
 15283 | D:7      | 15283 ||| Stepping ~*~*~tactically~*~*~ (outnumbered).
 15285 | D:7      | 15285 ||| Stepping ~*~*~tactically~*~*~ (outnumbered).
 15297 | D:7      | 15297 ||| Stepping ~*~*~tactically~*~*~ (outnumbered).
 15299 | D:7      | 15299 ||| Stepping ~*~*~tactically~*~*~ (outnumbered).
 15301 | D:7      | 15301 ||| Stepping ~*~*~tactically~*~*~ (outnumbered).
 15303 | D:7      | 15303 ||| Stepping ~*~*~tactically~*~*~ (outnumbered).
 15305 | D:7      | 15305 ||| Stepping ~*~*~tactically~*~*~ (outnumbered).
 15317 | D:7      | 15317 ||| Stepping ~*~*~tactically~*~*~ (outnumbered).
 15319 | D:7      | 15319 ||| Stepping ~*~*~tactically~*~*~ (outnumbered).
 15321 | D:7      | 15321 ||| Stepping ~*~*~tactically~*~*~ (outnumbered).
 15323 | D:7      | 15323 ||| Stepping ~*~*~tactically~*~*~ (outnumbered).
 15325 | D:7      | 15325 ||| Stepping ~*~*~tactically~*~*~ (outnumbered).
 15337 | D:7      | 15337 ||| Stepping ~*~*~tactically~*~*~ (outnumbered).
 15339 | D:7      | 15339 ||| Stepping ~*~*~tactically~*~*~ (outnumbered).
 15341 | D:7      | 15341 ||| Stepping ~*~*~tactically~*~*~ (outnumbered).
 15343 | D:7      | 15343 ||| Stepping ~*~*~tactically~*~*~ (outnumbered).
 15345 | D:7      | 15345 ||| Stepping ~*~*~tactically~*~*~ (outnumbered).
 15357 | D:7      | 15357 ||| Stepping ~*~*~tactically~*~*~ (outnumbered).
 15359 | D:7      | 15359 ||| Stepping ~*~*~tactically~*~*~ (outnumbered).
 15361 | D:7      | 15361 ||| Stepping ~*~*~tactically~*~*~ (outnumbered).
 15363 | D:7      | 15363 ||| Stepping ~*~*~tactically~*~*~ (outnumbered).
 15365 | D:7      | 15365 ||| Stepping ~*~*~tactically~*~*~ (outnumbered).
 15377 | D:7      | 15377 ||| Stepping ~*~*~tactically~*~*~ (outnumbered).
 15379 | D:7      | 15379 ||| Stepping ~*~*~tactically~*~*~ (outnumbered).
 15381 | D:7      | 15381 ||| Stepping ~*~*~tactically~*~*~ (outnumbered).
 15383 | D:7      | 15383 ||| Stepping ~*~*~tactically~*~*~ (outnumbered).
 15385 | D:7      | 15385 ||| Stepping ~*~*~tactically~*~*~ (outnumbered).
 15397 | D:7      | 15397 ||| Stepping ~*~*~tactically~*~*~ (outnumbered).
 15399 | D:7      | 15399 ||| Stepping ~*~*~tactically~*~*~ (outnumbered).
 15401 | D:7      | 15401 ||| Stepping ~*~*~tactically~*~*~ (outnumbered).
 15403 | D:7      | 15403 ||| Stepping ~*~*~tactically~*~*~ (outnumbered).
 15405 | D:7      | 15405 ||| Stepping ~*~*~tactically~*~*~ (outnumbered).
 15417 | D:7      | 15417 ||| Stepping ~*~*~tactically~*~*~ (outnumbered).
 15419 | D:7      | 15419 ||| Stepping ~*~*~tactically~*~*~ (outnumbered).
 15421 | D:7      | 15421 ||| Stepping ~*~*~tactically~*~*~ (outnumbered).
 15423 | D:7      | 15423 ||| Stepping ~*~*~tactically~*~*~ (outnumbered).
 15425 | D:7      | 15425 ||| Stepping ~*~*~tactically~*~*~ (outnumbered).
 15437 | D:7      | 15437 ||| Stepping ~*~*~tactically~*~*~ (outnumbered).
 15439 | D:7      | 15439 ||| Stepping ~*~*~tactically~*~*~ (outnumbered).
 15441 | D:7      | 15441 ||| Stepping ~*~*~tactically~*~*~ (outnumbered).
 15443 | D:7      | 15443 ||| Stepping ~*~*~tactically~*~*~ (outnumbered).
 15445 | D:7      | 15445 ||| Stepping ~*~*~tactically~*~*~ (outnumbered).
 15457 | D:7      | 15457 ||| Stepping ~*~*~tactically~*~*~ (outnumbered).
 15459 | D:7      | 15459 ||| Stepping ~*~*~tactically~*~*~ (outnumbered).
 15461 | D:7      | 15461 ||| Stepping ~*~*~tactically~*~*~ (outnumbered).
 15463 | D:7      | 15463 ||| Stepping ~*~*~tactically~*~*~ (outnumbered).
 15465 | D:7      | 15465 ||| Stepping ~*~*~tactically~*~*~ (outnumbered).
 15477 | D:7      | 15477 ||| Stepping ~*~*~tactically~*~*~ (outnumbered).
 15479 | D:7      | 15479 ||| Stepping ~*~*~tactically~*~*~ (outnumbered).
 15481 | D:7      | 15481 ||| Stepping ~*~*~tactically~*~*~ (outnumbered).
 15483 | D:7      | 15483 ||| Stepping ~*~*~tactically~*~*~ (outnumbered).
 15485 | D:7      | 15485 ||| Stepping ~*~*~tactically~*~*~ (outnumbered).
 15497 | D:7      | 15497 ||| Stepping ~*~*~tactically~*~*~ (outnumbered).
 15499 | D:7      | 15499 ||| Stepping ~*~*~tactically~*~*~ (outnumbered).
 15501 | D:7      | 15501 ||| Stepping ~*~*~tactically~*~*~ (outnumbered).
 15503 | D:7      | 15503 ||| Stepping ~*~*~tactically~*~*~ (outnumbered).
 15505 | D:7      | 15505 ||| Stepping ~*~*~tactically~*~*~ (outnumbered).
 15517 | D:7      | 15517 ||| Stepping ~*~*~tactically~*~*~ (outnumbered).
 15519 | D:7      | 15519 ||| Stepping ~*~*~tactically~*~*~ (outnumbered).
 15521 | D:7      | 15521 ||| Stepping ~*~*~tactically~*~*~ (outnumbered).
 15523 | D:7      | 15523 ||| Stepping ~*~*~tactically~*~*~ (outnumbered).
 15525 | D:7      | 15525 ||| Stepping ~*~*~tactically~*~*~ (outnumbered).
 15537 | D:7      | 15537 ||| Stepping ~*~*~tactically~*~*~ (outnumbered).
 15539 | D:7      | 15539 ||| Stepping ~*~*~tactically~*~*~ (outnumbered).
 15541 | D:7      | 15541 ||| Stepping ~*~*~tactically~*~*~ (outnumbered).
 15543 | D:7      | 15543 ||| Stepping ~*~*~tactically~*~*~ (outnumbered).
 15545 | D:7      | 15545 ||| Stepping ~*~*~tactically~*~*~ (outnumbered).
 15557 | D:7      | 15557 ||| Stepping ~*~*~tactically~*~*~ (outnumbered).
 15559 | D:7      | 15559 ||| Stepping ~*~*~tactically~*~*~ (outnumbered).
 15561 | D:7      | 15561 ||| Stepping ~*~*~tactically~*~*~ (outnumbered).
 15563 | D:7      | 15563 ||| Stepping ~*~*~tactically~*~*~ (outnumbered).
 15565 | D:7      | 15565 ||| Stepping ~*~*~tactically~*~*~ (outnumbered).
 15577 | D:7      | 15577 ||| Stepping ~*~*~tactically~*~*~ (outnumbered).
 15579 | D:7      | 15579 ||| Stepping ~*~*~tactically~*~*~ (outnumbered).
 15581 | D:7      | 15581 ||| Stepping ~*~*~tactically~*~*~ (outnumbered).
 15583 | D:7      | 15583 ||| Stepping ~*~*~tactically~*~*~ (outnumbered).
 15585 | D:7      | 15585 ||| Stepping ~*~*~tactically~*~*~ (outnumbered).
 15597 | D:7      | 15597 ||| Stepping ~*~*~tactically~*~*~ (outnumbered).
 15599 | D:7      | 15599 ||| Stepping ~*~*~tactically~*~*~ (outnumbered).
 15601 | D:7      | 15601 ||| Stepping ~*~*~tactically~*~*~ (outnumbered).
 15603 | D:7      | 15603 ||| Stepping ~*~*~tactically~*~*~ (outnumbered).
 15605 | D:7      | 15605 ||| Stepping ~*~*~tactically~*~*~ (outnumbered).
 15617 | D:7      | 15617 ||| Stepping ~*~*~tactically~*~*~ (outnumbered).
 15619 | D:7      | 15619 ||| Stepping ~*~*~tactically~*~*~ (outnumbered).
 15621 | D:7      | 15621 ||| Stepping ~*~*~tactically~*~*~ (outnumbered).
 15623 | D:7      | 15623 ||| Stepping ~*~*~tactically~*~*~ (outnumbered).
 15625 | D:7      | 15625 ||| Stepping ~*~*~tactically~*~*~ (outnumbered).
 15637 | D:7      | 15637 ||| Stepping ~*~*~tactically~*~*~ (outnumbered).
 15639 | D:7      | 15639 ||| Stepping ~*~*~tactically~*~*~ (outnumbered).
 15641 | D:7      | 15641 ||| Stepping ~*~*~tactically~*~*~ (outnumbered).
 15643 | D:7      | 15643 ||| Stepping ~*~*~tactically~*~*~ (outnumbered).
 15645 | D:7      | 15645 ||| Stepping ~*~*~tactically~*~*~ (outnumbered).
 15657 | D:7      | 15657 ||| Stepping ~*~*~tactically~*~*~ (outnumbered).
 15659 | D:7      | 15659 ||| Stepping ~*~*~tactically~*~*~ (outnumbered).
 15661 | D:7      | 15661 ||| Stepping ~*~*~tactically~*~*~ (outnumbered).
 15663 | D:7      | 15663 ||| Stepping ~*~*~tactically~*~*~ (outnumbered).
 15665 | D:7      | 15665 ||| Stepping ~*~*~tactically~*~*~ (outnumbered).
 15677 | D:7      | 15677 ||| Stepping ~*~*~tactically~*~*~ (outnumbered).
 15679 | D:7      | 15679 ||| Stepping ~*~*~tactically~*~*~ (outnumbered).
 15681 | D:7      | 15681 ||| Stepping ~*~*~tactically~*~*~ (outnumbered).
 15683 | D:7      | 15683 ||| Stepping ~*~*~tactically~*~*~ (outnumbered).
 15685 | D:7      | 15685 ||| Stepping ~*~*~tactically~*~*~ (outnumbered).
 15697 | D:7      | 15697 ||| Stepping ~*~*~tactically~*~*~ (outnumbered).
 15699 | D:7      | 15699 ||| Stepping ~*~*~tactically~*~*~ (outnumbered).
 15701 | D:7      | 15701 ||| Stepping ~*~*~tactically~*~*~ (outnumbered).
 15703 | D:7      | 15703 ||| Stepping ~*~*~tactically~*~*~ (outnumbered).
 15705 | D:7      | 15705 ||| Stepping ~*~*~tactically~*~*~ (outnumbered).
 15717 | D:7      | 15717 ||| Stepping ~*~*~tactically~*~*~ (outnumbered).
 15719 | D:7      | 15719 ||| Stepping ~*~*~tactically~*~*~ (outnumbered).
 15721 | D:7      | 15721 ||| Stepping ~*~*~tactically~*~*~ (outnumbered).
 15723 | D:7      | 15723 ||| Stepping ~*~*~tactically~*~*~ (outnumbered).
 15725 | D:7      | 15725 ||| Stepping ~*~*~tactically~*~*~ (outnumbered).
 15737 | D:7      | 15737 ||| Stepping ~*~*~tactically~*~*~ (outnumbered).
 15739 | D:7      | 15739 ||| Stepping ~*~*~tactically~*~*~ (outnumbered).
 15741 | D:7      | 15741 ||| Stepping ~*~*~tactically~*~*~ (outnumbered).
 15743 | D:7      | 15743 ||| Stepping ~*~*~tactically~*~*~ (outnumbered).
 15745 | D:7      | 15745 ||| Stepping ~*~*~tactically~*~*~ (outnumbered).
 15757 | D:7      | 15757 ||| Stepping ~*~*~tactically~*~*~ (outnumbered).
 15759 | D:7      | 15759 ||| Stepping ~*~*~tactically~*~*~ (outnumbered).
 15761 | D:7      | 15761 ||| Stepping ~*~*~tactically~*~*~ (outnumbered).
 15763 | D:7      | 15763 ||| Stepping ~*~*~tactically~*~*~ (outnumbered).
 15765 | D:7      | 15765 ||| Stepping ~*~*~tactically~*~*~ (outnumbered).
 15777 | D:7      | 15777 ||| Stepping ~*~*~tactically~*~*~ (outnumbered).
 15779 | D:7      | 15779 ||| Stepping ~*~*~tactically~*~*~ (outnumbered).
 15781 | D:7      | 15781 ||| Stepping ~*~*~tactically~*~*~ (outnumbered).
 15783 | D:7      | 15783 ||| Stepping ~*~*~tactically~*~*~ (outnumbered).
 15785 | D:7      | 15785 ||| Stepping ~*~*~tactically~*~*~ (outnumbered).
 15797 | D:7      | 15797 ||| Stepping ~*~*~tactically~*~*~ (outnumbered).
 15799 | D:7      | 15799 ||| Stepping ~*~*~tactically~*~*~ (outnumbered).
 15801 | D:7      | 15801 ||| Stepping ~*~*~tactically~*~*~ (outnumbered).
 15803 | D:7      | 15803 ||| Stepping ~*~*~tactically~*~*~ (outnumbered).
 15805 | D:7      | 15805 ||| Stepping ~*~*~tactically~*~*~ (outnumbered).
 15817 | D:7      | 15817 ||| Stepping ~*~*~tactically~*~*~ (outnumbered).
 15819 | D:7      | 15819 ||| Stepping ~*~*~tactically~*~*~ (outnumbered).
 15821 | D:7      | 15821 ||| Stepping ~*~*~tactically~*~*~ (outnumbered).
 15823 | D:7      | 15823 ||| Stepping ~*~*~tactically~*~*~ (outnumbered).
 15825 | D:7      | 15825 ||| Stepping ~*~*~tactically~*~*~ (outnumbered).
 15837 | D:7      | 15837 ||| Stepping ~*~*~tactically~*~*~ (outnumbered).
 15839 | D:7      | 15839 ||| Stepping ~*~*~tactically~*~*~ (outnumbered).
 15841 | D:7      | 15841 ||| Stepping ~*~*~tactically~*~*~ (outnumbered).
 15843 | D:7      | 15843 ||| Stepping ~*~*~tactically~*~*~ (outnumbered).
 15845 | D:7      | 15845 ||| Stepping ~*~*~tactically~*~*~ (outnumbered).
 15857 | D:7      | 15857 ||| Stepping ~*~*~tactically~*~*~ (outnumbered).
 15859 | D:7      | 15859 ||| Stepping ~*~*~tactically~*~*~ (outnumbered).
 15861 | D:7      | 15861 ||| Stepping ~*~*~tactically~*~*~ (outnumbered).
 15863 | D:7      | 15863 ||| Stepping ~*~*~tactically~*~*~ (outnumbered).
 15865 | D:7      | 15865 ||| Stepping ~*~*~tactically~*~*~ (outnumbered).
 15877 | D:7      | 15877 ||| Stepping ~*~*~tactically~*~*~ (outnumbered).
 15879 | D:7      | 15879 ||| Stepping ~*~*~tactically~*~*~ (outnumbered).
 15881 | D:7      | 15881 ||| Stepping ~*~*~tactically~*~*~ (outnumbered).
 15883 | D:7      | 15883 ||| Stepping ~*~*~tactically~*~*~ (outnumbered).
 15885 | D:7      | 15885 ||| Stepping ~*~*~tactically~*~*~ (outnumbered).
 15897 | D:7      | 15897 ||| Stepping ~*~*~tactically~*~*~ (outnumbered).
 15899 | D:7      | 15899 ||| Stepping ~*~*~tactically~*~*~ (outnumbered).
 15901 | D:7      | 15901 ||| Stepping ~*~*~tactically~*~*~ (outnumbered).
 15903 | D:7      | 15903 ||| Stepping ~*~*~tactically~*~*~ (outnumbered).
 15905 | D:7      | 15905 ||| Stepping ~*~*~tactically~*~*~ (outnumbered).
 15917 | D:7      | 15917 ||| Stepping ~*~*~tactically~*~*~ (outnumbered).
 15919 | D:7      | 15919 ||| Stepping ~*~*~tactically~*~*~ (outnumbered).
 15921 | D:7      | 15921 ||| Stepping ~*~*~tactically~*~*~ (outnumbered).
 15923 | D:7      | 15923 ||| Stepping ~*~*~tactically~*~*~ (outnumbered).
 15925 | D:7      | 15925 ||| Stepping ~*~*~tactically~*~*~ (outnumbered).
 15937 | D:7      | 15937 ||| Stepping ~*~*~tactically~*~*~ (outnumbered).
 15939 | D:7      | 15939 ||| Stepping ~*~*~tactically~*~*~ (outnumbered).
 15941 | D:7      | 15941 ||| Stepping ~*~*~tactically~*~*~ (outnumbered).
 15943 | D:7      | 15943 ||| Stepping ~*~*~tactically~*~*~ (outnumbered).
 15945 | D:7      | 15945 ||| Stepping ~*~*~tactically~*~*~ (outnumbered).
 15957 | D:7      | 15957 ||| Stepping ~*~*~tactically~*~*~ (outnumbered).
 15959 | D:7      | 15959 ||| Stepping ~*~*~tactically~*~*~ (outnumbered).
 15961 | D:7      | 15961 ||| Stepping ~*~*~tactically~*~*~ (outnumbered).
 15963 | D:7      | 15963 ||| Stepping ~*~*~tactically~*~*~ (outnumbered).
 15965 | D:7      | 15965 ||| Stepping ~*~*~tactically~*~*~ (outnumbered).
 15977 | D:7      | 15977 ||| Stepping ~*~*~tactically~*~*~ (outnumbered).
 15979 | D:7      | 15979 ||| Stepping ~*~*~tactically~*~*~ (outnumbered).
 15981 | D:7      | 15981 ||| Stepping ~*~*~tactically~*~*~ (outnumbered).
 15983 | D:7      | 15983 ||| Stepping ~*~*~tactically~*~*~ (outnumbered).
 15985 | D:7      | 15985 ||| Stepping ~*~*~tactically~*~*~ (outnumbered).
 15997 | D:7      | 15997 ||| Stepping ~*~*~tactically~*~*~ (outnumbered).
 15999 | D:7      | 15999 ||| Stepping ~*~*~tactically~*~*~ (outnumbered).
 16001 | D:7      | 16001 ||| Stepping ~*~*~tactically~*~*~ (outnumbered).
 16003 | D:7      | 16003 ||| Stepping ~*~*~tactically~*~*~ (outnumbered).
 16005 | D:7      | 16005 ||| Stepping ~*~*~tactically~*~*~ (outnumbered).
 16017 | D:7      | 16017 ||| Stepping ~*~*~tactically~*~*~ (outnumbered).
 16019 | D:7      | 16019 ||| Stepping ~*~*~tactically~*~*~ (outnumbered).
 16021 | D:7      | 16021 ||| Stepping ~*~*~tactically~*~*~ (outnumbered).
 16023 | D:7      | 16023 ||| Stepping ~*~*~tactically~*~*~ (outnumbered).
 16025 | D:7      | 16025 ||| Stepping ~*~*~tactically~*~*~ (outnumbered).
 16037 | D:7      | 16037 ||| Stepping ~*~*~tactically~*~*~ (outnumbered).
 16039 | D:7      | 16039 ||| Stepping ~*~*~tactically~*~*~ (outnumbered).
 16041 | D:7      | 16041 ||| Stepping ~*~*~tactically~*~*~ (outnumbered).
 16043 | D:7      | 16043 ||| Stepping ~*~*~tactically~*~*~ (outnumbered).
 16045 | D:7      | 16045 ||| Stepping ~*~*~tactically~*~*~ (outnumbered).
 16057 | D:7      | 16057 ||| Stepping ~*~*~tactically~*~*~ (outnumbered).
 16059 | D:7      | 16059 ||| Stepping ~*~*~tactically~*~*~ (outnumbered).
 16061 | D:7      | 16061 ||| Stepping ~*~*~tactically~*~*~ (outnumbered).
 16063 | D:7      | 16063 ||| Stepping ~*~*~tactically~*~*~ (outnumbered).
 16065 | D:7      | 16065 ||| Stepping ~*~*~tactically~*~*~ (outnumbered).
 16077 | D:7      | 16077 ||| Stepping ~*~*~tactically~*~*~ (outnumbered).
 16079 | D:7      | 16079 ||| Stepping ~*~*~tactically~*~*~ (outnumbered).
 16081 | D:7      | 16081 ||| Stepping ~*~*~tactically~*~*~ (outnumbered).
 16083 | D:7      | 16083 ||| Stepping ~*~*~tactically~*~*~ (outnumbered).
 16085 | D:7      | 16085 ||| Stepping ~*~*~tactically~*~*~ (outnumbered).
 16097 | D:7      | 16097 ||| Stepping ~*~*~tactically~*~*~ (outnumbered).
 16099 | D:7      | 16099 ||| Stepping ~*~*~tactically~*~*~ (outnumbered).
 16101 | D:7      | 16101 ||| Stepping ~*~*~tactically~*~*~ (outnumbered).
 16103 | D:7      | 16103 ||| Stepping ~*~*~tactically~*~*~ (outnumbered).
 16105 | D:7      | 16105 ||| Stepping ~*~*~tactically~*~*~ (outnumbered).
 16117 | D:7      | 16117 ||| Stepping ~*~*~tactically~*~*~ (outnumbered).
 16119 | D:7      | 16119 ||| Stepping ~*~*~tactically~*~*~ (outnumbered).
 16121 | D:7      | 16121 ||| Stepping ~*~*~tactically~*~*~ (outnumbered).
 16123 | D:7      | 16123 ||| Stepping ~*~*~tactically~*~*~ (outnumbered).
 16125 | D:7      | 16125 ||| Stepping ~*~*~tactically~*~*~ (outnumbered).
 16137 | D:7      | 16137 ||| Stepping ~*~*~tactically~*~*~ (outnumbered).
 16139 | D:7      | 16139 ||| Stepping ~*~*~tactically~*~*~ (outnumbered).
 16141 | D:7      | 16141 ||| Stepping ~*~*~tactically~*~*~ (outnumbered).
 16143 | D:7      | 16143 ||| Stepping ~*~*~tactically~*~*~ (outnumbered).
 16145 | D:7      | 16145 ||| Stepping ~*~*~tactically~*~*~ (outnumbered).
 16157 | D:7      | 16157 ||| Stepping ~*~*~tactically~*~*~ (outnumbered).
 16159 | D:7      | 16159 ||| Stepping ~*~*~tactically~*~*~ (outnumbered).
 16161 | D:7      | 16161 ||| Stepping ~*~*~tactically~*~*~ (outnumbered).
 16163 | D:7      | 16163 ||| Stepping ~*~*~tactically~*~*~ (outnumbered).
 16165 | D:7      | 16165 ||| Stepping ~*~*~tactically~*~*~ (outnumbered).
 16177 | D:7      | 16177 ||| Stepping ~*~*~tactically~*~*~ (outnumbered).
 16179 | D:7      | 16179 ||| Stepping ~*~*~tactically~*~*~ (outnumbered).
 16181 | D:7      | 16181 ||| Stepping ~*~*~tactically~*~*~ (outnumbered).
 16183 | D:7      | 16183 ||| Stepping ~*~*~tactically~*~*~ (outnumbered).
 16185 | D:7      | 16185 ||| Stepping ~*~*~tactically~*~*~ (outnumbered).
 16197 | D:7      | 16197 ||| Stepping ~*~*~tactically~*~*~ (outnumbered).
 16199 | D:7      | 16199 ||| Stepping ~*~*~tactically~*~*~ (outnumbered).
 16201 | D:7      | 16201 ||| Stepping ~*~*~tactically~*~*~ (outnumbered).
 16203 | D:7      | 16203 ||| Stepping ~*~*~tactically~*~*~ (outnumbered).
 16205 | D:7      | 16205 ||| Stepping ~*~*~tactically~*~*~ (outnumbered).
 16217 | D:7      | 16217 ||| Stepping ~*~*~tactically~*~*~ (outnumbered).
 16219 | D:7      | 16219 ||| Stepping ~*~*~tactically~*~*~ (outnumbered).
 16221 | D:7      | 16221 ||| Stepping ~*~*~tactically~*~*~ (outnumbered).
 16223 | D:7      | 16223 ||| Stepping ~*~*~tactically~*~*~ (outnumbered).
 16225 | D:7      | 16225 ||| Stepping ~*~*~tactically~*~*~ (outnumbered).
 16237 | D:7      | 16237 ||| Stepping ~*~*~tactically~*~*~ (outnumbered).
 16239 | D:7      | 16239 ||| Stepping ~*~*~tactically~*~*~ (outnumbered).
 16241 | D:7      | 16241 ||| Stepping ~*~*~tactically~*~*~ (outnumbered).
 16243 | D:7      | 16243 ||| Stepping ~*~*~tactically~*~*~ (outnumbered).
 16245 | D:7      | 16245 ||| Stepping ~*~*~tactically~*~*~ (outnumbered).
 16257 | D:7      | 16257 ||| Stepping ~*~*~tactically~*~*~ (outnumbered).
 16259 | D:7      | 16259 ||| Stepping ~*~*~tactically~*~*~ (outnumbered).
 16261 | D:7      | 16261 ||| Stepping ~*~*~tactically~*~*~ (outnumbered).
 16263 | D:7      | 16263 ||| Stepping ~*~*~tactically~*~*~ (outnumbered).
 16265 | D:7      | 16265 ||| Stepping ~*~*~tactically~*~*~ (outnumbered).
 16277 | D:7      | 16277 ||| Stepping ~*~*~tactically~*~*~ (outnumbered).
 16279 | D:7      | 16279 ||| Stepping ~*~*~tactically~*~*~ (outnumbered).
 16281 | D:7      | 16281 ||| Stepping ~*~*~tactically~*~*~ (outnumbered).
 16283 | D:7      | 16283 ||| Stepping ~*~*~tactically~*~*~ (outnumbered).
 16285 | D:7      | 16285 ||| Stepping ~*~*~tactically~*~*~ (outnumbered).
 16297 | D:7      | 16297 ||| Stepping ~*~*~tactically~*~*~ (outnumbered).
 16299 | D:7      | 16299 ||| Stepping ~*~*~tactically~*~*~ (outnumbered).
 16301 | D:7      | 16301 ||| Stepping ~*~*~tactically~*~*~ (outnumbered).
 16303 | D:7      | 16303 ||| Stepping ~*~*~tactically~*~*~ (outnumbered).
 16305 | D:7      | 16305 ||| Stepping ~*~*~tactically~*~*~ (outnumbered).
 16317 | D:7      | 16317 ||| Stepping ~*~*~tactically~*~*~ (outnumbered).
 16319 | D:7      | 16319 ||| Stepping ~*~*~tactically~*~*~ (outnumbered).
 16321 | D:7      | 16321 ||| Stepping ~*~*~tactically~*~*~ (outnumbered).
 16323 | D:7      | 16323 ||| Stepping ~*~*~tactically~*~*~ (outnumbered).
 16325 | D:7      | 16325 ||| Stepping ~*~*~tactically~*~*~ (outnumbered).
 16337 | D:7      | 16337 ||| Stepping ~*~*~tactically~*~*~ (outnumbered).
 16339 | D:7      | 16339 ||| Stepping ~*~*~tactically~*~*~ (outnumbered).
 16341 | D:7      | 16341 ||| Stepping ~*~*~tactically~*~*~ (outnumbered).
 16343 | D:7      | 16343 ||| Stepping ~*~*~tactically~*~*~ (outnumbered).
 16345 | D:7      | 16345 ||| Stepping ~*~*~tactically~*~*~ (outnumbered).
 16357 | D:7      | 16357 ||| Stepping ~*~*~tactically~*~*~ (outnumbered).
 16359 | D:7      | 16359 ||| Stepping ~*~*~tactically~*~*~ (outnumbered).
 16361 | D:7      | 16361 ||| Stepping ~*~*~tactically~*~*~ (outnumbered).
 16363 | D:7      | 16363 ||| Stepping ~*~*~tactically~*~*~ (outnumbered).
 16365 | D:7      | 16365 ||| Stepping ~*~*~tactically~*~*~ (outnumbered).
 16377 | D:7      | 16377 ||| Stepping ~*~*~tactically~*~*~ (outnumbered).
 16379 | D:7      | 16379 ||| Stepping ~*~*~tactically~*~*~ (outnumbered).
 16381 | D:7      | 16381 ||| Stepping ~*~*~tactically~*~*~ (outnumbered).
 16383 | D:7      | 16383 ||| Stepping ~*~*~tactically~*~*~ (outnumbered).
 16385 | D:7      | 16385 ||| Stepping ~*~*~tactically~*~*~ (outnumbered).
 16397 | D:7      | 16397 ||| Stepping ~*~*~tactically~*~*~ (outnumbered).
 16399 | D:7      | 16399 ||| Stepping ~*~*~tactically~*~*~ (outnumbered).
 16401 | D:7      | 16401 ||| Stepping ~*~*~tactically~*~*~ (outnumbered).
 16403 | D:7      | 16403 ||| Stepping ~*~*~tactically~*~*~ (outnumbered).
 16405 | D:7      | 16405 ||| Stepping ~*~*~tactically~*~*~ (outnumbered).
 16417 | D:7      | 16417 ||| Stepping ~*~*~tactically~*~*~ (outnumbered).
 16419 | D:7      | 16419 ||| Stepping ~*~*~tactically~*~*~ (outnumbered).
 16421 | D:7      | 16421 ||| Stepping ~*~*~tactically~*~*~ (outnumbered).
 16423 | D:7      | 16423 ||| Stepping ~*~*~tactically~*~*~ (outnumbered).
 16425 | D:7      | 16425 ||| Stepping ~*~*~tactically~*~*~ (outnumbered).
 16437 | D:7      | 16437 ||| Stepping ~*~*~tactically~*~*~ (outnumbered).
 16439 | D:7      | 16439 ||| Stepping ~*~*~tactically~*~*~ (outnumbered).
 16441 | D:7      | 16441 ||| Stepping ~*~*~tactically~*~*~ (outnumbered).
 16443 | D:7      | 16443 ||| Stepping ~*~*~tactically~*~*~ (outnumbered).
 16445 | D:7      | 16445 ||| Stepping ~*~*~tactically~*~*~ (outnumbered).
 16457 | D:7      | 16457 ||| Stepping ~*~*~tactically~*~*~ (outnumbered).
 16459 | D:7      | 16459 ||| Stepping ~*~*~tactically~*~*~ (outnumbered).
 16461 | D:7      | 16461 ||| Stepping ~*~*~tactically~*~*~ (outnumbered).
 16463 | D:7      | 16463 ||| Stepping ~*~*~tactically~*~*~ (outnumbered).
 16465 | D:7      | 16465 ||| Stepping ~*~*~tactically~*~*~ (outnumbered).
 16477 | D:7      | 16477 ||| Stepping ~*~*~tactically~*~*~ (outnumbered).
 16479 | D:7      | 16479 ||| Stepping ~*~*~tactically~*~*~ (outnumbered).
 16481 | D:7      | 16481 ||| Stepping ~*~*~tactically~*~*~ (outnumbered).
 16483 | D:7      | 16483 ||| Stepping ~*~*~tactically~*~*~ (outnumbered).
 16485 | D:7      | 16485 ||| Stepping ~*~*~tactically~*~*~ (outnumbered).
 16497 | D:7      | 16497 ||| Stepping ~*~*~tactically~*~*~ (outnumbered).
 16499 | D:7      | 16499 ||| Stepping ~*~*~tactically~*~*~ (outnumbered).
 16501 | D:7      | 16501 ||| Stepping ~*~*~tactically~*~*~ (outnumbered).
 16503 | D:7      | 16503 ||| Stepping ~*~*~tactically~*~*~ (outnumbered).
 16505 | D:7      | 16505 ||| Stepping ~*~*~tactically~*~*~ (outnumbered).
 16517 | D:7      | 16517 ||| Stepping ~*~*~tactically~*~*~ (outnumbered).
 16519 | D:7      | 16519 ||| Stepping ~*~*~tactically~*~*~ (outnumbered).
 16521 | D:7      | 16521 ||| Stepping ~*~*~tactically~*~*~ (outnumbered).
 16523 | D:7      | 16523 ||| Stepping ~*~*~tactically~*~*~ (outnumbered).
 16525 | D:7      | 16525 ||| Stepping ~*~*~tactically~*~*~ (outnumbered).
 16537 | D:7      | 16537 ||| Stepping ~*~*~tactically~*~*~ (outnumbered).
 16539 | D:7      | 16539 ||| Stepping ~*~*~tactically~*~*~ (outnumbered).
 16541 | D:7      | 16541 ||| Stepping ~*~*~tactically~*~*~ (outnumbered).
 16543 | D:7      | 16543 ||| Stepping ~*~*~tactically~*~*~ (outnumbered).
 16545 | D:7      | 16545 ||| Stepping ~*~*~tactically~*~*~ (outnumbered).
 16557 | D:7      | 16557 ||| Stepping ~*~*~tactically~*~*~ (outnumbered).
 16559 | D:7      | 16559 ||| Stepping ~*~*~tactically~*~*~ (outnumbered).
 16561 | D:7      | 16561 ||| Stepping ~*~*~tactically~*~*~ (outnumbered).
 16563 | D:7      | 16563 ||| Stepping ~*~*~tactically~*~*~ (outnumbered).
 16565 | D:7      | 16565 ||| Stepping ~*~*~tactically~*~*~ (outnumbered).
 16577 | D:7      | 16577 ||| Stepping ~*~*~tactically~*~*~ (outnumbered).
 16579 | D:7      | 16579 ||| Stepping ~*~*~tactically~*~*~ (outnumbered).
 16581 | D:7      | 16581 ||| Stepping ~*~*~tactically~*~*~ (outnumbered).
 16583 | D:7      | 16583 ||| Stepping ~*~*~tactically~*~*~ (outnumbered).
 16585 | D:7      | 16585 ||| Stepping ~*~*~tactically~*~*~ (outnumbered).
 16597 | D:7      | 16597 ||| Stepping ~*~*~tactically~*~*~ (outnumbered).
 16599 | D:7      | 16599 ||| Stepping ~*~*~tactically~*~*~ (outnumbered).
 16601 | D:7      | 16601 ||| Stepping ~*~*~tactically~*~*~ (outnumbered).
 16603 | D:7      | 16603 ||| Stepping ~*~*~tactically~*~*~ (outnumbered).
 16605 | D:7      | 16605 ||| Stepping ~*~*~tactically~*~*~ (outnumbered).
 16617 | D:7      | 16617 ||| Stepping ~*~*~tactically~*~*~ (outnumbered).
 16619 | D:7      | 16619 ||| Stepping ~*~*~tactically~*~*~ (outnumbered).
 16621 | D:7      | 16621 ||| Stepping ~*~*~tactically~*~*~ (outnumbered).
 16623 | D:7      | 16623 ||| Stepping ~*~*~tactically~*~*~ (outnumbered).
 16625 | D:7      | 16625 ||| Stepping ~*~*~tactically~*~*~ (outnumbered).
 16637 | D:7      | 16637 ||| Stepping ~*~*~tactically~*~*~ (outnumbered).
 16639 | D:7      | 16639 ||| Stepping ~*~*~tactically~*~*~ (outnumbered).
 16641 | D:7      | 16641 ||| Stepping ~*~*~tactically~*~*~ (outnumbered).
 16643 | D:7      | 16643 ||| Stepping ~*~*~tactically~*~*~ (outnumbered).
 16645 | D:7      | 16645 ||| Stepping ~*~*~tactically~*~*~ (outnumbered).
 16657 | D:7      | 16657 ||| Stepping ~*~*~tactically~*~*~ (outnumbered).
 16659 | D:7      | 16659 ||| Stepping ~*~*~tactically~*~*~ (outnumbered).
 16661 | D:7      | 16661 ||| Stepping ~*~*~tactically~*~*~ (outnumbered).
 16663 | D:7      | 16663 ||| Stepping ~*~*~tactically~*~*~ (outnumbered).
 16665 | D:7      | 16665 ||| Stepping ~*~*~tactically~*~*~ (outnumbered).
 16677 | D:7      | 16677 ||| Stepping ~*~*~tactically~*~*~ (outnumbered).
 16679 | D:7      | 16679 ||| Stepping ~*~*~tactically~*~*~ (outnumbered).
 16681 | D:7      | 16681 ||| Stepping ~*~*~tactically~*~*~ (outnumbered).
 16683 | D:7      | 16683 ||| Stepping ~*~*~tactically~*~*~ (outnumbered).
 16685 | D:7      | 16685 ||| Stepping ~*~*~tactically~*~*~ (outnumbered).
 16697 | D:7      | 16697 ||| Stepping ~*~*~tactically~*~*~ (outnumbered).
 16699 | D:7      | 16699 ||| Stepping ~*~*~tactically~*~*~ (outnumbered).
 16701 | D:7      | 16701 ||| Stepping ~*~*~tactically~*~*~ (outnumbered).
 16703 | D:7      | 16703 ||| Stepping ~*~*~tactically~*~*~ (outnumbered).
 16705 | D:7      | 16705 ||| Stepping ~*~*~tactically~*~*~ (outnumbered).
 16717 | D:7      | 16717 ||| Stepping ~*~*~tactically~*~*~ (outnumbered).
 16719 | D:7      | 16719 ||| Stepping ~*~*~tactically~*~*~ (outnumbered).
 16721 | D:7      | 16721 ||| Stepping ~*~*~tactically~*~*~ (outnumbered).
 16723 | D:7      | 16723 ||| Stepping ~*~*~tactically~*~*~ (outnumbered).
 16725 | D:7      | 16725 ||| Stepping ~*~*~tactically~*~*~ (outnumbered).
 16737 | D:7      | 16737 ||| Stepping ~*~*~tactically~*~*~ (outnumbered).
 16739 | D:7      | 16739 ||| Stepping ~*~*~tactically~*~*~ (outnumbered).
 16741 | D:7      | 16741 ||| Stepping ~*~*~tactically~*~*~ (outnumbered).
 16743 | D:7      | 16743 ||| Stepping ~*~*~tactically~*~*~ (outnumbered).
 16745 | D:7      | 16745 ||| Stepping ~*~*~tactically~*~*~ (outnumbered).
 16757 | D:7      | 16757 ||| Stepping ~*~*~tactically~*~*~ (outnumbered).
 16759 | D:7      | 16759 ||| Stepping ~*~*~tactically~*~*~ (outnumbered).
 16761 | D:7      | 16761 ||| Stepping ~*~*~tactically~*~*~ (outnumbered).
 16763 | D:7      | 16763 ||| Stepping ~*~*~tactically~*~*~ (outnumbered).
 16765 | D:7      | 16765 ||| Stepping ~*~*~tactically~*~*~ (outnumbered).
 16777 | D:7      | 16777 ||| Stepping ~*~*~tactically~*~*~ (outnumbered).
 16779 | D:7      | 16779 ||| Stepping ~*~*~tactically~*~*~ (outnumbered).
 16781 | D:7      | 16781 ||| Stepping ~*~*~tactically~*~*~ (outnumbered).
 16783 | D:7      | 16783 ||| Stepping ~*~*~tactically~*~*~ (outnumbered).
 16785 | D:7      | 16785 ||| Stepping ~*~*~tactically~*~*~ (outnumbered).
 16797 | D:7      | 16797 ||| Stepping ~*~*~tactically~*~*~ (outnumbered).
 16799 | D:7      | 16799 ||| Stepping ~*~*~tactically~*~*~ (outnumbered).
 16801 | D:7      | 16801 ||| Stepping ~*~*~tactically~*~*~ (outnumbered).
 16803 | D:7      | 16803 ||| Stepping ~*~*~tactically~*~*~ (outnumbered).
 16805 | D:7      | 16805 ||| Stepping ~*~*~tactically~*~*~ (outnumbered).
 16817 | D:7      | 16817 ||| Stepping ~*~*~tactically~*~*~ (outnumbered).
 16819 | D:7      | 16819 ||| Stepping ~*~*~tactically~*~*~ (outnumbered).
 16821 | D:7      | 16821 ||| Stepping ~*~*~tactically~*~*~ (outnumbered).
 16823 | D:7      | 16823 ||| Stepping ~*~*~tactically~*~*~ (outnumbered).
 16825 | D:7      | 16825 ||| Stepping ~*~*~tactically~*~*~ (outnumbered).
 16837 | D:7      | 16837 ||| Stepping ~*~*~tactically~*~*~ (outnumbered).
 16839 | D:7      | 16839 ||| Stepping ~*~*~tactically~*~*~ (outnumbered).
 16841 | D:7      | 16841 ||| Stepping ~*~*~tactically~*~*~ (outnumbered).
 16843 | D:7      | 16843 ||| Stepping ~*~*~tactically~*~*~ (outnumbered).
 16845 | D:7      | 16845 ||| Stepping ~*~*~tactically~*~*~ (outnumbered).
 16857 | D:7      | 16857 ||| Stepping ~*~*~tactically~*~*~ (outnumbered).
 16859 | D:7      | 16859 ||| Stepping ~*~*~tactically~*~*~ (outnumbered).
 16861 | D:7      | 16861 ||| Stepping ~*~*~tactically~*~*~ (outnumbered).
 16863 | D:7      | 16863 ||| Stepping ~*~*~tactically~*~*~ (outnumbered).
 16865 | D:7      | 16865 ||| Stepping ~*~*~tactically~*~*~ (outnumbered).
 16877 | D:7      | 16877 ||| Stepping ~*~*~tactically~*~*~ (outnumbered).
 16879 | D:7      | 16879 ||| Stepping ~*~*~tactically~*~*~ (outnumbered).
 16881 | D:7      | 16881 ||| Stepping ~*~*~tactically~*~*~ (outnumbered).
 16883 | D:7      | 16883 ||| Stepping ~*~*~tactically~*~*~ (outnumbered).
 16885 | D:7      | 16885 ||| Stepping ~*~*~tactically~*~*~ (outnumbered).
 16897 | D:7      | 16897 ||| Stepping ~*~*~tactically~*~*~ (outnumbered).
 16899 | D:7      | 16899 ||| Stepping ~*~*~tactically~*~*~ (outnumbered).
 16901 | D:7      | 16901 ||| Stepping ~*~*~tactically~*~*~ (outnumbered).
 16903 | D:7      | 16903 ||| Stepping ~*~*~tactically~*~*~ (outnumbered).
 16905 | D:7      | 16905 ||| Stepping ~*~*~tactically~*~*~ (outnumbered).
 16917 | D:7      | 16917 ||| Stepping ~*~*~tactically~*~*~ (outnumbered).
 16919 | D:7      | 16919 ||| Stepping ~*~*~tactically~*~*~ (outnumbered).
 16921 | D:7      | 16921 ||| Stepping ~*~*~tactically~*~*~ (outnumbered).
 16923 | D:7      | 16923 ||| Stepping ~*~*~tactically~*~*~ (outnumbered).
 16925 | D:7      | 16925 ||| Stepping ~*~*~tactically~*~*~ (outnumbered).
 16937 | D:7      | 16937 ||| Stepping ~*~*~tactically~*~*~ (outnumbered).
 16939 | D:7      | 16939 ||| Stepping ~*~*~tactically~*~*~ (outnumbered).
 16941 | D:7      | 16941 ||| Stepping ~*~*~tactically~*~*~ (outnumbered).
 16943 | D:7      | 16943 ||| Stepping ~*~*~tactically~*~*~ (outnumbered).
 16945 | D:7      | 16945 ||| Stepping ~*~*~tactically~*~*~ (outnumbered).
 16957 | D:7      | 16957 ||| Stepping ~*~*~tactically~*~*~ (outnumbered).
 16959 | D:7      | 16959 ||| Stepping ~*~*~tactically~*~*~ (outnumbered).
 16961 | D:7      | 16961 ||| Stepping ~*~*~tactically~*~*~ (outnumbered).
 16963 | D:7      | 16963 ||| Stepping ~*~*~tactically~*~*~ (outnumbered).
 16965 | D:7      | 16965 ||| Stepping ~*~*~tactically~*~*~ (outnumbered).
 16977 | D:7      | 16977 ||| Stepping ~*~*~tactically~*~*~ (outnumbered).
 16979 | D:7      | 16979 ||| Stepping ~*~*~tactically~*~*~ (outnumbered).
 16981 | D:7      | 16981 ||| Stepping ~*~*~tactically~*~*~ (outnumbered).
 16983 | D:7      | 16983 ||| Stepping ~*~*~tactically~*~*~ (outnumbered).
 16985 | D:7      | 16985 ||| Stepping ~*~*~tactically~*~*~ (outnumbered).
 16997 | D:7      | 16997 ||| Stepping ~*~*~tactically~*~*~ (outnumbered).
 16999 | D:7      | 16999 ||| Stepping ~*~*~tactically~*~*~ (outnumbered).
 17001 | D:7      | 17001 ||| Stepping ~*~*~tactically~*~*~ (outnumbered).
 17003 | D:7      | 17003 ||| Stepping ~*~*~tactically~*~*~ (outnumbered).
 17005 | D:7      | 17005 ||| Stepping ~*~*~tactically~*~*~ (outnumbered).
 17017 | D:7      | 17017 ||| Stepping ~*~*~tactically~*~*~ (outnumbered).
 17019 | D:7      | 17019 ||| Stepping ~*~*~tactically~*~*~ (outnumbered).
 17021 | D:7      | 17021 ||| Stepping ~*~*~tactically~*~*~ (outnumbered).
 17023 | D:7      | 17023 ||| Stepping ~*~*~tactically~*~*~ (outnumbered).
 17025 | D:7      | 17025 ||| Stepping ~*~*~tactically~*~*~ (outnumbered).
 17037 | D:7      | 17037 ||| Stepping ~*~*~tactically~*~*~ (outnumbered).
 17039 | D:7      | 17039 ||| Stepping ~*~*~tactically~*~*~ (outnumbered).
 17041 | D:7      | 17041 ||| Stepping ~*~*~tactically~*~*~ (outnumbered).
 17043 | D:7      | 17043 ||| Stepping ~*~*~tactically~*~*~ (outnumbered).
 17045 | D:7      | 17045 ||| Stepping ~*~*~tactically~*~*~ (outnumbered).
 17057 | D:7      | 17057 ||| Stepping ~*~*~tactically~*~*~ (outnumbered).
 17059 | D:7      | 17059 ||| Stepping ~*~*~tactically~*~*~ (outnumbered).
 17061 | D:7      | 17061 ||| Stepping ~*~*~tactically~*~*~ (outnumbered).
 17063 | D:7      | 17063 ||| Stepping ~*~*~tactically~*~*~ (outnumbered).
 17065 | D:7      | 17065 ||| Stepping ~*~*~tactically~*~*~ (outnumbered).
 17077 | D:7      | 17077 ||| Stepping ~*~*~tactically~*~*~ (outnumbered).
 17079 | D:7      | 17079 ||| Stepping ~*~*~tactically~*~*~ (outnumbered).
 17081 | D:7      | 17081 ||| Stepping ~*~*~tactically~*~*~ (outnumbered).
 17083 | D:7      | 17083 ||| Stepping ~*~*~tactically~*~*~ (outnumbered).
 17085 | D:7      | 17085 ||| Stepping ~*~*~tactically~*~*~ (outnumbered).
 17097 | D:7      | 17097 ||| Stepping ~*~*~tactically~*~*~ (outnumbered).
 17099 | D:7      | 17099 ||| Stepping ~*~*~tactically~*~*~ (outnumbered).
 17101 | D:7      | 17101 ||| Stepping ~*~*~tactically~*~*~ (outnumbered).
 17103 | D:7      | 17103 ||| Stepping ~*~*~tactically~*~*~ (outnumbered).
 17105 | D:7      | 17105 ||| Stepping ~*~*~tactically~*~*~ (outnumbered).
 17117 | D:7      | 17117 ||| Stepping ~*~*~tactically~*~*~ (outnumbered).
 17119 | D:7      | 17119 ||| Stepping ~*~*~tactically~*~*~ (outnumbered).
 17121 | D:7      | 17121 ||| Stepping ~*~*~tactically~*~*~ (outnumbered).
 17123 | D:7      | 17123 ||| Stepping ~*~*~tactically~*~*~ (outnumbered).
 17125 | D:7      | 17125 ||| Stepping ~*~*~tactically~*~*~ (outnumbered).
 17137 | D:7      | 17137 ||| Stepping ~*~*~tactically~*~*~ (outnumbered).
 17139 | D:7      | 17139 ||| Stepping ~*~*~tactically~*~*~ (outnumbered).
 17141 | D:7      | 17141 ||| Stepping ~*~*~tactically~*~*~ (outnumbered).
 17143 | D:7      | 17143 ||| Stepping ~*~*~tactically~*~*~ (outnumbered).
 17145 | D:7      | 17145 ||| Stepping ~*~*~tactically~*~*~ (outnumbered).
 17157 | D:7      | 17157 ||| Stepping ~*~*~tactically~*~*~ (outnumbered).
 17159 | D:7      | 17159 ||| Stepping ~*~*~tactically~*~*~ (outnumbered).
 17161 | D:7      | 17161 ||| Stepping ~*~*~tactically~*~*~ (outnumbered).
 17163 | D:7      | 17163 ||| Stepping ~*~*~tactically~*~*~ (outnumbered).
 17165 | D:7      | 17165 ||| Stepping ~*~*~tactically~*~*~ (outnumbered).
 17177 | D:7      | 17177 ||| Stepping ~*~*~tactically~*~*~ (outnumbered).
 17179 | D:7      | 17179 ||| Stepping ~*~*~tactically~*~*~ (outnumbered).
 17181 | D:7      | 17181 ||| Stepping ~*~*~tactically~*~*~ (outnumbered).
 17183 | D:7      | 17183 ||| Stepping ~*~*~tactically~*~*~ (outnumbered).
 17185 | D:7      | 17185 ||| Stepping ~*~*~tactically~*~*~ (outnumbered).
 17197 | D:7      | 17197 ||| Stepping ~*~*~tactically~*~*~ (outnumbered).
 17199 | D:7      | 17199 ||| Stepping ~*~*~tactically~*~*~ (outnumbered).
 17201 | D:7      | 17201 ||| Stepping ~*~*~tactically~*~*~ (outnumbered).
 17203 | D:7      | 17203 ||| Stepping ~*~*~tactically~*~*~ (outnumbered).
 17205 | D:7      | 17205 ||| Stepping ~*~*~tactically~*~*~ (outnumbered).
 17217 | D:7      | 17217 ||| Stepping ~*~*~tactically~*~*~ (outnumbered).
 17219 | D:7      | 17219 ||| Stepping ~*~*~tactically~*~*~ (outnumbered).
 17221 | D:7      | 17221 ||| Stepping ~*~*~tactically~*~*~ (outnumbered).
 17223 | D:7      | 17223 ||| Stepping ~*~*~tactically~*~*~ (outnumbered).
 17225 | D:7      | 17225 ||| Stepping ~*~*~tactically~*~*~ (outnumbered).
 17237 | D:7      | 17237 ||| Stepping ~*~*~tactically~*~*~ (outnumbered).
 17239 | D:7      | 17239 ||| Stepping ~*~*~tactically~*~*~ (outnumbered).
 17241 | D:7      | 17241 ||| Stepping ~*~*~tactically~*~*~ (outnumbered).
 17243 | D:7      | 17243 ||| Stepping ~*~*~tactically~*~*~ (outnumbered).
 17245 | D:7      | 17245 ||| Stepping ~*~*~tactically~*~*~ (outnumbered).
 17257 | D:7      | 17257 ||| Stepping ~*~*~tactically~*~*~ (outnumbered).
 17259 | D:7      | 17259 ||| Stepping ~*~*~tactically~*~*~ (outnumbered).
 17261 | D:7      | 17261 ||| Stepping ~*~*~tactically~*~*~ (outnumbered).
 17263 | D:7      | 17263 ||| Stepping ~*~*~tactically~*~*~ (outnumbered).
 17265 | D:7      | 17265 ||| Stepping ~*~*~tactically~*~*~ (outnumbered).
 17277 | D:7      | 17277 ||| Stepping ~*~*~tactically~*~*~ (outnumbered).
 17279 | D:7      | 17279 ||| Stepping ~*~*~tactically~*~*~ (outnumbered).
 17281 | D:7      | 17281 ||| Stepping ~*~*~tactically~*~*~ (outnumbered).
 17283 | D:7      | 17283 ||| Stepping ~*~*~tactically~*~*~ (outnumbered).
 17285 | D:7      | 17285 ||| Stepping ~*~*~tactically~*~*~ (outnumbered).
 17297 | D:7      | 17297 ||| Stepping ~*~*~tactically~*~*~ (outnumbered).
 17299 | D:7      | 17299 ||| Stepping ~*~*~tactically~*~*~ (outnumbered).
 17301 | D:7      | 17301 ||| Stepping ~*~*~tactically~*~*~ (outnumbered).
 17303 | D:7      | 17303 ||| Stepping ~*~*~tactically~*~*~ (outnumbered).
 17305 | D:7      | 17305 ||| Stepping ~*~*~tactically~*~*~ (outnumbered).
 17317 | D:7      | 17317 ||| Stepping ~*~*~tactically~*~*~ (outnumbered).
 17319 | D:7      | 17319 ||| Stepping ~*~*~tactically~*~*~ (outnumbered).
 17321 | D:7      | 17321 ||| Stepping ~*~*~tactically~*~*~ (outnumbered).
 17323 | D:7      | 17323 ||| Stepping ~*~*~tactically~*~*~ (outnumbered).
 17325 | D:7      | 17325 ||| Stepping ~*~*~tactically~*~*~ (outnumbered).
 17337 | D:7      | 17337 ||| Stepping ~*~*~tactically~*~*~ (outnumbered).
 17339 | D:7      | 17339 ||| Stepping ~*~*~tactically~*~*~ (outnumbered).
 17341 | D:7      | 17341 ||| Stepping ~*~*~tactically~*~*~ (outnumbered).
 17343 | D:7      | 17343 ||| Stepping ~*~*~tactically~*~*~ (outnumbered).
 17345 | D:7      | 17345 ||| Stepping ~*~*~tactically~*~*~ (outnumbered).
 17357 | D:7      | 17357 ||| Stepping ~*~*~tactically~*~*~ (outnumbered).
 17359 | D:7      | 17359 ||| Stepping ~*~*~tactically~*~*~ (outnumbered).
 17361 | D:7      | 17361 ||| Stepping ~*~*~tactically~*~*~ (outnumbered).
 17363 | D:7      | 17363 ||| Stepping ~*~*~tactically~*~*~ (outnumbered).
 17365 | D:7      | 17365 ||| Stepping ~*~*~tactically~*~*~ (outnumbered).
 17377 | D:7      | 17377 ||| Stepping ~*~*~tactically~*~*~ (outnumbered).
 17379 | D:7      | 17379 ||| Stepping ~*~*~tactically~*~*~ (outnumbered).
 17381 | D:7      | 17381 ||| Stepping ~*~*~tactically~*~*~ (outnumbered).
 17383 | D:7      | 17383 ||| Stepping ~*~*~tactically~*~*~ (outnumbered).
 17385 | D:7      | 17385 ||| Stepping ~*~*~tactically~*~*~ (outnumbered).
 17397 | D:7      | 17397 ||| Stepping ~*~*~tactically~*~*~ (outnumbered).
 17399 | D:7      | 17399 ||| Stepping ~*~*~tactically~*~*~ (outnumbered).
 17401 | D:7      | 17401 ||| Stepping ~*~*~tactically~*~*~ (outnumbered).
 17403 | D:7      | 17403 ||| Stepping ~*~*~tactically~*~*~ (outnumbered).
 17405 | D:7      | 17405 ||| Stepping ~*~*~tactically~*~*~ (outnumbered).
 17417 | D:7      | 17417 ||| Stepping ~*~*~tactically~*~*~ (outnumbered).
 17419 | D:7      | 17419 ||| Stepping ~*~*~tactically~*~*~ (outnumbered).
 17421 | D:7      | 17421 ||| Stepping ~*~*~tactically~*~*~ (outnumbered).
 17423 | D:7      | 17423 ||| Stepping ~*~*~tactically~*~*~ (outnumbered).
 17425 | D:7      | 17425 ||| Stepping ~*~*~tactically~*~*~ (outnumbered).
 17437 | D:7      | 17437 ||| Stepping ~*~*~tactically~*~*~ (outnumbered).
 17439 | D:7      | 17439 ||| Stepping ~*~*~tactically~*~*~ (outnumbered).
 17441 | D:7      | 17441 ||| Stepping ~*~*~tactically~*~*~ (outnumbered).
 17443 | D:7      | 17443 ||| Stepping ~*~*~tactically~*~*~ (outnumbered).
 17445 | D:7      | 17445 ||| Stepping ~*~*~tactically~*~*~ (outnumbered).
 17457 | D:7      | 17457 ||| Stepping ~*~*~tactically~*~*~ (outnumbered).
 17459 | D:7      | 17459 ||| Stepping ~*~*~tactically~*~*~ (outnumbered).
 17461 | D:7      | 17461 ||| Stepping ~*~*~tactically~*~*~ (outnumbered).
 17463 | D:7      | 17463 ||| Stepping ~*~*~tactically~*~*~ (outnumbered).
 17465 | D:7      | 17465 ||| Stepping ~*~*~tactically~*~*~ (outnumbered).
 17477 | D:7      | 17477 ||| Stepping ~*~*~tactically~*~*~ (outnumbered).
 17479 | D:7      | 17479 ||| Stepping ~*~*~tactically~*~*~ (outnumbered).
 17481 | D:7      | 17481 ||| Stepping ~*~*~tactically~*~*~ (outnumbered).
 17483 | D:7      | 17483 ||| Stepping ~*~*~tactically~*~*~ (outnumbered).
 17485 | D:7      | 17485 ||| Stepping ~*~*~tactically~*~*~ (outnumbered).
 17497 | D:7      | 17497 ||| Stepping ~*~*~tactically~*~*~ (outnumbered).
 17499 | D:7      | 17499 ||| Stepping ~*~*~tactically~*~*~ (outnumbered).
 17501 | D:7      | 17501 ||| Stepping ~*~*~tactically~*~*~ (outnumbered).
 17503 | D:7      | 17503 ||| Stepping ~*~*~tactically~*~*~ (outnumbered).
 17505 | D:7      | 17505 ||| Stepping ~*~*~tactically~*~*~ (outnumbered).
 17517 | D:7      | 17517 ||| Stepping ~*~*~tactically~*~*~ (outnumbered).
 17519 | D:7      | 17519 ||| Stepping ~*~*~tactically~*~*~ (outnumbered).
 17521 | D:7      | 17521 ||| Stepping ~*~*~tactically~*~*~ (outnumbered).
 17523 | D:7      | 17523 ||| Stepping ~*~*~tactically~*~*~ (outnumbered).
 17525 | D:7      | 17525 ||| Stepping ~*~*~tactically~*~*~ (outnumbered).
 17537 | D:7      | 17537 ||| Stepping ~*~*~tactically~*~*~ (outnumbered).
 17539 | D:7      | 17539 ||| Stepping ~*~*~tactically~*~*~ (outnumbered).
 17541 | D:7      | 17541 ||| Stepping ~*~*~tactically~*~*~ (outnumbered).
 17543 | D:7      | 17543 ||| Stepping ~*~*~tactically~*~*~ (outnumbered).
 17545 | D:7      | 17545 ||| Stepping ~*~*~tactically~*~*~ (outnumbered).
 17557 | D:7      | 17557 ||| Stepping ~*~*~tactically~*~*~ (outnumbered).
 17559 | D:7      | 17559 ||| Stepping ~*~*~tactically~*~*~ (outnumbered).
 17561 | D:7      | 17561 ||| Stepping ~*~*~tactically~*~*~ (outnumbered).
 17563 | D:7      | 17563 ||| Stepping ~*~*~tactically~*~*~ (outnumbered).
 17565 | D:7      | 17565 ||| Stepping ~*~*~tactically~*~*~ (outnumbered).
 17577 | D:7      | 17577 ||| Stepping ~*~*~tactically~*~*~ (outnumbered).
 17579 | D:7      | 17579 ||| Stepping ~*~*~tactically~*~*~ (outnumbered).
 17581 | D:7      | 17581 ||| Stepping ~*~*~tactically~*~*~ (outnumbered).
 17583 | D:7      | 17583 ||| Stepping ~*~*~tactically~*~*~ (outnumbered).
 17585 | D:7      | 17585 ||| Stepping ~*~*~tactically~*~*~ (outnumbered).
 17597 | D:7      | 17597 ||| Stepping ~*~*~tactically~*~*~ (outnumbered).
 17599 | D:7      | 17599 ||| Stepping ~*~*~tactically~*~*~ (outnumbered).
 17601 | D:7      | 17601 ||| Stepping ~*~*~tactically~*~*~ (outnumbered).
 17603 | D:7      | 17603 ||| Stepping ~*~*~tactically~*~*~ (outnumbered).
 17605 | D:7      | 17605 ||| Stepping ~*~*~tactically~*~*~ (outnumbered).
 17617 | D:7      | 17617 ||| Stepping ~*~*~tactically~*~*~ (outnumbered).
 17619 | D:7      | 17619 ||| Stepping ~*~*~tactically~*~*~ (outnumbered).
 17621 | D:7      | 17621 ||| Stepping ~*~*~tactically~*~*~ (outnumbered).
 17623 | D:7      | 17623 ||| Stepping ~*~*~tactically~*~*~ (outnumbered).
 17625 | D:7      | 17625 ||| Stepping ~*~*~tactically~*~*~ (outnumbered).
 17637 | D:7      | 17637 ||| Stepping ~*~*~tactically~*~*~ (outnumbered).
 17639 | D:7      | 17639 ||| Stepping ~*~*~tactically~*~*~ (outnumbered).
 17641 | D:7      | 17641 ||| Stepping ~*~*~tactically~*~*~ (outnumbered).
 17643 | D:7      | 17643 ||| Stepping ~*~*~tactically~*~*~ (outnumbered).
 17645 | D:7      | 17645 ||| Stepping ~*~*~tactically~*~*~ (outnumbered).
 17657 | D:7      | 17657 ||| Stepping ~*~*~tactically~*~*~ (outnumbered).
 17659 | D:7      | 17659 ||| Stepping ~*~*~tactically~*~*~ (outnumbered).
 17661 | D:7      | 17661 ||| Stepping ~*~*~tactically~*~*~ (outnumbered).
 17663 | D:7      | 17663 ||| Stepping ~*~*~tactically~*~*~ (outnumbered).
 17665 | D:7      | 17665 ||| Stepping ~*~*~tactically~*~*~ (outnumbered).
 17677 | D:7      | 17677 ||| Stepping ~*~*~tactically~*~*~ (outnumbered).
 17679 | D:7      | 17679 ||| Stepping ~*~*~tactically~*~*~ (outnumbered).
 17681 | D:7      | 17681 ||| Stepping ~*~*~tactically~*~*~ (outnumbered).
 17683 | D:7      | 17683 ||| Stepping ~*~*~tactically~*~*~ (outnumbered).
 17685 | D:7      | 17685 ||| Stepping ~*~*~tactically~*~*~ (outnumbered).
 17697 | D:7      | 17697 ||| Stepping ~*~*~tactically~*~*~ (outnumbered).
 17699 | D:7      | 17699 ||| Stepping ~*~*~tactically~*~*~ (outnumbered).
 17701 | D:7      | 17701 ||| Stepping ~*~*~tactically~*~*~ (outnumbered).
 17703 | D:7      | 17703 ||| Stepping ~*~*~tactically~*~*~ (outnumbered).
 17705 | D:7      | 17705 ||| Stepping ~*~*~tactically~*~*~ (outnumbered).
 17717 | D:7      | 17717 ||| Stepping ~*~*~tactically~*~*~ (outnumbered).
 17719 | D:7      | 17719 ||| Stepping ~*~*~tactically~*~*~ (outnumbered).
 17721 | D:7      | 17721 ||| Stepping ~*~*~tactically~*~*~ (outnumbered).
 17723 | D:7      | 17723 ||| Stepping ~*~*~tactically~*~*~ (outnumbered).
 17725 | D:7      | 17725 ||| Stepping ~*~*~tactically~*~*~ (outnumbered).
 17737 | D:7      | 17737 ||| Stepping ~*~*~tactically~*~*~ (outnumbered).
 17739 | D:7      | 17739 ||| Stepping ~*~*~tactically~*~*~ (outnumbered).
 17741 | D:7      | 17741 ||| Stepping ~*~*~tactically~*~*~ (outnumbered).
 17743 | D:7      | 17743 ||| Stepping ~*~*~tactically~*~*~ (outnumbered).
 17745 | D:7      | 17745 ||| Stepping ~*~*~tactically~*~*~ (outnumbered).
 17757 | D:7      | 17757 ||| Stepping ~*~*~tactically~*~*~ (outnumbered).
 17759 | D:7      | 17759 ||| Stepping ~*~*~tactically~*~*~ (outnumbered).
 17761 | D:7      | 17761 ||| Stepping ~*~*~tactically~*~*~ (outnumbered).
 17763 | D:7      | 17763 ||| Stepping ~*~*~tactically~*~*~ (outnumbered).
 17765 | D:7      | 17765 ||| Stepping ~*~*~tactically~*~*~ (outnumbered).
 17777 | D:7      | 17777 ||| Stepping ~*~*~tactically~*~*~ (outnumbered).
 17779 | D:7      | 17779 ||| Stepping ~*~*~tactically~*~*~ (outnumbered).
 17781 | D:7      | 17781 ||| Stepping ~*~*~tactically~*~*~ (outnumbered).
 17783 | D:7      | 17783 ||| Stepping ~*~*~tactically~*~*~ (outnumbered).
 17785 | D:7      | 17785 ||| Stepping ~*~*~tactically~*~*~ (outnumbered).
 17797 | D:7      | 17797 ||| Stepping ~*~*~tactically~*~*~ (outnumbered).
 17799 | D:7      | 17799 ||| Stepping ~*~*~tactically~*~*~ (outnumbered).
 17801 | D:7      | 17801 ||| Stepping ~*~*~tactically~*~*~ (outnumbered).
 17803 | D:7      | 17803 ||| Stepping ~*~*~tactically~*~*~ (outnumbered).
 17805 | D:7      | 17805 ||| Stepping ~*~*~tactically~*~*~ (outnumbered).
 17817 | D:7      | 17817 ||| Stepping ~*~*~tactically~*~*~ (outnumbered).
 17819 | D:7      | 17819 ||| Stepping ~*~*~tactically~*~*~ (outnumbered).
 17821 | D:7      | 17821 ||| Stepping ~*~*~tactically~*~*~ (outnumbered).
 17823 | D:7      | 17823 ||| Stepping ~*~*~tactically~*~*~ (outnumbered).
 17825 | D:7      | 17825 ||| Stepping ~*~*~tactically~*~*~ (outnumbered).
 17837 | D:7      | 17837 ||| Stepping ~*~*~tactically~*~*~ (outnumbered).
 17839 | D:7      | 17839 ||| Stepping ~*~*~tactically~*~*~ (outnumbered).
 17841 | D:7      | 17841 ||| Stepping ~*~*~tactically~*~*~ (outnumbered).
 17843 | D:7      | 17843 ||| Stepping ~*~*~tactically~*~*~ (outnumbered).
 17845 | D:7      | 17845 ||| Stepping ~*~*~tactically~*~*~ (outnumbered).
 17857 | D:7      | 17857 ||| Stepping ~*~*~tactically~*~*~ (outnumbered).
 17859 | D:7      | 17859 ||| Stepping ~*~*~tactically~*~*~ (outnumbered).
 17861 | D:7      | 17861 ||| Stepping ~*~*~tactically~*~*~ (outnumbered).
 17863 | D:7      | 17863 ||| Stepping ~*~*~tactically~*~*~ (outnumbered).
 17865 | D:7      | 17865 ||| Stepping ~*~*~tactically~*~*~ (outnumbered).
 17877 | D:7      | 17877 ||| Stepping ~*~*~tactically~*~*~ (outnumbered).
 17879 | D:7      | 17879 ||| Stepping ~*~*~tactically~*~*~ (outnumbered).
 17881 | D:7      | 17881 ||| Stepping ~*~*~tactically~*~*~ (outnumbered).
 17883 | D:7      | 17883 ||| Stepping ~*~*~tactically~*~*~ (outnumbered).
 17885 | D:7      | 17885 ||| Stepping ~*~*~tactically~*~*~ (outnumbered).
 17897 | D:7      | 17897 ||| Stepping ~*~*~tactically~*~*~ (outnumbered).
 17899 | D:7      | 17899 ||| Stepping ~*~*~tactically~*~*~ (outnumbered).
 17901 | D:7      | 17901 ||| Stepping ~*~*~tactically~*~*~ (outnumbered).
 17903 | D:7      | 17903 ||| Stepping ~*~*~tactically~*~*~ (outnumbered).
 17905 | D:7      | 17905 ||| Stepping ~*~*~tactically~*~*~ (outnumbered).
 17917 | D:7      | 17917 ||| Stepping ~*~*~tactically~*~*~ (outnumbered).
 17919 | D:7      | 17919 ||| Stepping ~*~*~tactically~*~*~ (outnumbered).
 17921 | D:7      | 17921 ||| Stepping ~*~*~tactically~*~*~ (outnumbered).
 17923 | D:7      | 17923 ||| Stepping ~*~*~tactically~*~*~ (outnumbered).
 17925 | D:7      | 17925 ||| Stepping ~*~*~tactically~*~*~ (outnumbered).
 17937 | D:7      | 17937 ||| Stepping ~*~*~tactically~*~*~ (outnumbered).
 17939 | D:7      | 17939 ||| Stepping ~*~*~tactically~*~*~ (outnumbered).
 17941 | D:7      | 17941 ||| Stepping ~*~*~tactically~*~*~ (outnumbered).
 17943 | D:7      | 17943 ||| Stepping ~*~*~tactically~*~*~ (outnumbered).
 17945 | D:7      | 17945 ||| Stepping ~*~*~tactically~*~*~ (outnumbered).
 17957 | D:7      | 17957 ||| Stepping ~*~*~tactically~*~*~ (outnumbered).
 17959 | D:7      | 17959 ||| Stepping ~*~*~tactically~*~*~ (outnumbered).
 17961 | D:7      | 17961 ||| Stepping ~*~*~tactically~*~*~ (outnumbered).
 17963 | D:7      | 17963 ||| Stepping ~*~*~tactically~*~*~ (outnumbered).
 17965 | D:7      | 17965 ||| Stepping ~*~*~tactically~*~*~ (outnumbered).
 17977 | D:7      | 17977 ||| Stepping ~*~*~tactically~*~*~ (outnumbered).
 17979 | D:7      | 17979 ||| Stepping ~*~*~tactically~*~*~ (outnumbered).
 17981 | D:7      | 17981 ||| Stepping ~*~*~tactically~*~*~ (outnumbered).
 17983 | D:7      | 17983 ||| Stepping ~*~*~tactically~*~*~ (outnumbered).
 17985 | D:7      | 17985 ||| Stepping ~*~*~tactically~*~*~ (outnumbered).
 17997 | D:7      | 17997 ||| Stepping ~*~*~tactically~*~*~ (outnumbered).
 17999 | D:7      | 17999 ||| Stepping ~*~*~tactically~*~*~ (outnumbered).
 18001 | D:7      | 18001 ||| Stepping ~*~*~tactically~*~*~ (outnumbered).
 18003 | D:7      | 18003 ||| Stepping ~*~*~tactically~*~*~ (outnumbered).
 18005 | D:7      | 18005 ||| Stepping ~*~*~tactically~*~*~ (outnumbered).
 18017 | D:7      | 18017 ||| Stepping ~*~*~tactically~*~*~ (outnumbered).
 18019 | D:7      | 18019 ||| Stepping ~*~*~tactically~*~*~ (outnumbered).
 18021 | D:7      | 18021 ||| Stepping ~*~*~tactically~*~*~ (outnumbered).
 18023 | D:7      | 18023 ||| Stepping ~*~*~tactically~*~*~ (outnumbered).
 18025 | D:7      | 18025 ||| Stepping ~*~*~tactically~*~*~ (outnumbered).
 18037 | D:7      | 18037 ||| Stepping ~*~*~tactically~*~*~ (outnumbered).
 18039 | D:7      | 18039 ||| Stepping ~*~*~tactically~*~*~ (outnumbered).
 18041 | D:7      | 18041 ||| Stepping ~*~*~tactically~*~*~ (outnumbered).
 18043 | D:7      | 18043 ||| Stepping ~*~*~tactically~*~*~ (outnumbered).
 18045 | D:7      | 18045 ||| Stepping ~*~*~tactically~*~*~ (outnumbered).
 18057 | D:7      | 18057 ||| Stepping ~*~*~tactically~*~*~ (outnumbered).
 18059 | D:7      | 18059 ||| Stepping ~*~*~tactically~*~*~ (outnumbered).
 18061 | D:7      | 18061 ||| Stepping ~*~*~tactically~*~*~ (outnumbered).
 18063 | D:7      | 18063 ||| Stepping ~*~*~tactically~*~*~ (outnumbered).
 18065 | D:7      | 18065 ||| Stepping ~*~*~tactically~*~*~ (outnumbered).
 18077 | D:7      | 18077 ||| Stepping ~*~*~tactically~*~*~ (outnumbered).
 18079 | D:7      | 18079 ||| Stepping ~*~*~tactically~*~*~ (outnumbered).
 18081 | D:7      | 18081 ||| Stepping ~*~*~tactically~*~*~ (outnumbered).
 18083 | D:7      | 18083 ||| Stepping ~*~*~tactically~*~*~ (outnumbered).
 18085 | D:7      | 18085 ||| Stepping ~*~*~tactically~*~*~ (outnumbered).
 18097 | D:7      | 18097 ||| Stepping ~*~*~tactically~*~*~ (outnumbered).
 18099 | D:7      | 18099 ||| Stepping ~*~*~tactically~*~*~ (outnumbered).
 18101 | D:7      | 18101 ||| Stepping ~*~*~tactically~*~*~ (outnumbered).
 18103 | D:7      | 18103 ||| Stepping ~*~*~tactically~*~*~ (outnumbered).
 18105 | D:7      | 18105 ||| Stepping ~*~*~tactically~*~*~ (outnumbered).
 18117 | D:7      | 18117 ||| Stepping ~*~*~tactically~*~*~ (outnumbered).
 18119 | D:7      | 18119 ||| Stepping ~*~*~tactically~*~*~ (outnumbered).
 18121 | D:7      | 18121 ||| Stepping ~*~*~tactically~*~*~ (outnumbered).
 18123 | D:7      | 18123 ||| Stepping ~*~*~tactically~*~*~ (outnumbered).
 18125 | D:7      | 18125 ||| Stepping ~*~*~tactically~*~*~ (outnumbered).
 18137 | D:7      | 18137 ||| Stepping ~*~*~tactically~*~*~ (outnumbered).
 18139 | D:7      | 18139 ||| Stepping ~*~*~tactically~*~*~ (outnumbered).
 18141 | D:7      | 18141 ||| Stepping ~*~*~tactically~*~*~ (outnumbered).
 18143 | D:7      | 18143 ||| Stepping ~*~*~tactically~*~*~ (outnumbered).
 18145 | D:7      | 18145 ||| Stepping ~*~*~tactically~*~*~ (outnumbered).
 18157 | D:7      | 18157 ||| Stepping ~*~*~tactically~*~*~ (outnumbered).
 18159 | D:7      | 18159 ||| Stepping ~*~*~tactically~*~*~ (outnumbered).
 18161 | D:7      | 18161 ||| Stepping ~*~*~tactically~*~*~ (outnumbered).
 18163 | D:7      | 18163 ||| Stepping ~*~*~tactically~*~*~ (outnumbered).
 18165 | D:7      | 18165 ||| Stepping ~*~*~tactically~*~*~ (outnumbered).
 18177 | D:7      | 18177 ||| Stepping ~*~*~tactically~*~*~ (outnumbered).
 18179 | D:7      | 18179 ||| Stepping ~*~*~tactically~*~*~ (outnumbered).
 18181 | D:7      | 18181 ||| Stepping ~*~*~tactically~*~*~ (outnumbered).
 18183 | D:7      | 18183 ||| Stepping ~*~*~tactically~*~*~ (outnumbered).
 18185 | D:7      | 18185 ||| Stepping ~*~*~tactically~*~*~ (outnumbered).
 18197 | D:7      | 18197 ||| Stepping ~*~*~tactically~*~*~ (outnumbered).
 18199 | D:7      | 18199 ||| Stepping ~*~*~tactically~*~*~ (outnumbered).
 18201 | D:7      | 18201 ||| Stepping ~*~*~tactically~*~*~ (outnumbered).
 18203 | D:7      | 18203 ||| Stepping ~*~*~tactically~*~*~ (outnumbered).
 18205 | D:7      | 18205 ||| Stepping ~*~*~tactically~*~*~ (outnumbered).
 18217 | D:7      | 18217 ||| Stepping ~*~*~tactically~*~*~ (outnumbered).
 18219 | D:7      | 18219 ||| Stepping ~*~*~tactically~*~*~ (outnumbered).
 18221 | D:7      | 18221 ||| Stepping ~*~*~tactically~*~*~ (outnumbered).
 18223 | D:7      | 18223 ||| Stepping ~*~*~tactically~*~*~ (outnumbered).
 18225 | D:7      | 18225 ||| Stepping ~*~*~tactically~*~*~ (outnumbered).
 18237 | D:7      | 18237 ||| Stepping ~*~*~tactically~*~*~ (outnumbered).
 18239 | D:7      | 18239 ||| Stepping ~*~*~tactically~*~*~ (outnumbered).
 18241 | D:7      | 18241 ||| Stepping ~*~*~tactically~*~*~ (outnumbered).
 18243 | D:7      | 18243 ||| Stepping ~*~*~tactically~*~*~ (outnumbered).
 18245 | D:7      | 18245 ||| Stepping ~*~*~tactically~*~*~ (outnumbered).
 18257 | D:7      | 18257 ||| Stepping ~*~*~tactically~*~*~ (outnumbered).
 18259 | D:7      | 18259 ||| Stepping ~*~*~tactically~*~*~ (outnumbered).
 18261 | D:7      | 18261 ||| Stepping ~*~*~tactically~*~*~ (outnumbered).
 18263 | D:7      | 18263 ||| Stepping ~*~*~tactically~*~*~ (outnumbered).
 18265 | D:7      | 18265 ||| Stepping ~*~*~tactically~*~*~ (outnumbered).
 18277 | D:7      | 18277 ||| Stepping ~*~*~tactically~*~*~ (outnumbered).
 18279 | D:7      | 18279 ||| Stepping ~*~*~tactically~*~*~ (outnumbered).
 18281 | D:7      | 18281 ||| Stepping ~*~*~tactically~*~*~ (outnumbered).
 18283 | D:7      | 18283 ||| Stepping ~*~*~tactically~*~*~ (outnumbered).
 18285 | D:7      | 18285 ||| Stepping ~*~*~tactically~*~*~ (outnumbered).
 18297 | D:7      | 18297 ||| Stepping ~*~*~tactically~*~*~ (outnumbered).
 18299 | D:7      | 18299 ||| Stepping ~*~*~tactically~*~*~ (outnumbered).
 18301 | D:7      | 18301 ||| Stepping ~*~*~tactically~*~*~ (outnumbered).
 18303 | D:7      | 18303 ||| Stepping ~*~*~tactically~*~*~ (outnumbered).
 18305 | D:7      | 18305 ||| Stepping ~*~*~tactically~*~*~ (outnumbered).
 18317 | D:7      | 18317 ||| Stepping ~*~*~tactically~*~*~ (outnumbered).
 18319 | D:7      | 18319 ||| Stepping ~*~*~tactically~*~*~ (outnumbered).
 18321 | D:7      | 18321 ||| Stepping ~*~*~tactically~*~*~ (outnumbered).
 18323 | D:7      | 18323 ||| Stepping ~*~*~tactically~*~*~ (outnumbered).
 18325 | D:7      | 18325 ||| Stepping ~*~*~tactically~*~*~ (outnumbered).
 18337 | D:7      | 18337 ||| Stepping ~*~*~tactically~*~*~ (outnumbered).
 18339 | D:7      | 18339 ||| Stepping ~*~*~tactically~*~*~ (outnumbered).
 18341 | D:7      | 18341 ||| Stepping ~*~*~tactically~*~*~ (outnumbered).
 18343 | D:7      | 18343 ||| Stepping ~*~*~tactically~*~*~ (outnumbered).
 18345 | D:7      | 18345 ||| Stepping ~*~*~tactically~*~*~ (outnumbered).
 18357 | D:7      | 18357 ||| Stepping ~*~*~tactically~*~*~ (outnumbered).
 18359 | D:7      | 18359 ||| Stepping ~*~*~tactically~*~*~ (outnumbered).
 18361 | D:7      | 18361 ||| Stepping ~*~*~tactically~*~*~ (outnumbered).
 18363 | D:7      | 18363 ||| Stepping ~*~*~tactically~*~*~ (outnumbered).
 18365 | D:7      | 18365 ||| Stepping ~*~*~tactically~*~*~ (outnumbered).
 18377 | D:7      | 18377 ||| Stepping ~*~*~tactically~*~*~ (outnumbered).
 18379 | D:7      | 18379 ||| Stepping ~*~*~tactically~*~*~ (outnumbered).
 18381 | D:7      | 18381 ||| Stepping ~*~*~tactically~*~*~ (outnumbered).
 18383 | D:7      | 18383 ||| Stepping ~*~*~tactically~*~*~ (outnumbered).
 18385 | D:7      | 18385 ||| Stepping ~*~*~tactically~*~*~ (outnumbered).
 18397 | D:7      | 18397 ||| Stepping ~*~*~tactically~*~*~ (outnumbered).
 18399 | D:7      | 18399 ||| Stepping ~*~*~tactically~*~*~ (outnumbered).
 18401 | D:7      | 18401 ||| Stepping ~*~*~tactically~*~*~ (outnumbered).
 18403 | D:7      | 18403 ||| Stepping ~*~*~tactically~*~*~ (outnumbered).
 18405 | D:7      | 18405 ||| Stepping ~*~*~tactically~*~*~ (outnumbered).
 18417 | D:7      | 18417 ||| Stepping ~*~*~tactically~*~*~ (outnumbered).
 18419 | D:7      | 18419 ||| Stepping ~*~*~tactically~*~*~ (outnumbered).
 18421 | D:7      | 18421 ||| Stepping ~*~*~tactically~*~*~ (outnumbered).
 18423 | D:7      | 18423 ||| Stepping ~*~*~tactically~*~*~ (outnumbered).
 18425 | D:7      | 18425 ||| Stepping ~*~*~tactically~*~*~ (outnumbered).
 18437 | D:7      | 18437 ||| Stepping ~*~*~tactically~*~*~ (outnumbered).
 18439 | D:7      | 18439 ||| Stepping ~*~*~tactically~*~*~ (outnumbered).
 18441 | D:7      | 18441 ||| Stepping ~*~*~tactically~*~*~ (outnumbered).
 18443 | D:7      | 18443 ||| Stepping ~*~*~tactically~*~*~ (outnumbered).
 18445 | D:7      | 18445 ||| Stepping ~*~*~tactically~*~*~ (outnumbered).
 18457 | D:7      | 18457 ||| Stepping ~*~*~tactically~*~*~ (outnumbered).
 18459 | D:7      | 18459 ||| Stepping ~*~*~tactically~*~*~ (outnumbered).
 18461 | D:7      | 18461 ||| Stepping ~*~*~tactically~*~*~ (outnumbered).
 18463 | D:7      | 18463 ||| Stepping ~*~*~tactically~*~*~ (outnumbered).
 18465 | D:7      | 18465 ||| Stepping ~*~*~tactically~*~*~ (outnumbered).
 18477 | D:7      | 18477 ||| Stepping ~*~*~tactically~*~*~ (outnumbered).
 18479 | D:7      | 18479 ||| Stepping ~*~*~tactically~*~*~ (outnumbered).
 18481 | D:7      | 18481 ||| Stepping ~*~*~tactically~*~*~ (outnumbered).
 18483 | D:7      | 18483 ||| Stepping ~*~*~tactically~*~*~ (outnumbered).
 18485 | D:7      | 18485 ||| Stepping ~*~*~tactically~*~*~ (outnumbered).
 18497 | D:7      | 18497 ||| Stepping ~*~*~tactically~*~*~ (outnumbered).
 18499 | D:7      | 18499 ||| Stepping ~*~*~tactically~*~*~ (outnumbered).
 18501 | D:7      | 18501 ||| Stepping ~*~*~tactically~*~*~ (outnumbered).
 18503 | D:7      | 18503 ||| Stepping ~*~*~tactically~*~*~ (outnumbered).
 18505 | D:7      | 18505 ||| Stepping ~*~*~tactically~*~*~ (outnumbered).
 18517 | D:7      | 18517 ||| Stepping ~*~*~tactically~*~*~ (outnumbered).
 18519 | D:7      | 18519 ||| Stepping ~*~*~tactically~*~*~ (outnumbered).
 18521 | D:7      | 18521 ||| Stepping ~*~*~tactically~*~*~ (outnumbered).
 18523 | D:7      | 18523 ||| Stepping ~*~*~tactically~*~*~ (outnumbered).
 18525 | D:7      | 18525 ||| Stepping ~*~*~tactically~*~*~ (outnumbered).
 18537 | D:7      | 18537 ||| Stepping ~*~*~tactically~*~*~ (outnumbered).
 18539 | D:7      | 18539 ||| Stepping ~*~*~tactically~*~*~ (outnumbered).
 18541 | D:7      | 18541 ||| Stepping ~*~*~tactically~*~*~ (outnumbered).
 18543 | D:7      | 18543 ||| Stepping ~*~*~tactically~*~*~ (outnumbered).
 18545 | D:7      | 18545 ||| Stepping ~*~*~tactically~*~*~ (outnumbered).
 18557 | D:7      | 18557 ||| Stepping ~*~*~tactically~*~*~ (outnumbered).
 18559 | D:7      | 18559 ||| Stepping ~*~*~tactically~*~*~ (outnumbered).
 18561 | D:7      | 18561 ||| Stepping ~*~*~tactically~*~*~ (outnumbered).
 18563 | D:7      | 18563 ||| Stepping ~*~*~tactically~*~*~ (outnumbered).
 18565 | D:7      | 18565 ||| Stepping ~*~*~tactically~*~*~ (outnumbered).
 18577 | D:7      | 18577 ||| Stepping ~*~*~tactically~*~*~ (outnumbered).
 18579 | D:7      | 18579 ||| Stepping ~*~*~tactically~*~*~ (outnumbered).
 18581 | D:7      | 18581 ||| Stepping ~*~*~tactically~*~*~ (outnumbered).
 18583 | D:7      | 18583 ||| Stepping ~*~*~tactically~*~*~ (outnumbered).
 18585 | D:7      | 18585 ||| Stepping ~*~*~tactically~*~*~ (outnumbered).
 18597 | D:7      | 18597 ||| Stepping ~*~*~tactically~*~*~ (outnumbered).
 18599 | D:7      | 18599 ||| Stepping ~*~*~tactically~*~*~ (outnumbered).
 18601 | D:7      | 18601 ||| Stepping ~*~*~tactically~*~*~ (outnumbered).
 18603 | D:7      | 18603 ||| Stepping ~*~*~tactically~*~*~ (outnumbered).
 18605 | D:7      | 18605 ||| Stepping ~*~*~tactically~*~*~ (outnumbered).
 18617 | D:7      | 18617 ||| Stepping ~*~*~tactically~*~*~ (outnumbered).
 18619 | D:7      | 18619 ||| Stepping ~*~*~tactically~*~*~ (outnumbered).
 18621 | D:7      | 18621 ||| Stepping ~*~*~tactically~*~*~ (outnumbered).
 18623 | D:7      | 18623 ||| Stepping ~*~*~tactically~*~*~ (outnumbered).
 18625 | D:7      | 18625 ||| Stepping ~*~*~tactically~*~*~ (outnumbered).
 18637 | D:7      | 18637 ||| Stepping ~*~*~tactically~*~*~ (outnumbered).
 18639 | D:7      | 18639 ||| Stepping ~*~*~tactically~*~*~ (outnumbered).
 18641 | D:7      | 18641 ||| Stepping ~*~*~tactically~*~*~ (outnumbered).
 18643 | D:7      | 18643 ||| Stepping ~*~*~tactically~*~*~ (outnumbered).
 18645 | D:7      | 18645 ||| Stepping ~*~*~tactically~*~*~ (outnumbered).
 18657 | D:7      | 18657 ||| Stepping ~*~*~tactically~*~*~ (outnumbered).
 18659 | D:7      | 18659 ||| Stepping ~*~*~tactically~*~*~ (outnumbered).
 18661 | D:7      | 18661 ||| Stepping ~*~*~tactically~*~*~ (outnumbered).
 18663 | D:7      | 18663 ||| Stepping ~*~*~tactically~*~*~ (outnumbered).
 18665 | D:7      | 18665 ||| Stepping ~*~*~tactically~*~*~ (outnumbered).
 18677 | D:7      | 18677 ||| Stepping ~*~*~tactically~*~*~ (outnumbered).
 18679 | D:7      | 18679 ||| Stepping ~*~*~tactically~*~*~ (outnumbered).
 18681 | D:7      | 18681 ||| Stepping ~*~*~tactically~*~*~ (outnumbered).
 18683 | D:7      | 18683 ||| Stepping ~*~*~tactically~*~*~ (outnumbered).
 18685 | D:7      | 18685 ||| Stepping ~*~*~tactically~*~*~ (outnumbered).
 18697 | D:7      | 18697 ||| Stepping ~*~*~tactically~*~*~ (outnumbered).
 18699 | D:7      | 18699 ||| Stepping ~*~*~tactically~*~*~ (outnumbered).
 18701 | D:7      | 18701 ||| Stepping ~*~*~tactically~*~*~ (outnumbered).
 18703 | D:7      | 18703 ||| Stepping ~*~*~tactically~*~*~ (outnumbered).
 18705 | D:7      | 18705 ||| Stepping ~*~*~tactically~*~*~ (outnumbered).
 18717 | D:7      | 18717 ||| Stepping ~*~*~tactically~*~*~ (outnumbered).
 18719 | D:7      | 18719 ||| Stepping ~*~*~tactically~*~*~ (outnumbered).
 18721 | D:7      | 18721 ||| Stepping ~*~*~tactically~*~*~ (outnumbered).
 18723 | D:7      | 18723 ||| Stepping ~*~*~tactically~*~*~ (outnumbered).
 18725 | D:7      | 18725 ||| Stepping ~*~*~tactically~*~*~ (outnumbered).
 18737 | D:7      | 18737 ||| Stepping ~*~*~tactically~*~*~ (outnumbered).
 18739 | D:7      | 18739 ||| Stepping ~*~*~tactically~*~*~ (outnumbered).
 18741 | D:7      | 18741 ||| Stepping ~*~*~tactically~*~*~ (outnumbered).
 18743 | D:7      | 18743 ||| Stepping ~*~*~tactically~*~*~ (outnumbered).
 18745 | D:7      | 18745 ||| Stepping ~*~*~tactically~*~*~ (outnumbered).
 18757 | D:7      | 18757 ||| Stepping ~*~*~tactically~*~*~ (outnumbered).
 18759 | D:7      | 18759 ||| Stepping ~*~*~tactically~*~*~ (outnumbered).
 18761 | D:7      | 18761 ||| Stepping ~*~*~tactically~*~*~ (outnumbered).
 18763 | D:7      | 18763 ||| Stepping ~*~*~tactically~*~*~ (outnumbered).
 18765 | D:7      | 18765 ||| Stepping ~*~*~tactically~*~*~ (outnumbered).
 18777 | D:7      | 18777 ||| Stepping ~*~*~tactically~*~*~ (outnumbered).
 18779 | D:7      | 18779 ||| Stepping ~*~*~tactically~*~*~ (outnumbered).
 18781 | D:7      | 18781 ||| Stepping ~*~*~tactically~*~*~ (outnumbered).
 18783 | D:7      | 18783 ||| Stepping ~*~*~tactically~*~*~ (outnumbered).
 18785 | D:7      | 18785 ||| Stepping ~*~*~tactically~*~*~ (outnumbered).
 18797 | D:7      | 18797 ||| Stepping ~*~*~tactically~*~*~ (outnumbered).
 18799 | D:7      | 18799 ||| Stepping ~*~*~tactically~*~*~ (outnumbered).
 18801 | D:7      | 18801 ||| Stepping ~*~*~tactically~*~*~ (outnumbered).
 18803 | D:7      | 18803 ||| Stepping ~*~*~tactically~*~*~ (outnumbered).
 18805 | D:7      | 18805 ||| Stepping ~*~*~tactically~*~*~ (outnumbered).
 18817 | D:7      | 18817 ||| Stepping ~*~*~tactically~*~*~ (outnumbered).
 18819 | D:7      | 18819 ||| Stepping ~*~*~tactically~*~*~ (outnumbered).
 18821 | D:7      | 18821 ||| Stepping ~*~*~tactically~*~*~ (outnumbered).
 18823 | D:7      | 18823 ||| Stepping ~*~*~tactically~*~*~ (outnumbered).
 18825 | D:7      | 18825 ||| Stepping ~*~*~tactically~*~*~ (outnumbered).
 18837 | D:7      | 18837 ||| Stepping ~*~*~tactically~*~*~ (outnumbered).
 18839 | D:7      | 18839 ||| Stepping ~*~*~tactically~*~*~ (outnumbered).
 18841 | D:7      | 18841 ||| Stepping ~*~*~tactically~*~*~ (outnumbered).
 18843 | D:7      | 18843 ||| Stepping ~*~*~tactically~*~*~ (outnumbered).
 18845 | D:7      | 18845 ||| Stepping ~*~*~tactically~*~*~ (outnumbered).
 18857 | D:7      | 18857 ||| Stepping ~*~*~tactically~*~*~ (outnumbered).
 18859 | D:7      | 18859 ||| Stepping ~*~*~tactically~*~*~ (outnumbered).
 18861 | D:7      | 18861 ||| Stepping ~*~*~tactically~*~*~ (outnumbered).
 18863 | D:7      | 18863 ||| Stepping ~*~*~tactically~*~*~ (outnumbered).
 18865 | D:7      | 18865 ||| Stepping ~*~*~tactically~*~*~ (outnumbered).
 18877 | D:7      | 18877 ||| Stepping ~*~*~tactically~*~*~ (outnumbered).
 18879 | D:7      | 18879 ||| Stepping ~*~*~tactically~*~*~ (outnumbered).
 18881 | D:7      | 18881 ||| Stepping ~*~*~tactically~*~*~ (outnumbered).
 18883 | D:7      | 18883 ||| Stepping ~*~*~tactically~*~*~ (outnumbered).
 18885 | D:7      | 18885 ||| Stepping ~*~*~tactically~*~*~ (outnumbered).
 18897 | D:7      | 18897 ||| Stepping ~*~*~tactically~*~*~ (outnumbered).
 18899 | D:7      | 18899 ||| Stepping ~*~*~tactically~*~*~ (outnumbered).
 18901 | D:7      | 18901 ||| Stepping ~*~*~tactically~*~*~ (outnumbered).
 18903 | D:7      | 18903 ||| Stepping ~*~*~tactically~*~*~ (outnumbered).
 18905 | D:7      | 18905 ||| Stepping ~*~*~tactically~*~*~ (outnumbered).
 18917 | D:7      | 18917 ||| Stepping ~*~*~tactically~*~*~ (outnumbered).
 18919 | D:7      | 18919 ||| Stepping ~*~*~tactically~*~*~ (outnumbered).
 18921 | D:7      | 18921 ||| Stepping ~*~*~tactically~*~*~ (outnumbered).
 18923 | D:7      | 18923 ||| Stepping ~*~*~tactically~*~*~ (outnumbered).
 18925 | D:7      | 18925 ||| Stepping ~*~*~tactically~*~*~ (outnumbered).
 18937 | D:7      | 18937 ||| Stepping ~*~*~tactically~*~*~ (outnumbered).
 18939 | D:7      | 18939 ||| Stepping ~*~*~tactically~*~*~ (outnumbered).
 18941 | D:7      | 18941 ||| Stepping ~*~*~tactically~*~*~ (outnumbered).
 18943 | D:7      | 18943 ||| Stepping ~*~*~tactically~*~*~ (outnumbered).
 18945 | D:7      | 18945 ||| Stepping ~*~*~tactically~*~*~ (outnumbered).
 18957 | D:7      | 18957 ||| Stepping ~*~*~tactically~*~*~ (outnumbered).
 18959 | D:7      | 18959 ||| Stepping ~*~*~tactically~*~*~ (outnumbered).
 18961 | D:7      | 18961 ||| Stepping ~*~*~tactically~*~*~ (outnumbered).
 18963 | D:7      | 18963 ||| Stepping ~*~*~tactically~*~*~ (outnumbered).
 18965 | D:7      | 18965 ||| Stepping ~*~*~tactically~*~*~ (outnumbered).
 18977 | D:7      | 18977 ||| Stepping ~*~*~tactically~*~*~ (outnumbered).
 18979 | D:7      | 18979 ||| Stepping ~*~*~tactically~*~*~ (outnumbered).
 18981 | D:7      | 18981 ||| Stepping ~*~*~tactically~*~*~ (outnumbered).
 18983 | D:7      | 18983 ||| Stepping ~*~*~tactically~*~*~ (outnumbered).
 18985 | D:7      | 18985 ||| Stepping ~*~*~tactically~*~*~ (outnumbered).
 18997 | D:7      | 18997 ||| Stepping ~*~*~tactically~*~*~ (outnumbered).
 18999 | D:7      | 18999 ||| Stepping ~*~*~tactically~*~*~ (outnumbered).
 19001 | D:7      | 19001 ||| Stepping ~*~*~tactically~*~*~ (outnumbered).
 19003 | D:7      | 19003 ||| Stepping ~*~*~tactically~*~*~ (outnumbered).
 19005 | D:7      | 19005 ||| Stepping ~*~*~tactically~*~*~ (outnumbered).
 19017 | D:7      | 19017 ||| Stepping ~*~*~tactically~*~*~ (outnumbered).
 19019 | D:7      | 19019 ||| Stepping ~*~*~tactically~*~*~ (outnumbered).
 19021 | D:7      | 19021 ||| Stepping ~*~*~tactically~*~*~ (outnumbered).
 19023 | D:7      | 19023 ||| Stepping ~*~*~tactically~*~*~ (outnumbered).
 19025 | D:7      | 19025 ||| Stepping ~*~*~tactically~*~*~ (outnumbered).
 19037 | D:7      | 19037 ||| Stepping ~*~*~tactically~*~*~ (outnumbered).
 19039 | D:7      | 19039 ||| Stepping ~*~*~tactically~*~*~ (outnumbered).
 19041 | D:7      | 19041 ||| Stepping ~*~*~tactically~*~*~ (outnumbered).
 19043 | D:7      | 19043 ||| Stepping ~*~*~tactically~*~*~ (outnumbered).
 19045 | D:7      | 19045 ||| Stepping ~*~*~tactically~*~*~ (outnumbered).
 19057 | D:7      | 19057 ||| Stepping ~*~*~tactically~*~*~ (outnumbered).
 19059 | D:7      | 19059 ||| Stepping ~*~*~tactically~*~*~ (outnumbered).
 19061 | D:7      | 19061 ||| Stepping ~*~*~tactically~*~*~ (outnumbered).
 19063 | D:7      | 19063 ||| Stepping ~*~*~tactically~*~*~ (outnumbered).
 19065 | D:7      | 19065 ||| Stepping ~*~*~tactically~*~*~ (outnumbered).
 19077 | D:7      | 19077 ||| Stepping ~*~*~tactically~*~*~ (outnumbered).
 19079 | D:7      | 19079 ||| Stepping ~*~*~tactically~*~*~ (outnumbered).
 19081 | D:7      | 19081 ||| Stepping ~*~*~tactically~*~*~ (outnumbered).
 19083 | D:7      | 19083 ||| Stepping ~*~*~tactically~*~*~ (outnumbered).
 19085 | D:7      | 19085 ||| Stepping ~*~*~tactically~*~*~ (outnumbered).
 19097 | D:7      | 19097 ||| Stepping ~*~*~tactically~*~*~ (outnumbered).
 19099 | D:7      | 19099 ||| Stepping ~*~*~tactically~*~*~ (outnumbered).
 19101 | D:7      | 19101 ||| Stepping ~*~*~tactically~*~*~ (outnumbered).
 19103 | D:7      | 19103 ||| Stepping ~*~*~tactically~*~*~ (outnumbered).
 19105 | D:7      | 19105 ||| Stepping ~*~*~tactically~*~*~ (outnumbered).
 19117 | D:7      | 19117 ||| Stepping ~*~*~tactically~*~*~ (outnumbered).
 19119 | D:7      | 19119 ||| Stepping ~*~*~tactically~*~*~ (outnumbered).
 19121 | D:7      | 19121 ||| Stepping ~*~*~tactically~*~*~ (outnumbered).
 19123 | D:7      | 19123 ||| Stepping ~*~*~tactically~*~*~ (outnumbered).
 19125 | D:7      | 19125 ||| Stepping ~*~*~tactically~*~*~ (outnumbered).
 19137 | D:7      | 19137 ||| Stepping ~*~*~tactically~*~*~ (outnumbered).
 19139 | D:7      | 19139 ||| Stepping ~*~*~tactically~*~*~ (outnumbered).
 19141 | D:7      | 19141 ||| Stepping ~*~*~tactically~*~*~ (outnumbered).
 19143 | D:7      | 19143 ||| Stepping ~*~*~tactically~*~*~ (outnumbered).
 19145 | D:7      | 19145 ||| Stepping ~*~*~tactically~*~*~ (outnumbered).
 19157 | D:7      | 19157 ||| Stepping ~*~*~tactically~*~*~ (outnumbered).
 19159 | D:7      | 19159 ||| Stepping ~*~*~tactically~*~*~ (outnumbered).
 19161 | D:7      | 19161 ||| Stepping ~*~*~tactically~*~*~ (outnumbered).
 19163 | D:7      | 19163 ||| Stepping ~*~*~tactically~*~*~ (outnumbered).
 19165 | D:7      | 19165 ||| Stepping ~*~*~tactically~*~*~ (outnumbered).
 19177 | D:7      | 19177 ||| Stepping ~*~*~tactically~*~*~ (outnumbered).
 19179 | D:7      | 19179 ||| Stepping ~*~*~tactically~*~*~ (outnumbered).
 19181 | D:7      | 19181 ||| Stepping ~*~*~tactically~*~*~ (outnumbered).
 19183 | D:7      | 19183 ||| Stepping ~*~*~tactically~*~*~ (outnumbered).
 19185 | D:7      | 19185 ||| Stepping ~*~*~tactically~*~*~ (outnumbered).
 19197 | D:7      | 19197 ||| Stepping ~*~*~tactically~*~*~ (outnumbered).
 19199 | D:7      | 19199 ||| Stepping ~*~*~tactically~*~*~ (outnumbered).
 19201 | D:7      | 19201 ||| Stepping ~*~*~tactically~*~*~ (outnumbered).
 19203 | D:7      | 19203 ||| Stepping ~*~*~tactically~*~*~ (outnumbered).
 19205 | D:7      | 19205 ||| Stepping ~*~*~tactically~*~*~ (outnumbered).
 19217 | D:7      | 19217 ||| Stepping ~*~*~tactically~*~*~ (outnumbered).
 19219 | D:7      | 19219 ||| Stepping ~*~*~tactically~*~*~ (outnumbered).
 19221 | D:7      | 19221 ||| Stepping ~*~*~tactically~*~*~ (outnumbered).
 19223 | D:7      | 19223 ||| Stepping ~*~*~tactically~*~*~ (outnumbered).
 19225 | D:7      | 19225 ||| Stepping ~*~*~tactically~*~*~ (outnumbered).
 19237 | D:7      | 19237 ||| Stepping ~*~*~tactically~*~*~ (outnumbered).
 19239 | D:7      | 19239 ||| Stepping ~*~*~tactically~*~*~ (outnumbered).
 19241 | D:7      | 19241 ||| Stepping ~*~*~tactically~*~*~ (outnumbered).
 19243 | D:7      | 19243 ||| Stepping ~*~*~tactically~*~*~ (outnumbered).
 19245 | D:7      | 19245 ||| Stepping ~*~*~tactically~*~*~ (outnumbered).
 19257 | D:7      | 19257 ||| Stepping ~*~*~tactically~*~*~ (outnumbered).
 19259 | D:7      | 19259 ||| Stepping ~*~*~tactically~*~*~ (outnumbered).
 19261 | D:7      | 19261 ||| Stepping ~*~*~tactically~*~*~ (outnumbered).
 19263 | D:7      | 19263 ||| Stepping ~*~*~tactically~*~*~ (outnumbered).
 19265 | D:7      | 19265 ||| Stepping ~*~*~tactically~*~*~ (outnumbered).
 19277 | D:7      | 19277 ||| Stepping ~*~*~tactically~*~*~ (outnumbered).
 19279 | D:7      | 19279 ||| Stepping ~*~*~tactically~*~*~ (outnumbered).
 19281 | D:7      | 19281 ||| Stepping ~*~*~tactically~*~*~ (outnumbered).
 19283 | D:7      | 19283 ||| Stepping ~*~*~tactically~*~*~ (outnumbered).
 19285 | D:7      | 19285 ||| Stepping ~*~*~tactically~*~*~ (outnumbered).
 19297 | D:7      | 19297 ||| Stepping ~*~*~tactically~*~*~ (outnumbered).
 19299 | D:7      | 19299 ||| Stepping ~*~*~tactically~*~*~ (outnumbered).
 19301 | D:7      | 19301 ||| Stepping ~*~*~tactically~*~*~ (outnumbered).
 19303 | D:7      | 19303 ||| Stepping ~*~*~tactically~*~*~ (outnumbered).
 19305 | D:7      | 19305 ||| Stepping ~*~*~tactically~*~*~ (outnumbered).
 19317 | D:7      | 19317 ||| Stepping ~*~*~tactically~*~*~ (outnumbered).
 19319 | D:7      | 19319 ||| Stepping ~*~*~tactically~*~*~ (outnumbered).
 19321 | D:7      | 19321 ||| Stepping ~*~*~tactically~*~*~ (outnumbered).
 19323 | D:7      | 19323 ||| Stepping ~*~*~tactically~*~*~ (outnumbered).
 19325 | D:7      | 19325 ||| Stepping ~*~*~tactically~*~*~ (outnumbered).
 19337 | D:7      | 19337 ||| Stepping ~*~*~tactically~*~*~ (outnumbered).
 19339 | D:7      | 19339 ||| Stepping ~*~*~tactically~*~*~ (outnumbered).
 19341 | D:7      | 19341 ||| Stepping ~*~*~tactically~*~*~ (outnumbered).
 19343 | D:7      | 19343 ||| Stepping ~*~*~tactically~*~*~ (outnumbered).
 19345 | D:7      | 19345 ||| Stepping ~*~*~tactically~*~*~ (outnumbered).
 19357 | D:7      | 19357 ||| Stepping ~*~*~tactically~*~*~ (outnumbered).
 19359 | D:7      | 19359 ||| Stepping ~*~*~tactically~*~*~ (outnumbered).
 19361 | D:7      | 19361 ||| Stepping ~*~*~tactically~*~*~ (outnumbered).
 19363 | D:7      | 19363 ||| Stepping ~*~*~tactically~*~*~ (outnumbered).
 19365 | D:7      | 19365 ||| Stepping ~*~*~tactically~*~*~ (outnumbered).
 19377 | D:7      | 19377 ||| Stepping ~*~*~tactically~*~*~ (outnumbered).
 19379 | D:7      | 19379 ||| Stepping ~*~*~tactically~*~*~ (outnumbered).
 19381 | D:7      | 19381 ||| Stepping ~*~*~tactically~*~*~ (outnumbered).
 19383 | D:7      | 19383 ||| Stepping ~*~*~tactically~*~*~ (outnumbered).
 19385 | D:7      | 19385 ||| Stepping ~*~*~tactically~*~*~ (outnumbered).
 19397 | D:7      | 19397 ||| Stepping ~*~*~tactically~*~*~ (outnumbered).
 19399 | D:7      | 19399 ||| Stepping ~*~*~tactically~*~*~ (outnumbered).
 19401 | D:7      | 19401 ||| Stepping ~*~*~tactically~*~*~ (outnumbered).
 19403 | D:7      | 19403 ||| Stepping ~*~*~tactically~*~*~ (outnumbered).
 19405 | D:7      | 19405 ||| Stepping ~*~*~tactically~*~*~ (outnumbered).
 19417 | D:7      | 19417 ||| Stepping ~*~*~tactically~*~*~ (outnumbered).
 19419 | D:7      | 19419 ||| Stepping ~*~*~tactically~*~*~ (outnumbered).
 19421 | D:7      | 19421 ||| Stepping ~*~*~tactically~*~*~ (outnumbered).
 19423 | D:7      | 19423 ||| Stepping ~*~*~tactically~*~*~ (outnumbered).
 19425 | D:7      | 19425 ||| Stepping ~*~*~tactically~*~*~ (outnumbered).
 19437 | D:7      | 19437 ||| Stepping ~*~*~tactically~*~*~ (outnumbered).
 19439 | D:7      | 19439 ||| Stepping ~*~*~tactically~*~*~ (outnumbered).
 19441 | D:7      | 19441 ||| Stepping ~*~*~tactically~*~*~ (outnumbered).
 19443 | D:7      | 19443 ||| Stepping ~*~*~tactically~*~*~ (outnumbered).
 19445 | D:7      | 19445 ||| Stepping ~*~*~tactically~*~*~ (outnumbered).
 19457 | D:7      | 19457 ||| Stepping ~*~*~tactically~*~*~ (outnumbered).
 19459 | D:7      | 19459 ||| Stepping ~*~*~tactically~*~*~ (outnumbered).
 19461 | D:7      | 19461 ||| Stepping ~*~*~tactically~*~*~ (outnumbered).
 19463 | D:7      | 19463 ||| Stepping ~*~*~tactically~*~*~ (outnumbered).
 19465 | D:7      | 19465 ||| Stepping ~*~*~tactically~*~*~ (outnumbered).
 19477 | D:7      | 19477 ||| Stepping ~*~*~tactically~*~*~ (outnumbered).
 19479 | D:7      | 19479 ||| Stepping ~*~*~tactically~*~*~ (outnumbered).
 19481 | D:7      | 19481 ||| Stepping ~*~*~tactically~*~*~ (outnumbered).
 19483 | D:7      | 19483 ||| Stepping ~*~*~tactically~*~*~ (outnumbered).
 19485 | D:7      | 19485 ||| Stepping ~*~*~tactically~*~*~ (outnumbered).
 19497 | D:7      | 19497 ||| Stepping ~*~*~tactically~*~*~ (outnumbered).
 19499 | D:7      | 19499 ||| Stepping ~*~*~tactically~*~*~ (outnumbered).
 19501 | D:7      | 19501 ||| Stepping ~*~*~tactically~*~*~ (outnumbered).
 19503 | D:7      | 19503 ||| Stepping ~*~*~tactically~*~*~ (outnumbered).
 19505 | D:7      | 19505 ||| Stepping ~*~*~tactically~*~*~ (outnumbered).
 19517 | D:7      | 19517 ||| Stepping ~*~*~tactically~*~*~ (outnumbered).
 19519 | D:7      | 19519 ||| Stepping ~*~*~tactically~*~*~ (outnumbered).
 19521 | D:7      | 19521 ||| Stepping ~*~*~tactically~*~*~ (outnumbered).
 19523 | D:7      | 19523 ||| Stepping ~*~*~tactically~*~*~ (outnumbered).
 19525 | D:7      | 19525 ||| Stepping ~*~*~tactically~*~*~ (outnumbered).
 19537 | D:7      | 19537 ||| Stepping ~*~*~tactically~*~*~ (outnumbered).
 19539 | D:7      | 19539 ||| Stepping ~*~*~tactically~*~*~ (outnumbered).
 19541 | D:7      | 19541 ||| Stepping ~*~*~tactically~*~*~ (outnumbered).
 19543 | D:7      | 19543 ||| Stepping ~*~*~tactically~*~*~ (outnumbered).
 19545 | D:7      | 19545 ||| Stepping ~*~*~tactically~*~*~ (outnumbered).
 19557 | D:7      | 19557 ||| Stepping ~*~*~tactically~*~*~ (outnumbered).
 19559 | D:7      | 19559 ||| Stepping ~*~*~tactically~*~*~ (outnumbered).
 19561 | D:7      | 19561 ||| Stepping ~*~*~tactically~*~*~ (outnumbered).
 19563 | D:7      | 19563 ||| Stepping ~*~*~tactically~*~*~ (outnumbered).
 19565 | D:7      | 19565 ||| Stepping ~*~*~tactically~*~*~ (outnumbered).
 19577 | D:7      | 19577 ||| Stepping ~*~*~tactically~*~*~ (outnumbered).
 19579 | D:7      | 19579 ||| Stepping ~*~*~tactically~*~*~ (outnumbered).
 19581 | D:7      | 19581 ||| Stepping ~*~*~tactically~*~*~ (outnumbered).
 19583 | D:7      | 19583 ||| Stepping ~*~*~tactically~*~*~ (outnumbered).
 19585 | D:7      | 19585 ||| Stepping ~*~*~tactically~*~*~ (outnumbered).
 19597 | D:7      | 19597 ||| Stepping ~*~*~tactically~*~*~ (outnumbered).
 19599 | D:7      | 19599 ||| Stepping ~*~*~tactically~*~*~ (outnumbered).
 19601 | D:7      | 19601 ||| Stepping ~*~*~tactically~*~*~ (outnumbered).
 19603 | D:7      | 19603 ||| Stepping ~*~*~tactically~*~*~ (outnumbered).
 19605 | D:7      | 19605 ||| Stepping ~*~*~tactically~*~*~ (outnumbered).
 19617 | D:7      | 19617 ||| Stepping ~*~*~tactically~*~*~ (outnumbered).
 19619 | D:7      | 19619 ||| Stepping ~*~*~tactically~*~*~ (outnumbered).
 19621 | D:7      | 19621 ||| Stepping ~*~*~tactically~*~*~ (outnumbered).
 19623 | D:7      | 19623 ||| Stepping ~*~*~tactically~*~*~ (outnumbered).
 19625 | D:7      | 19625 ||| Stepping ~*~*~tactically~*~*~ (outnumbered).
 19637 | D:7      | 19637 ||| Stepping ~*~*~tactically~*~*~ (outnumbered).
 19639 | D:7      | 19639 ||| Stepping ~*~*~tactically~*~*~ (outnumbered).
 19641 | D:7      | 19641 ||| Stepping ~*~*~tactically~*~*~ (outnumbered).
 19643 | D:7      | 19643 ||| Stepping ~*~*~tactically~*~*~ (outnumbered).
 19645 | D:7      | 19645 ||| Stepping ~*~*~tactically~*~*~ (outnumbered).
 19657 | D:7      | 19657 ||| Stepping ~*~*~tactically~*~*~ (outnumbered).
 19659 | D:7      | 19659 ||| Stepping ~*~*~tactically~*~*~ (outnumbered).
 19661 | D:7      | 19661 ||| Stepping ~*~*~tactically~*~*~ (outnumbered).
 19663 | D:7      | 19663 ||| Stepping ~*~*~tactically~*~*~ (outnumbered).
 19665 | D:7      | 19665 ||| Stepping ~*~*~tactically~*~*~ (outnumbered).
 19677 | D:7      | 19677 ||| Stepping ~*~*~tactically~*~*~ (outnumbered).
 19679 | D:7      | 19679 ||| Stepping ~*~*~tactically~*~*~ (outnumbered).
 19681 | D:7      | 19681 ||| Stepping ~*~*~tactically~*~*~ (outnumbered).
 19683 | D:7      | 19683 ||| Stepping ~*~*~tactically~*~*~ (outnumbered).
 19685 | D:7      | 19685 ||| Stepping ~*~*~tactically~*~*~ (outnumbered).
 19697 | D:7      | 19697 ||| Stepping ~*~*~tactically~*~*~ (outnumbered).
 19699 | D:7      | 19699 ||| Stepping ~*~*~tactically~*~*~ (outnumbered).
 19701 | D:7      | 19701 ||| Stepping ~*~*~tactically~*~*~ (outnumbered).
 19703 | D:7      | 19703 ||| Stepping ~*~*~tactically~*~*~ (outnumbered).
 19705 | D:7      | 19705 ||| Stepping ~*~*~tactically~*~*~ (outnumbered).
 19717 | D:7      | 19717 ||| Stepping ~*~*~tactically~*~*~ (outnumbered).
 19719 | D:7      | 19719 ||| Stepping ~*~*~tactically~*~*~ (outnumbered).
 19721 | D:7      | 19721 ||| Stepping ~*~*~tactically~*~*~ (outnumbered).
 19723 | D:7      | 19723 ||| Stepping ~*~*~tactically~*~*~ (outnumbered).
 19725 | D:7      | 19725 ||| Stepping ~*~*~tactically~*~*~ (outnumbered).
 19737 | D:7      | 19737 ||| Stepping ~*~*~tactically~*~*~ (outnumbered).
 19739 | D:7      | 19739 ||| Stepping ~*~*~tactically~*~*~ (outnumbered).
 19741 | D:7      | 19741 ||| Stepping ~*~*~tactically~*~*~ (outnumbered).
 19743 | D:7      | 19743 ||| Stepping ~*~*~tactically~*~*~ (outnumbered).
 19745 | D:7      | 19745 ||| Stepping ~*~*~tactically~*~*~ (outnumbered).
 19757 | D:7      | 19757 ||| Stepping ~*~*~tactically~*~*~ (outnumbered).
 19759 | D:7      | 19759 ||| Stepping ~*~*~tactically~*~*~ (outnumbered).
 19761 | D:7      | 19761 ||| Stepping ~*~*~tactically~*~*~ (outnumbered).
 19763 | D:7      | 19763 ||| Stepping ~*~*~tactically~*~*~ (outnumbered).
 19765 | D:7      | 19765 ||| Stepping ~*~*~tactically~*~*~ (outnumbered).
 19777 | D:7      | 19777 ||| Stepping ~*~*~tactically~*~*~ (outnumbered).
 19779 | D:7      | 19779 ||| Stepping ~*~*~tactically~*~*~ (outnumbered).
 19781 | D:7      | 19781 ||| Stepping ~*~*~tactically~*~*~ (outnumbered).
 19783 | D:7      | 19783 ||| Stepping ~*~*~tactically~*~*~ (outnumbered).
 19785 | D:7      | 19785 ||| Stepping ~*~*~tactically~*~*~ (outnumbered).
 19797 | D:7      | 19797 ||| Stepping ~*~*~tactically~*~*~ (outnumbered).
 19799 | D:7      | 19799 ||| Stepping ~*~*~tactically~*~*~ (outnumbered).
 19801 | D:7      | 19801 ||| Stepping ~*~*~tactically~*~*~ (outnumbered).
 19803 | D:7      | 19803 ||| Stepping ~*~*~tactically~*~*~ (outnumbered).
 19805 | D:7      | 19805 ||| Stepping ~*~*~tactically~*~*~ (outnumbered).
 19817 | D:7      | 19817 ||| Stepping ~*~*~tactically~*~*~ (outnumbered).
 19819 | D:7      | 19819 ||| Stepping ~*~*~tactically~*~*~ (outnumbered).
 19821 | D:7      | 19821 ||| Stepping ~*~*~tactically~*~*~ (outnumbered).
 19823 | D:7      | 19823 ||| Stepping ~*~*~tactically~*~*~ (outnumbered).
 19825 | D:7      | 19825 ||| Stepping ~*~*~tactically~*~*~ (outnumbered).
 19837 | D:7      | 19837 ||| Stepping ~*~*~tactically~*~*~ (outnumbered).
 19839 | D:7      | 19839 ||| Stepping ~*~*~tactically~*~*~ (outnumbered).
 19841 | D:7      | 19841 ||| Stepping ~*~*~tactically~*~*~ (outnumbered).
 19843 | D:7      | 19843 ||| Stepping ~*~*~tactically~*~*~ (outnumbered).
 19845 | D:7      | 19845 ||| Stepping ~*~*~tactically~*~*~ (outnumbered).
 19857 | D:7      | 19857 ||| Stepping ~*~*~tactically~*~*~ (outnumbered).
 19859 | D:7      | 19859 ||| Stepping ~*~*~tactically~*~*~ (outnumbered).
 19861 | D:7      | 19861 ||| Stepping ~*~*~tactically~*~*~ (outnumbered).
 19863 | D:7      | 19863 ||| Stepping ~*~*~tactically~*~*~ (outnumbered).
 19865 | D:7      | 19865 ||| Stepping ~*~*~tactically~*~*~ (outnumbered).
 19877 | D:7      | 19877 ||| Stepping ~*~*~tactically~*~*~ (outnumbered).
 19879 | D:7      | 19879 ||| Stepping ~*~*~tactically~*~*~ (outnumbered).
 19881 | D:7      | 19881 ||| Stepping ~*~*~tactically~*~*~ (outnumbered).
 19883 | D:7      | 19883 ||| Stepping ~*~*~tactically~*~*~ (outnumbered).
 19885 | D:7      | 19885 ||| Stepping ~*~*~tactically~*~*~ (outnumbered).
 19897 | D:7      | 19897 ||| Stepping ~*~*~tactically~*~*~ (outnumbered).
 19899 | D:7      | 19899 ||| Stepping ~*~*~tactically~*~*~ (outnumbered).
 19901 | D:7      | 19901 ||| Stepping ~*~*~tactically~*~*~ (outnumbered).
 19903 | D:7      | 19903 ||| Stepping ~*~*~tactically~*~*~ (outnumbered).
 19905 | D:7      | 19905 ||| Stepping ~*~*~tactically~*~*~ (outnumbered).
 19917 | D:7      | 19917 ||| Stepping ~*~*~tactically~*~*~ (outnumbered).
 19919 | D:7      | 19919 ||| Stepping ~*~*~tactically~*~*~ (outnumbered).
 19921 | D:7      | 19921 ||| Stepping ~*~*~tactically~*~*~ (outnumbered).
 19923 | D:7      | 19923 ||| Stepping ~*~*~tactically~*~*~ (outnumbered).
 19925 | D:7      | 19925 ||| Stepping ~*~*~tactically~*~*~ (outnumbered).
 19937 | D:7      | 19937 ||| Stepping ~*~*~tactically~*~*~ (outnumbered).
 19939 | D:7      | 19939 ||| Stepping ~*~*~tactically~*~*~ (outnumbered).
 19941 | D:7      | 19941 ||| Stepping ~*~*~tactically~*~*~ (outnumbered).
 19943 | D:7      | 19943 ||| Stepping ~*~*~tactically~*~*~ (outnumbered).
 19945 | D:7      | 19945 ||| Stepping ~*~*~tactically~*~*~ (outnumbered).
 19957 | D:7      | 19957 ||| Stepping ~*~*~tactically~*~*~ (outnumbered).
 19959 | D:7      | 19959 ||| Stepping ~*~*~tactically~*~*~ (outnumbered).
 19961 | D:7      | 19961 ||| Stepping ~*~*~tactically~*~*~ (outnumbered).
 19963 | D:7      | 19963 ||| Stepping ~*~*~tactically~*~*~ (outnumbered).
 19965 | D:7      | 19965 ||| Stepping ~*~*~tactically~*~*~ (outnumbered).
 19977 | D:7      | 19977 ||| Stepping ~*~*~tactically~*~*~ (outnumbered).
 19979 | D:7      | 19979 ||| Stepping ~*~*~tactically~*~*~ (outnumbered).
 19981 | D:7      | 19981 ||| Stepping ~*~*~tactically~*~*~ (outnumbered).
 19983 | D:7      | 19983 ||| Stepping ~*~*~tactically~*~*~ (outnumbered).
 19985 | D:7      | 19985 ||| Stepping ~*~*~tactically~*~*~ (outnumbered).
 19997 | D:7      | 19997 ||| Stepping ~*~*~tactically~*~*~ (outnumbered).
 19999 | D:7      | 19999 ||| Stepping ~*~*~tactically~*~*~ (outnumbered).
 20001 | D:7      | 20001 ||| Stepping ~*~*~tactically~*~*~ (outnumbered).
 20003 | D:7      | 20003 ||| Stepping ~*~*~tactically~*~*~ (outnumbered).
 20005 | D:7      | 20005 ||| Stepping ~*~*~tactically~*~*~ (outnumbered).
 20017 | D:7      | 20017 ||| Stepping ~*~*~tactically~*~*~ (outnumbered).
 20019 | D:7      | 20019 ||| Stepping ~*~*~tactically~*~*~ (outnumbered).
 20021 | D:7      | 20021 ||| Stepping ~*~*~tactically~*~*~ (outnumbered).
 20023 | D:7      | 20023 ||| Stepping ~*~*~tactically~*~*~ (outnumbered).
 20025 | D:7      | 20025 ||| Stepping ~*~*~tactically~*~*~ (outnumbered).
 20037 | D:7      | 20037 ||| Stepping ~*~*~tactically~*~*~ (outnumbered).
 20039 | D:7      | 20039 ||| Stepping ~*~*~tactically~*~*~ (outnumbered).
 20041 | D:7      | 20041 ||| Stepping ~*~*~tactically~*~*~ (outnumbered).
 20043 | D:7      | 20043 ||| Stepping ~*~*~tactically~*~*~ (outnumbered).
 20045 | D:7      | 20045 ||| Stepping ~*~*~tactically~*~*~ (outnumbered).
 20057 | D:7      | 20057 ||| Stepping ~*~*~tactically~*~*~ (outnumbered).
 20059 | D:7      | 20059 ||| Stepping ~*~*~tactically~*~*~ (outnumbered).
 20061 | D:7      | 20061 ||| Stepping ~*~*~tactically~*~*~ (outnumbered).
 20063 | D:7      | 20063 ||| Stepping ~*~*~tactically~*~*~ (outnumbered).
 20065 | D:7      | 20065 ||| Stepping ~*~*~tactically~*~*~ (outnumbered).
 20077 | D:7      | 20077 ||| Stepping ~*~*~tactically~*~*~ (outnumbered).
 20079 | D:7      | 20079 ||| Stepping ~*~*~tactically~*~*~ (outnumbered).
 20081 | D:7      | 20081 ||| Stepping ~*~*~tactically~*~*~ (outnumbered).
 20083 | D:7      | 20083 ||| Stepping ~*~*~tactically~*~*~ (outnumbered).
 20085 | D:7      | 20085 ||| Stepping ~*~*~tactically~*~*~ (outnumbered).
 20097 | D:7      | 20097 ||| Stepping ~*~*~tactically~*~*~ (outnumbered).
 20099 | D:7      | 20099 ||| Stepping ~*~*~tactically~*~*~ (outnumbered).
 20101 | D:7      | 20101 ||| Stepping ~*~*~tactically~*~*~ (outnumbered).
 20103 | D:7      | 20103 ||| Stepping ~*~*~tactically~*~*~ (outnumbered).
 20105 | D:7      | 20105 ||| Stepping ~*~*~tactically~*~*~ (outnumbered).
 20117 | D:7      | 20117 ||| Stepping ~*~*~tactically~*~*~ (outnumbered).
 20119 | D:7      | 20119 ||| Stepping ~*~*~tactically~*~*~ (outnumbered).
 20121 | D:7      | 20121 ||| Stepping ~*~*~tactically~*~*~ (outnumbered).
 20123 | D:7      | 20123 ||| Stepping ~*~*~tactically~*~*~ (outnumbered).
 20125 | D:7      | 20125 ||| Stepping ~*~*~tactically~*~*~ (outnumbered).
 20137 | D:7      | 20137 ||| Stepping ~*~*~tactically~*~*~ (outnumbered).
 20139 | D:7      | 20139 ||| Stepping ~*~*~tactically~*~*~ (outnumbered).
 20141 | D:7      | 20141 ||| Stepping ~*~*~tactically~*~*~ (outnumbered).
 20143 | D:7      | 20143 ||| Stepping ~*~*~tactically~*~*~ (outnumbered).
 20145 | D:7      | 20145 ||| Stepping ~*~*~tactically~*~*~ (outnumbered).
 20157 | D:7      | 20157 ||| Stepping ~*~*~tactically~*~*~ (outnumbered).
 20159 | D:7      | 20159 ||| Stepping ~*~*~tactically~*~*~ (outnumbered).
 20161 | D:7      | 20161 ||| Stepping ~*~*~tactically~*~*~ (outnumbered).
 20163 | D:7      | 20163 ||| Stepping ~*~*~tactically~*~*~ (outnumbered).
 20165 | D:7      | 20165 ||| Stepping ~*~*~tactically~*~*~ (outnumbered).
 20177 | D:7      | 20177 ||| Stepping ~*~*~tactically~*~*~ (outnumbered).
 20179 | D:7      | 20179 ||| Stepping ~*~*~tactically~*~*~ (outnumbered).
 20181 | D:7      | 20181 ||| Stepping ~*~*~tactically~*~*~ (outnumbered).
 20183 | D:7      | 20183 ||| Stepping ~*~*~tactically~*~*~ (outnumbered).
 20185 | D:7      | 20185 ||| Stepping ~*~*~tactically~*~*~ (outnumbered).
 20197 | D:7      | 20197 ||| Stepping ~*~*~tactically~*~*~ (outnumbered).
 20199 | D:7      | 20199 ||| Stepping ~*~*~tactically~*~*~ (outnumbered).
 20201 | D:7      | 20201 ||| Stepping ~*~*~tactically~*~*~ (outnumbered).
 20203 | D:7      | 20203 ||| Stepping ~*~*~tactically~*~*~ (outnumbered).
 20205 | D:7      | 20205 ||| Stepping ~*~*~tactically~*~*~ (outnumbered).
 20217 | D:7      | 20217 ||| Stepping ~*~*~tactically~*~*~ (outnumbered).
 20219 | D:7      | 20219 ||| Stepping ~*~*~tactically~*~*~ (outnumbered).
 20221 | D:7      | 20221 ||| Stepping ~*~*~tactically~*~*~ (outnumbered).
 20223 | D:7      | 20223 ||| Stepping ~*~*~tactically~*~*~ (outnumbered).
 20225 | D:7      | 20225 ||| Stepping ~*~*~tactically~*~*~ (outnumbered).
 20237 | D:7      | 20237 ||| Stepping ~*~*~tactically~*~*~ (outnumbered).
 20239 | D:7      | 20239 ||| Stepping ~*~*~tactically~*~*~ (outnumbered).
 20241 | D:7      | 20241 ||| Stepping ~*~*~tactically~*~*~ (outnumbered).
 20243 | D:7      | 20243 ||| Stepping ~*~*~tactically~*~*~ (outnumbered).
 20245 | D:7      | 20245 ||| Stepping ~*~*~tactically~*~*~ (outnumbered).
 20257 | D:7      | 20257 ||| Stepping ~*~*~tactically~*~*~ (outnumbered).
 20259 | D:7      | 20259 ||| Stepping ~*~*~tactically~*~*~ (outnumbered).
 20261 | D:7      | 20261 ||| Stepping ~*~*~tactically~*~*~ (outnumbered).
 20263 | D:7      | 20263 ||| Stepping ~*~*~tactically~*~*~ (outnumbered).
 20265 | D:7      | 20265 ||| Stepping ~*~*~tactically~*~*~ (outnumbered).
 20277 | D:7      | 20277 ||| Stepping ~*~*~tactically~*~*~ (outnumbered).
 20279 | D:7      | 20279 ||| Stepping ~*~*~tactically~*~*~ (outnumbered).
 20281 | D:7      | 20281 ||| Stepping ~*~*~tactically~*~*~ (outnumbered).
 20283 | D:7      | 20283 ||| Stepping ~*~*~tactically~*~*~ (outnumbered).
 20285 | D:7      | 20285 ||| Stepping ~*~*~tactically~*~*~ (outnumbered).
 20297 | D:7      | 20297 ||| Stepping ~*~*~tactically~*~*~ (outnumbered).
 20299 | D:7      | 20299 ||| Stepping ~*~*~tactically~*~*~ (outnumbered).
 20301 | D:7      | 20301 ||| Stepping ~*~*~tactically~*~*~ (outnumbered).
 20303 | D:7      | 20303 ||| Stepping ~*~*~tactically~*~*~ (outnumbered).
 20305 | D:7      | 20305 ||| Stepping ~*~*~tactically~*~*~ (outnumbered).
 20317 | D:7      | 20317 ||| Stepping ~*~*~tactically~*~*~ (outnumbered).
 20319 | D:7      | 20319 ||| Stepping ~*~*~tactically~*~*~ (outnumbered).
 20321 | D:7      | 20321 ||| Stepping ~*~*~tactically~*~*~ (outnumbered).
 20323 | D:7      | 20323 ||| Stepping ~*~*~tactically~*~*~ (outnumbered).
 20325 | D:7      | 20325 ||| Stepping ~*~*~tactically~*~*~ (outnumbered).
 20337 | D:7      | 20337 ||| Stepping ~*~*~tactically~*~*~ (outnumbered).
 20339 | D:7      | 20339 ||| Stepping ~*~*~tactically~*~*~ (outnumbered).
 20341 | D:7      | 20341 ||| Stepping ~*~*~tactically~*~*~ (outnumbered).
 20343 | D:7      | 20343 ||| Stepping ~*~*~tactically~*~*~ (outnumbered).
 20345 | D:7      | 20345 ||| Stepping ~*~*~tactically~*~*~ (outnumbered).
 20357 | D:7      | 20357 ||| Stepping ~*~*~tactically~*~*~ (outnumbered).
 20359 | D:7      | 20359 ||| Stepping ~*~*~tactically~*~*~ (outnumbered).
 20361 | D:7      | 20361 ||| Stepping ~*~*~tactically~*~*~ (outnumbered).
 20363 | D:7      | 20363 ||| Stepping ~*~*~tactically~*~*~ (outnumbered).
 20365 | D:7      | 20365 ||| Stepping ~*~*~tactically~*~*~ (outnumbered).
 20377 | D:7      | 20377 ||| Stepping ~*~*~tactically~*~*~ (outnumbered).
 20379 | D:7      | 20379 ||| Stepping ~*~*~tactically~*~*~ (outnumbered).
 20381 | D:7      | 20381 ||| Stepping ~*~*~tactically~*~*~ (outnumbered).
 20383 | D:7      | 20383 ||| Stepping ~*~*~tactically~*~*~ (outnumbered).
 20385 | D:7      | 20385 ||| Stepping ~*~*~tactically~*~*~ (outnumbered).
 20397 | D:7      | 20397 ||| Stepping ~*~*~tactically~*~*~ (outnumbered).
 20399 | D:7      | 20399 ||| Stepping ~*~*~tactically~*~*~ (outnumbered).
 20401 | D:7      | 20401 ||| Stepping ~*~*~tactically~*~*~ (outnumbered).
 20403 | D:7      | 20403 ||| Stepping ~*~*~tactically~*~*~ (outnumbered).
 20405 | D:7      | 20405 ||| Stepping ~*~*~tactically~*~*~ (outnumbered).
 20417 | D:7      | 20417 ||| Stepping ~*~*~tactically~*~*~ (outnumbered).
 20419 | D:7      | 20419 ||| Stepping ~*~*~tactically~*~*~ (outnumbered).
 20421 | D:7      | 20421 ||| Stepping ~*~*~tactically~*~*~ (outnumbered).
 20423 | D:7      | 20423 ||| Stepping ~*~*~tactically~*~*~ (outnumbered).
 20425 | D:7      | 20425 ||| Stepping ~*~*~tactically~*~*~ (outnumbered).
 20437 | D:7      | 20437 ||| Stepping ~*~*~tactically~*~*~ (outnumbered).
 20439 | D:7      | 20439 ||| Stepping ~*~*~tactically~*~*~ (outnumbered).
 20441 | D:7      | 20441 ||| Stepping ~*~*~tactically~*~*~ (outnumbered).
 20443 | D:7      | 20443 ||| Stepping ~*~*~tactically~*~*~ (outnumbered).
 20445 | D:7      | 20445 ||| Stepping ~*~*~tactically~*~*~ (outnumbered).
 20457 | D:7      | 20457 ||| Stepping ~*~*~tactically~*~*~ (outnumbered).
 20459 | D:7      | 20459 ||| Stepping ~*~*~tactically~*~*~ (outnumbered).
 20461 | D:7      | 20461 ||| Stepping ~*~*~tactically~*~*~ (outnumbered).
 20463 | D:7      | 20463 ||| Stepping ~*~*~tactically~*~*~ (outnumbered).
 20465 | D:7      | 20465 ||| Stepping ~*~*~tactically~*~*~ (outnumbered).
 20477 | D:7      | 20477 ||| Stepping ~*~*~tactically~*~*~ (outnumbered).
 20479 | D:7      | 20479 ||| Stepping ~*~*~tactically~*~*~ (outnumbered).
 20481 | D:7      | 20481 ||| Stepping ~*~*~tactically~*~*~ (outnumbered).
 20483 | D:7      | 20483 ||| Stepping ~*~*~tactically~*~*~ (outnumbered).
 20485 | D:7      | 20485 ||| Stepping ~*~*~tactically~*~*~ (outnumbered).
 20497 | D:7      | 20497 ||| Stepping ~*~*~tactically~*~*~ (outnumbered).
 20499 | D:7      | 20499 ||| Stepping ~*~*~tactically~*~*~ (outnumbered).
 20501 | D:7      | 20501 ||| Stepping ~*~*~tactically~*~*~ (outnumbered).
 20503 | D:7      | 20503 ||| Stepping ~*~*~tactically~*~*~ (outnumbered).
 20505 | D:7      | 20505 ||| Stepping ~*~*~tactically~*~*~ (outnumbered).
 20517 | D:7      | 20517 ||| Stepping ~*~*~tactically~*~*~ (outnumbered).
 20519 | D:7      | 20519 ||| Stepping ~*~*~tactically~*~*~ (outnumbered).
 20521 | D:7      | 20521 ||| Stepping ~*~*~tactically~*~*~ (outnumbered).
 20523 | D:7      | 20523 ||| Stepping ~*~*~tactically~*~*~ (outnumbered).
 20525 | D:7      | 20525 ||| Stepping ~*~*~tactically~*~*~ (outnumbered).
 20537 | D:7      | 20537 ||| Stepping ~*~*~tactically~*~*~ (outnumbered).
 20539 | D:7      | 20539 ||| Stepping ~*~*~tactically~*~*~ (outnumbered).
 20541 | D:7      | 20541 ||| Stepping ~*~*~tactically~*~*~ (outnumbered).
 20543 | D:7      | 20543 ||| Stepping ~*~*~tactically~*~*~ (outnumbered).
 20545 | D:7      | 20545 ||| Stepping ~*~*~tactically~*~*~ (outnumbered).
 20557 | D:7      | 20557 ||| Stepping ~*~*~tactically~*~*~ (outnumbered).
 20559 | D:7      | 20559 ||| Stepping ~*~*~tactically~*~*~ (outnumbered).
 20561 | D:7      | 20561 ||| Stepping ~*~*~tactically~*~*~ (outnumbered).
 20563 | D:7      | 20563 ||| Stepping ~*~*~tactically~*~*~ (outnumbered).
 20565 | D:7      | 20565 ||| Stepping ~*~*~tactically~*~*~ (outnumbered).
 20577 | D:7      | 20577 ||| Stepping ~*~*~tactically~*~*~ (outnumbered).
 20579 | D:7      | 20579 ||| Stepping ~*~*~tactically~*~*~ (outnumbered).
 20581 | D:7      | 20581 ||| Stepping ~*~*~tactically~*~*~ (outnumbered).
 20583 | D:7      | 20583 ||| Stepping ~*~*~tactically~*~*~ (outnumbered).
 20585 | D:7      | 20585 ||| Stepping ~*~*~tactically~*~*~ (outnumbered).
 20597 | D:7      | 20597 ||| Stepping ~*~*~tactically~*~*~ (outnumbered).
 20599 | D:7      | 20599 ||| Stepping ~*~*~tactically~*~*~ (outnumbered).
 20601 | D:7      | 20601 ||| Stepping ~*~*~tactically~*~*~ (outnumbered).
 20603 | D:7      | 20603 ||| Stepping ~*~*~tactically~*~*~ (outnumbered).
 20605 | D:7      | 20605 ||| Stepping ~*~*~tactically~*~*~ (outnumbered).
 20617 | D:7      | 20617 ||| Stepping ~*~*~tactically~*~*~ (outnumbered).
 20619 | D:7      | 20619 ||| Stepping ~*~*~tactically~*~*~ (outnumbered).
 20621 | D:7      | 20621 ||| Stepping ~*~*~tactically~*~*~ (outnumbered).
 20623 | D:7      | 20623 ||| Stepping ~*~*~tactically~*~*~ (outnumbered).
 20625 | D:7      | 20625 ||| Stepping ~*~*~tactically~*~*~ (outnumbered).
 20637 | D:7      | 20637 ||| Stepping ~*~*~tactically~*~*~ (outnumbered).
 20639 | D:7      | 20639 ||| Stepping ~*~*~tactically~*~*~ (outnumbered).
 20641 | D:7      | 20641 ||| Stepping ~*~*~tactically~*~*~ (outnumbered).
 20643 | D:7      | 20643 ||| Stepping ~*~*~tactically~*~*~ (outnumbered).
 20645 | D:7      | 20645 ||| Stepping ~*~*~tactically~*~*~ (outnumbered).
 20657 | D:7      | 20657 ||| Stepping ~*~*~tactically~*~*~ (outnumbered).
 20659 | D:7      | 20659 ||| Stepping ~*~*~tactically~*~*~ (outnumbered).
 20661 | D:7      | 20661 ||| Stepping ~*~*~tactically~*~*~ (outnumbered).
 20663 | D:7      | 20663 ||| Stepping ~*~*~tactically~*~*~ (outnumbered).
 20665 | D:7      | 20665 ||| Stepping ~*~*~tactically~*~*~ (outnumbered).
 20677 | D:7      | 20677 ||| Stepping ~*~*~tactically~*~*~ (outnumbered).
 20679 | D:7      | 20679 ||| Stepping ~*~*~tactically~*~*~ (outnumbered).
 20681 | D:7      | 20681 ||| Stepping ~*~*~tactically~*~*~ (outnumbered).
 20683 | D:7      | 20683 ||| Stepping ~*~*~tactically~*~*~ (outnumbered).
 20685 | D:7      | 20685 ||| Stepping ~*~*~tactically~*~*~ (outnumbered).
 20697 | D:7      | 20697 ||| Stepping ~*~*~tactically~*~*~ (outnumbered).
 20699 | D:7      | 20699 ||| Stepping ~*~*~tactically~*~*~ (outnumbered).
 20701 | D:7      | 20701 ||| Stepping ~*~*~tactically~*~*~ (outnumbered).
 20703 | D:7      | 20703 ||| Stepping ~*~*~tactically~*~*~ (outnumbered).
 20705 | D:7      | 20705 ||| Stepping ~*~*~tactically~*~*~ (outnumbered).
 20717 | D:7      | 20717 ||| Stepping ~*~*~tactically~*~*~ (outnumbered).
 20719 | D:7      | 20719 ||| Stepping ~*~*~tactically~*~*~ (outnumbered).
 20721 | D:7      | 20721 ||| Stepping ~*~*~tactically~*~*~ (outnumbered).
 20723 | D:7      | 20723 ||| Stepping ~*~*~tactically~*~*~ (outnumbered).
 20725 | D:7      | 20725 ||| Stepping ~*~*~tactically~*~*~ (outnumbered).
 20737 | D:7      | 20737 ||| Stepping ~*~*~tactically~*~*~ (outnumbered).
 20739 | D:7      | 20739 ||| Stepping ~*~*~tactically~*~*~ (outnumbered).
 20741 | D:7      | 20741 ||| Stepping ~*~*~tactically~*~*~ (outnumbered).
 20743 | D:7      | 20743 ||| Stepping ~*~*~tactically~*~*~ (outnumbered).
 20745 | D:7      | 20745 ||| Stepping ~*~*~tactically~*~*~ (outnumbered).
 20757 | D:7      | 20757 ||| Stepping ~*~*~tactically~*~*~ (outnumbered).
 20759 | D:7      | 20759 ||| Stepping ~*~*~tactically~*~*~ (outnumbered).
 20761 | D:7      | 20761 ||| Stepping ~*~*~tactically~*~*~ (outnumbered).
 20763 | D:7      | 20763 ||| Stepping ~*~*~tactically~*~*~ (outnumbered).
 20765 | D:7      | 20765 ||| Stepping ~*~*~tactically~*~*~ (outnumbered).
 20777 | D:7      | 20777 ||| Stepping ~*~*~tactically~*~*~ (outnumbered).
 20779 | D:7      | 20779 ||| Stepping ~*~*~tactically~*~*~ (outnumbered).
 20781 | D:7      | 20781 ||| Stepping ~*~*~tactically~*~*~ (outnumbered).
 20783 | D:7      | 20783 ||| Stepping ~*~*~tactically~*~*~ (outnumbered).
 20785 | D:7      | 20785 ||| Stepping ~*~*~tactically~*~*~ (outnumbered).
 20797 | D:7      | 20797 ||| Stepping ~*~*~tactically~*~*~ (outnumbered).
 20799 | D:7      | 20799 ||| Stepping ~*~*~tactically~*~*~ (outnumbered).
 20801 | D:7      | 20801 ||| Stepping ~*~*~tactically~*~*~ (outnumbered).
 20803 | D:7      | 20803 ||| Stepping ~*~*~tactically~*~*~ (outnumbered).
 20805 | D:7      | 20805 ||| Stepping ~*~*~tactically~*~*~ (outnumbered).
 20817 | D:7      | 20817 ||| Stepping ~*~*~tactically~*~*~ (outnumbered).
 20819 | D:7      | 20819 ||| Stepping ~*~*~tactically~*~*~ (outnumbered).
 20821 | D:7      | 20821 ||| Stepping ~*~*~tactically~*~*~ (outnumbered).
 20823 | D:7      | 20823 ||| Stepping ~*~*~tactically~*~*~ (outnumbered).
 20825 | D:7      | 20825 ||| Stepping ~*~*~tactically~*~*~ (outnumbered).
 20837 | D:7      | 20837 ||| Stepping ~*~*~tactically~*~*~ (outnumbered).
 20839 | D:7      | 20839 ||| Stepping ~*~*~tactically~*~*~ (outnumbered).
 20841 | D:7      | 20841 ||| Stepping ~*~*~tactically~*~*~ (outnumbered).
 20843 | D:7      | 20843 ||| Stepping ~*~*~tactically~*~*~ (outnumbered).
 20845 | D:7      | 20845 ||| Stepping ~*~*~tactically~*~*~ (outnumbered).
 20857 | D:7      | 20857 ||| Stepping ~*~*~tactically~*~*~ (outnumbered).
 20859 | D:7      | 20859 ||| Stepping ~*~*~tactically~*~*~ (outnumbered).
 20861 | D:7      | 20861 ||| Stepping ~*~*~tactically~*~*~ (outnumbered).
 20863 | D:7      | 20863 ||| Stepping ~*~*~tactically~*~*~ (outnumbered).
 20865 | D:7      | 20865 ||| Stepping ~*~*~tactically~*~*~ (outnumbered).
 20877 | D:7      | 20877 ||| Stepping ~*~*~tactically~*~*~ (outnumbered).
 20879 | D:7      | 20879 ||| Stepping ~*~*~tactically~*~*~ (outnumbered).
 20881 | D:7      | 20881 ||| Stepping ~*~*~tactically~*~*~ (outnumbered).
 20883 | D:7      | 20883 ||| Stepping ~*~*~tactically~*~*~ (outnumbered).
 20885 | D:7      | 20885 ||| Stepping ~*~*~tactically~*~*~ (outnumbered).
 20897 | D:7      | 20897 ||| Stepping ~*~*~tactically~*~*~ (outnumbered).
 20899 | D:7      | 20899 ||| Stepping ~*~*~tactically~*~*~ (outnumbered).
 20901 | D:7      | 20901 ||| Stepping ~*~*~tactically~*~*~ (outnumbered).
 20903 | D:7      | 20903 ||| Stepping ~*~*~tactically~*~*~ (outnumbered).
 20905 | D:7      | 20905 ||| Stepping ~*~*~tactically~*~*~ (outnumbered).
 20917 | D:7      | 20917 ||| Stepping ~*~*~tactically~*~*~ (outnumbered).
 20919 | D:7      | 20919 ||| Stepping ~*~*~tactically~*~*~ (outnumbered).
 20921 | D:7      | 20921 ||| Stepping ~*~*~tactically~*~*~ (outnumbered).
 20923 | D:7      | 20923 ||| Stepping ~*~*~tactically~*~*~ (outnumbered).
 20925 | D:7      | 20925 ||| Stepping ~*~*~tactically~*~*~ (outnumbered).
 20937 | D:7      | 20937 ||| Stepping ~*~*~tactically~*~*~ (outnumbered).
 20939 | D:7      | 20939 ||| Stepping ~*~*~tactically~*~*~ (outnumbered).
 20941 | D:7      | 20941 ||| Stepping ~*~*~tactically~*~*~ (outnumbered).
 20943 | D:7      | 20943 ||| Stepping ~*~*~tactically~*~*~ (outnumbered).
 20945 | D:7      | 20945 ||| Stepping ~*~*~tactically~*~*~ (outnumbered).
 20957 | D:7      | 20957 ||| Stepping ~*~*~tactically~*~*~ (outnumbered).
 20959 | D:7      | 20959 ||| Stepping ~*~*~tactically~*~*~ (outnumbered).
 20961 | D:7      | 20961 ||| Stepping ~*~*~tactically~*~*~ (outnumbered).
 20963 | D:7      | 20963 ||| Stepping ~*~*~tactically~*~*~ (outnumbered).
 20965 | D:7      | 20965 ||| Stepping ~*~*~tactically~*~*~ (outnumbered).
 20977 | D:7      | 20977 ||| Stepping ~*~*~tactically~*~*~ (outnumbered).
 20979 | D:7      | 20979 ||| Stepping ~*~*~tactically~*~*~ (outnumbered).
 20981 | D:7      | 20981 ||| Stepping ~*~*~tactically~*~*~ (outnumbered).
 20983 | D:7      | 20983 ||| Stepping ~*~*~tactically~*~*~ (outnumbered).
 20985 | D:7      | 20985 ||| Stepping ~*~*~tactically~*~*~ (outnumbered).
 20997 | D:7      | 20997 ||| Stepping ~*~*~tactically~*~*~ (outnumbered).
 20999 | D:7      | 20999 ||| Stepping ~*~*~tactically~*~*~ (outnumbered).
 21001 | D:7      | 21001 ||| Stepping ~*~*~tactically~*~*~ (outnumbered).
 21003 | D:7      | 21003 ||| Stepping ~*~*~tactically~*~*~ (outnumbered).
 21005 | D:7      | 21005 ||| Stepping ~*~*~tactically~*~*~ (outnumbered).
 21017 | D:7      | 21017 ||| Stepping ~*~*~tactically~*~*~ (outnumbered).
 21019 | D:7      | 21019 ||| Stepping ~*~*~tactically~*~*~ (outnumbered).
 21021 | D:7      | 21021 ||| Stepping ~*~*~tactically~*~*~ (outnumbered).
 21023 | D:7      | 21023 ||| Stepping ~*~*~tactically~*~*~ (outnumbered).
 21025 | D:7      | 21025 ||| Stepping ~*~*~tactically~*~*~ (outnumbered).
 21037 | D:7      | 21037 ||| Stepping ~*~*~tactically~*~*~ (outnumbered).
 21039 | D:7      | 21039 ||| Stepping ~*~*~tactically~*~*~ (outnumbered).
 21041 | D:7      | 21041 ||| Stepping ~*~*~tactically~*~*~ (outnumbered).
 21043 | D:7      | 21043 ||| Stepping ~*~*~tactically~*~*~ (outnumbered).
 21045 | D:7      | 21045 ||| Stepping ~*~*~tactically~*~*~ (outnumbered).
 21057 | D:7      | 21057 ||| Stepping ~*~*~tactically~*~*~ (outnumbered).
 21059 | D:7      | 21059 ||| Stepping ~*~*~tactically~*~*~ (outnumbered).
 21061 | D:7      | 21061 ||| Stepping ~*~*~tactically~*~*~ (outnumbered).
 21063 | D:7      | 21063 ||| Stepping ~*~*~tactically~*~*~ (outnumbered).
 21065 | D:7      | 21065 ||| Stepping ~*~*~tactically~*~*~ (outnumbered).
 21077 | D:7      | 21077 ||| Stepping ~*~*~tactically~*~*~ (outnumbered).
 21079 | D:7      | 21079 ||| Stepping ~*~*~tactically~*~*~ (outnumbered).
 21081 | D:7      | 21081 ||| Stepping ~*~*~tactically~*~*~ (outnumbered).
 21083 | D:7      | 21083 ||| Stepping ~*~*~tactically~*~*~ (outnumbered).
 21085 | D:7      | 21085 ||| Stepping ~*~*~tactically~*~*~ (outnumbered).
 21097 | D:7      | 21097 ||| Stepping ~*~*~tactically~*~*~ (outnumbered).
 21099 | D:7      | 21099 ||| Stepping ~*~*~tactically~*~*~ (outnumbered).
 21101 | D:7      | 21101 ||| Stepping ~*~*~tactically~*~*~ (outnumbered).
 21103 | D:7      | 21103 ||| Stepping ~*~*~tactically~*~*~ (outnumbered).
 21105 | D:7      | 21105 ||| Stepping ~*~*~tactically~*~*~ (outnumbered).
 21117 | D:7      | 21117 ||| Stepping ~*~*~tactically~*~*~ (outnumbered).
 21119 | D:7      | 21119 ||| Stepping ~*~*~tactically~*~*~ (outnumbered).
 21121 | D:7      | 21121 ||| Stepping ~*~*~tactically~*~*~ (outnumbered).
 21123 | D:7      | 21123 ||| Stepping ~*~*~tactically~*~*~ (outnumbered).
 21125 | D:7      | 21125 ||| Stepping ~*~*~tactically~*~*~ (outnumbered).
 21137 | D:7      | 21137 ||| Stepping ~*~*~tactically~*~*~ (outnumbered).
 21139 | D:7      | 21139 ||| Stepping ~*~*~tactically~*~*~ (outnumbered).
 21141 | D:7      | 21141 ||| Stepping ~*~*~tactically~*~*~ (outnumbered).
 21143 | D:7      | 21143 ||| Stepping ~*~*~tactically~*~*~ (outnumbered).
 21145 | D:7      | 21145 ||| Stepping ~*~*~tactically~*~*~ (outnumbered).
 21157 | D:7      | 21157 ||| Stepping ~*~*~tactically~*~*~ (outnumbered).
 21159 | D:7      | 21159 ||| Stepping ~*~*~tactically~*~*~ (outnumbered).
 21161 | D:7      | 21161 ||| Stepping ~*~*~tactically~*~*~ (outnumbered).
 21163 | D:7      | 21163 ||| Stepping ~*~*~tactically~*~*~ (outnumbered).
 21165 | D:7      | 21165 ||| Stepping ~*~*~tactically~*~*~ (outnumbered).
 21177 | D:7      | 21177 ||| Stepping ~*~*~tactically~*~*~ (outnumbered).
 21179 | D:7      | 21179 ||| Stepping ~*~*~tactically~*~*~ (outnumbered).
 21181 | D:7      | 21181 ||| Stepping ~*~*~tactically~*~*~ (outnumbered).
 21183 | D:7      | 21183 ||| Stepping ~*~*~tactically~*~*~ (outnumbered).
 21185 | D:7      | 21185 ||| Stepping ~*~*~tactically~*~*~ (outnumbered).
 21197 | D:7      | 21197 ||| Stepping ~*~*~tactically~*~*~ (outnumbered).
 21199 | D:7      | 21199 ||| Stepping ~*~*~tactically~*~*~ (outnumbered).
 21201 | D:7      | 21201 ||| Stepping ~*~*~tactically~*~*~ (outnumbered).
 21203 | D:7      | 21203 ||| Stepping ~*~*~tactically~*~*~ (outnumbered).
 21205 | D:7      | 21205 ||| Stepping ~*~*~tactically~*~*~ (outnumbered).
 21217 | D:7      | 21217 ||| Stepping ~*~*~tactically~*~*~ (outnumbered).
 21219 | D:7      | 21219 ||| Stepping ~*~*~tactically~*~*~ (outnumbered).
 21221 | D:7      | 21221 ||| Stepping ~*~*~tactically~*~*~ (outnumbered).
 21223 | D:7      | 21223 ||| Stepping ~*~*~tactically~*~*~ (outnumbered).
 21225 | D:7      | 21225 ||| Stepping ~*~*~tactically~*~*~ (outnumbered).
 21237 | D:7      | 21237 ||| Stepping ~*~*~tactically~*~*~ (outnumbered).
 21239 | D:7      | 21239 ||| Stepping ~*~*~tactically~*~*~ (outnumbered).
 21241 | D:7      | 21241 ||| Stepping ~*~*~tactically~*~*~ (outnumbered).
 21243 | D:7      | 21243 ||| Stepping ~*~*~tactically~*~*~ (outnumbered).
 21245 | D:7      | 21245 ||| Stepping ~*~*~tactically~*~*~ (outnumbered).
 21257 | D:7      | 21257 ||| Stepping ~*~*~tactically~*~*~ (outnumbered).
 21259 | D:7      | 21259 ||| Stepping ~*~*~tactically~*~*~ (outnumbered).
 21261 | D:7      | 21261 ||| Stepping ~*~*~tactically~*~*~ (outnumbered).
 21263 | D:7      | 21263 ||| Stepping ~*~*~tactically~*~*~ (outnumbered).
 21265 | D:7      | 21265 ||| Stepping ~*~*~tactically~*~*~ (outnumbered).
 21277 | D:7      | 21277 ||| Stepping ~*~*~tactically~*~*~ (outnumbered).
 21279 | D:7      | 21279 ||| Stepping ~*~*~tactically~*~*~ (outnumbered).
 21281 | D:7      | 21281 ||| Stepping ~*~*~tactically~*~*~ (outnumbered).
 21283 | D:7      | 21283 ||| Stepping ~*~*~tactically~*~*~ (outnumbered).
 21285 | D:7      | 21285 ||| Stepping ~*~*~tactically~*~*~ (outnumbered).
 21297 | D:7      | 21297 ||| Stepping ~*~*~tactically~*~*~ (outnumbered).
 21299 | D:7      | 21299 ||| Stepping ~*~*~tactically~*~*~ (outnumbered).
 21301 | D:7      | 21301 ||| Stepping ~*~*~tactically~*~*~ (outnumbered).
 21303 | D:7      | 21303 ||| Stepping ~*~*~tactically~*~*~ (outnumbered).
 21305 | D:7      | 21305 ||| Stepping ~*~*~tactically~*~*~ (outnumbered).
 21317 | D:7      | 21317 ||| Stepping ~*~*~tactically~*~*~ (outnumbered).
 21319 | D:7      | 21319 ||| Stepping ~*~*~tactically~*~*~ (outnumbered).
 21321 | D:7      | 21321 ||| Stepping ~*~*~tactically~*~*~ (outnumbered).
 21323 | D:7      | 21323 ||| Stepping ~*~*~tactically~*~*~ (outnumbered).
 21325 | D:7      | 21325 ||| Stepping ~*~*~tactically~*~*~ (outnumbered).
 21337 | D:7      | 21337 ||| Stepping ~*~*~tactically~*~*~ (outnumbered).
 21339 | D:7      | 21339 ||| Stepping ~*~*~tactically~*~*~ (outnumbered).
 21341 | D:7      | 21341 ||| Stepping ~*~*~tactically~*~*~ (outnumbered).
 21343 | D:7      | 21343 ||| Stepping ~*~*~tactically~*~*~ (outnumbered).
 21345 | D:7      | 21345 ||| Stepping ~*~*~tactically~*~*~ (outnumbered).
 21357 | D:7      | 21357 ||| Stepping ~*~*~tactically~*~*~ (outnumbered).
 21359 | D:7      | 21359 ||| Stepping ~*~*~tactically~*~*~ (outnumbered).
 21361 | D:7      | 21361 ||| Stepping ~*~*~tactically~*~*~ (outnumbered).
 21363 | D:7      | 21363 ||| Stepping ~*~*~tactically~*~*~ (outnumbered).
 21365 | D:7      | 21365 ||| Stepping ~*~*~tactically~*~*~ (outnumbered).
 21377 | D:7      | 21377 ||| Stepping ~*~*~tactically~*~*~ (outnumbered).
 21379 | D:7      | 21379 ||| Stepping ~*~*~tactically~*~*~ (outnumbered).
 21381 | D:7      | 21381 ||| Stepping ~*~*~tactically~*~*~ (outnumbered).
 21383 | D:7      | 21383 ||| Stepping ~*~*~tactically~*~*~ (outnumbered).
 21385 | D:7      | 21385 ||| Stepping ~*~*~tactically~*~*~ (outnumbered).
 21397 | D:7      | 21397 ||| Stepping ~*~*~tactically~*~*~ (outnumbered).
 21399 | D:7      | 21399 ||| Stepping ~*~*~tactically~*~*~ (outnumbered).
 21401 | D:7      | 21401 ||| Stepping ~*~*~tactically~*~*~ (outnumbered).
 21403 | D:7      | 21403 ||| Stepping ~*~*~tactically~*~*~ (outnumbered).
 21405 | D:7      | 21405 ||| Stepping ~*~*~tactically~*~*~ (outnumbered).
 21417 | D:7      | 21417 ||| Stepping ~*~*~tactically~*~*~ (outnumbered).
 21419 | D:7      | 21419 ||| Stepping ~*~*~tactically~*~*~ (outnumbered).
 21421 | D:7      | 21421 ||| Stepping ~*~*~tactically~*~*~ (outnumbered).
 21423 | D:7      | 21423 ||| Stepping ~*~*~tactically~*~*~ (outnumbered).
 21425 | D:7      | 21425 ||| Stepping ~*~*~tactically~*~*~ (outnumbered).
 21437 | D:7      | 21437 ||| Stepping ~*~*~tactically~*~*~ (outnumbered).
 21439 | D:7      | 21439 ||| Stepping ~*~*~tactically~*~*~ (outnumbered).
 21441 | D:7      | 21441 ||| Stepping ~*~*~tactically~*~*~ (outnumbered).
 21443 | D:7      | 21443 ||| Stepping ~*~*~tactically~*~*~ (outnumbered).
 21445 | D:7      | 21445 ||| Stepping ~*~*~tactically~*~*~ (outnumbered).
 21457 | D:7      | 21457 ||| Stepping ~*~*~tactically~*~*~ (outnumbered).
 21459 | D:7      | 21459 ||| Stepping ~*~*~tactically~*~*~ (outnumbered).
 21461 | D:7      | 21461 ||| Stepping ~*~*~tactically~*~*~ (outnumbered).
 21463 | D:7      | 21463 ||| Stepping ~*~*~tactically~*~*~ (outnumbered).
 21465 | D:7      | 21465 ||| Stepping ~*~*~tactically~*~*~ (outnumbered).
 21477 | D:7      | 21477 ||| Stepping ~*~*~tactically~*~*~ (outnumbered).
 21479 | D:7      | 21479 ||| Stepping ~*~*~tactically~*~*~ (outnumbered).
 21481 | D:7      | 21481 ||| Stepping ~*~*~tactically~*~*~ (outnumbered).
 21483 | D:7      | 21483 ||| Stepping ~*~*~tactically~*~*~ (outnumbered).
 21485 | D:7      | 21485 ||| Stepping ~*~*~tactically~*~*~ (outnumbered).
 21497 | D:7      | 21497 ||| Stepping ~*~*~tactically~*~*~ (outnumbered).
 21499 | D:7      | 21499 ||| Stepping ~*~*~tactically~*~*~ (outnumbered).
 21501 | D:7      | 21501 ||| Stepping ~*~*~tactically~*~*~ (outnumbered).
 21503 | D:7      | 21503 ||| Stepping ~*~*~tactically~*~*~ (outnumbered).
 21505 | D:7      | 21505 ||| Stepping ~*~*~tactically~*~*~ (outnumbered).
 21517 | D:7      | 21517 ||| Stepping ~*~*~tactically~*~*~ (outnumbered).
 21519 | D:7      | 21519 ||| Stepping ~*~*~tactically~*~*~ (outnumbered).
 21521 | D:7      | 21521 ||| Stepping ~*~*~tactically~*~*~ (outnumbered).
 21523 | D:7      | 21523 ||| Stepping ~*~*~tactically~*~*~ (outnumbered).
 21525 | D:7      | 21525 ||| Stepping ~*~*~tactically~*~*~ (outnumbered).
 21537 | D:7      | 21537 ||| Stepping ~*~*~tactically~*~*~ (outnumbered).
 21539 | D:7      | 21539 ||| Stepping ~*~*~tactically~*~*~ (outnumbered).
 21541 | D:7      | 21541 ||| Stepping ~*~*~tactically~*~*~ (outnumbered).
 21543 | D:7      | 21543 ||| Stepping ~*~*~tactically~*~*~ (outnumbered).
 21545 | D:7      | 21545 ||| Stepping ~*~*~tactically~*~*~ (outnumbered).
 21557 | D:7      | 21557 ||| Stepping ~*~*~tactically~*~*~ (outnumbered).
 21559 | D:7      | 21559 ||| Stepping ~*~*~tactically~*~*~ (outnumbered).
 21561 | D:7      | 21561 ||| Stepping ~*~*~tactically~*~*~ (outnumbered).
 21563 | D:7      | 21563 ||| Stepping ~*~*~tactically~*~*~ (outnumbered).
 21565 | D:7      | 21565 ||| Stepping ~*~*~tactically~*~*~ (outnumbered).
 21577 | D:7      | 21577 ||| Stepping ~*~*~tactically~*~*~ (outnumbered).
 21579 | D:7      | 21579 ||| Stepping ~*~*~tactically~*~*~ (outnumbered).
 21581 | D:7      | 21581 ||| Stepping ~*~*~tactically~*~*~ (outnumbered).
 21583 | D:7      | 21583 ||| Stepping ~*~*~tactically~*~*~ (outnumbered).
 21585 | D:7      | 21585 ||| Stepping ~*~*~tactically~*~*~ (outnumbered).
 21597 | D:7      | 21597 ||| Stepping ~*~*~tactically~*~*~ (outnumbered).
 21599 | D:7      | 21599 ||| Stepping ~*~*~tactically~*~*~ (outnumbered).
 21601 | D:7      | 21601 ||| Stepping ~*~*~tactically~*~*~ (outnumbered).
 21603 | D:7      | 21603 ||| Stepping ~*~*~tactically~*~*~ (outnumbered).
 21605 | D:7      | 21605 ||| Stepping ~*~*~tactically~*~*~ (outnumbered).
 21617 | D:7      | 21617 ||| Stepping ~*~*~tactically~*~*~ (outnumbered).
 21619 | D:7      | 21619 ||| Stepping ~*~*~tactically~*~*~ (outnumbered).
 21621 | D:7      | 21621 ||| Stepping ~*~*~tactically~*~*~ (outnumbered).
 21623 | D:7      | 21623 ||| Stepping ~*~*~tactically~*~*~ (outnumbered).
 21625 | D:7      | 21625 ||| Stepping ~*~*~tactically~*~*~ (outnumbered).
 21637 | D:7      | 21637 ||| Stepping ~*~*~tactically~*~*~ (outnumbered).
 21639 | D:7      | 21639 ||| Stepping ~*~*~tactically~*~*~ (outnumbered).
 21641 | D:7      | 21641 ||| Stepping ~*~*~tactically~*~*~ (outnumbered).
 21643 | D:7      | 21643 ||| Stepping ~*~*~tactically~*~*~ (outnumbered).
 21645 | D:7      | 21645 ||| Stepping ~*~*~tactically~*~*~ (outnumbered).
 21657 | D:7      | 21657 ||| Stepping ~*~*~tactically~*~*~ (outnumbered).
 21659 | D:7      | 21659 ||| Stepping ~*~*~tactically~*~*~ (outnumbered).
 21661 | D:7      | 21661 ||| Stepping ~*~*~tactically~*~*~ (outnumbered).
 21663 | D:7      | 21663 ||| Stepping ~*~*~tactically~*~*~ (outnumbered).
 21665 | D:7      | 21665 ||| Stepping ~*~*~tactically~*~*~ (outnumbered).
 21677 | D:7      | 21677 ||| Stepping ~*~*~tactically~*~*~ (outnumbered).
 21679 | D:7      | 21679 ||| Stepping ~*~*~tactically~*~*~ (outnumbered).
 21681 | D:7      | 21681 ||| Stepping ~*~*~tactically~*~*~ (outnumbered).
 21683 | D:7      | 21683 ||| Stepping ~*~*~tactically~*~*~ (outnumbered).
 21685 | D:7      | 21685 ||| Stepping ~*~*~tactically~*~*~ (outnumbered).
 21697 | D:7      | 21697 ||| Stepping ~*~*~tactically~*~*~ (outnumbered).
 21699 | D:7      | 21699 ||| Stepping ~*~*~tactically~*~*~ (outnumbered).
 21701 | D:7      | 21701 ||| Stepping ~*~*~tactically~*~*~ (outnumbered).
 21703 | D:7      | 21703 ||| Stepping ~*~*~tactically~*~*~ (outnumbered).
 21705 | D:7      | 21705 ||| Stepping ~*~*~tactically~*~*~ (outnumbered).
 21717 | D:7      | 21717 ||| Stepping ~*~*~tactically~*~*~ (outnumbered).
 21719 | D:7      | 21719 ||| Stepping ~*~*~tactically~*~*~ (outnumbered).
 21721 | D:7      | 21721 ||| Stepping ~*~*~tactically~*~*~ (outnumbered).
 21723 | D:7      | 21723 ||| Stepping ~*~*~tactically~*~*~ (outnumbered).
 21725 | D:7      | 21725 ||| Stepping ~*~*~tactically~*~*~ (outnumbered).
 21737 | D:7      | 21737 ||| Stepping ~*~*~tactically~*~*~ (outnumbered).
 21739 | D:7      | 21739 ||| Stepping ~*~*~tactically~*~*~ (outnumbered).
 21741 | D:7      | 21741 ||| Stepping ~*~*~tactically~*~*~ (outnumbered).
 21743 | D:7      | 21743 ||| Stepping ~*~*~tactically~*~*~ (outnumbered).
 21745 | D:7      | 21745 ||| Stepping ~*~*~tactically~*~*~ (outnumbered).
 21757 | D:7      | 21757 ||| Stepping ~*~*~tactically~*~*~ (outnumbered).
 21759 | D:7      | 21759 ||| Stepping ~*~*~tactically~*~*~ (outnumbered).
 21761 | D:7      | 21761 ||| Stepping ~*~*~tactically~*~*~ (outnumbered).
 21763 | D:7      | 21763 ||| Stepping ~*~*~tactically~*~*~ (outnumbered).
 21765 | D:7      | 21765 ||| Stepping ~*~*~tactically~*~*~ (outnumbered).
 21777 | D:7      | 21777 ||| Stepping ~*~*~tactically~*~*~ (outnumbered).
 21779 | D:7      | 21779 ||| Stepping ~*~*~tactically~*~*~ (outnumbered).
 21781 | D:7      | 21781 ||| Stepping ~*~*~tactically~*~*~ (outnumbered).
 21783 | D:7      | 21783 ||| Stepping ~*~*~tactically~*~*~ (outnumbered).
 21785 | D:7      | 21785 ||| Stepping ~*~*~tactically~*~*~ (outnumbered).
 21797 | D:7      | 21797 ||| Stepping ~*~*~tactically~*~*~ (outnumbered).
 21799 | D:7      | 21799 ||| Stepping ~*~*~tactically~*~*~ (outnumbered).
 21801 | D:7      | 21801 ||| Stepping ~*~*~tactically~*~*~ (outnumbered).
 21803 | D:7      | 21803 ||| Stepping ~*~*~tactically~*~*~ (outnumbered).
 21805 | D:7      | 21805 ||| Stepping ~*~*~tactically~*~*~ (outnumbered).
 21817 | D:7      | 21817 ||| Stepping ~*~*~tactically~*~*~ (outnumbered).
 21819 | D:7      | 21819 ||| Stepping ~*~*~tactically~*~*~ (outnumbered).
 21821 | D:7      | 21821 ||| Stepping ~*~*~tactically~*~*~ (outnumbered).
 21823 | D:7      | 21823 ||| Stepping ~*~*~tactically~*~*~ (outnumbered).
 21825 | D:7      | 21825 ||| Stepping ~*~*~tactically~*~*~ (outnumbered).
 21837 | D:7      | 21837 ||| Stepping ~*~*~tactically~*~*~ (outnumbered).
 21839 | D:7      | 21839 ||| Stepping ~*~*~tactically~*~*~ (outnumbered).
 21841 | D:7      | 21841 ||| Stepping ~*~*~tactically~*~*~ (outnumbered).
 21843 | D:7      | 21843 ||| Stepping ~*~*~tactically~*~*~ (outnumbered).
 21845 | D:7      | 21845 ||| Stepping ~*~*~tactically~*~*~ (outnumbered).
 21857 | D:7      | 21857 ||| Stepping ~*~*~tactically~*~*~ (outnumbered).
 21859 | D:7      | 21859 ||| Stepping ~*~*~tactically~*~*~ (outnumbered).
 21861 | D:7      | 21861 ||| Stepping ~*~*~tactically~*~*~ (outnumbered).
 21863 | D:7      | 21863 ||| Stepping ~*~*~tactically~*~*~ (outnumbered).
 21865 | D:7      | 21865 ||| Stepping ~*~*~tactically~*~*~ (outnumbered).
 21877 | D:7      | 21877 ||| Stepping ~*~*~tactically~*~*~ (outnumbered).
 21879 | D:7      | 21879 ||| Stepping ~*~*~tactically~*~*~ (outnumbered).
 21881 | D:7      | 21881 ||| Stepping ~*~*~tactically~*~*~ (outnumbered).
 21883 | D:7      | 21883 ||| Stepping ~*~*~tactically~*~*~ (outnumbered).
 21885 | D:7      | 21885 ||| Stepping ~*~*~tactically~*~*~ (outnumbered).
 21897 | D:7      | 21897 ||| Stepping ~*~*~tactically~*~*~ (outnumbered).
 21899 | D:7      | 21899 ||| Stepping ~*~*~tactically~*~*~ (outnumbered).
 21901 | D:7      | 21901 ||| Stepping ~*~*~tactically~*~*~ (outnumbered).
 21903 | D:7      | 21903 ||| Stepping ~*~*~tactically~*~*~ (outnumbered).
 21905 | D:7      | 21905 ||| Stepping ~*~*~tactically~*~*~ (outnumbered).
 21917 | D:7      | 21917 ||| Stepping ~*~*~tactically~*~*~ (outnumbered).
 21919 | D:7      | 21919 ||| Stepping ~*~*~tactically~*~*~ (outnumbered).
 21921 | D:7      | 21921 ||| Stepping ~*~*~tactically~*~*~ (outnumbered).
 21923 | D:7      | 21923 ||| Stepping ~*~*~tactically~*~*~ (outnumbered).
 21925 | D:7      | 21925 ||| Stepping ~*~*~tactically~*~*~ (outnumbered).
 21937 | D:7      | 21937 ||| Stepping ~*~*~tactically~*~*~ (outnumbered).
 21939 | D:7      | 21939 ||| Stepping ~*~*~tactically~*~*~ (outnumbered).
 21941 | D:7      | 21941 ||| Stepping ~*~*~tactically~*~*~ (outnumbered).
 21943 | D:7      | 21943 ||| Stepping ~*~*~tactically~*~*~ (outnumbered).
 21945 | D:7      | 21945 ||| Stepping ~*~*~tactically~*~*~ (outnumbered).
 21957 | D:7      | 21957 ||| Stepping ~*~*~tactically~*~*~ (outnumbered).
 21959 | D:7      | 21959 ||| Stepping ~*~*~tactically~*~*~ (outnumbered).
 21961 | D:7      | 21961 ||| Stepping ~*~*~tactically~*~*~ (outnumbered).
 21963 | D:7      | 21963 ||| Stepping ~*~*~tactically~*~*~ (outnumbered).
 21965 | D:7      | 21965 ||| Stepping ~*~*~tactically~*~*~ (outnumbered).
 21977 | D:7      | 21977 ||| Stepping ~*~*~tactically~*~*~ (outnumbered).
 21979 | D:7      | 21979 ||| Stepping ~*~*~tactically~*~*~ (outnumbered).
 21981 | D:7      | 21981 ||| Stepping ~*~*~tactically~*~*~ (outnumbered).
 21983 | D:7      | 21983 ||| Stepping ~*~*~tactically~*~*~ (outnumbered).
 21985 | D:7      | 21985 ||| Stepping ~*~*~tactically~*~*~ (outnumbered).
 21997 | D:7      | 21997 ||| Stepping ~*~*~tactically~*~*~ (outnumbered).
 21999 | D:7      | 21999 ||| Stepping ~*~*~tactically~*~*~ (outnumbered).
 22001 | D:7      | 22001 ||| Stepping ~*~*~tactically~*~*~ (outnumbered).
 22003 | D:7      | 22003 ||| Stepping ~*~*~tactically~*~*~ (outnumbered).
 22005 | D:7      | 22005 ||| Stepping ~*~*~tactically~*~*~ (outnumbered).
 22017 | D:7      | 22017 ||| Stepping ~*~*~tactically~*~*~ (outnumbered).
 22019 | D:7      | 22019 ||| Stepping ~*~*~tactically~*~*~ (outnumbered).
 22021 | D:7      | 22021 ||| Stepping ~*~*~tactically~*~*~ (outnumbered).
 22023 | D:7      | 22023 ||| Stepping ~*~*~tactically~*~*~ (outnumbered).
 22025 | D:7      | 22025 ||| Stepping ~*~*~tactically~*~*~ (outnumbered).
 22037 | D:7      | 22037 ||| Stepping ~*~*~tactically~*~*~ (outnumbered).
 22039 | D:7      | 22039 ||| Stepping ~*~*~tactically~*~*~ (outnumbered).
 22041 | D:7      | 22041 ||| Stepping ~*~*~tactically~*~*~ (outnumbered).
 22043 | D:7      | 22043 ||| Stepping ~*~*~tactically~*~*~ (outnumbered).
 22045 | D:7      | 22045 ||| Stepping ~*~*~tactically~*~*~ (outnumbered).
 22057 | D:7      | 22057 ||| Stepping ~*~*~tactically~*~*~ (outnumbered).
 22059 | D:7      | 22059 ||| Stepping ~*~*~tactically~*~*~ (outnumbered).
 22061 | D:7      | 22061 ||| Stepping ~*~*~tactically~*~*~ (outnumbered).
 22063 | D:7      | 22063 ||| Stepping ~*~*~tactically~*~*~ (outnumbered).
 22065 | D:7      | 22065 ||| Stepping ~*~*~tactically~*~*~ (outnumbered).
 22077 | D:7      | 22077 ||| Stepping ~*~*~tactically~*~*~ (outnumbered).
 22079 | D:7      | 22079 ||| Stepping ~*~*~tactically~*~*~ (outnumbered).
 22081 | D:7      | 22081 ||| Stepping ~*~*~tactically~*~*~ (outnumbered).
 22083 | D:7      | 22083 ||| Stepping ~*~*~tactically~*~*~ (outnumbered).
 22085 | D:7      | 22085 ||| Stepping ~*~*~tactically~*~*~ (outnumbered).
 22097 | D:7      | 22097 ||| Stepping ~*~*~tactically~*~*~ (outnumbered).
 22099 | D:7      | 22099 ||| Stepping ~*~*~tactically~*~*~ (outnumbered).
 22101 | D:7      | 22101 ||| Stepping ~*~*~tactically~*~*~ (outnumbered).
 22103 | D:7      | 22103 ||| Stepping ~*~*~tactically~*~*~ (outnumbered).
 22105 | D:7      | 22105 ||| Stepping ~*~*~tactically~*~*~ (outnumbered).
 22117 | D:7      | 22117 ||| Stepping ~*~*~tactically~*~*~ (outnumbered).
 22119 | D:7      | 22119 ||| Stepping ~*~*~tactically~*~*~ (outnumbered).
 22121 | D:7      | 22121 ||| Stepping ~*~*~tactically~*~*~ (outnumbered).
 22123 | D:7      | 22123 ||| Stepping ~*~*~tactically~*~*~ (outnumbered).
 22125 | D:7      | 22125 ||| Stepping ~*~*~tactically~*~*~ (outnumbered).
 22137 | D:7      | 22137 ||| Stepping ~*~*~tactically~*~*~ (outnumbered).
 22139 | D:7      | 22139 ||| Stepping ~*~*~tactically~*~*~ (outnumbered).
 22141 | D:7      | 22141 ||| Stepping ~*~*~tactically~*~*~ (outnumbered).
 22143 | D:7      | 22143 ||| Stepping ~*~*~tactically~*~*~ (outnumbered).
 22145 | D:7      | 22145 ||| Stepping ~*~*~tactically~*~*~ (outnumbered).
 22157 | D:7      | 22157 ||| Stepping ~*~*~tactically~*~*~ (outnumbered).
 22159 | D:7      | 22159 ||| Stepping ~*~*~tactically~*~*~ (outnumbered).
 22161 | D:7      | 22161 ||| Stepping ~*~*~tactically~*~*~ (outnumbered).
 22163 | D:7      | 22163 ||| Stepping ~*~*~tactically~*~*~ (outnumbered).
 22165 | D:7      | 22165 ||| Stepping ~*~*~tactically~*~*~ (outnumbered).
 22177 | D:7      | 22177 ||| Stepping ~*~*~tactically~*~*~ (outnumbered).
 22179 | D:7      | 22179 ||| Stepping ~*~*~tactically~*~*~ (outnumbered).
 22181 | D:7      | 22181 ||| Stepping ~*~*~tactically~*~*~ (outnumbered).
 22183 | D:7      | 22183 ||| Stepping ~*~*~tactically~*~*~ (outnumbered).
 22185 | D:7      | 22185 ||| Stepping ~*~*~tactically~*~*~ (outnumbered).
 22197 | D:7      | 22197 ||| Stepping ~*~*~tactically~*~*~ (outnumbered).
 22199 | D:7      | 22199 ||| Stepping ~*~*~tactically~*~*~ (outnumbered).
 22201 | D:7      | 22201 ||| Stepping ~*~*~tactically~*~*~ (outnumbered).
 22203 | D:7      | 22203 ||| Stepping ~*~*~tactically~*~*~ (outnumbered).
 22205 | D:7      | 22205 ||| Stepping ~*~*~tactically~*~*~ (outnumbered).
 22217 | D:7      | 22217 ||| Stepping ~*~*~tactically~*~*~ (outnumbered).
 22219 | D:7      | 22219 ||| Stepping ~*~*~tactically~*~*~ (outnumbered).
 22221 | D:7      | 22221 ||| Stepping ~*~*~tactically~*~*~ (outnumbered).
 22223 | D:7      | 22223 ||| Stepping ~*~*~tactically~*~*~ (outnumbered).
 22225 | D:7      | 22225 ||| Stepping ~*~*~tactically~*~*~ (outnumbered).
 22237 | D:7      | 22237 ||| Stepping ~*~*~tactically~*~*~ (outnumbered).
 22239 | D:7      | 22239 ||| Stepping ~*~*~tactically~*~*~ (outnumbered).
 22241 | D:7      | 22241 ||| Stepping ~*~*~tactically~*~*~ (outnumbered).
 22243 | D:7      | 22243 ||| Stepping ~*~*~tactically~*~*~ (outnumbered).
 22245 | D:7      | 22245 ||| Stepping ~*~*~tactically~*~*~ (outnumbered).
 22257 | D:7      | 22257 ||| Stepping ~*~*~tactically~*~*~ (outnumbered).
 22259 | D:7      | 22259 ||| Stepping ~*~*~tactically~*~*~ (outnumbered).
 22261 | D:7      | 22261 ||| Stepping ~*~*~tactically~*~*~ (outnumbered).
 22263 | D:7      | 22263 ||| Stepping ~*~*~tactically~*~*~ (outnumbered).
 22265 | D:7      | 22265 ||| Stepping ~*~*~tactically~*~*~ (outnumbered).
 22277 | D:7      | 22277 ||| Stepping ~*~*~tactically~*~*~ (outnumbered).
 22279 | D:7      | 22279 ||| Stepping ~*~*~tactically~*~*~ (outnumbered).
 22281 | D:7      | 22281 ||| Stepping ~*~*~tactically~*~*~ (outnumbered).
 22283 | D:7      | 22283 ||| Stepping ~*~*~tactically~*~*~ (outnumbered).
 22285 | D:7      | 22285 ||| Stepping ~*~*~tactically~*~*~ (outnumbered).
 22297 | D:7      | 22297 ||| Stepping ~*~*~tactically~*~*~ (outnumbered).
 22299 | D:7      | 22299 ||| Stepping ~*~*~tactically~*~*~ (outnumbered).
 22301 | D:7      | 22301 ||| Stepping ~*~*~tactically~*~*~ (outnumbered).
 22303 | D:7      | 22303 ||| Stepping ~*~*~tactically~*~*~ (outnumbered).
 22305 | D:7      | 22305 ||| Stepping ~*~*~tactically~*~*~ (outnumbered).
 22317 | D:7      | 22317 ||| Stepping ~*~*~tactically~*~*~ (outnumbered).
 22319 | D:7      | 22319 ||| Stepping ~*~*~tactically~*~*~ (outnumbered).
 22321 | D:7      | 22321 ||| Stepping ~*~*~tactically~*~*~ (outnumbered).
 22323 | D:7      | 22323 ||| Stepping ~*~*~tactically~*~*~ (outnumbered).
 22325 | D:7      | 22325 ||| Stepping ~*~*~tactically~*~*~ (outnumbered).
 22337 | D:7      | 22337 ||| Stepping ~*~*~tactically~*~*~ (outnumbered).
 22339 | D:7      | 22339 ||| Stepping ~*~*~tactically~*~*~ (outnumbered).
 22341 | D:7      | 22341 ||| Stepping ~*~*~tactically~*~*~ (outnumbered).
 22343 | D:7      | 22343 ||| Stepping ~*~*~tactically~*~*~ (outnumbered).
 22345 | D:7      | 22345 ||| Stepping ~*~*~tactically~*~*~ (outnumbered).
 22357 | D:7      | 22357 ||| Stepping ~*~*~tactically~*~*~ (outnumbered).
 22359 | D:7      | 22359 ||| Stepping ~*~*~tactically~*~*~ (outnumbered).
 22361 | D:7      | 22361 ||| Stepping ~*~*~tactically~*~*~ (outnumbered).
 22363 | D:7      | 22363 ||| Stepping ~*~*~tactically~*~*~ (outnumbered).
 22365 | D:7      | 22365 ||| Stepping ~*~*~tactically~*~*~ (outnumbered).
 22377 | D:7      | 22377 ||| Stepping ~*~*~tactically~*~*~ (outnumbered).
 22379 | D:7      | 22379 ||| Stepping ~*~*~tactically~*~*~ (outnumbered).
 22381 | D:7      | 22381 ||| Stepping ~*~*~tactically~*~*~ (outnumbered).
 22383 | D:7      | 22383 ||| Stepping ~*~*~tactically~*~*~ (outnumbered).
 22385 | D:7      | 22385 ||| Stepping ~*~*~tactically~*~*~ (outnumbered).
 22397 | D:7      | 22397 ||| Stepping ~*~*~tactically~*~*~ (outnumbered).
 22399 | D:7      | 22399 ||| Stepping ~*~*~tactically~*~*~ (outnumbered).
 22401 | D:7      | 22401 ||| Stepping ~*~*~tactically~*~*~ (outnumbered).
 22403 | D:7      | 22403 ||| Stepping ~*~*~tactically~*~*~ (outnumbered).
 22405 | D:7      | 22405 ||| Stepping ~*~*~tactically~*~*~ (outnumbered).
 22417 | D:7      | 22417 ||| Stepping ~*~*~tactically~*~*~ (outnumbered).
 22419 | D:7      | 22419 ||| Stepping ~*~*~tactically~*~*~ (outnumbered).
 22421 | D:7      | 22421 ||| Stepping ~*~*~tactically~*~*~ (outnumbered).
 22423 | D:7      | 22423 ||| Stepping ~*~*~tactically~*~*~ (outnumbered).
 22425 | D:7      | 22425 ||| Stepping ~*~*~tactically~*~*~ (outnumbered).
 22437 | D:7      | 22437 ||| Stepping ~*~*~tactically~*~*~ (outnumbered).
 22439 | D:7      | 22439 ||| Stepping ~*~*~tactically~*~*~ (outnumbered).
 22441 | D:7      | 22441 ||| Stepping ~*~*~tactically~*~*~ (outnumbered).
 22443 | D:7      | 22443 ||| Stepping ~*~*~tactically~*~*~ (outnumbered).
 22445 | D:7      | 22445 ||| Stepping ~*~*~tactically~*~*~ (outnumbered).
 22457 | D:7      | 22457 ||| Stepping ~*~*~tactically~*~*~ (outnumbered).
 22459 | D:7      | 22459 ||| Stepping ~*~*~tactically~*~*~ (outnumbered).
 22461 | D:7      | 22461 ||| Stepping ~*~*~tactically~*~*~ (outnumbered).
 22463 | D:7      | 22463 ||| Stepping ~*~*~tactically~*~*~ (outnumbered).
 22465 | D:7      | 22465 ||| Stepping ~*~*~tactically~*~*~ (outnumbered).
 22477 | D:7      | 22477 ||| Stepping ~*~*~tactically~*~*~ (outnumbered).
 22479 | D:7      | 22479 ||| Stepping ~*~*~tactically~*~*~ (outnumbered).
 22481 | D:7      | 22481 ||| Stepping ~*~*~tactically~*~*~ (outnumbered).
 22483 | D:7      | 22483 ||| Stepping ~*~*~tactically~*~*~ (outnumbered).
 22485 | D:7      | 22485 ||| Stepping ~*~*~tactically~*~*~ (outnumbered).
 22497 | D:7      | 22497 ||| Stepping ~*~*~tactically~*~*~ (outnumbered).
 22499 | D:7      | 22499 ||| Stepping ~*~*~tactically~*~*~ (outnumbered).
 22501 | D:7      | 22501 ||| Stepping ~*~*~tactically~*~*~ (outnumbered).
 22503 | D:7      | 22503 ||| Stepping ~*~*~tactically~*~*~ (outnumbered).
 22505 | D:7      | 22505 ||| Stepping ~*~*~tactically~*~*~ (outnumbered).
 22517 | D:7      | 22517 ||| Stepping ~*~*~tactically~*~*~ (outnumbered).
 22519 | D:7      | 22519 ||| Stepping ~*~*~tactically~*~*~ (outnumbered).
 22521 | D:7      | 22521 ||| Stepping ~*~*~tactically~*~*~ (outnumbered).
 22523 | D:7      | 22523 ||| Stepping ~*~*~tactically~*~*~ (outnumbered).
 22525 | D:7      | 22525 ||| Stepping ~*~*~tactically~*~*~ (outnumbered).
 22537 | D:7      | 22537 ||| Stepping ~*~*~tactically~*~*~ (outnumbered).
 22539 | D:7      | 22539 ||| Stepping ~*~*~tactically~*~*~ (outnumbered).
 22541 | D:7      | 22541 ||| Stepping ~*~*~tactically~*~*~ (outnumbered).
 22543 | D:7      | 22543 ||| Stepping ~*~*~tactically~*~*~ (outnumbered).
 22545 | D:7      | 22545 ||| Stepping ~*~*~tactically~*~*~ (outnumbered).
 22557 | D:7      | 22557 ||| Stepping ~*~*~tactically~*~*~ (outnumbered).
 22559 | D:7      | 22559 ||| Stepping ~*~*~tactically~*~*~ (outnumbered).
 22561 | D:7      | 22561 ||| Stepping ~*~*~tactically~*~*~ (outnumbered).
 22563 | D:7      | 22563 ||| Stepping ~*~*~tactically~*~*~ (outnumbered).
 22565 | D:7      | 22565 ||| Stepping ~*~*~tactically~*~*~ (outnumbered).
 22577 | D:7      | 22577 ||| Stepping ~*~*~tactically~*~*~ (outnumbered).
 22579 | D:7      | 22579 ||| Stepping ~*~*~tactically~*~*~ (outnumbered).
 22581 | D:7      | 22581 ||| Stepping ~*~*~tactically~*~*~ (outnumbered).
 22583 | D:7      | 22583 ||| Stepping ~*~*~tactically~*~*~ (outnumbered).
 22585 | D:7      | 22585 ||| Stepping ~*~*~tactically~*~*~ (outnumbered).
 22597 | D:7      | 22597 ||| Stepping ~*~*~tactically~*~*~ (outnumbered).
 22599 | D:7      | 22599 ||| Stepping ~*~*~tactically~*~*~ (outnumbered).
 22601 | D:7      | 22601 ||| Stepping ~*~*~tactically~*~*~ (outnumbered).
 22603 | D:7      | 22603 ||| Stepping ~*~*~tactically~*~*~ (outnumbered).
 22605 | D:7      | 22605 ||| Stepping ~*~*~tactically~*~*~ (outnumbered).
 22617 | D:7      | 22617 ||| Stepping ~*~*~tactically~*~*~ (outnumbered).
 22619 | D:7      | 22619 ||| Stepping ~*~*~tactically~*~*~ (outnumbered).
 22621 | D:7      | 22621 ||| Stepping ~*~*~tactically~*~*~ (outnumbered).
 22623 | D:7      | 22623 ||| Stepping ~*~*~tactically~*~*~ (outnumbered).
 22625 | D:7      | 22625 ||| Stepping ~*~*~tactically~*~*~ (outnumbered).
 22637 | D:7      | 22637 ||| Stepping ~*~*~tactically~*~*~ (outnumbered).
 22639 | D:7      | 22639 ||| Stepping ~*~*~tactically~*~*~ (outnumbered).
 22641 | D:7      | 22641 ||| Stepping ~*~*~tactically~*~*~ (outnumbered).
 22643 | D:7      | 22643 ||| Stepping ~*~*~tactically~*~*~ (outnumbered).
 22645 | D:7      | 22645 ||| Stepping ~*~*~tactically~*~*~ (outnumbered).
 22657 | D:7      | 22657 ||| Stepping ~*~*~tactically~*~*~ (outnumbered).
 22659 | D:7      | 22659 ||| Stepping ~*~*~tactically~*~*~ (outnumbered).
 22661 | D:7      | 22661 ||| Stepping ~*~*~tactically~*~*~ (outnumbered).
 22663 | D:7      | 22663 ||| Stepping ~*~*~tactically~*~*~ (outnumbered).
 22665 | D:7      | 22665 ||| Stepping ~*~*~tactically~*~*~ (outnumbered).
 22677 | D:7      | 22677 ||| Stepping ~*~*~tactically~*~*~ (outnumbered).
 22679 | D:7      | 22679 ||| Stepping ~*~*~tactically~*~*~ (outnumbered).
 22681 | D:7      | 22681 ||| Stepping ~*~*~tactically~*~*~ (outnumbered).
 22683 | D:7      | 22683 ||| Stepping ~*~*~tactically~*~*~ (outnumbered).
 22685 | D:7      | 22685 ||| Stepping ~*~*~tactically~*~*~ (outnumbered).
 22697 | D:7      | 22697 ||| Stepping ~*~*~tactically~*~*~ (outnumbered).
 22699 | D:7      | 22699 ||| Stepping ~*~*~tactically~*~*~ (outnumbered).
 22701 | D:7      | 22701 ||| Stepping ~*~*~tactically~*~*~ (outnumbered).
 22703 | D:7      | 22703 ||| Stepping ~*~*~tactically~*~*~ (outnumbered).
 22705 | D:7      | 22705 ||| Stepping ~*~*~tactically~*~*~ (outnumbered).
 22717 | D:7      | 22717 ||| Stepping ~*~*~tactically~*~*~ (outnumbered).
 22719 | D:7      | 22719 ||| Stepping ~*~*~tactically~*~*~ (outnumbered).
 22721 | D:7      | 22721 ||| Stepping ~*~*~tactically~*~*~ (outnumbered).
 22723 | D:7      | 22723 ||| Stepping ~*~*~tactically~*~*~ (outnumbered).
 22725 | D:7      | 22725 ||| Stepping ~*~*~tactically~*~*~ (outnumbered).
 22737 | D:7      | 22737 ||| Stepping ~*~*~tactically~*~*~ (outnumbered).
 22739 | D:7      | 22739 ||| Stepping ~*~*~tactically~*~*~ (outnumbered).
 22741 | D:7      | 22741 ||| Stepping ~*~*~tactically~*~*~ (outnumbered).
 22743 | D:7      | 22743 ||| Stepping ~*~*~tactically~*~*~ (outnumbered).
 22745 | D:7      | 22745 ||| Stepping ~*~*~tactically~*~*~ (outnumbered).
 22757 | D:7      | 22757 ||| Stepping ~*~*~tactically~*~*~ (outnumbered).
 22759 | D:7      | 22759 ||| Stepping ~*~*~tactically~*~*~ (outnumbered).
 22761 | D:7      | 22761 ||| Stepping ~*~*~tactically~*~*~ (outnumbered).
 22763 | D:7      | 22763 ||| Stepping ~*~*~tactically~*~*~ (outnumbered).
 22765 | D:7      | 22765 ||| Stepping ~*~*~tactically~*~*~ (outnumbered).
 22777 | D:7      | 22777 ||| Stepping ~*~*~tactically~*~*~ (outnumbered).
 22779 | D:7      | 22779 ||| Stepping ~*~*~tactically~*~*~ (outnumbered).
 22781 | D:7      | 22781 ||| Stepping ~*~*~tactically~*~*~ (outnumbered).
 22783 | D:7      | 22783 ||| Stepping ~*~*~tactically~*~*~ (outnumbered).
 22785 | D:7      | 22785 ||| Stepping ~*~*~tactically~*~*~ (outnumbered).
 22797 | D:7      | 22797 ||| Stepping ~*~*~tactically~*~*~ (outnumbered).
 22799 | D:7      | 22799 ||| Stepping ~*~*~tactically~*~*~ (outnumbered).
 22801 | D:7      | 22801 ||| Stepping ~*~*~tactically~*~*~ (outnumbered).
 22803 | D:7      | 22803 ||| Stepping ~*~*~tactically~*~*~ (outnumbered).
 22805 | D:7      | 22805 ||| Stepping ~*~*~tactically~*~*~ (outnumbered).
 22817 | D:7      | 22817 ||| Stepping ~*~*~tactically~*~*~ (outnumbered).
 22819 | D:7      | 22819 ||| Stepping ~*~*~tactically~*~*~ (outnumbered).
 22821 | D:7      | 22821 ||| Stepping ~*~*~tactically~*~*~ (outnumbered).
 22823 | D:7      | 22823 ||| Stepping ~*~*~tactically~*~*~ (outnumbered).
 22825 | D:7      | 22825 ||| Stepping ~*~*~tactically~*~*~ (outnumbered).
 22837 | D:7      | 22837 ||| Stepping ~*~*~tactically~*~*~ (outnumbered).
 22839 | D:7      | 22839 ||| Stepping ~*~*~tactically~*~*~ (outnumbered).
 22841 | D:7      | 22841 ||| Stepping ~*~*~tactically~*~*~ (outnumbered).
 22843 | D:7      | 22843 ||| Stepping ~*~*~tactically~*~*~ (outnumbered).
 22845 | D:7      | 22845 ||| Stepping ~*~*~tactically~*~*~ (outnumbered).
 22857 | D:7      | 22857 ||| Stepping ~*~*~tactically~*~*~ (outnumbered).
 22859 | D:7      | 22859 ||| Stepping ~*~*~tactically~*~*~ (outnumbered).
 22861 | D:7      | 22861 ||| Stepping ~*~*~tactically~*~*~ (outnumbered).
 22863 | D:7      | 22863 ||| Stepping ~*~*~tactically~*~*~ (outnumbered).
 22865 | D:7      | 22865 ||| Stepping ~*~*~tactically~*~*~ (outnumbered).
 22877 | D:7      | 22877 ||| Stepping ~*~*~tactically~*~*~ (outnumbered).
 22879 | D:7      | 22879 ||| Stepping ~*~*~tactically~*~*~ (outnumbered).
 22881 | D:7      | 22881 ||| Stepping ~*~*~tactically~*~*~ (outnumbered).
 22883 | D:7      | 22883 ||| Stepping ~*~*~tactically~*~*~ (outnumbered).
 22885 | D:7      | 22885 ||| Stepping ~*~*~tactically~*~*~ (outnumbered).
 22897 | D:7      | 22897 ||| Stepping ~*~*~tactically~*~*~ (outnumbered).
 22899 | D:7      | 22899 ||| Stepping ~*~*~tactically~*~*~ (outnumbered).
 22901 | D:7      | 22901 ||| Stepping ~*~*~tactically~*~*~ (outnumbered).
 22903 | D:7      | 22903 ||| Stepping ~*~*~tactically~*~*~ (outnumbered).
 22905 | D:7      | 22905 ||| Stepping ~*~*~tactically~*~*~ (outnumbered).
 22917 | D:7      | 22917 ||| Stepping ~*~*~tactically~*~*~ (outnumbered).
 22919 | D:7      | 22919 ||| Stepping ~*~*~tactically~*~*~ (outnumbered).
 22921 | D:7      | 22921 ||| Stepping ~*~*~tactically~*~*~ (outnumbered).
 22923 | D:7      | 22923 ||| Stepping ~*~*~tactically~*~*~ (outnumbered).
 22925 | D:7      | 22925 ||| Stepping ~*~*~tactically~*~*~ (outnumbered).
 22937 | D:7      | 22937 ||| Stepping ~*~*~tactically~*~*~ (outnumbered).
 22939 | D:7      | 22939 ||| Stepping ~*~*~tactically~*~*~ (outnumbered).
 22941 | D:7      | 22941 ||| Stepping ~*~*~tactically~*~*~ (outnumbered).
 22943 | D:7      | 22943 ||| Stepping ~*~*~tactically~*~*~ (outnumbered).
 22945 | D:7      | 22945 ||| Stepping ~*~*~tactically~*~*~ (outnumbered).
 22957 | D:7      | 22957 ||| Stepping ~*~*~tactically~*~*~ (outnumbered).
 22959 | D:7      | 22959 ||| Stepping ~*~*~tactically~*~*~ (outnumbered).
 22961 | D:7      | 22961 ||| Stepping ~*~*~tactically~*~*~ (outnumbered).
 22963 | D:7      | 22963 ||| Stepping ~*~*~tactically~*~*~ (outnumbered).
 22965 | D:7      | 22965 ||| Stepping ~*~*~tactically~*~*~ (outnumbered).
 22977 | D:7      | 22977 ||| Stepping ~*~*~tactically~*~*~ (outnumbered).
 22979 | D:7      | 22979 ||| Stepping ~*~*~tactically~*~*~ (outnumbered).
 22981 | D:7      | 22981 ||| Stepping ~*~*~tactically~*~*~ (outnumbered).
 22983 | D:7      | 22983 ||| Stepping ~*~*~tactically~*~*~ (outnumbered).
 22985 | D:7      | 22985 ||| Stepping ~*~*~tactically~*~*~ (outnumbered).
 22997 | D:7      | 22997 ||| Stepping ~*~*~tactically~*~*~ (outnumbered).
 22999 | D:7      | 22999 ||| Stepping ~*~*~tactically~*~*~ (outnumbered).
 23001 | D:7      | 23001 ||| Stepping ~*~*~tactically~*~*~ (outnumbered).
 23003 | D:7      | 23003 ||| Stepping ~*~*~tactically~*~*~ (outnumbered).
 23005 | D:7      | 23005 ||| Stepping ~*~*~tactically~*~*~ (outnumbered).
 23017 | D:7      | 23017 ||| Stepping ~*~*~tactically~*~*~ (outnumbered).
 23019 | D:7      | 23019 ||| Stepping ~*~*~tactically~*~*~ (outnumbered).
 23021 | D:7      | 23021 ||| Stepping ~*~*~tactically~*~*~ (outnumbered).
 23023 | D:7      | 23023 ||| Stepping ~*~*~tactically~*~*~ (outnumbered).
 23025 | D:7      | 23025 ||| Stepping ~*~*~tactically~*~*~ (outnumbered).
 23037 | D:7      | 23037 ||| Stepping ~*~*~tactically~*~*~ (outnumbered).
 23039 | D:7      | 23039 ||| Stepping ~*~*~tactically~*~*~ (outnumbered).
 23041 | D:7      | 23041 ||| Stepping ~*~*~tactically~*~*~ (outnumbered).
 23043 | D:7      | 23043 ||| Stepping ~*~*~tactically~*~*~ (outnumbered).
 23045 | D:7      | 23045 ||| Stepping ~*~*~tactically~*~*~ (outnumbered).
 23057 | D:7      | 23057 ||| Stepping ~*~*~tactically~*~*~ (outnumbered).
 23059 | D:7      | 23059 ||| Stepping ~*~*~tactically~*~*~ (outnumbered).
 23061 | D:7      | 23061 ||| Stepping ~*~*~tactically~*~*~ (outnumbered).
 23063 | D:7      | 23063 ||| Stepping ~*~*~tactically~*~*~ (outnumbered).
 23065 | D:7      | 23065 ||| Stepping ~*~*~tactically~*~*~ (outnumbered).
 23077 | D:7      | 23077 ||| Stepping ~*~*~tactically~*~*~ (outnumbered).
 23079 | D:7      | 23079 ||| Stepping ~*~*~tactically~*~*~ (outnumbered).
 23081 | D:7      | 23081 ||| Stepping ~*~*~tactically~*~*~ (outnumbered).
 23083 | D:7      | 23083 ||| Stepping ~*~*~tactically~*~*~ (outnumbered).
 23085 | D:7      | 23085 ||| Stepping ~*~*~tactically~*~*~ (outnumbered).
 23097 | D:7      | 23097 ||| Stepping ~*~*~tactically~*~*~ (outnumbered).
 23099 | D:7      | 23099 ||| Stepping ~*~*~tactically~*~*~ (outnumbered).
 23101 | D:7      | 23101 ||| Stepping ~*~*~tactically~*~*~ (outnumbered).
 23103 | D:7      | 23103 ||| Stepping ~*~*~tactically~*~*~ (outnumbered).
 23105 | D:7      | 23105 ||| Stepping ~*~*~tactically~*~*~ (outnumbered).
 23117 | D:7      | 23117 ||| Stepping ~*~*~tactically~*~*~ (outnumbered).
 23119 | D:7      | 23119 ||| Stepping ~*~*~tactically~*~*~ (outnumbered).
 23121 | D:7      | 23121 ||| Stepping ~*~*~tactically~*~*~ (outnumbered).
 23123 | D:7      | 23123 ||| Stepping ~*~*~tactically~*~*~ (outnumbered).
 23125 | D:7      | 23125 ||| Stepping ~*~*~tactically~*~*~ (outnumbered).
 23137 | D:7      | 23137 ||| Stepping ~*~*~tactically~*~*~ (outnumbered).
 23139 | D:7      | 23139 ||| Stepping ~*~*~tactically~*~*~ (outnumbered).
 23141 | D:7      | 23141 ||| Stepping ~*~*~tactically~*~*~ (outnumbered).
 23143 | D:7      | 23143 ||| Stepping ~*~*~tactically~*~*~ (outnumbered).
 23145 | D:7      | 23145 ||| Stepping ~*~*~tactically~*~*~ (outnumbered).
 23157 | D:7      | 23157 ||| Stepping ~*~*~tactically~*~*~ (outnumbered).
 23159 | D:7      | 23159 ||| Stepping ~*~*~tactically~*~*~ (outnumbered).
 23161 | D:7      | 23161 ||| Stepping ~*~*~tactically~*~*~ (outnumbered).
 23163 | D:7      | 23163 ||| Stepping ~*~*~tactically~*~*~ (outnumbered).
 23165 | D:7      | 23165 ||| Stepping ~*~*~tactically~*~*~ (outnumbered).
 23177 | D:7      | 23177 ||| Stepping ~*~*~tactically~*~*~ (outnumbered).
 23179 | D:7      | 23179 ||| Stepping ~*~*~tactically~*~*~ (outnumbered).
 23181 | D:7      | 23181 ||| Stepping ~*~*~tactically~*~*~ (outnumbered).
 23183 | D:7      | 23183 ||| Stepping ~*~*~tactically~*~*~ (outnumbered).
 23185 | D:7      | 23185 ||| Stepping ~*~*~tactically~*~*~ (outnumbered).
 23197 | D:7      | 23197 ||| Stepping ~*~*~tactically~*~*~ (outnumbered).
 23199 | D:7      | 23199 ||| Stepping ~*~*~tactically~*~*~ (outnumbered).
 23201 | D:7      | 23201 ||| Stepping ~*~*~tactically~*~*~ (outnumbered).
 23203 | D:7      | 23203 ||| Stepping ~*~*~tactically~*~*~ (outnumbered).
 23205 | D:7      | 23205 ||| Stepping ~*~*~tactically~*~*~ (outnumbered).
 23217 | D:7      | 23217 ||| Stepping ~*~*~tactically~*~*~ (outnumbered).
 23219 | D:7      | 23219 ||| Stepping ~*~*~tactically~*~*~ (outnumbered).
 23221 | D:7      | 23221 ||| Stepping ~*~*~tactically~*~*~ (outnumbered).
 23223 | D:7      | 23223 ||| Stepping ~*~*~tactically~*~*~ (outnumbered).
 23225 | D:7      | 23225 ||| Stepping ~*~*~tactically~*~*~ (outnumbered).
 23237 | D:7      | 23237 ||| Stepping ~*~*~tactically~*~*~ (outnumbered).
 23239 | D:7      | 23239 ||| Stepping ~*~*~tactically~*~*~ (outnumbered).
 23241 | D:7      | 23241 ||| Stepping ~*~*~tactically~*~*~ (outnumbered).
 23243 | D:7      | 23243 ||| Stepping ~*~*~tactically~*~*~ (outnumbered).
 23245 | D:7      | 23245 ||| Stepping ~*~*~tactically~*~*~ (outnumbered).
 23257 | D:7      | 23257 ||| Stepping ~*~*~tactically~*~*~ (outnumbered).
 23259 | D:7      | 23259 ||| Stepping ~*~*~tactically~*~*~ (outnumbered).
 23261 | D:7      | 23261 ||| Stepping ~*~*~tactically~*~*~ (outnumbered).
 23263 | D:7      | 23263 ||| Stepping ~*~*~tactically~*~*~ (outnumbered).
 23265 | D:7      | 23265 ||| Stepping ~*~*~tactically~*~*~ (outnumbered).
 23277 | D:7      | 23277 ||| Stepping ~*~*~tactically~*~*~ (outnumbered).
 23279 | D:7      | 23279 ||| Stepping ~*~*~tactically~*~*~ (outnumbered).
 23281 | D:7      | 23281 ||| Stepping ~*~*~tactically~*~*~ (outnumbered).
 23283 | D:7      | 23283 ||| Stepping ~*~*~tactically~*~*~ (outnumbered).
 23285 | D:7      | 23285 ||| Stepping ~*~*~tactically~*~*~ (outnumbered).
 23297 | D:7      | 23297 ||| Stepping ~*~*~tactically~*~*~ (outnumbered).
 23299 | D:7      | 23299 ||| Stepping ~*~*~tactically~*~*~ (outnumbered).
 23301 | D:7      | 23301 ||| Stepping ~*~*~tactically~*~*~ (outnumbered).
 23303 | D:7      | 23303 ||| Stepping ~*~*~tactically~*~*~ (outnumbered).
 23305 | D:7      | 23305 ||| Stepping ~*~*~tactically~*~*~ (outnumbered).
 23317 | D:7      | 23317 ||| Stepping ~*~*~tactically~*~*~ (outnumbered).
 23319 | D:7      | 23319 ||| Stepping ~*~*~tactically~*~*~ (outnumbered).
 23321 | D:7      | 23321 ||| Stepping ~*~*~tactically~*~*~ (outnumbered).
 23323 | D:7      | 23323 ||| Stepping ~*~*~tactically~*~*~ (outnumbered).
 23325 | D:7      | 23325 ||| Stepping ~*~*~tactically~*~*~ (outnumbered).
 23337 | D:7      | 23337 ||| Stepping ~*~*~tactically~*~*~ (outnumbered).
 23339 | D:7      | 23339 ||| Stepping ~*~*~tactically~*~*~ (outnumbered).
 23341 | D:7      | 23341 ||| Stepping ~*~*~tactically~*~*~ (outnumbered).
 23343 | D:7      | 23343 ||| Stepping ~*~*~tactically~*~*~ (outnumbered).
 23345 | D:7      | 23345 ||| Stepping ~*~*~tactically~*~*~ (outnumbered).
 23357 | D:7      | 23357 ||| Stepping ~*~*~tactically~*~*~ (outnumbered).
 23359 | D:7      | 23359 ||| Stepping ~*~*~tactically~*~*~ (outnumbered).
 23361 | D:7      | 23361 ||| Stepping ~*~*~tactically~*~*~ (outnumbered).
 23363 | D:7      | 23363 ||| Stepping ~*~*~tactically~*~*~ (outnumbered).
 23365 | D:7      | 23365 ||| Stepping ~*~*~tactically~*~*~ (outnumbered).
 23377 | D:7      | 23377 ||| Stepping ~*~*~tactically~*~*~ (outnumbered).
 23379 | D:7      | 23379 ||| Stepping ~*~*~tactically~*~*~ (outnumbered).
 23381 | D:7      | 23381 ||| Stepping ~*~*~tactically~*~*~ (outnumbered).
 23383 | D:7      | 23383 ||| Stepping ~*~*~tactically~*~*~ (outnumbered).
 23385 | D:7      | 23385 ||| Stepping ~*~*~tactically~*~*~ (outnumbered).
 23397 | D:7      | 23397 ||| Stepping ~*~*~tactically~*~*~ (outnumbered).
 23399 | D:7      | 23399 ||| Stepping ~*~*~tactically~*~*~ (outnumbered).
 23401 | D:7      | 23401 ||| Stepping ~*~*~tactically~*~*~ (outnumbered).
 23403 | D:7      | 23403 ||| Stepping ~*~*~tactically~*~*~ (outnumbered).
 23405 | D:7      | 23405 ||| Stepping ~*~*~tactically~*~*~ (outnumbered).
 23417 | D:7      | 23417 ||| Stepping ~*~*~tactically~*~*~ (outnumbered).
 23419 | D:7      | 23419 ||| Stepping ~*~*~tactically~*~*~ (outnumbered).
 23421 | D:7      | 23421 ||| Stepping ~*~*~tactically~*~*~ (outnumbered).
 23423 | D:7      | 23423 ||| Stepping ~*~*~tactically~*~*~ (outnumbered).
 23425 | D:7      | 23425 ||| Stepping ~*~*~tactically~*~*~ (outnumbered).
 23437 | D:7      | 23437 ||| Stepping ~*~*~tactically~*~*~ (outnumbered).
 23439 | D:7      | 23439 ||| Stepping ~*~*~tactically~*~*~ (outnumbered).
 23441 | D:7      | 23441 ||| Stepping ~*~*~tactically~*~*~ (outnumbered).
 23443 | D:7      | 23443 ||| Stepping ~*~*~tactically~*~*~ (outnumbered).
 23445 | D:7      | 23445 ||| Stepping ~*~*~tactically~*~*~ (outnumbered).
 23457 | D:7      | 23457 ||| Stepping ~*~*~tactically~*~*~ (outnumbered).
 23459 | D:7      | 23459 ||| Stepping ~*~*~tactically~*~*~ (outnumbered).
 23461 | D:7      | 23461 ||| Stepping ~*~*~tactically~*~*~ (outnumbered).
 23463 | D:7      | 23463 ||| Stepping ~*~*~tactically~*~*~ (outnumbered).
 23465 | D:7      | 23465 ||| Stepping ~*~*~tactically~*~*~ (outnumbered).
 23477 | D:7      | 23477 ||| Stepping ~*~*~tactically~*~*~ (outnumbered).
 23479 | D:7      | 23479 ||| Stepping ~*~*~tactically~*~*~ (outnumbered).
 23481 | D:7      | 23481 ||| Stepping ~*~*~tactically~*~*~ (outnumbered).
 23483 | D:7      | 23483 ||| Stepping ~*~*~tactically~*~*~ (outnumbered).
 23485 | D:7      | 23485 ||| Stepping ~*~*~tactically~*~*~ (outnumbered).
 23497 | D:7      | 23497 ||| Stepping ~*~*~tactically~*~*~ (outnumbered).
 23499 | D:7      | 23499 ||| Stepping ~*~*~tactically~*~*~ (outnumbered).
 23501 | D:7      | 23501 ||| Stepping ~*~*~tactically~*~*~ (outnumbered).
 23503 | D:7      | 23503 ||| Stepping ~*~*~tactically~*~*~ (outnumbered).
 23505 | D:7      | 23505 ||| Stepping ~*~*~tactically~*~*~ (outnumbered).
 23517 | D:7      | 23517 ||| Stepping ~*~*~tactically~*~*~ (outnumbered).
 23519 | D:7      | 23519 ||| Stepping ~*~*~tactically~*~*~ (outnumbered).
 23521 | D:7      | 23521 ||| Stepping ~*~*~tactically~*~*~ (outnumbered).
 23523 | D:7      | 23523 ||| Stepping ~*~*~tactically~*~*~ (outnumbered).
 23525 | D:7      | 23525 ||| Stepping ~*~*~tactically~*~*~ (outnumbered).
 23537 | D:7      | 23537 ||| Stepping ~*~*~tactically~*~*~ (outnumbered).
 23539 | D:7      | 23539 ||| Stepping ~*~*~tactically~*~*~ (outnumbered).
 23541 | D:7      | 23541 ||| Stepping ~*~*~tactically~*~*~ (outnumbered).
 23543 | D:7      | 23543 ||| Stepping ~*~*~tactically~*~*~ (outnumbered).
 23545 | D:7      | 23545 ||| Stepping ~*~*~tactically~*~*~ (outnumbered).
 23557 | D:7      | 23557 ||| Stepping ~*~*~tactically~*~*~ (outnumbered).
 23559 | D:7      | 23559 ||| Stepping ~*~*~tactically~*~*~ (outnumbered).
 23561 | D:7      | 23561 ||| Stepping ~*~*~tactically~*~*~ (outnumbered).
 23563 | D:7      | 23563 ||| Stepping ~*~*~tactically~*~*~ (outnumbered).
 23565 | D:7      | 23565 ||| Stepping ~*~*~tactically~*~*~ (outnumbered).
 23577 | D:7      | 23577 ||| Stepping ~*~*~tactically~*~*~ (outnumbered).
 23579 | D:7      | 23579 ||| Stepping ~*~*~tactically~*~*~ (outnumbered).
 23581 | D:7      | 23581 ||| Stepping ~*~*~tactically~*~*~ (outnumbered).
 23583 | D:7      | 23583 ||| Stepping ~*~*~tactically~*~*~ (outnumbered).
 23585 | D:7      | 23585 ||| Stepping ~*~*~tactically~*~*~ (outnumbered).
 23597 | D:7      | 23597 ||| Stepping ~*~*~tactically~*~*~ (outnumbered).
 23599 | D:7      | 23599 ||| Stepping ~*~*~tactically~*~*~ (outnumbered).
 23601 | D:7      | 23601 ||| Stepping ~*~*~tactically~*~*~ (outnumbered).
 23603 | D:7      | 23603 ||| Stepping ~*~*~tactically~*~*~ (outnumbered).
 23605 | D:7      | 23605 ||| Stepping ~*~*~tactically~*~*~ (outnumbered).
 23617 | D:7      | 23617 ||| Stepping ~*~*~tactically~*~*~ (outnumbered).
 23619 | D:7      | 23619 ||| Stepping ~*~*~tactically~*~*~ (outnumbered).
 23621 | D:7      | 23621 ||| Stepping ~*~*~tactically~*~*~ (outnumbered).
 23623 | D:7      | 23623 ||| Stepping ~*~*~tactically~*~*~ (outnumbered).
 23625 | D:7      | 23625 ||| Stepping ~*~*~tactically~*~*~ (outnumbered).
 23637 | D:7      | 23637 ||| Stepping ~*~*~tactically~*~*~ (outnumbered).
 23639 | D:7      | 23639 ||| Stepping ~*~*~tactically~*~*~ (outnumbered).
 23641 | D:7      | 23641 ||| Stepping ~*~*~tactically~*~*~ (outnumbered).
 23643 | D:7      | 23643 ||| Stepping ~*~*~tactically~*~*~ (outnumbered).
 23645 | D:7      | 23645 ||| Stepping ~*~*~tactically~*~*~ (outnumbered).
 23657 | D:7      | 23657 ||| Stepping ~*~*~tactically~*~*~ (outnumbered).
 23659 | D:7      | 23659 ||| Stepping ~*~*~tactically~*~*~ (outnumbered).
 23661 | D:7      | 23661 ||| Stepping ~*~*~tactically~*~*~ (outnumbered).
 23663 | D:7      | 23663 ||| Stepping ~*~*~tactically~*~*~ (outnumbered).
 23665 | D:7      | 23665 ||| Stepping ~*~*~tactically~*~*~ (outnumbered).
 23677 | D:7      | 23677 ||| Stepping ~*~*~tactically~*~*~ (outnumbered).
 23679 | D:7      | 23679 ||| Stepping ~*~*~tactically~*~*~ (outnumbered).
 23681 | D:7      | 23681 ||| Stepping ~*~*~tactically~*~*~ (outnumbered).
 23683 | D:7      | 23683 ||| Stepping ~*~*~tactically~*~*~ (outnumbered).
 23685 | D:7      | 23685 ||| Stepping ~*~*~tactically~*~*~ (outnumbered).
 23697 | D:7      | 23697 ||| Stepping ~*~*~tactically~*~*~ (outnumbered).
 23699 | D:7      | 23699 ||| Stepping ~*~*~tactically~*~*~ (outnumbered).
 23701 | D:7      | 23701 ||| Stepping ~*~*~tactically~*~*~ (outnumbered).
 23703 | D:7      | 23703 ||| Stepping ~*~*~tactically~*~*~ (outnumbered).
 23705 | D:7      | 23705 ||| Stepping ~*~*~tactically~*~*~ (outnumbered).
 23717 | D:7      | 23717 ||| Stepping ~*~*~tactically~*~*~ (outnumbered).
 23719 | D:7      | 23719 ||| Stepping ~*~*~tactically~*~*~ (outnumbered).
 23721 | D:7      | 23721 ||| Stepping ~*~*~tactically~*~*~ (outnumbered).
 23723 | D:7      | 23723 ||| Stepping ~*~*~tactically~*~*~ (outnumbered).
 23725 | D:7      | 23725 ||| Stepping ~*~*~tactically~*~*~ (outnumbered).
 23737 | D:7      | 23737 ||| Stepping ~*~*~tactically~*~*~ (outnumbered).
 23739 | D:7      | 23739 ||| Stepping ~*~*~tactically~*~*~ (outnumbered).
 23741 | D:7      | 23741 ||| Stepping ~*~*~tactically~*~*~ (outnumbered).
 23743 | D:7      | 23743 ||| Stepping ~*~*~tactically~*~*~ (outnumbered).
 23745 | D:7      | 23745 ||| Stepping ~*~*~tactically~*~*~ (outnumbered).
 23757 | D:7      | 23757 ||| Stepping ~*~*~tactically~*~*~ (outnumbered).
 23759 | D:7      | 23759 ||| Stepping ~*~*~tactically~*~*~ (outnumbered).
 23761 | D:7      | 23761 ||| Stepping ~*~*~tactically~*~*~ (outnumbered).
 23763 | D:7      | 23763 ||| Stepping ~*~*~tactically~*~*~ (outnumbered).
 23765 | D:7      | 23765 ||| Stepping ~*~*~tactically~*~*~ (outnumbered).
 23777 | D:7      | 23777 ||| Stepping ~*~*~tactically~*~*~ (outnumbered).
 23779 | D:7      | 23779 ||| Stepping ~*~*~tactically~*~*~ (outnumbered).
 23781 | D:7      | 23781 ||| Stepping ~*~*~tactically~*~*~ (outnumbered).
 23783 | D:7      | 23783 ||| Stepping ~*~*~tactically~*~*~ (outnumbered).
 23785 | D:7      | 23785 ||| Stepping ~*~*~tactically~*~*~ (outnumbered).
 23797 | D:7      | 23797 ||| Stepping ~*~*~tactically~*~*~ (outnumbered).
 23799 | D:7      | 23799 ||| Stepping ~*~*~tactically~*~*~ (outnumbered).
 23801 | D:7      | 23801 ||| Stepping ~*~*~tactically~*~*~ (outnumbered).
 23803 | D:7      | 23803 ||| Stepping ~*~*~tactically~*~*~ (outnumbered).
 23805 | D:7      | 23805 ||| Stepping ~*~*~tactically~*~*~ (outnumbered).
 23817 | D:7      | 23817 ||| Stepping ~*~*~tactically~*~*~ (outnumbered).
 23819 | D:7      | 23819 ||| Stepping ~*~*~tactically~*~*~ (outnumbered).
 23821 | D:7      | 23821 ||| Stepping ~*~*~tactically~*~*~ (outnumbered).
 23823 | D:7      | 23823 ||| Stepping ~*~*~tactically~*~*~ (outnumbered).
 23825 | D:7      | 23825 ||| Stepping ~*~*~tactically~*~*~ (outnumbered).
 23837 | D:7      | 23837 ||| Stepping ~*~*~tactically~*~*~ (outnumbered).
 23839 | D:7      | 23839 ||| Stepping ~*~*~tactically~*~*~ (outnumbered).
 23841 | D:7      | 23841 ||| Stepping ~*~*~tactically~*~*~ (outnumbered).
 23843 | D:7      | 23843 ||| Stepping ~*~*~tactically~*~*~ (outnumbered).
 23845 | D:7      | 23845 ||| Stepping ~*~*~tactically~*~*~ (outnumbered).
 23857 | D:7      | 23857 ||| Stepping ~*~*~tactically~*~*~ (outnumbered).
 23859 | D:7      | 23859 ||| Stepping ~*~*~tactically~*~*~ (outnumbered).
 23861 | D:7      | 23861 ||| Stepping ~*~*~tactically~*~*~ (outnumbered).
 23863 | D:7      | 23863 ||| Stepping ~*~*~tactically~*~*~ (outnumbered).
 23865 | D:7      | 23865 ||| Stepping ~*~*~tactically~*~*~ (outnumbered).
 23877 | D:7      | 23877 ||| Stepping ~*~*~tactically~*~*~ (outnumbered).
 23879 | D:7      | 23879 ||| Stepping ~*~*~tactically~*~*~ (outnumbered).
 23881 | D:7      | 23881 ||| Stepping ~*~*~tactically~*~*~ (outnumbered).
 23883 | D:7      | 23883 ||| Stepping ~*~*~tactically~*~*~ (outnumbered).
 23885 | D:7      | 23885 ||| Stepping ~*~*~tactically~*~*~ (outnumbered).
 23897 | D:7      | 23897 ||| Stepping ~*~*~tactically~*~*~ (outnumbered).
 23899 | D:7      | 23899 ||| Stepping ~*~*~tactically~*~*~ (outnumbered).
 23901 | D:7      | 23901 ||| Stepping ~*~*~tactically~*~*~ (outnumbered).
 23903 | D:7      | 23903 ||| Stepping ~*~*~tactically~*~*~ (outnumbered).
 23905 | D:7      | 23905 ||| Stepping ~*~*~tactically~*~*~ (outnumbered).
 23917 | D:7      | 23917 ||| Stepping ~*~*~tactically~*~*~ (outnumbered).
 23919 | D:7      | 23919 ||| Stepping ~*~*~tactically~*~*~ (outnumbered).
 23921 | D:7      | 23921 ||| Stepping ~*~*~tactically~*~*~ (outnumbered).
 23923 | D:7      | 23923 ||| Stepping ~*~*~tactically~*~*~ (outnumbered).
 23925 | D:7      | 23925 ||| Stepping ~*~*~tactically~*~*~ (outnumbered).
 23937 | D:7      | 23937 ||| Stepping ~*~*~tactically~*~*~ (outnumbered).
 23939 | D:7      | 23939 ||| Stepping ~*~*~tactically~*~*~ (outnumbered).
 23941 | D:7      | 23941 ||| Stepping ~*~*~tactically~*~*~ (outnumbered).
 23943 | D:7      | 23943 ||| Stepping ~*~*~tactically~*~*~ (outnumbered).
 23945 | D:7      | 23945 ||| Stepping ~*~*~tactically~*~*~ (outnumbered).
 23957 | D:7      | 23957 ||| Stepping ~*~*~tactically~*~*~ (outnumbered).
 23959 | D:7      | 23959 ||| Stepping ~*~*~tactically~*~*~ (outnumbered).
 23961 | D:7      | 23961 ||| Stepping ~*~*~tactically~*~*~ (outnumbered).
 23963 | D:7      | 23963 ||| Stepping ~*~*~tactically~*~*~ (outnumbered).
 23965 | D:7      | 23965 ||| Stepping ~*~*~tactically~*~*~ (outnumbered).
 23977 | D:7      | 23977 ||| Stepping ~*~*~tactically~*~*~ (outnumbered).
 23979 | D:7      | 23979 ||| Stepping ~*~*~tactically~*~*~ (outnumbered).
 23981 | D:7      | 23981 ||| Stepping ~*~*~tactically~*~*~ (outnumbered).
 23983 | D:7      | 23983 ||| Stepping ~*~*~tactically~*~*~ (outnumbered).
 23985 | D:7      | 23985 ||| Stepping ~*~*~tactically~*~*~ (outnumbered).
 23997 | D:7      | 23997 ||| Stepping ~*~*~tactically~*~*~ (outnumbered).
 23999 | D:7      | 23999 ||| Stepping ~*~*~tactically~*~*~ (outnumbered).
 24001 | D:7      | 24001 ||| Stepping ~*~*~tactically~*~*~ (outnumbered).
 24003 | D:7      | 24003 ||| Stepping ~*~*~tactically~*~*~ (outnumbered).
 24005 | D:7      | 24005 ||| Stepping ~*~*~tactically~*~*~ (outnumbered).
 24017 | D:7      | 24017 ||| Stepping ~*~*~tactically~*~*~ (outnumbered).
 24019 | D:7      | 24019 ||| Stepping ~*~*~tactically~*~*~ (outnumbered).
 24021 | D:7      | 24021 ||| Stepping ~*~*~tactically~*~*~ (outnumbered).
 24023 | D:7      | 24023 ||| Stepping ~*~*~tactically~*~*~ (outnumbered).
 24025 | D:7      | 24025 ||| Stepping ~*~*~tactically~*~*~ (outnumbered).
 24037 | D:7      | 24037 ||| Stepping ~*~*~tactically~*~*~ (outnumbered).
 24039 | D:7      | 24039 ||| Stepping ~*~*~tactically~*~*~ (outnumbered).
 24041 | D:7      | 24041 ||| Stepping ~*~*~tactically~*~*~ (outnumbered).
 24043 | D:7      | 24043 ||| Stepping ~*~*~tactically~*~*~ (outnumbered).
 24045 | D:7      | 24045 ||| Stepping ~*~*~tactically~*~*~ (outnumbered).
 24057 | D:7      | 24057 ||| Stepping ~*~*~tactically~*~*~ (outnumbered).
 24059 | D:7      | 24059 ||| Stepping ~*~*~tactically~*~*~ (outnumbered).
 24061 | D:7      | 24061 ||| Stepping ~*~*~tactically~*~*~ (outnumbered).
 24063 | D:7      | 24063 ||| Stepping ~*~*~tactically~*~*~ (outnumbered).
 24065 | D:7      | 24065 ||| Stepping ~*~*~tactically~*~*~ (outnumbered).
 24077 | D:7      | 24077 ||| Stepping ~*~*~tactically~*~*~ (outnumbered).
 24079 | D:7      | 24079 ||| Stepping ~*~*~tactically~*~*~ (outnumbered).
 24081 | D:7      | 24081 ||| Stepping ~*~*~tactically~*~*~ (outnumbered).
 24083 | D:7      | 24083 ||| Stepping ~*~*~tactically~*~*~ (outnumbered).
 24085 | D:7      | 24085 ||| Stepping ~*~*~tactically~*~*~ (outnumbered).
 24097 | D:7      | 24097 ||| Stepping ~*~*~tactically~*~*~ (outnumbered).
 24099 | D:7      | 24099 ||| Stepping ~*~*~tactically~*~*~ (outnumbered).
 24101 | D:7      | 24101 ||| Stepping ~*~*~tactically~*~*~ (outnumbered).
 24103 | D:7      | 24103 ||| Stepping ~*~*~tactically~*~*~ (outnumbered).
 24105 | D:7      | 24105 ||| Stepping ~*~*~tactically~*~*~ (outnumbered).
 24117 | D:7      | 24117 ||| Stepping ~*~*~tactically~*~*~ (outnumbered).
 24119 | D:7      | 24119 ||| Stepping ~*~*~tactically~*~*~ (outnumbered).
 24121 | D:7      | 24121 ||| Stepping ~*~*~tactically~*~*~ (outnumbered).
 24123 | D:7      | 24123 ||| Stepping ~*~*~tactically~*~*~ (outnumbered).
 24125 | D:7      | 24125 ||| Stepping ~*~*~tactically~*~*~ (outnumbered).
 24137 | D:7      | 24137 ||| Stepping ~*~*~tactically~*~*~ (outnumbered).
 24139 | D:7      | 24139 ||| Stepping ~*~*~tactically~*~*~ (outnumbered).
 24141 | D:7      | 24141 ||| Stepping ~*~*~tactically~*~*~ (outnumbered).
 24143 | D:7      | 24143 ||| Stepping ~*~*~tactically~*~*~ (outnumbered).
 24145 | D:7      | 24145 ||| Stepping ~*~*~tactically~*~*~ (outnumbered).
 24157 | D:7      | 24157 ||| Stepping ~*~*~tactically~*~*~ (outnumbered).
 24159 | D:7      | 24159 ||| Stepping ~*~*~tactically~*~*~ (outnumbered).
 24161 | D:7      | 24161 ||| Stepping ~*~*~tactically~*~*~ (outnumbered).
 24163 | D:7      | 24163 ||| Stepping ~*~*~tactically~*~*~ (outnumbered).
 24165 | D:7      | 24165 ||| Stepping ~*~*~tactically~*~*~ (outnumbered).
 24177 | D:7      | 24177 ||| Stepping ~*~*~tactically~*~*~ (outnumbered).
 24179 | D:7      | 24179 ||| Stepping ~*~*~tactically~*~*~ (outnumbered).
 24181 | D:7      | 24181 ||| Stepping ~*~*~tactically~*~*~ (outnumbered).
 24183 | D:7      | 24183 ||| Stepping ~*~*~tactically~*~*~ (outnumbered).
 24185 | D:7      | 24185 ||| Stepping ~*~*~tactically~*~*~ (outnumbered).
 24197 | D:7      | 24197 ||| Stepping ~*~*~tactically~*~*~ (outnumbered).
 24199 | D:7      | 24199 ||| Stepping ~*~*~tactically~*~*~ (outnumbered).
 24201 | D:7      | 24201 ||| Stepping ~*~*~tactically~*~*~ (outnumbered).
 24203 | D:7      | 24203 ||| Stepping ~*~*~tactically~*~*~ (outnumbered).
 24205 | D:7      | 24205 ||| Stepping ~*~*~tactically~*~*~ (outnumbered).
 24217 | D:7      | 24217 ||| Stepping ~*~*~tactically~*~*~ (outnumbered).
 24219 | D:7      | 24219 ||| Stepping ~*~*~tactically~*~*~ (outnumbered).
 24221 | D:7      | 24221 ||| Stepping ~*~*~tactically~*~*~ (outnumbered).
 24223 | D:7      | 24223 ||| Stepping ~*~*~tactically~*~*~ (outnumbered).
 24225 | D:7      | 24225 ||| Stepping ~*~*~tactically~*~*~ (outnumbered).
 24237 | D:7      | 24237 ||| Stepping ~*~*~tactically~*~*~ (outnumbered).
 24239 | D:7      | 24239 ||| Stepping ~*~*~tactically~*~*~ (outnumbered).
 24241 | D:7      | 24241 ||| Stepping ~*~*~tactically~*~*~ (outnumbered).
 24243 | D:7      | 24243 ||| Stepping ~*~*~tactically~*~*~ (outnumbered).
 24245 | D:7      | 24245 ||| Stepping ~*~*~tactically~*~*~ (outnumbered).
 24257 | D:7      | 24257 ||| Stepping ~*~*~tactically~*~*~ (outnumbered).
 24259 | D:7      | 24259 ||| Stepping ~*~*~tactically~*~*~ (outnumbered).
 24261 | D:7      | 24261 ||| Stepping ~*~*~tactically~*~*~ (outnumbered).
 24263 | D:7      | 24263 ||| Stepping ~*~*~tactically~*~*~ (outnumbered).
 24265 | D:7      | 24265 ||| Stepping ~*~*~tactically~*~*~ (outnumbered).
 24277 | D:7      | 24277 ||| Stepping ~*~*~tactically~*~*~ (outnumbered).
 24279 | D:7      | 24279 ||| Stepping ~*~*~tactically~*~*~ (outnumbered).
 24281 | D:7      | 24281 ||| Stepping ~*~*~tactically~*~*~ (outnumbered).
 24283 | D:7      | 24283 ||| Stepping ~*~*~tactically~*~*~ (outnumbered).
 24285 | D:7      | 24285 ||| Stepping ~*~*~tactically~*~*~ (outnumbered).
 24297 | D:7      | 24297 ||| Stepping ~*~*~tactically~*~*~ (outnumbered).
 24299 | D:7      | 24299 ||| Stepping ~*~*~tactically~*~*~ (outnumbered).
 24301 | D:7      | 24301 ||| Stepping ~*~*~tactically~*~*~ (outnumbered).
 24303 | D:7      | 24303 ||| Stepping ~*~*~tactically~*~*~ (outnumbered).
 24305 | D:7      | 24305 ||| Stepping ~*~*~tactically~*~*~ (outnumbered).
 24317 | D:7      | 24317 ||| Stepping ~*~*~tactically~*~*~ (outnumbered).
 24319 | D:7      | 24319 ||| Stepping ~*~*~tactically~*~*~ (outnumbered).
 24321 | D:7      | 24321 ||| Stepping ~*~*~tactically~*~*~ (outnumbered).
 24323 | D:7      | 24323 ||| Stepping ~*~*~tactically~*~*~ (outnumbered).
 24325 | D:7      | 24325 ||| Stepping ~*~*~tactically~*~*~ (outnumbered).
 24337 | D:7      | 24337 ||| Stepping ~*~*~tactically~*~*~ (outnumbered).
 24339 | D:7      | 24339 ||| Stepping ~*~*~tactically~*~*~ (outnumbered).
 24341 | D:7      | 24341 ||| Stepping ~*~*~tactically~*~*~ (outnumbered).
 24343 | D:7      | 24343 ||| Stepping ~*~*~tactically~*~*~ (outnumbered).
 24345 | D:7      | 24345 ||| Stepping ~*~*~tactically~*~*~ (outnumbered).
 24357 | D:7      | 24357 ||| Stepping ~*~*~tactically~*~*~ (outnumbered).
 24359 | D:7      | 24359 ||| Stepping ~*~*~tactically~*~*~ (outnumbered).
 24361 | D:7      | 24361 ||| Stepping ~*~*~tactically~*~*~ (outnumbered).
 24363 | D:7      | 24363 ||| Stepping ~*~*~tactically~*~*~ (outnumbered).
 24365 | D:7      | 24365 ||| Stepping ~*~*~tactically~*~*~ (outnumbered).
 24377 | D:7      | 24377 ||| Stepping ~*~*~tactically~*~*~ (outnumbered).
 24379 | D:7      | 24379 ||| Stepping ~*~*~tactically~*~*~ (outnumbered).
 24381 | D:7      | 24381 ||| Stepping ~*~*~tactically~*~*~ (outnumbered).
 24383 | D:7      | 24383 ||| Stepping ~*~*~tactically~*~*~ (outnumbered).
 24385 | D:7      | 24385 ||| Stepping ~*~*~tactically~*~*~ (outnumbered).
 24397 | D:7      | 24397 ||| Stepping ~*~*~tactically~*~*~ (outnumbered).
 24399 | D:7      | 24399 ||| Stepping ~*~*~tactically~*~*~ (outnumbered).
 24401 | D:7      | 24401 ||| Stepping ~*~*~tactically~*~*~ (outnumbered).
 24403 | D:7      | 24403 ||| Stepping ~*~*~tactically~*~*~ (outnumbered).
 24405 | D:7      | 24405 ||| Stepping ~*~*~tactically~*~*~ (outnumbered).
 24417 | D:7      | 24417 ||| Stepping ~*~*~tactically~*~*~ (outnumbered).
 24419 | D:7      | 24419 ||| Stepping ~*~*~tactically~*~*~ (outnumbered).
 24421 | D:7      | 24421 ||| Stepping ~*~*~tactically~*~*~ (outnumbered).
 24423 | D:7      | 24423 ||| Stepping ~*~*~tactically~*~*~ (outnumbered).
 24425 | D:7      | 24425 ||| Stepping ~*~*~tactically~*~*~ (outnumbered).
 24437 | D:7      | 24437 ||| Stepping ~*~*~tactically~*~*~ (outnumbered).
 24439 | D:7      | 24439 ||| Stepping ~*~*~tactically~*~*~ (outnumbered).
 24441 | D:7      | 24441 ||| Stepping ~*~*~tactically~*~*~ (outnumbered).
 24443 | D:7      | 24443 ||| Stepping ~*~*~tactically~*~*~ (outnumbered).
 24445 | D:7      | 24445 ||| Stepping ~*~*~tactically~*~*~ (outnumbered).
 24457 | D:7      | 24457 ||| Stepping ~*~*~tactically~*~*~ (outnumbered).
 24459 | D:7      | 24459 ||| Stepping ~*~*~tactically~*~*~ (outnumbered).
 24461 | D:7      | 24461 ||| Stepping ~*~*~tactically~*~*~ (outnumbered).
 24463 | D:7      | 24463 ||| Stepping ~*~*~tactically~*~*~ (outnumbered).
 24465 | D:7      | 24465 ||| Stepping ~*~*~tactically~*~*~ (outnumbered).
 24477 | D:7      | 24477 ||| Stepping ~*~*~tactically~*~*~ (outnumbered).
 24479 | D:7      | 24479 ||| Stepping ~*~*~tactically~*~*~ (outnumbered).
 24481 | D:7      | 24481 ||| Stepping ~*~*~tactically~*~*~ (outnumbered).
 24483 | D:7      | 24483 ||| Stepping ~*~*~tactically~*~*~ (outnumbered).
 24485 | D:7      | 24485 ||| Stepping ~*~*~tactically~*~*~ (outnumbered).
 24497 | D:7      | 24497 ||| Stepping ~*~*~tactically~*~*~ (outnumbered).
 24499 | D:7      | 24499 ||| Stepping ~*~*~tactically~*~*~ (outnumbered).
 24501 | D:7      | 24501 ||| Stepping ~*~*~tactically~*~*~ (outnumbered).
 24503 | D:7      | 24503 ||| Stepping ~*~*~tactically~*~*~ (outnumbered).
 24505 | D:7      | 24505 ||| Stepping ~*~*~tactically~*~*~ (outnumbered).
 24517 | D:7      | 24517 ||| Stepping ~*~*~tactically~*~*~ (outnumbered).
 24519 | D:7      | 24519 ||| Stepping ~*~*~tactically~*~*~ (outnumbered).
 24521 | D:7      | 24521 ||| Stepping ~*~*~tactically~*~*~ (outnumbered).
 24523 | D:7      | 24523 ||| Stepping ~*~*~tactically~*~*~ (outnumbered).
 24525 | D:7      | 24525 ||| Stepping ~*~*~tactically~*~*~ (outnumbered).
 24537 | D:7      | 24537 ||| Stepping ~*~*~tactically~*~*~ (outnumbered).
 24539 | D:7      | 24539 ||| Stepping ~*~*~tactically~*~*~ (outnumbered).
 24541 | D:7      | 24541 ||| Stepping ~*~*~tactically~*~*~ (outnumbered).
 24543 | D:7      | 24543 ||| Stepping ~*~*~tactically~*~*~ (outnumbered).
 24545 | D:7      | 24545 ||| Stepping ~*~*~tactically~*~*~ (outnumbered).
 24557 | D:7      | 24557 ||| Stepping ~*~*~tactically~*~*~ (outnumbered).
 24559 | D:7      | 24559 ||| Stepping ~*~*~tactically~*~*~ (outnumbered).
 24561 | D:7      | 24561 ||| Stepping ~*~*~tactically~*~*~ (outnumbered).
 24563 | D:7      | 24563 ||| Stepping ~*~*~tactically~*~*~ (outnumbered).
 24565 | D:7      | 24565 ||| Stepping ~*~*~tactically~*~*~ (outnumbered).
 24577 | D:7      | 24577 ||| Stepping ~*~*~tactically~*~*~ (outnumbered).
 24579 | D:7      | 24579 ||| Stepping ~*~*~tactically~*~*~ (outnumbered).
 24581 | D:7      | 24581 ||| Stepping ~*~*~tactically~*~*~ (outnumbered).
 24583 | D:7      | 24583 ||| Stepping ~*~*~tactically~*~*~ (outnumbered).
 24585 | D:7      | 24585 ||| Stepping ~*~*~tactically~*~*~ (outnumbered).
 24597 | D:7      | 24597 ||| Stepping ~*~*~tactically~*~*~ (outnumbered).
 24599 | D:7      | 24599 ||| Stepping ~*~*~tactically~*~*~ (outnumbered).
 24601 | D:7      | 24601 ||| Stepping ~*~*~tactically~*~*~ (outnumbered).
 24603 | D:7      | 24603 ||| Stepping ~*~*~tactically~*~*~ (outnumbered).
 24605 | D:7      | 24605 ||| Stepping ~*~*~tactically~*~*~ (outnumbered).
 24617 | D:7      | 24617 ||| Stepping ~*~*~tactically~*~*~ (outnumbered).
 24619 | D:7      | 24619 ||| Stepping ~*~*~tactically~*~*~ (outnumbered).
 24621 | D:7      | 24621 ||| Stepping ~*~*~tactically~*~*~ (outnumbered).
 24623 | D:7      | 24623 ||| Stepping ~*~*~tactically~*~*~ (outnumbered).
 24625 | D:7      | 24625 ||| Stepping ~*~*~tactically~*~*~ (outnumbered).
 24637 | D:7      | 24637 ||| Stepping ~*~*~tactically~*~*~ (outnumbered).
 24639 | D:7      | 24639 ||| Stepping ~*~*~tactically~*~*~ (outnumbered).
 24641 | D:7      | 24641 ||| Stepping ~*~*~tactically~*~*~ (outnumbered).
 24643 | D:7      | 24643 ||| Stepping ~*~*~tactically~*~*~ (outnumbered).
 24645 | D:7      | 24645 ||| Stepping ~*~*~tactically~*~*~ (outnumbered).
 24657 | D:7      | 24657 ||| Stepping ~*~*~tactically~*~*~ (outnumbered).
 24659 | D:7      | 24659 ||| Stepping ~*~*~tactically~*~*~ (outnumbered).
 24661 | D:7      | 24661 ||| Stepping ~*~*~tactically~*~*~ (outnumbered).
 24663 | D:7      | 24663 ||| Stepping ~*~*~tactically~*~*~ (outnumbered).
 24665 | D:7      | 24665 ||| Stepping ~*~*~tactically~*~*~ (outnumbered).
 24677 | D:7      | 24677 ||| Stepping ~*~*~tactically~*~*~ (outnumbered).
 24679 | D:7      | 24679 ||| Stepping ~*~*~tactically~*~*~ (outnumbered).
 24681 | D:7      | 24681 ||| Stepping ~*~*~tactically~*~*~ (outnumbered).
 24683 | D:7      | 24683 ||| Stepping ~*~*~tactically~*~*~ (outnumbered).
 24685 | D:7      | 24685 ||| Stepping ~*~*~tactically~*~*~ (outnumbered).
 24697 | D:7      | 24697 ||| Stepping ~*~*~tactically~*~*~ (outnumbered).
 24699 | D:7      | 24699 ||| Stepping ~*~*~tactically~*~*~ (outnumbered).
 24701 | D:7      | 24701 ||| Stepping ~*~*~tactically~*~*~ (outnumbered).
 24703 | D:7      | 24703 ||| Stepping ~*~*~tactically~*~*~ (outnumbered).
 24705 | D:7      | 24705 ||| Stepping ~*~*~tactically~*~*~ (outnumbered).
 24717 | D:7      | 24717 ||| Stepping ~*~*~tactically~*~*~ (outnumbered).
 24719 | D:7      | 24719 ||| Stepping ~*~*~tactically~*~*~ (outnumbered).
 24721 | D:7      | 24721 ||| Stepping ~*~*~tactically~*~*~ (outnumbered).
 24723 | D:7      | 24723 ||| Stepping ~*~*~tactically~*~*~ (outnumbered).
 24725 | D:7      | 24725 ||| Stepping ~*~*~tactically~*~*~ (outnumbered).
 24737 | D:7      | 24737 ||| Stepping ~*~*~tactically~*~*~ (outnumbered).
 24739 | D:7      | 24739 ||| Stepping ~*~*~tactically~*~*~ (outnumbered).
 24741 | D:7      | 24741 ||| Stepping ~*~*~tactically~*~*~ (outnumbered).
 24743 | D:7      | 24743 ||| Stepping ~*~*~tactically~*~*~ (outnumbered).
 24745 | D:7      | 24745 ||| Stepping ~*~*~tactically~*~*~ (outnumbered).
 24757 | D:7      | 24757 ||| Stepping ~*~*~tactically~*~*~ (outnumbered).
 24759 | D:7      | 24759 ||| Stepping ~*~*~tactically~*~*~ (outnumbered).
 24761 | D:7      | 24761 ||| Stepping ~*~*~tactically~*~*~ (outnumbered).
 24763 | D:7      | 24763 ||| Stepping ~*~*~tactically~*~*~ (outnumbered).
 24765 | D:7      | 24765 ||| Stepping ~*~*~tactically~*~*~ (outnumbered).
 24777 | D:7      | 24777 ||| Stepping ~*~*~tactically~*~*~ (outnumbered).
 24779 | D:7      | 24779 ||| Stepping ~*~*~tactically~*~*~ (outnumbered).
 24781 | D:7      | 24781 ||| Stepping ~*~*~tactically~*~*~ (outnumbered).
 24783 | D:7      | 24783 ||| Stepping ~*~*~tactically~*~*~ (outnumbered).
 24785 | D:7      | 24785 ||| Stepping ~*~*~tactically~*~*~ (outnumbered).
 24797 | D:7      | 24797 ||| Stepping ~*~*~tactically~*~*~ (outnumbered).
 24799 | D:7      | 24799 ||| Stepping ~*~*~tactically~*~*~ (outnumbered).
 24801 | D:7      | 24801 ||| Stepping ~*~*~tactically~*~*~ (outnumbered).
 24803 | D:7      | 24803 ||| Stepping ~*~*~tactically~*~*~ (outnumbered).
 24805 | D:7      | 24805 ||| Stepping ~*~*~tactically~*~*~ (outnumbered).
 24817 | D:7      | 24817 ||| Stepping ~*~*~tactically~*~*~ (outnumbered).
 24819 | D:7      | 24819 ||| Stepping ~*~*~tactically~*~*~ (outnumbered).
 24821 | D:7      | 24821 ||| Stepping ~*~*~tactically~*~*~ (outnumbered).
 24823 | D:7      | 24823 ||| Stepping ~*~*~tactically~*~*~ (outnumbered).
 24825 | D:7      | 24825 ||| Stepping ~*~*~tactically~*~*~ (outnumbered).
 24837 | D:7      | 24837 ||| Stepping ~*~*~tactically~*~*~ (outnumbered).
 24839 | D:7      | 24839 ||| Stepping ~*~*~tactically~*~*~ (outnumbered).
 24841 | D:7      | 24841 ||| Stepping ~*~*~tactically~*~*~ (outnumbered).
 24843 | D:7      | 24843 ||| Stepping ~*~*~tactically~*~*~ (outnumbered).
 24845 | D:7      | 24845 ||| Stepping ~*~*~tactically~*~*~ (outnumbered).
 24857 | D:7      | 24857 ||| Stepping ~*~*~tactically~*~*~ (outnumbered).
 24859 | D:7      | 24859 ||| Stepping ~*~*~tactically~*~*~ (outnumbered).
 24861 | D:7      | 24861 ||| Stepping ~*~*~tactically~*~*~ (outnumbered).
 24863 | D:7      | 24863 ||| Stepping ~*~*~tactically~*~*~ (outnumbered).
 24865 | D:7      | 24865 ||| Stepping ~*~*~tactically~*~*~ (outnumbered).
 24877 | D:7      | 24877 ||| Stepping ~*~*~tactically~*~*~ (outnumbered).
 24879 | D:7      | 24879 ||| Stepping ~*~*~tactically~*~*~ (outnumbered).
 24881 | D:7      | 24881 ||| Stepping ~*~*~tactically~*~*~ (outnumbered).
 24883 | D:7      | 24883 ||| Stepping ~*~*~tactically~*~*~ (outnumbered).
 24885 | D:7      | 24885 ||| Stepping ~*~*~tactically~*~*~ (outnumbered).
 24897 | D:7      | 24897 ||| Stepping ~*~*~tactically~*~*~ (outnumbered).
 24899 | D:7      | 24899 ||| Stepping ~*~*~tactically~*~*~ (outnumbered).
 24901 | D:7      | 24901 ||| Stepping ~*~*~tactically~*~*~ (outnumbered).
 24903 | D:7      | 24903 ||| Stepping ~*~*~tactically~*~*~ (outnumbered).
 24905 | D:7      | 24905 ||| Stepping ~*~*~tactically~*~*~ (outnumbered).
 24917 | D:7      | 24917 ||| Stepping ~*~*~tactically~*~*~ (outnumbered).
 24919 | D:7      | 24919 ||| Stepping ~*~*~tactically~*~*~ (outnumbered).
 24921 | D:7      | 24921 ||| Stepping ~*~*~tactically~*~*~ (outnumbered).
 24923 | D:7      | 24923 ||| Stepping ~*~*~tactically~*~*~ (outnumbered).
 24925 | D:7      | 24925 ||| Stepping ~*~*~tactically~*~*~ (outnumbered).
 24937 | D:7      | 24937 ||| Stepping ~*~*~tactically~*~*~ (outnumbered).
 24939 | D:7      | 24939 ||| Stepping ~*~*~tactically~*~*~ (outnumbered).
 24941 | D:7      | 24941 ||| Stepping ~*~*~tactically~*~*~ (outnumbered).
 24943 | D:7      | 24943 ||| Stepping ~*~*~tactically~*~*~ (outnumbered).
 24945 | D:7      | 24945 ||| Stepping ~*~*~tactically~*~*~ (outnumbered).
 24957 | D:7      | 24957 ||| Stepping ~*~*~tactically~*~*~ (outnumbered).
 24959 | D:7      | 24959 ||| Stepping ~*~*~tactically~*~*~ (outnumbered).
 24961 | D:7      | 24961 ||| Stepping ~*~*~tactically~*~*~ (outnumbered).
 24963 | D:7      | 24963 ||| Stepping ~*~*~tactically~*~*~ (outnumbered).
 24965 | D:7      | 24965 ||| Stepping ~*~*~tactically~*~*~ (outnumbered).
 24977 | D:7      | 24977 ||| Stepping ~*~*~tactically~*~*~ (outnumbered).
 24979 | D:7      | 24979 ||| Stepping ~*~*~tactically~*~*~ (outnumbered).
 24981 | D:7      | 24981 ||| Stepping ~*~*~tactically~*~*~ (outnumbered).
 24983 | D:7      | 24983 ||| Stepping ~*~*~tactically~*~*~ (outnumbered).
 24985 | D:7      | 24985 ||| Stepping ~*~*~tactically~*~*~ (outnumbered).
 24997 | D:7      | 24997 ||| Stepping ~*~*~tactically~*~*~ (outnumbered).
 24999 | D:7      | 24999 ||| Stepping ~*~*~tactically~*~*~ (outnumbered).
 25001 | D:7      | 25001 ||| Stepping ~*~*~tactically~*~*~ (outnumbered).
 25003 | D:7      | 25003 ||| Stepping ~*~*~tactically~*~*~ (outnumbered).
 25005 | D:7      | 25005 ||| Stepping ~*~*~tactically~*~*~ (outnumbered).
 25017 | D:7      | 25017 ||| Stepping ~*~*~tactically~*~*~ (outnumbered).
 25019 | D:7      | 25019 ||| Stepping ~*~*~tactically~*~*~ (outnumbered).
 25021 | D:7      | 25021 ||| Stepping ~*~*~tactically~*~*~ (outnumbered).
 25023 | D:7      | 25023 ||| Stepping ~*~*~tactically~*~*~ (outnumbered).
 25025 | D:7      | 25025 ||| Stepping ~*~*~tactically~*~*~ (outnumbered).
 25037 | D:7      | 25037 ||| Stepping ~*~*~tactically~*~*~ (outnumbered).
 25039 | D:7      | 25039 ||| Stepping ~*~*~tactically~*~*~ (outnumbered).
 25041 | D:7      | 25041 ||| Stepping ~*~*~tactically~*~*~ (outnumbered).
 25043 | D:7      | 25043 ||| Stepping ~*~*~tactically~*~*~ (outnumbered).
 25045 | D:7      | 25045 ||| Stepping ~*~*~tactically~*~*~ (outnumbered).
 25057 | D:7      | 25057 ||| Stepping ~*~*~tactically~*~*~ (outnumbered).
 25059 | D:7      | 25059 ||| Stepping ~*~*~tactically~*~*~ (outnumbered).
 25061 | D:7      | 25061 ||| Stepping ~*~*~tactically~*~*~ (outnumbered).
 25063 | D:7      | 25063 ||| Stepping ~*~*~tactically~*~*~ (outnumbered).
 25065 | D:7      | 25065 ||| Stepping ~*~*~tactically~*~*~ (outnumbered).
 25077 | D:7      | 25077 ||| Stepping ~*~*~tactically~*~*~ (outnumbered).
 25079 | D:7      | 25079 ||| Stepping ~*~*~tactically~*~*~ (outnumbered).
 25081 | D:7      | 25081 ||| Stepping ~*~*~tactically~*~*~ (outnumbered).
 25083 | D:7      | 25083 ||| Stepping ~*~*~tactically~*~*~ (outnumbered).
 25085 | D:7      | 25085 ||| Stepping ~*~*~tactically~*~*~ (outnumbered).
 25097 | D:7      | 25097 ||| Stepping ~*~*~tactically~*~*~ (outnumbered).
 25099 | D:7      | 25099 ||| Stepping ~*~*~tactically~*~*~ (outnumbered).
 25101 | D:7      | 25101 ||| Stepping ~*~*~tactically~*~*~ (outnumbered).
 25103 | D:7      | 25103 ||| Stepping ~*~*~tactically~*~*~ (outnumbered).
 25105 | D:7      | 25105 ||| Stepping ~*~*~tactically~*~*~ (outnumbered).
 25117 | D:7      | 25117 ||| Stepping ~*~*~tactically~*~*~ (outnumbered).
 25119 | D:7      | 25119 ||| Stepping ~*~*~tactically~*~*~ (outnumbered).
 25121 | D:7      | 25121 ||| Stepping ~*~*~tactically~*~*~ (outnumbered).
 25123 | D:7      | 25123 ||| Stepping ~*~*~tactically~*~*~ (outnumbered).
 25125 | D:7      | 25125 ||| Stepping ~*~*~tactically~*~*~ (outnumbered).
 25137 | D:7      | 25137 ||| Stepping ~*~*~tactically~*~*~ (outnumbered).
 25139 | D:7      | 25139 ||| Stepping ~*~*~tactically~*~*~ (outnumbered).
 25141 | D:7      | 25141 ||| Stepping ~*~*~tactically~*~*~ (outnumbered).
 25143 | D:7      | 25143 ||| Stepping ~*~*~tactically~*~*~ (outnumbered).
 25145 | D:7      | 25145 ||| Stepping ~*~*~tactically~*~*~ (outnumbered).
 25157 | D:7      | 25157 ||| Stepping ~*~*~tactically~*~*~ (outnumbered).
 25159 | D:7      | 25159 ||| Stepping ~*~*~tactically~*~*~ (outnumbered).
 25161 | D:7      | 25161 ||| Stepping ~*~*~tactically~*~*~ (outnumbered).
 25163 | D:7      | 25163 ||| Stepping ~*~*~tactically~*~*~ (outnumbered).
 25165 | D:7      | 25165 ||| Stepping ~*~*~tactically~*~*~ (outnumbered).
 25177 | D:7      | 25177 ||| Stepping ~*~*~tactically~*~*~ (outnumbered).
 25179 | D:7      | 25179 ||| Stepping ~*~*~tactically~*~*~ (outnumbered).
 25181 | D:7      | 25181 ||| Stepping ~*~*~tactically~*~*~ (outnumbered).
 25183 | D:7      | 25183 ||| Stepping ~*~*~tactically~*~*~ (outnumbered).
 25185 | D:7      | 25185 ||| Stepping ~*~*~tactically~*~*~ (outnumbered).
 25197 | D:7      | 25197 ||| Stepping ~*~*~tactically~*~*~ (outnumbered).
 25199 | D:7      | 25199 ||| Stepping ~*~*~tactically~*~*~ (outnumbered).
 25201 | D:7      | 25201 ||| Stepping ~*~*~tactically~*~*~ (outnumbered).
 25203 | D:7      | 25203 ||| Stepping ~*~*~tactically~*~*~ (outnumbered).
 25205 | D:7      | 25205 ||| Stepping ~*~*~tactically~*~*~ (outnumbered).
 25217 | D:7      | 25217 ||| Stepping ~*~*~tactically~*~*~ (outnumbered).
 25219 | D:7      | 25219 ||| Stepping ~*~*~tactically~*~*~ (outnumbered).
 25221 | D:7      | 25221 ||| Stepping ~*~*~tactically~*~*~ (outnumbered).
 25223 | D:7      | 25223 ||| Stepping ~*~*~tactically~*~*~ (outnumbered).
 25225 | D:7      | 25225 ||| Stepping ~*~*~tactically~*~*~ (outnumbered).
 25237 | D:7      | 25237 ||| Stepping ~*~*~tactically~*~*~ (outnumbered).
 25239 | D:7      | 25239 ||| Stepping ~*~*~tactically~*~*~ (outnumbered).
 25241 | D:7      | 25241 ||| Stepping ~*~*~tactically~*~*~ (outnumbered).
 25243 | D:7      | 25243 ||| Stepping ~*~*~tactically~*~*~ (outnumbered).
 25245 | D:7      | 25245 ||| Stepping ~*~*~tactically~*~*~ (outnumbered).
 25257 | D:7      | 25257 ||| Stepping ~*~*~tactically~*~*~ (outnumbered).
 25259 | D:7      | 25259 ||| Stepping ~*~*~tactically~*~*~ (outnumbered).
 25261 | D:7      | 25261 ||| Stepping ~*~*~tactically~*~*~ (outnumbered).
 25263 | D:7      | 25263 ||| Stepping ~*~*~tactically~*~*~ (outnumbered).
 25265 | D:7      | 25265 ||| Stepping ~*~*~tactically~*~*~ (outnumbered).
 25277 | D:7      | 25277 ||| Stepping ~*~*~tactically~*~*~ (outnumbered).
 25279 | D:7      | 25279 ||| Stepping ~*~*~tactically~*~*~ (outnumbered).
 25281 | D:7      | 25281 ||| Stepping ~*~*~tactically~*~*~ (outnumbered).
 25283 | D:7      | 25283 ||| Stepping ~*~*~tactically~*~*~ (outnumbered).
 25285 | D:7      | 25285 ||| Stepping ~*~*~tactically~*~*~ (outnumbered).
 25297 | D:7      | 25297 ||| Stepping ~*~*~tactically~*~*~ (outnumbered).
 25299 | D:7      | 25299 ||| Stepping ~*~*~tactically~*~*~ (outnumbered).
 25301 | D:7      | 25301 ||| Stepping ~*~*~tactically~*~*~ (outnumbered).
 25303 | D:7      | 25303 ||| Stepping ~*~*~tactically~*~*~ (outnumbered).
 25305 | D:7      | 25305 ||| Stepping ~*~*~tactically~*~*~ (outnumbered).
 25317 | D:7      | 25317 ||| Stepping ~*~*~tactically~*~*~ (outnumbered).
 25319 | D:7      | 25319 ||| Stepping ~*~*~tactically~*~*~ (outnumbered).
 25321 | D:7      | 25321 ||| Stepping ~*~*~tactically~*~*~ (outnumbered).
 25323 | D:7      | 25323 ||| Stepping ~*~*~tactically~*~*~ (outnumbered).
 25325 | D:7      | 25325 ||| Stepping ~*~*~tactically~*~*~ (outnumbered).
 25337 | D:7      | 25337 ||| Stepping ~*~*~tactically~*~*~ (outnumbered).
 25339 | D:7      | 25339 ||| Stepping ~*~*~tactically~*~*~ (outnumbered).
 25341 | D:7      | 25341 ||| Stepping ~*~*~tactically~*~*~ (outnumbered).
 25343 | D:7      | 25343 ||| Stepping ~*~*~tactically~*~*~ (outnumbered).
 25345 | D:7      | 25345 ||| Stepping ~*~*~tactically~*~*~ (outnumbered).
 25357 | D:7      | 25357 ||| Stepping ~*~*~tactically~*~*~ (outnumbered).
 25359 | D:7      | 25359 ||| Stepping ~*~*~tactically~*~*~ (outnumbered).
 25361 | D:7      | 25361 ||| Stepping ~*~*~tactically~*~*~ (outnumbered).
 25363 | D:7      | 25363 ||| Stepping ~*~*~tactically~*~*~ (outnumbered).
 25365 | D:7      | 25365 ||| Stepping ~*~*~tactically~*~*~ (outnumbered).
 25377 | D:7      | 25377 ||| Stepping ~*~*~tactically~*~*~ (outnumbered).
 25379 | D:7      | 25379 ||| Stepping ~*~*~tactically~*~*~ (outnumbered).
 25381 | D:7      | 25381 ||| Stepping ~*~*~tactically~*~*~ (outnumbered).
 25383 | D:7      | 25383 ||| Stepping ~*~*~tactically~*~*~ (outnumbered).
 25385 | D:7      | 25385 ||| Stepping ~*~*~tactically~*~*~ (outnumbered).
 25397 | D:7      | 25397 ||| Stepping ~*~*~tactically~*~*~ (outnumbered).
 25399 | D:7      | 25399 ||| Stepping ~*~*~tactically~*~*~ (outnumbered).
 25401 | D:7      | 25401 ||| Stepping ~*~*~tactically~*~*~ (outnumbered).
 25403 | D:7      | 25403 ||| Stepping ~*~*~tactically~*~*~ (outnumbered).
 25405 | D:7      | 25405 ||| Stepping ~*~*~tactically~*~*~ (outnumbered).
 25417 | D:7      | 25417 ||| Stepping ~*~*~tactically~*~*~ (outnumbered).
 25419 | D:7      | 25419 ||| Stepping ~*~*~tactically~*~*~ (outnumbered).
 25421 | D:7      | 25421 ||| Stepping ~*~*~tactically~*~*~ (outnumbered).
 25423 | D:7      | 25423 ||| Stepping ~*~*~tactically~*~*~ (outnumbered).
 25425 | D:7      | 25425 ||| Stepping ~*~*~tactically~*~*~ (outnumbered).
 25437 | D:7      | 25437 ||| Stepping ~*~*~tactically~*~*~ (outnumbered).
 25439 | D:7      | 25439 ||| Stepping ~*~*~tactically~*~*~ (outnumbered).
 25441 | D:7      | 25441 ||| Stepping ~*~*~tactically~*~*~ (outnumbered).
 25443 | D:7      | 25443 ||| Stepping ~*~*~tactically~*~*~ (outnumbered).
 25445 | D:7      | 25445 ||| Stepping ~*~*~tactically~*~*~ (outnumbered).
 25457 | D:7      | 25457 ||| Stepping ~*~*~tactically~*~*~ (outnumbered).
 25459 | D:7      | 25459 ||| Stepping ~*~*~tactically~*~*~ (outnumbered).
 25461 | D:7      | 25461 ||| Stepping ~*~*~tactically~*~*~ (outnumbered).
 25463 | D:7      | 25463 ||| Stepping ~*~*~tactically~*~*~ (outnumbered).
 25465 | D:7      | 25465 ||| Stepping ~*~*~tactically~*~*~ (outnumbered).
 25477 | D:7      | 25477 ||| Stepping ~*~*~tactically~*~*~ (outnumbered).
 25479 | D:7      | 25479 ||| Stepping ~*~*~tactically~*~*~ (outnumbered).
 25481 | D:7      | 25481 ||| Stepping ~*~*~tactically~*~*~ (outnumbered).
 25483 | D:7      | 25483 ||| Stepping ~*~*~tactically~*~*~ (outnumbered).
 25485 | D:7      | 25485 ||| Stepping ~*~*~tactically~*~*~ (outnumbered).
 25497 | D:7      | 25497 ||| Stepping ~*~*~tactically~*~*~ (outnumbered).
 25499 | D:7      | 25499 ||| Stepping ~*~*~tactically~*~*~ (outnumbered).
 25501 | D:7      | 25501 ||| Stepping ~*~*~tactically~*~*~ (outnumbered).
 25503 | D:7      | 25503 ||| Stepping ~*~*~tactically~*~*~ (outnumbered).
 25505 | D:7      | 25505 ||| Stepping ~*~*~tactically~*~*~ (outnumbered).
 25517 | D:7      | 25517 ||| Stepping ~*~*~tactically~*~*~ (outnumbered).
 25519 | D:7      | 25519 ||| Stepping ~*~*~tactically~*~*~ (outnumbered).
 25521 | D:7      | 25521 ||| Stepping ~*~*~tactically~*~*~ (outnumbered).
 25523 | D:7      | 25523 ||| Stepping ~*~*~tactically~*~*~ (outnumbered).
 25525 | D:7      | 25525 ||| Stepping ~*~*~tactically~*~*~ (outnumbered).
 25537 | D:7      | 25537 ||| Stepping ~*~*~tactically~*~*~ (outnumbered).
 25539 | D:7      | 25539 ||| Stepping ~*~*~tactically~*~*~ (outnumbered).
 25541 | D:7      | 25541 ||| Stepping ~*~*~tactically~*~*~ (outnumbered).
 25543 | D:7      | 25543 ||| Stepping ~*~*~tactically~*~*~ (outnumbered).
 25545 | D:7      | 25545 ||| Stepping ~*~*~tactically~*~*~ (outnumbered).
 25557 | D:7      | 25557 ||| Stepping ~*~*~tactically~*~*~ (outnumbered).
 25559 | D:7      | 25559 ||| Stepping ~*~*~tactically~*~*~ (outnumbered).
 25561 | D:7      | 25561 ||| Stepping ~*~*~tactically~*~*~ (outnumbered).
 25563 | D:7      | 25563 ||| Stepping ~*~*~tactically~*~*~ (outnumbered).
 25565 | D:7      | 25565 ||| Stepping ~*~*~tactically~*~*~ (outnumbered).
 25577 | D:7      | 25577 ||| Stepping ~*~*~tactically~*~*~ (outnumbered).
 25579 | D:7      | 25579 ||| Stepping ~*~*~tactically~*~*~ (outnumbered).
 25581 | D:7      | 25581 ||| Stepping ~*~*~tactically~*~*~ (outnumbered).
 25583 | D:7      | 25583 ||| Stepping ~*~*~tactically~*~*~ (outnumbered).
 25585 | D:7      | 25585 ||| Stepping ~*~*~tactically~*~*~ (outnumbered).
 25597 | D:7      | 25597 ||| Stepping ~*~*~tactically~*~*~ (outnumbered).
 25599 | D:7      | 25599 ||| Stepping ~*~*~tactically~*~*~ (outnumbered).
 25601 | D:7      | 25601 ||| Stepping ~*~*~tactically~*~*~ (outnumbered).
 25603 | D:7      | 25603 ||| Stepping ~*~*~tactically~*~*~ (outnumbered).
 25605 | D:7      | 25605 ||| Stepping ~*~*~tactically~*~*~ (outnumbered).
 25617 | D:7      | 25617 ||| Stepping ~*~*~tactically~*~*~ (outnumbered).
 25619 | D:7      | 25619 ||| Stepping ~*~*~tactically~*~*~ (outnumbered).
 25621 | D:7      | 25621 ||| Stepping ~*~*~tactically~*~*~ (outnumbered).
 25623 | D:7      | 25623 ||| Stepping ~*~*~tactically~*~*~ (outnumbered).
 25625 | D:7      | 25625 ||| Stepping ~*~*~tactically~*~*~ (outnumbered).
 25637 | D:7      | 25637 ||| Stepping ~*~*~tactically~*~*~ (outnumbered).
 25639 | D:7      | 25639 ||| Stepping ~*~*~tactically~*~*~ (outnumbered).
 25641 | D:7      | 25641 ||| Stepping ~*~*~tactically~*~*~ (outnumbered).
 25643 | D:7      | 25643 ||| Stepping ~*~*~tactically~*~*~ (outnumbered).
 25645 | D:7      | 25645 ||| Stepping ~*~*~tactically~*~*~ (outnumbered).
 25657 | D:7      | 25657 ||| Stepping ~*~*~tactically~*~*~ (outnumbered).
 25659 | D:7      | 25659 ||| Stepping ~*~*~tactically~*~*~ (outnumbered).
 25661 | D:7      | 25661 ||| Stepping ~*~*~tactically~*~*~ (outnumbered).
 25663 | D:7      | 25663 ||| Stepping ~*~*~tactically~*~*~ (outnumbered).
 25665 | D:7      | 25665 ||| Stepping ~*~*~tactically~*~*~ (outnumbered).
 25677 | D:7      | 25677 ||| Stepping ~*~*~tactically~*~*~ (outnumbered).
 25679 | D:7      | 25679 ||| Stepping ~*~*~tactically~*~*~ (outnumbered).
 25681 | D:7      | 25681 ||| Stepping ~*~*~tactically~*~*~ (outnumbered).
 25683 | D:7      | 25683 ||| Stepping ~*~*~tactically~*~*~ (outnumbered).
 25685 | D:7      | 25685 ||| Stepping ~*~*~tactically~*~*~ (outnumbered).
 25697 | D:7      | 25697 ||| Stepping ~*~*~tactically~*~*~ (outnumbered).
 25699 | D:7      | 25699 ||| Stepping ~*~*~tactically~*~*~ (outnumbered).
 25701 | D:7      | 25701 ||| Stepping ~*~*~tactically~*~*~ (outnumbered).
 25703 | D:7      | 25703 ||| Stepping ~*~*~tactically~*~*~ (outnumbered).
 25705 | D:7      | 25705 ||| Stepping ~*~*~tactically~*~*~ (outnumbered).
 25717 | D:7      | 25717 ||| Stepping ~*~*~tactically~*~*~ (outnumbered).
 25719 | D:7      | 25719 ||| Stepping ~*~*~tactically~*~*~ (outnumbered).
 25721 | D:7      | 25721 ||| Stepping ~*~*~tactically~*~*~ (outnumbered).
 25723 | D:7      | 25723 ||| Stepping ~*~*~tactically~*~*~ (outnumbered).
 25725 | D:7      | 25725 ||| Stepping ~*~*~tactically~*~*~ (outnumbered).
 25737 | D:7      | 25737 ||| Stepping ~*~*~tactically~*~*~ (outnumbered).
 25739 | D:7      | 25739 ||| Stepping ~*~*~tactically~*~*~ (outnumbered).
 25741 | D:7      | 25741 ||| Stepping ~*~*~tactically~*~*~ (outnumbered).
 25743 | D:7      | 25743 ||| Stepping ~*~*~tactically~*~*~ (outnumbered).
 25745 | D:7      | 25745 ||| Stepping ~*~*~tactically~*~*~ (outnumbered).
 25757 | D:7      | 25757 ||| Stepping ~*~*~tactically~*~*~ (outnumbered).
 25759 | D:7      | 25759 ||| Stepping ~*~*~tactically~*~*~ (outnumbered).
 25761 | D:7      | 25761 ||| Stepping ~*~*~tactically~*~*~ (outnumbered).
 25763 | D:7      | 25763 ||| Stepping ~*~*~tactically~*~*~ (outnumbered).
 25765 | D:7      | 25765 ||| Stepping ~*~*~tactically~*~*~ (outnumbered).
 25777 | D:7      | 25777 ||| Stepping ~*~*~tactically~*~*~ (outnumbered).
 25779 | D:7      | 25779 ||| Stepping ~*~*~tactically~*~*~ (outnumbered).
 25781 | D:7      | 25781 ||| Stepping ~*~*~tactically~*~*~ (outnumbered).
 25783 | D:7      | 25783 ||| Stepping ~*~*~tactically~*~*~ (outnumbered).
 25785 | D:7      | 25785 ||| Stepping ~*~*~tactically~*~*~ (outnumbered).
 25797 | D:7      | 25797 ||| Stepping ~*~*~tactically~*~*~ (outnumbered).
 25799 | D:7      | 25799 ||| Stepping ~*~*~tactically~*~*~ (outnumbered).
 25801 | D:7      | 25801 ||| Stepping ~*~*~tactically~*~*~ (outnumbered).
 25803 | D:7      | 25803 ||| Stepping ~*~*~tactically~*~*~ (outnumbered).
 25805 | D:7      | 25805 ||| Stepping ~*~*~tactically~*~*~ (outnumbered).
 25817 | D:7      | 25817 ||| Stepping ~*~*~tactically~*~*~ (outnumbered).
 25819 | D:7      | 25819 ||| Stepping ~*~*~tactically~*~*~ (outnumbered).
 25821 | D:7      | 25821 ||| Stepping ~*~*~tactically~*~*~ (outnumbered).
 25823 | D:7      | 25823 ||| Stepping ~*~*~tactically~*~*~ (outnumbered).
 25825 | D:7      | 25825 ||| Stepping ~*~*~tactically~*~*~ (outnumbered).
 25837 | D:7      | 25837 ||| Stepping ~*~*~tactically~*~*~ (outnumbered).
 25839 | D:7      | 25839 ||| Stepping ~*~*~tactically~*~*~ (outnumbered).
 25841 | D:7      | 25841 ||| Stepping ~*~*~tactically~*~*~ (outnumbered).
 25843 | D:7      | 25843 ||| Stepping ~*~*~tactically~*~*~ (outnumbered).
 25845 | D:7      | 25845 ||| Stepping ~*~*~tactically~*~*~ (outnumbered).
 25857 | D:7      | 25857 ||| Stepping ~*~*~tactically~*~*~ (outnumbered).
 25859 | D:7      | 25859 ||| Stepping ~*~*~tactically~*~*~ (outnumbered).
 25861 | D:7      | 25861 ||| Stepping ~*~*~tactically~*~*~ (outnumbered).
 25863 | D:7      | 25863 ||| Stepping ~*~*~tactically~*~*~ (outnumbered).
 25865 | D:7      | 25865 ||| Stepping ~*~*~tactically~*~*~ (outnumbered).
 25877 | D:7      | 25877 ||| Stepping ~*~*~tactically~*~*~ (outnumbered).
 25879 | D:7      | 25879 ||| Stepping ~*~*~tactically~*~*~ (outnumbered).
 25881 | D:7      | 25881 ||| Stepping ~*~*~tactically~*~*~ (outnumbered).
 25883 | D:7      | 25883 ||| Stepping ~*~*~tactically~*~*~ (outnumbered).
 25885 | D:7      | 25885 ||| Stepping ~*~*~tactically~*~*~ (outnumbered).
 25897 | D:7      | 25897 ||| Stepping ~*~*~tactically~*~*~ (outnumbered).
 25899 | D:7      | 25899 ||| Stepping ~*~*~tactically~*~*~ (outnumbered).
 25901 | D:7      | 25901 ||| Stepping ~*~*~tactically~*~*~ (outnumbered).
 25903 | D:7      | 25903 ||| Stepping ~*~*~tactically~*~*~ (outnumbered).
 25905 | D:7      | 25905 ||| Stepping ~*~*~tactically~*~*~ (outnumbered).
 25917 | D:7      | 25917 ||| Stepping ~*~*~tactically~*~*~ (outnumbered).
 25919 | D:7      | 25919 ||| Stepping ~*~*~tactically~*~*~ (outnumbered).
 25921 | D:7      | 25921 ||| Stepping ~*~*~tactically~*~*~ (outnumbered).
 25923 | D:7      | 25923 ||| Stepping ~*~*~tactically~*~*~ (outnumbered).
 25925 | D:7      | 25925 ||| Stepping ~*~*~tactically~*~*~ (outnumbered).
 25937 | D:7      | 25937 ||| Stepping ~*~*~tactically~*~*~ (outnumbered).
 25939 | D:7      | 25939 ||| Stepping ~*~*~tactically~*~*~ (outnumbered).
 25941 | D:7      | 25941 ||| Stepping ~*~*~tactically~*~*~ (outnumbered).
 25943 | D:7      | 25943 ||| Stepping ~*~*~tactically~*~*~ (outnumbered).
 25945 | D:7      | 25945 ||| Stepping ~*~*~tactically~*~*~ (outnumbered).
 25957 | D:7      | 25957 ||| Stepping ~*~*~tactically~*~*~ (outnumbered).
 25959 | D:7      | 25959 ||| Stepping ~*~*~tactically~*~*~ (outnumbered).
 25961 | D:7      | 25961 ||| Stepping ~*~*~tactically~*~*~ (outnumbered).
 25963 | D:7      | 25963 ||| Stepping ~*~*~tactically~*~*~ (outnumbered).
 25965 | D:7      | 25965 ||| Stepping ~*~*~tactically~*~*~ (outnumbered).
 25977 | D:7      | 25977 ||| Stepping ~*~*~tactically~*~*~ (outnumbered).
 25979 | D:7      | 25979 ||| Stepping ~*~*~tactically~*~*~ (outnumbered).
 25981 | D:7      | 25981 ||| Stepping ~*~*~tactically~*~*~ (outnumbered).
 25983 | D:7      | 25983 ||| Stepping ~*~*~tactically~*~*~ (outnumbered).
 25985 | D:7      | 25985 ||| Stepping ~*~*~tactically~*~*~ (outnumbered).
 25997 | D:7      | 25997 ||| Stepping ~*~*~tactically~*~*~ (outnumbered).
 25999 | D:7      | 25999 ||| Stepping ~*~*~tactically~*~*~ (outnumbered).
 26001 | D:7      | 26001 ||| Stepping ~*~*~tactically~*~*~ (outnumbered).
 26003 | D:7      | 26003 ||| Stepping ~*~*~tactically~*~*~ (outnumbered).
 26005 | D:7      | 26005 ||| Stepping ~*~*~tactically~*~*~ (outnumbered).
 26017 | D:7      | 26017 ||| Stepping ~*~*~tactically~*~*~ (outnumbered).
 26019 | D:7      | 26019 ||| Stepping ~*~*~tactically~*~*~ (outnumbered).
 26021 | D:7      | 26021 ||| Stepping ~*~*~tactically~*~*~ (outnumbered).
 26023 | D:7      | 26023 ||| Stepping ~*~*~tactically~*~*~ (outnumbered).
 26025 | D:7      | 26025 ||| Stepping ~*~*~tactically~*~*~ (outnumbered).
 26037 | D:7      | 26037 ||| Stepping ~*~*~tactically~*~*~ (outnumbered).
 26039 | D:7      | 26039 ||| Stepping ~*~*~tactically~*~*~ (outnumbered).
 26041 | D:7      | 26041 ||| Stepping ~*~*~tactically~*~*~ (outnumbered).
 26043 | D:7      | 26043 ||| Stepping ~*~*~tactically~*~*~ (outnumbered).
 26045 | D:7      | 26045 ||| Stepping ~*~*~tactically~*~*~ (outnumbered).
 26057 | D:7      | 26057 ||| Stepping ~*~*~tactically~*~*~ (outnumbered).
 26059 | D:7      | 26059 ||| Stepping ~*~*~tactically~*~*~ (outnumbered).
 26061 | D:7      | 26061 ||| Stepping ~*~*~tactically~*~*~ (outnumbered).
 26063 | D:7      | 26063 ||| Stepping ~*~*~tactically~*~*~ (outnumbered).
 26065 | D:7      | 26065 ||| Stepping ~*~*~tactically~*~*~ (outnumbered).
 26077 | D:7      | 26077 ||| Stepping ~*~*~tactically~*~*~ (outnumbered).
 26079 | D:7      | 26079 ||| Stepping ~*~*~tactically~*~*~ (outnumbered).
 26081 | D:7      | 26081 ||| Stepping ~*~*~tactically~*~*~ (outnumbered).
 26083 | D:7      | 26083 ||| Stepping ~*~*~tactically~*~*~ (outnumbered).
 26085 | D:7      | 26085 ||| Stepping ~*~*~tactically~*~*~ (outnumbered).
 26097 | D:7      | 26097 ||| Stepping ~*~*~tactically~*~*~ (outnumbered).
 26099 | D:7      | 26099 ||| Stepping ~*~*~tactically~*~*~ (outnumbered).
 26101 | D:7      | 26101 ||| Stepping ~*~*~tactically~*~*~ (outnumbered).
 26103 | D:7      | 26103 ||| Stepping ~*~*~tactically~*~*~ (outnumbered).
 26105 | D:7      | 26105 ||| Stepping ~*~*~tactically~*~*~ (outnumbered).
 26117 | D:7      | 26117 ||| Stepping ~*~*~tactically~*~*~ (outnumbered).
 26119 | D:7      | 26119 ||| Stepping ~*~*~tactically~*~*~ (outnumbered).
 26121 | D:7      | 26121 ||| Stepping ~*~*~tactically~*~*~ (outnumbered).
 26123 | D:7      | 26123 ||| Stepping ~*~*~tactically~*~*~ (outnumbered).
 26125 | D:7      | 26125 ||| Stepping ~*~*~tactically~*~*~ (outnumbered).
 26137 | D:7      | 26137 ||| Stepping ~*~*~tactically~*~*~ (outnumbered).
 26139 | D:7      | 26139 ||| Stepping ~*~*~tactically~*~*~ (outnumbered).
 26141 | D:7      | 26141 ||| Stepping ~*~*~tactically~*~*~ (outnumbered).
 26143 | D:7      | 26143 ||| Stepping ~*~*~tactically~*~*~ (outnumbered).
 26145 | D:7      | 26145 ||| Stepping ~*~*~tactically~*~*~ (outnumbered).
 26157 | D:7      | 26157 ||| Stepping ~*~*~tactically~*~*~ (outnumbered).
 26159 | D:7      | 26159 ||| Stepping ~*~*~tactically~*~*~ (outnumbered).
 26161 | D:7      | 26161 ||| Stepping ~*~*~tactically~*~*~ (outnumbered).
 26163 | D:7      | 26163 ||| Stepping ~*~*~tactically~*~*~ (outnumbered).
 26165 | D:7      | 26165 ||| Stepping ~*~*~tactically~*~*~ (outnumbered).
 26177 | D:7      | 26177 ||| Stepping ~*~*~tactically~*~*~ (outnumbered).
 26179 | D:7      | 26179 ||| Stepping ~*~*~tactically~*~*~ (outnumbered).
 26181 | D:7      | 26181 ||| Stepping ~*~*~tactically~*~*~ (outnumbered).
 26183 | D:7      | 26183 ||| Stepping ~*~*~tactically~*~*~ (outnumbered).
 26185 | D:7      | 26185 ||| Stepping ~*~*~tactically~*~*~ (outnumbered).
 26197 | D:7      | 26197 ||| Stepping ~*~*~tactically~*~*~ (outnumbered).
 26199 | D:7      | 26199 ||| Stepping ~*~*~tactically~*~*~ (outnumbered).
 26201 | D:7      | 26201 ||| Stepping ~*~*~tactically~*~*~ (outnumbered).
 26203 | D:7      | 26203 ||| Stepping ~*~*~tactically~*~*~ (outnumbered).
 26205 | D:7      | 26205 ||| Stepping ~*~*~tactically~*~*~ (outnumbered).
 26217 | D:7      | 26217 ||| Stepping ~*~*~tactically~*~*~ (outnumbered).
 26219 | D:7      | 26219 ||| Stepping ~*~*~tactically~*~*~ (outnumbered).
 26221 | D:7      | 26221 ||| Stepping ~*~*~tactically~*~*~ (outnumbered).
 26223 | D:7      | 26223 ||| Stepping ~*~*~tactically~*~*~ (outnumbered).
 26225 | D:7      | 26225 ||| Stepping ~*~*~tactically~*~*~ (outnumbered).
 26237 | D:7      | 26237 ||| Stepping ~*~*~tactically~*~*~ (outnumbered).
 26239 | D:7      | 26239 ||| Stepping ~*~*~tactically~*~*~ (outnumbered).
 26241 | D:7      | 26241 ||| Stepping ~*~*~tactically~*~*~ (outnumbered).
 26243 | D:7      | 26243 ||| Stepping ~*~*~tactically~*~*~ (outnumbered).
 26245 | D:7      | 26245 ||| Stepping ~*~*~tactically~*~*~ (outnumbered).
 26257 | D:7      | 26257 ||| Stepping ~*~*~tactically~*~*~ (outnumbered).
 26259 | D:7      | 26259 ||| Stepping ~*~*~tactically~*~*~ (outnumbered).
 26261 | D:7      | 26261 ||| Stepping ~*~*~tactically~*~*~ (outnumbered).
 26263 | D:7      | 26263 ||| Stepping ~*~*~tactically~*~*~ (outnumbered).
 26265 | D:7      | 26265 ||| Stepping ~*~*~tactically~*~*~ (outnumbered).
 26277 | D:7      | 26277 ||| Stepping ~*~*~tactically~*~*~ (outnumbered).
 26279 | D:7      | 26279 ||| Stepping ~*~*~tactically~*~*~ (outnumbered).
 26281 | D:7      | 26281 ||| Stepping ~*~*~tactically~*~*~ (outnumbered).
 26283 | D:7      | 26283 ||| Stepping ~*~*~tactically~*~*~ (outnumbered).
 26285 | D:7      | 26285 ||| Stepping ~*~*~tactically~*~*~ (outnumbered).
 26297 | D:7      | 26297 ||| Stepping ~*~*~tactically~*~*~ (outnumbered).
 26299 | D:7      | 26299 ||| Stepping ~*~*~tactically~*~*~ (outnumbered).
 26301 | D:7      | 26301 ||| Stepping ~*~*~tactically~*~*~ (outnumbered).
 26303 | D:7      | 26303 ||| Stepping ~*~*~tactically~*~*~ (outnumbered).
 26305 | D:7      | 26305 ||| Stepping ~*~*~tactically~*~*~ (outnumbered).
 26317 | D:7      | 26317 ||| Stepping ~*~*~tactically~*~*~ (outnumbered).
 26319 | D:7      | 26319 ||| Stepping ~*~*~tactically~*~*~ (outnumbered).
 26321 | D:7      | 26321 ||| Stepping ~*~*~tactically~*~*~ (outnumbered).
 26323 | D:7      | 26323 ||| Stepping ~*~*~tactically~*~*~ (outnumbered).
 26325 | D:7      | 26325 ||| Stepping ~*~*~tactically~*~*~ (outnumbered).
 26337 | D:7      | 26337 ||| Stepping ~*~*~tactically~*~*~ (outnumbered).
 26339 | D:7      | 26339 ||| Stepping ~*~*~tactically~*~*~ (outnumbered).
 26341 | D:7      | 26341 ||| Stepping ~*~*~tactically~*~*~ (outnumbered).
 26343 | D:7      | 26343 ||| Stepping ~*~*~tactically~*~*~ (outnumbered).
 26345 | D:7      | 26345 ||| Stepping ~*~*~tactically~*~*~ (outnumbered).
 26357 | D:7      | 26357 ||| Stepping ~*~*~tactically~*~*~ (outnumbered).
 26359 | D:7      | 26359 ||| Stepping ~*~*~tactically~*~*~ (outnumbered).
 26361 | D:7      | 26361 ||| Stepping ~*~*~tactically~*~*~ (outnumbered).
 26363 | D:7      | 26363 ||| Stepping ~*~*~tactically~*~*~ (outnumbered).
 26365 | D:7      | 26365 ||| Stepping ~*~*~tactically~*~*~ (outnumbered).
 26377 | D:7      | 26377 ||| Stepping ~*~*~tactically~*~*~ (outnumbered).
 26379 | D:7      | 26379 ||| Stepping ~*~*~tactically~*~*~ (outnumbered).
 26381 | D:7      | 26381 ||| Stepping ~*~*~tactically~*~*~ (outnumbered).
 26383 | D:7      | 26383 ||| Stepping ~*~*~tactically~*~*~ (outnumbered).
 26385 | D:7      | 26385 ||| Stepping ~*~*~tactically~*~*~ (outnumbered).
 26397 | D:7      | 26397 ||| Stepping ~*~*~tactically~*~*~ (outnumbered).
 26399 | D:7      | 26399 ||| Stepping ~*~*~tactically~*~*~ (outnumbered).
 26401 | D:7      | 26401 ||| Stepping ~*~*~tactically~*~*~ (outnumbered).
 26403 | D:7      | 26403 ||| Stepping ~*~*~tactically~*~*~ (outnumbered).
 26405 | D:7      | 26405 ||| Stepping ~*~*~tactically~*~*~ (outnumbered).
 26417 | D:7      | 26417 ||| Stepping ~*~*~tactically~*~*~ (outnumbered).
 26419 | D:7      | 26419 ||| Stepping ~*~*~tactically~*~*~ (outnumbered).
 26421 | D:7      | 26421 ||| Stepping ~*~*~tactically~*~*~ (outnumbered).
 26423 | D:7      | 26423 ||| Stepping ~*~*~tactically~*~*~ (outnumbered).
 26425 | D:7      | 26425 ||| Stepping ~*~*~tactically~*~*~ (outnumbered).
 26437 | D:7      | 26437 ||| Stepping ~*~*~tactically~*~*~ (outnumbered).
 26439 | D:7      | 26439 ||| Stepping ~*~*~tactically~*~*~ (outnumbered).
 26441 | D:7      | 26441 ||| Stepping ~*~*~tactically~*~*~ (outnumbered).
 26443 | D:7      | 26443 ||| Stepping ~*~*~tactically~*~*~ (outnumbered).
 26445 | D:7      | 26445 ||| Stepping ~*~*~tactically~*~*~ (outnumbered).
 26457 | D:7      | 26457 ||| Stepping ~*~*~tactically~*~*~ (outnumbered).
 26459 | D:7      | 26459 ||| Stepping ~*~*~tactically~*~*~ (outnumbered).
 26461 | D:7      | 26461 ||| Stepping ~*~*~tactically~*~*~ (outnumbered).
 26463 | D:7      | 26463 ||| Stepping ~*~*~tactically~*~*~ (outnumbered).
 26465 | D:7      | 26465 ||| Stepping ~*~*~tactically~*~*~ (outnumbered).
 26477 | D:7      | 26477 ||| Stepping ~*~*~tactically~*~*~ (outnumbered).
 26479 | D:7      | 26479 ||| Stepping ~*~*~tactically~*~*~ (outnumbered).
 26481 | D:7      | 26481 ||| Stepping ~*~*~tactically~*~*~ (outnumbered).
 26483 | D:7      | 26483 ||| Stepping ~*~*~tactically~*~*~ (outnumbered).
 26485 | D:7      | 26485 ||| Stepping ~*~*~tactically~*~*~ (outnumbered).
 26497 | D:7      | 26497 ||| Stepping ~*~*~tactically~*~*~ (outnumbered).
 26499 | D:7      | 26499 ||| Stepping ~*~*~tactically~*~*~ (outnumbered).
 26501 | D:7      | 26501 ||| Stepping ~*~*~tactically~*~*~ (outnumbered).
 26503 | D:7      | 26503 ||| Stepping ~*~*~tactically~*~*~ (outnumbered).
 26505 | D:7      | 26505 ||| Stepping ~*~*~tactically~*~*~ (outnumbered).
 26517 | D:7      | 26517 ||| Stepping ~*~*~tactically~*~*~ (outnumbered).
 26519 | D:7      | 26519 ||| Stepping ~*~*~tactically~*~*~ (outnumbered).
 26521 | D:7      | 26521 ||| Stepping ~*~*~tactically~*~*~ (outnumbered).
 26523 | D:7      | 26523 ||| Stepping ~*~*~tactically~*~*~ (outnumbered).
 26525 | D:7      | 26525 ||| Stepping ~*~*~tactically~*~*~ (outnumbered).
 26537 | D:7      | 26537 ||| Stepping ~*~*~tactically~*~*~ (outnumbered).
 26539 | D:7      | 26539 ||| Stepping ~*~*~tactically~*~*~ (outnumbered).
 26541 | D:7      | 26541 ||| Stepping ~*~*~tactically~*~*~ (outnumbered).
 26543 | D:7      | 26543 ||| Stepping ~*~*~tactically~*~*~ (outnumbered).
 26545 | D:7      | 26545 ||| Stepping ~*~*~tactically~*~*~ (outnumbered).
 26557 | D:7      | 26557 ||| Stepping ~*~*~tactically~*~*~ (outnumbered).
 26559 | D:7      | 26559 ||| Stepping ~*~*~tactically~*~*~ (outnumbered).
 26561 | D:7      | 26561 ||| Stepping ~*~*~tactically~*~*~ (outnumbered).
 26563 | D:7      | 26563 ||| Stepping ~*~*~tactically~*~*~ (outnumbered).
 26565 | D:7      | 26565 ||| Stepping ~*~*~tactically~*~*~ (outnumbered).
 26577 | D:7      | 26577 ||| Stepping ~*~*~tactically~*~*~ (outnumbered).
 26579 | D:7      | 26579 ||| Stepping ~*~*~tactically~*~*~ (outnumbered).
 26581 | D:7      | 26581 ||| Stepping ~*~*~tactically~*~*~ (outnumbered).
 26583 | D:7      | 26583 ||| Stepping ~*~*~tactically~*~*~ (outnumbered).
 26585 | D:7      | 26585 ||| Stepping ~*~*~tactically~*~*~ (outnumbered).
 26597 | D:7      | 26597 ||| Stepping ~*~*~tactically~*~*~ (outnumbered).
 26599 | D:7      | 26599 ||| Stepping ~*~*~tactically~*~*~ (outnumbered).
 26601 | D:7      | 26601 ||| Stepping ~*~*~tactically~*~*~ (outnumbered).
 26603 | D:7      | 26603 ||| Stepping ~*~*~tactically~*~*~ (outnumbered).
 26605 | D:7      | 26605 ||| Stepping ~*~*~tactically~*~*~ (outnumbered).
 26617 | D:7      | 26617 ||| Stepping ~*~*~tactically~*~*~ (outnumbered).
 26619 | D:7      | 26619 ||| Stepping ~*~*~tactically~*~*~ (outnumbered).
 26621 | D:7      | 26621 ||| Stepping ~*~*~tactically~*~*~ (outnumbered).
 26623 | D:7      | 26623 ||| Stepping ~*~*~tactically~*~*~ (outnumbered).
 26625 | D:7      | 26625 ||| Stepping ~*~*~tactically~*~*~ (outnumbered).
 26637 | D:7      | 26637 ||| Stepping ~*~*~tactically~*~*~ (outnumbered).
 26639 | D:7      | 26639 ||| Stepping ~*~*~tactically~*~*~ (outnumbered).
 26641 | D:7      | 26641 ||| Stepping ~*~*~tactically~*~*~ (outnumbered).
 26643 | D:7      | 26643 ||| Stepping ~*~*~tactically~*~*~ (outnumbered).
 26645 | D:7      | 26645 ||| Stepping ~*~*~tactically~*~*~ (outnumbered).
 26657 | D:7      | 26657 ||| Stepping ~*~*~tactically~*~*~ (outnumbered).
 26659 | D:7      | 26659 ||| Stepping ~*~*~tactically~*~*~ (outnumbered).
 26661 | D:7      | 26661 ||| Stepping ~*~*~tactically~*~*~ (outnumbered).
 26663 | D:7      | 26663 ||| Stepping ~*~*~tactically~*~*~ (outnumbered).
 26665 | D:7      | 26665 ||| Stepping ~*~*~tactically~*~*~ (outnumbered).
 26677 | D:7      | 26677 ||| Stepping ~*~*~tactically~*~*~ (outnumbered).
 26679 | D:7      | 26679 ||| Stepping ~*~*~tactically~*~*~ (outnumbered).
 26681 | D:7      | 26681 ||| Stepping ~*~*~tactically~*~*~ (outnumbered).
 26683 | D:7      | 26683 ||| Stepping ~*~*~tactically~*~*~ (outnumbered).
 26685 | D:7      | 26685 ||| Stepping ~*~*~tactically~*~*~ (outnumbered).
 26697 | D:7      | 26697 ||| Stepping ~*~*~tactically~*~*~ (outnumbered).
 26699 | D:7      | 26699 ||| Stepping ~*~*~tactically~*~*~ (outnumbered).
 26701 | D:7      | 26701 ||| Stepping ~*~*~tactically~*~*~ (outnumbered).
 26703 | D:7      | 26703 ||| Stepping ~*~*~tactically~*~*~ (outnumbered).
 26705 | D:7      | 26705 ||| Stepping ~*~*~tactically~*~*~ (outnumbered).
 26717 | D:7      | 26717 ||| Stepping ~*~*~tactically~*~*~ (outnumbered).
 26719 | D:7      | 26719 ||| Stepping ~*~*~tactically~*~*~ (outnumbered).
 26721 | D:7      | 26721 ||| Stepping ~*~*~tactically~*~*~ (outnumbered).
 26723 | D:7      | 26723 ||| Stepping ~*~*~tactically~*~*~ (outnumbered).
 26725 | D:7      | 26725 ||| Stepping ~*~*~tactically~*~*~ (outnumbered).
 26737 | D:7      | 26737 ||| Stepping ~*~*~tactically~*~*~ (outnumbered).
 26739 | D:7      | 26739 ||| Stepping ~*~*~tactically~*~*~ (outnumbered).
 26741 | D:7      | 26741 ||| Stepping ~*~*~tactically~*~*~ (outnumbered).
 26743 | D:7      | 26743 ||| Stepping ~*~*~tactically~*~*~ (outnumbered).
 26745 | D:7      | 26745 ||| Stepping ~*~*~tactically~*~*~ (outnumbered).
 26757 | D:7      | 26757 ||| Stepping ~*~*~tactically~*~*~ (outnumbered).
 26759 | D:7      | 26759 ||| Stepping ~*~*~tactically~*~*~ (outnumbered).
 26761 | D:7      | 26761 ||| Stepping ~*~*~tactically~*~*~ (outnumbered).
 26763 | D:7      | 26763 ||| Stepping ~*~*~tactically~*~*~ (outnumbered).
 26765 | D:7      | 26765 ||| Stepping ~*~*~tactically~*~*~ (outnumbered).
 26777 | D:7      | 26777 ||| Stepping ~*~*~tactically~*~*~ (outnumbered).
 26779 | D:7      | 26779 ||| Stepping ~*~*~tactically~*~*~ (outnumbered).
 26781 | D:7      | 26781 ||| Stepping ~*~*~tactically~*~*~ (outnumbered).
 26783 | D:7      | 26783 ||| Stepping ~*~*~tactically~*~*~ (outnumbered).
 26785 | D:7      | 26785 ||| Stepping ~*~*~tactically~*~*~ (outnumbered).
 26797 | D:7      | 26797 ||| Stepping ~*~*~tactically~*~*~ (outnumbered).
 26799 | D:7      | 26799 ||| Stepping ~*~*~tactically~*~*~ (outnumbered).
 26801 | D:7      | 26801 ||| Stepping ~*~*~tactically~*~*~ (outnumbered).
 26803 | D:7      | 26803 ||| Stepping ~*~*~tactically~*~*~ (outnumbered).
 26805 | D:7      | 26805 ||| Stepping ~*~*~tactically~*~*~ (outnumbered).
 26817 | D:7      | 26817 ||| Stepping ~*~*~tactically~*~*~ (outnumbered).
 26819 | D:7      | 26819 ||| Stepping ~*~*~tactically~*~*~ (outnumbered).
 26821 | D:7      | 26821 ||| Stepping ~*~*~tactically~*~*~ (outnumbered).
 26823 | D:7      | 26823 ||| Stepping ~*~*~tactically~*~*~ (outnumbered).
 26825 | D:7      | 26825 ||| Stepping ~*~*~tactically~*~*~ (outnumbered).
 26837 | D:7      | 26837 ||| Stepping ~*~*~tactically~*~*~ (outnumbered).
 26839 | D:7      | 26839 ||| Stepping ~*~*~tactically~*~*~ (outnumbered).
 26841 | D:7      | 26841 ||| Stepping ~*~*~tactically~*~*~ (outnumbered).
 26843 | D:7      | 26843 ||| Stepping ~*~*~tactically~*~*~ (outnumbered).
 26845 | D:7      | 26845 ||| Stepping ~*~*~tactically~*~*~ (outnumbered).
 26857 | D:7      | 26857 ||| Stepping ~*~*~tactically~*~*~ (outnumbered).
 26859 | D:7      | 26859 ||| Stepping ~*~*~tactically~*~*~ (outnumbered).
 26861 | D:7      | 26861 ||| Stepping ~*~*~tactically~*~*~ (outnumbered).
 26863 | D:7      | 26863 ||| Stepping ~*~*~tactically~*~*~ (outnumbered).
 26865 | D:7      | 26865 ||| Stepping ~*~*~tactically~*~*~ (outnumbered).
 26877 | D:7      | 26877 ||| Stepping ~*~*~tactically~*~*~ (outnumbered).
 26879 | D:7      | 26879 ||| Stepping ~*~*~tactically~*~*~ (outnumbered).
 26881 | D:7      | 26881 ||| Stepping ~*~*~tactically~*~*~ (outnumbered).
 26883 | D:7      | 26883 ||| Stepping ~*~*~tactically~*~*~ (outnumbered).
 26885 | D:7      | 26885 ||| Stepping ~*~*~tactically~*~*~ (outnumbered).
 26897 | D:7      | 26897 ||| Stepping ~*~*~tactically~*~*~ (outnumbered).
 26899 | D:7      | 26899 ||| Stepping ~*~*~tactically~*~*~ (outnumbered).
 26901 | D:7      | 26901 ||| Stepping ~*~*~tactically~*~*~ (outnumbered).
 26903 | D:7      | 26903 ||| Stepping ~*~*~tactically~*~*~ (outnumbered).
 26905 | D:7      | 26905 ||| Stepping ~*~*~tactically~*~*~ (outnumbered).
 26917 | D:7      | 26917 ||| Stepping ~*~*~tactically~*~*~ (outnumbered).
 26919 | D:7      | 26919 ||| Stepping ~*~*~tactically~*~*~ (outnumbered).
 26921 | D:7      | 26921 ||| Stepping ~*~*~tactically~*~*~ (outnumbered).
 26923 | D:7      | 26923 ||| Stepping ~*~*~tactically~*~*~ (outnumbered).
 26925 | D:7      | 26925 ||| Stepping ~*~*~tactically~*~*~ (outnumbered).
 26937 | D:7      | 26937 ||| Stepping ~*~*~tactically~*~*~ (outnumbered).
 26939 | D:7      | 26939 ||| Stepping ~*~*~tactically~*~*~ (outnumbered).
 26941 | D:7      | 26941 ||| Stepping ~*~*~tactically~*~*~ (outnumbered).
 26943 | D:7      | 26943 ||| Stepping ~*~*~tactically~*~*~ (outnumbered).
 26945 | D:7      | 26945 ||| Stepping ~*~*~tactically~*~*~ (outnumbered).
 26957 | D:7      | 26957 ||| Stepping ~*~*~tactically~*~*~ (outnumbered).
 26959 | D:7      | 26959 ||| Stepping ~*~*~tactically~*~*~ (outnumbered).
 26961 | D:7      | 26961 ||| Stepping ~*~*~tactically~*~*~ (outnumbered).
 26963 | D:7      | 26963 ||| Stepping ~*~*~tactically~*~*~ (outnumbered).
 26965 | D:7      | 26965 ||| Stepping ~*~*~tactically~*~*~ (outnumbered).
 26977 | D:7      | 26977 ||| Stepping ~*~*~tactically~*~*~ (outnumbered).
 26979 | D:7      | 26979 ||| Stepping ~*~*~tactically~*~*~ (outnumbered).
 26981 | D:7      | 26981 ||| Stepping ~*~*~tactically~*~*~ (outnumbered).
 26983 | D:7      | 26983 ||| Stepping ~*~*~tactically~*~*~ (outnumbered).
 26985 | D:7      | 26985 ||| Stepping ~*~*~tactically~*~*~ (outnumbered).
 26997 | D:7      | 26997 ||| Stepping ~*~*~tactically~*~*~ (outnumbered).
 26999 | D:7      | 26999 ||| Stepping ~*~*~tactically~*~*~ (outnumbered).
 27001 | D:7      | 27001 ||| Stepping ~*~*~tactically~*~*~ (outnumbered).
 27003 | D:7      | 27003 ||| Stepping ~*~*~tactically~*~*~ (outnumbered).
 27005 | D:7      | 27005 ||| Stepping ~*~*~tactically~*~*~ (outnumbered).
 27017 | D:7      | 27017 ||| Stepping ~*~*~tactically~*~*~ (outnumbered).
 27019 | D:7      | 27019 ||| Stepping ~*~*~tactically~*~*~ (outnumbered).
 27021 | D:7      | 27021 ||| Stepping ~*~*~tactically~*~*~ (outnumbered).
 27023 | D:7      | 27023 ||| Stepping ~*~*~tactically~*~*~ (outnumbered).
 27025 | D:7      | 27025 ||| Stepping ~*~*~tactically~*~*~ (outnumbered).
 27037 | D:7      | 27037 ||| Stepping ~*~*~tactically~*~*~ (outnumbered).
 27039 | D:7      | 27039 ||| Stepping ~*~*~tactically~*~*~ (outnumbered).
 27041 | D:7      | 27041 ||| Stepping ~*~*~tactically~*~*~ (outnumbered).
 27043 | D:7      | 27043 ||| Stepping ~*~*~tactically~*~*~ (outnumbered).
 27045 | D:7      | 27045 ||| Stepping ~*~*~tactically~*~*~ (outnumbered).
 27057 | D:7      | 27057 ||| Stepping ~*~*~tactically~*~*~ (outnumbered).
 27059 | D:7      | 27059 ||| Stepping ~*~*~tactically~*~*~ (outnumbered).
 27061 | D:7      | 27061 ||| Stepping ~*~*~tactically~*~*~ (outnumbered).
 27063 | D:7      | 27063 ||| Stepping ~*~*~tactically~*~*~ (outnumbered).
 27065 | D:7      | 27065 ||| Stepping ~*~*~tactically~*~*~ (outnumbered).
 27077 | D:7      | 27077 ||| Stepping ~*~*~tactically~*~*~ (outnumbered).
 27079 | D:7      | 27079 ||| Stepping ~*~*~tactically~*~*~ (outnumbered).
 27081 | D:7      | 27081 ||| Stepping ~*~*~tactically~*~*~ (outnumbered).
 27083 | D:7      | 27083 ||| Stepping ~*~*~tactically~*~*~ (outnumbered).
 27085 | D:7      | 27085 ||| Stepping ~*~*~tactically~*~*~ (outnumbered).
 27097 | D:7      | 27097 ||| Stepping ~*~*~tactically~*~*~ (outnumbered).
 27099 | D:7      | 27099 ||| Stepping ~*~*~tactically~*~*~ (outnumbered).
 27101 | D:7      | 27101 ||| Stepping ~*~*~tactically~*~*~ (outnumbered).
 27103 | D:7      | 27103 ||| Stepping ~*~*~tactically~*~*~ (outnumbered).
 27105 | D:7      | 27105 ||| Stepping ~*~*~tactically~*~*~ (outnumbered).
 27117 | D:7      | 27117 ||| Stepping ~*~*~tactically~*~*~ (outnumbered).
 27119 | D:7      | 27119 ||| Stepping ~*~*~tactically~*~*~ (outnumbered).
 27121 | D:7      | 27121 ||| Stepping ~*~*~tactically~*~*~ (outnumbered).
 27123 | D:7      | 27123 ||| Stepping ~*~*~tactically~*~*~ (outnumbered).
 27125 | D:7      | 27125 ||| Stepping ~*~*~tactically~*~*~ (outnumbered).
 27137 | D:7      | 27137 ||| Stepping ~*~*~tactically~*~*~ (outnumbered).
 27139 | D:7      | 27139 ||| Stepping ~*~*~tactically~*~*~ (outnumbered).
 27141 | D:7      | 27141 ||| Stepping ~*~*~tactically~*~*~ (outnumbered).
 27143 | D:7      | 27143 ||| Stepping ~*~*~tactically~*~*~ (outnumbered).
 27145 | D:7      | 27145 ||| Stepping ~*~*~tactically~*~*~ (outnumbered).
 27157 | D:7      | 27157 ||| Stepping ~*~*~tactically~*~*~ (outnumbered).
 27159 | D:7      | 27159 ||| Stepping ~*~*~tactically~*~*~ (outnumbered).
 27161 | D:7      | 27161 ||| Stepping ~*~*~tactically~*~*~ (outnumbered).
 27163 | D:7      | 27163 ||| Stepping ~*~*~tactically~*~*~ (outnumbered).
 27165 | D:7      | 27165 ||| Stepping ~*~*~tactically~*~*~ (outnumbered).
 27177 | D:7      | 27177 ||| Stepping ~*~*~tactically~*~*~ (outnumbered).
 27179 | D:7      | 27179 ||| Stepping ~*~*~tactically~*~*~ (outnumbered).
 27181 | D:7      | 27181 ||| Stepping ~*~*~tactically~*~*~ (outnumbered).
 27183 | D:7      | 27183 ||| Stepping ~*~*~tactically~*~*~ (outnumbered).
 27185 | D:7      | 27185 ||| Stepping ~*~*~tactically~*~*~ (outnumbered).
 27197 | D:7      | 27197 ||| Stepping ~*~*~tactically~*~*~ (outnumbered).
 27199 | D:7      | 27199 ||| Stepping ~*~*~tactically~*~*~ (outnumbered).
 27201 | D:7      | 27201 ||| Stepping ~*~*~tactically~*~*~ (outnumbered).
 27203 | D:7      | 27203 ||| Stepping ~*~*~tactically~*~*~ (outnumbered).
 27205 | D:7      | 27205 ||| Stepping ~*~*~tactically~*~*~ (outnumbered).
 27217 | D:7      | 27217 ||| Stepping ~*~*~tactically~*~*~ (outnumbered).
 27219 | D:7      | 27219 ||| Stepping ~*~*~tactically~*~*~ (outnumbered).
 27221 | D:7      | 27221 ||| Stepping ~*~*~tactically~*~*~ (outnumbered).
 27223 | D:7      | 27223 ||| Stepping ~*~*~tactically~*~*~ (outnumbered).
 27225 | D:7      | 27225 ||| Stepping ~*~*~tactically~*~*~ (outnumbered).
 27237 | D:7      | 27237 ||| Stepping ~*~*~tactically~*~*~ (outnumbered).
 27239 | D:7      | 27239 ||| Stepping ~*~*~tactically~*~*~ (outnumbered).
 27241 | D:7      | 27241 ||| Stepping ~*~*~tactically~*~*~ (outnumbered).
 27243 | D:7      | 27243 ||| Stepping ~*~*~tactically~*~*~ (outnumbered).
 27245 | D:7      | 27245 ||| Stepping ~*~*~tactically~*~*~ (outnumbered).
 27257 | D:7      | 27257 ||| Stepping ~*~*~tactically~*~*~ (outnumbered).
 27259 | D:7      | 27259 ||| Stepping ~*~*~tactically~*~*~ (outnumbered).
 27261 | D:7      | 27261 ||| Stepping ~*~*~tactically~*~*~ (outnumbered).
 27263 | D:7      | 27263 ||| Stepping ~*~*~tactically~*~*~ (outnumbered).
 27265 | D:7      | 27265 ||| Stepping ~*~*~tactically~*~*~ (outnumbered).
 27277 | D:7      | 27277 ||| Stepping ~*~*~tactically~*~*~ (outnumbered).
 27279 | D:7      | 27279 ||| Stepping ~*~*~tactically~*~*~ (outnumbered).
 27281 | D:7      | 27281 ||| Stepping ~*~*~tactically~*~*~ (outnumbered).
 27283 | D:7      | 27283 ||| Stepping ~*~*~tactically~*~*~ (outnumbered).
 27285 | D:7      | 27285 ||| Stepping ~*~*~tactically~*~*~ (outnumbered).
 27297 | D:7      | 27297 ||| Stepping ~*~*~tactically~*~*~ (outnumbered).
 27299 | D:7      | 27299 ||| Stepping ~*~*~tactically~*~*~ (outnumbered).
 27301 | D:7      | 27301 ||| Stepping ~*~*~tactically~*~*~ (outnumbered).
 27303 | D:7      | 27303 ||| Stepping ~*~*~tactically~*~*~ (outnumbered).
 27305 | D:7      | 27305 ||| Stepping ~*~*~tactically~*~*~ (outnumbered).
 27317 | D:7      | 27317 ||| Stepping ~*~*~tactically~*~*~ (outnumbered).
 27319 | D:7      | 27319 ||| Stepping ~*~*~tactically~*~*~ (outnumbered).
 27321 | D:7      | 27321 ||| Stepping ~*~*~tactically~*~*~ (outnumbered).
 27323 | D:7      | 27323 ||| Stepping ~*~*~tactically~*~*~ (outnumbered).
 27325 | D:7      | 27325 ||| Stepping ~*~*~tactically~*~*~ (outnumbered).
 27337 | D:7      | 27337 ||| Stepping ~*~*~tactically~*~*~ (outnumbered).
 27339 | D:7      | 27339 ||| Stepping ~*~*~tactically~*~*~ (outnumbered).
 27341 | D:7      | 27341 ||| Stepping ~*~*~tactically~*~*~ (outnumbered).
 27343 | D:7      | 27343 ||| Stepping ~*~*~tactically~*~*~ (outnumbered).
 27345 | D:7      | 27345 ||| Stepping ~*~*~tactically~*~*~ (outnumbered).
 27357 | D:7      | 27357 ||| Stepping ~*~*~tactically~*~*~ (outnumbered).
 27359 | D:7      | 27359 ||| Stepping ~*~*~tactically~*~*~ (outnumbered).
 27361 | D:7      | 27361 ||| Stepping ~*~*~tactically~*~*~ (outnumbered).
 27363 | D:7      | 27363 ||| Stepping ~*~*~tactically~*~*~ (outnumbered).
 27365 | D:7      | 27365 ||| Stepping ~*~*~tactically~*~*~ (outnumbered).
 27377 | D:7      | 27377 ||| Stepping ~*~*~tactically~*~*~ (outnumbered).
 27379 | D:7      | 27379 ||| Stepping ~*~*~tactically~*~*~ (outnumbered).
 27381 | D:7      | 27381 ||| Stepping ~*~*~tactically~*~*~ (outnumbered).
 27383 | D:7      | 27383 ||| Stepping ~*~*~tactically~*~*~ (outnumbered).
 27385 | D:7      | 27385 ||| Stepping ~*~*~tactically~*~*~ (outnumbered).
 27397 | D:7      | 27397 ||| Stepping ~*~*~tactically~*~*~ (outnumbered).
 27399 | D:7      | 27399 ||| Stepping ~*~*~tactically~*~*~ (outnumbered).
 27401 | D:7      | 27401 ||| Stepping ~*~*~tactically~*~*~ (outnumbered).
 27403 | D:7      | 27403 ||| Stepping ~*~*~tactically~*~*~ (outnumbered).
 27405 | D:7      | 27405 ||| Stepping ~*~*~tactically~*~*~ (outnumbered).
 27417 | D:7      | 27417 ||| Stepping ~*~*~tactically~*~*~ (outnumbered).
 27419 | D:7      | 27419 ||| Stepping ~*~*~tactically~*~*~ (outnumbered).
 27421 | D:7      | 27421 ||| Stepping ~*~*~tactically~*~*~ (outnumbered).
 27423 | D:7      | 27423 ||| Stepping ~*~*~tactically~*~*~ (outnumbered).
 27425 | D:7      | 27425 ||| Stepping ~*~*~tactically~*~*~ (outnumbered).
 27437 | D:7      | 27437 ||| Stepping ~*~*~tactically~*~*~ (outnumbered).
 27439 | D:7      | 27439 ||| Stepping ~*~*~tactically~*~*~ (outnumbered).
 27441 | D:7      | 27441 ||| Stepping ~*~*~tactically~*~*~ (outnumbered).
 27443 | D:7      | 27443 ||| Stepping ~*~*~tactically~*~*~ (outnumbered).
 27445 | D:7      | 27445 ||| Stepping ~*~*~tactically~*~*~ (outnumbered).
 27457 | D:7      | 27457 ||| Stepping ~*~*~tactically~*~*~ (outnumbered).
 27459 | D:7      | 27459 ||| Stepping ~*~*~tactically~*~*~ (outnumbered).
 27461 | D:7      | 27461 ||| Stepping ~*~*~tactically~*~*~ (outnumbered).
 27463 | D:7      | 27463 ||| Stepping ~*~*~tactically~*~*~ (outnumbered).
 27465 | D:7      | 27465 ||| Stepping ~*~*~tactically~*~*~ (outnumbered).
 27477 | D:7      | 27477 ||| Stepping ~*~*~tactically~*~*~ (outnumbered).
 27479 | D:7      | 27479 ||| Stepping ~*~*~tactically~*~*~ (outnumbered).
 27481 | D:7      | 27481 ||| Stepping ~*~*~tactically~*~*~ (outnumbered).
 27483 | D:7      | 27483 ||| Stepping ~*~*~tactically~*~*~ (outnumbered).
 27485 | D:7      | 27485 ||| Stepping ~*~*~tactically~*~*~ (outnumbered).
 27497 | D:7      | 27497 ||| Stepping ~*~*~tactically~*~*~ (outnumbered).
 27499 | D:7      | 27499 ||| Stepping ~*~*~tactically~*~*~ (outnumbered).
 27501 | D:7      | 27501 ||| Stepping ~*~*~tactically~*~*~ (outnumbered).
 27503 | D:7      | 27503 ||| Stepping ~*~*~tactically~*~*~ (outnumbered).
 27505 | D:7      | 27505 ||| Stepping ~*~*~tactically~*~*~ (outnumbered).
 27517 | D:7      | 27517 ||| Stepping ~*~*~tactically~*~*~ (outnumbered).
 27519 | D:7      | 27519 ||| Stepping ~*~*~tactically~*~*~ (outnumbered).
 27521 | D:7      | 27521 ||| Stepping ~*~*~tactically~*~*~ (outnumbered).
 27523 | D:7      | 27523 ||| Stepping ~*~*~tactically~*~*~ (outnumbered).
 27525 | D:7      | 27525 ||| Stepping ~*~*~tactically~*~*~ (outnumbered).
 27537 | D:7      | 27537 ||| Stepping ~*~*~tactically~*~*~ (outnumbered).
 27539 | D:7      | 27539 ||| Stepping ~*~*~tactically~*~*~ (outnumbered).
 27541 | D:7      | 27541 ||| Stepping ~*~*~tactically~*~*~ (outnumbered).
 27543 | D:7      | 27543 ||| Stepping ~*~*~tactically~*~*~ (outnumbered).
 27545 | D:7      | 27545 ||| Stepping ~*~*~tactically~*~*~ (outnumbered).
 27557 | D:7      | 27557 ||| Stepping ~*~*~tactically~*~*~ (outnumbered).
 27559 | D:7      | 27559 ||| Stepping ~*~*~tactically~*~*~ (outnumbered).
 27561 | D:7      | 27561 ||| Stepping ~*~*~tactically~*~*~ (outnumbered).
 27563 | D:7      | 27563 ||| Stepping ~*~*~tactically~*~*~ (outnumbered).
 27565 | D:7      | 27565 ||| Stepping ~*~*~tactically~*~*~ (outnumbered).
 27577 | D:7      | 27577 ||| Stepping ~*~*~tactically~*~*~ (outnumbered).
 27579 | D:7      | 27579 ||| Stepping ~*~*~tactically~*~*~ (outnumbered).
 27581 | D:7      | 27581 ||| Stepping ~*~*~tactically~*~*~ (outnumbered).
 27583 | D:7      | 27583 ||| Stepping ~*~*~tactically~*~*~ (outnumbered).
 27585 | D:7      | 27585 ||| Stepping ~*~*~tactically~*~*~ (outnumbered).
 27597 | D:7      | 27597 ||| Stepping ~*~*~tactically~*~*~ (outnumbered).
 27599 | D:7      | 27599 ||| Stepping ~*~*~tactically~*~*~ (outnumbered).
 27601 | D:7      | 27601 ||| Stepping ~*~*~tactically~*~*~ (outnumbered).
 27603 | D:7      | 27603 ||| Stepping ~*~*~tactically~*~*~ (outnumbered).
 27605 | D:7      | 27605 ||| Stepping ~*~*~tactically~*~*~ (outnumbered).
 27617 | D:7      | 27617 ||| Stepping ~*~*~tactically~*~*~ (outnumbered).
 27619 | D:7      | 27619 ||| Stepping ~*~*~tactically~*~*~ (outnumbered).
 27621 | D:7      | 27621 ||| Stepping ~*~*~tactically~*~*~ (outnumbered).
 27623 | D:7      | 27623 ||| Stepping ~*~*~tactically~*~*~ (outnumbered).
 27625 | D:7      | 27625 ||| Stepping ~*~*~tactically~*~*~ (outnumbered).
 27637 | D:7      | 27637 ||| Stepping ~*~*~tactically~*~*~ (outnumbered).
 27639 | D:7      | 27639 ||| Stepping ~*~*~tactically~*~*~ (outnumbered).
 27641 | D:7      | 27641 ||| Stepping ~*~*~tactically~*~*~ (outnumbered).
 27643 | D:7      | 27643 ||| Stepping ~*~*~tactically~*~*~ (outnumbered).
 27645 | D:7      | 27645 ||| Stepping ~*~*~tactically~*~*~ (outnumbered).
 27657 | D:7      | 27657 ||| Stepping ~*~*~tactically~*~*~ (outnumbered).
 27659 | D:7      | 27659 ||| Stepping ~*~*~tactically~*~*~ (outnumbered).
 27661 | D:7      | 27661 ||| Stepping ~*~*~tactically~*~*~ (outnumbered).
 27663 | D:7      | 27663 ||| Stepping ~*~*~tactically~*~*~ (outnumbered).
 27665 | D:7      | 27665 ||| Stepping ~*~*~tactically~*~*~ (outnumbered).
 27677 | D:7      | 27677 ||| Stepping ~*~*~tactically~*~*~ (outnumbered).
 27679 | D:7      | 27679 ||| Stepping ~*~*~tactically~*~*~ (outnumbered).
 27681 | D:7      | 27681 ||| Stepping ~*~*~tactically~*~*~ (outnumbered).
 27683 | D:7      | 27683 ||| Stepping ~*~*~tactically~*~*~ (outnumbered).
 27685 | D:7      | 27685 ||| Stepping ~*~*~tactically~*~*~ (outnumbered).
 27697 | D:7      | 27697 ||| Stepping ~*~*~tactically~*~*~ (outnumbered).
 27699 | D:7      | 27699 ||| Stepping ~*~*~tactically~*~*~ (outnumbered).
 27701 | D:7      | 27701 ||| Stepping ~*~*~tactically~*~*~ (outnumbered).
 27703 | D:7      | 27703 ||| Stepping ~*~*~tactically~*~*~ (outnumbered).
 27705 | D:7      | 27705 ||| Stepping ~*~*~tactically~*~*~ (outnumbered).
 27717 | D:7      | 27717 ||| Stepping ~*~*~tactically~*~*~ (outnumbered).
 27719 | D:7      | 27719 ||| Stepping ~*~*~tactically~*~*~ (outnumbered).
 27721 | D:7      | 27721 ||| Stepping ~*~*~tactically~*~*~ (outnumbered).
 27723 | D:7      | 27723 ||| Stepping ~*~*~tactically~*~*~ (outnumbered).
 27725 | D:7      | 27725 ||| Stepping ~*~*~tactically~*~*~ (outnumbered).
 27737 | D:7      | 27737 ||| Stepping ~*~*~tactically~*~*~ (outnumbered).
 27739 | D:7      | 27739 ||| Stepping ~*~*~tactically~*~*~ (outnumbered).
 27741 | D:7      | 27741 ||| Stepping ~*~*~tactically~*~*~ (outnumbered).
 27743 | D:7      | 27743 ||| Stepping ~*~*~tactically~*~*~ (outnumbered).
 27745 | D:7      | 27745 ||| Stepping ~*~*~tactically~*~*~ (outnumbered).
 27757 | D:7      | 27757 ||| Stepping ~*~*~tactically~*~*~ (outnumbered).
 27759 | D:7      | 27759 ||| Stepping ~*~*~tactically~*~*~ (outnumbered).
 27761 | D:7      | 27761 ||| Stepping ~*~*~tactically~*~*~ (outnumbered).
 27763 | D:7      | 27763 ||| Stepping ~*~*~tactically~*~*~ (outnumbered).
 27765 | D:7      | 27765 ||| Stepping ~*~*~tactically~*~*~ (outnumbered).
 27777 | D:7      | 27777 ||| Stepping ~*~*~tactically~*~*~ (outnumbered).
 27779 | D:7      | 27779 ||| Stepping ~*~*~tactically~*~*~ (outnumbered).
 27781 | D:7      | 27781 ||| Stepping ~*~*~tactically~*~*~ (outnumbered).
 27783 | D:7      | 27783 ||| Stepping ~*~*~tactically~*~*~ (outnumbered).
 27785 | D:7      | 27785 ||| Stepping ~*~*~tactically~*~*~ (outnumbered).
 27797 | D:7      | 27797 ||| Stepping ~*~*~tactically~*~*~ (outnumbered).
 27799 | D:7      | 27799 ||| Stepping ~*~*~tactically~*~*~ (outnumbered).
 27801 | D:7      | 27801 ||| Stepping ~*~*~tactically~*~*~ (outnumbered).
 27803 | D:7      | 27803 ||| Stepping ~*~*~tactically~*~*~ (outnumbered).
 27805 | D:7      | 27805 ||| Stepping ~*~*~tactically~*~*~ (outnumbered).
 27817 | D:7      | 27817 ||| Stepping ~*~*~tactically~*~*~ (outnumbered).
 27819 | D:7      | 27819 ||| Stepping ~*~*~tactically~*~*~ (outnumbered).
 27821 | D:7      | 27821 ||| Stepping ~*~*~tactically~*~*~ (outnumbered).
 27823 | D:7      | 27823 ||| Stepping ~*~*~tactically~*~*~ (outnumbered).
 27825 | D:7      | 27825 ||| Stepping ~*~*~tactically~*~*~ (outnumbered).
 27837 | D:7      | 27837 ||| Stepping ~*~*~tactically~*~*~ (outnumbered).
 27839 | D:7      | 27839 ||| Stepping ~*~*~tactically~*~*~ (outnumbered).
 27841 | D:7      | 27841 ||| Stepping ~*~*~tactically~*~*~ (outnumbered).
 27843 | D:7      | 27843 ||| Stepping ~*~*~tactically~*~*~ (outnumbered).
 27845 | D:7      | 27845 ||| Stepping ~*~*~tactically~*~*~ (outnumbered).
 27857 | D:7      | 27857 ||| Stepping ~*~*~tactically~*~*~ (outnumbered).
 27859 | D:7      | 27859 ||| Stepping ~*~*~tactically~*~*~ (outnumbered).
 27861 | D:7      | 27861 ||| Stepping ~*~*~tactically~*~*~ (outnumbered).
 27863 | D:7      | 27863 ||| Stepping ~*~*~tactically~*~*~ (outnumbered).
 27865 | D:7      | 27865 ||| Stepping ~*~*~tactically~*~*~ (outnumbered).
 27877 | D:7      | 27877 ||| Stepping ~*~*~tactically~*~*~ (outnumbered).
 27879 | D:7      | 27879 ||| Stepping ~*~*~tactically~*~*~ (outnumbered).
 27881 | D:7      | 27881 ||| Stepping ~*~*~tactically~*~*~ (outnumbered).
 27883 | D:7      | 27883 ||| Stepping ~*~*~tactically~*~*~ (outnumbered).
 27885 | D:7      | 27885 ||| Stepping ~*~*~tactically~*~*~ (outnumbered).
 27897 | D:7      | 27897 ||| Stepping ~*~*~tactically~*~*~ (outnumbered).
 27899 | D:7      | 27899 ||| Stepping ~*~*~tactically~*~*~ (outnumbered).
 27901 | D:7      | 27901 ||| Stepping ~*~*~tactically~*~*~ (outnumbered).
 27903 | D:7      | 27903 ||| Stepping ~*~*~tactically~*~*~ (outnumbered).
 27905 | D:7      | 27905 ||| Stepping ~*~*~tactically~*~*~ (outnumbered).
 27917 | D:7      | 27917 ||| Stepping ~*~*~tactically~*~*~ (outnumbered).
 27919 | D:7      | 27919 ||| Stepping ~*~*~tactically~*~*~ (outnumbered).
 27921 | D:7      | 27921 ||| Stepping ~*~*~tactically~*~*~ (outnumbered).
 27923 | D:7      | 27923 ||| Stepping ~*~*~tactically~*~*~ (outnumbered).
 27925 | D:7      | 27925 ||| Stepping ~*~*~tactically~*~*~ (outnumbered).
 27937 | D:7      | 27937 ||| Stepping ~*~*~tactically~*~*~ (outnumbered).
 27939 | D:7      | 27939 ||| Stepping ~*~*~tactically~*~*~ (outnumbered).
 27941 | D:7      | 27941 ||| Stepping ~*~*~tactically~*~*~ (outnumbered).
 27943 | D:7      | 27943 ||| Stepping ~*~*~tactically~*~*~ (outnumbered).
 27945 | D:7      | 27945 ||| Stepping ~*~*~tactically~*~*~ (outnumbered).
 27957 | D:7      | 27957 ||| Stepping ~*~*~tactically~*~*~ (outnumbered).
 27959 | D:7      | 27959 ||| Stepping ~*~*~tactically~*~*~ (outnumbered).
 27961 | D:7      | 27961 ||| Stepping ~*~*~tactically~*~*~ (outnumbered).
 27963 | D:7      | 27963 ||| Stepping ~*~*~tactically~*~*~ (outnumbered).
 27965 | D:7      | 27965 ||| Stepping ~*~*~tactically~*~*~ (outnumbered).
 27977 | D:7      | 27977 ||| Stepping ~*~*~tactically~*~*~ (outnumbered).
 27979 | D:7      | 27979 ||| Stepping ~*~*~tactically~*~*~ (outnumbered).
 27981 | D:7      | 27981 ||| Stepping ~*~*~tactically~*~*~ (outnumbered).
 27983 | D:7      | 27983 ||| Stepping ~*~*~tactically~*~*~ (outnumbered).
 27985 | D:7      | 27985 ||| Stepping ~*~*~tactically~*~*~ (outnumbered).
 27997 | D:7      | 27997 ||| Stepping ~*~*~tactically~*~*~ (outnumbered).
 27999 | D:7      | 27999 ||| Stepping ~*~*~tactically~*~*~ (outnumbered).
 28001 | D:7      | 28001 ||| Stepping ~*~*~tactically~*~*~ (outnumbered).
 28003 | D:7      | 28003 ||| Stepping ~*~*~tactically~*~*~ (outnumbered).
 28005 | D:7      | 28005 ||| Stepping ~*~*~tactically~*~*~ (outnumbered).
 28017 | D:7      | 28017 ||| Stepping ~*~*~tactically~*~*~ (outnumbered).
 28019 | D:7      | 28019 ||| Stepping ~*~*~tactically~*~*~ (outnumbered).
 28021 | D:7      | 28021 ||| Stepping ~*~*~tactically~*~*~ (outnumbered).
 28023 | D:7      | 28023 ||| Stepping ~*~*~tactically~*~*~ (outnumbered).
 28025 | D:7      | 28025 ||| Stepping ~*~*~tactically~*~*~ (outnumbered).
 28037 | D:7      | 28037 ||| Stepping ~*~*~tactically~*~*~ (outnumbered).
 28039 | D:7      | 28039 ||| Stepping ~*~*~tactically~*~*~ (outnumbered).
 28041 | D:7      | 28041 ||| Stepping ~*~*~tactically~*~*~ (outnumbered).
 28043 | D:7      | 28043 ||| Stepping ~*~*~tactically~*~*~ (outnumbered).
 28045 | D:7      | 28045 ||| Stepping ~*~*~tactically~*~*~ (outnumbered).
 28057 | D:7      | 28057 ||| Stepping ~*~*~tactically~*~*~ (outnumbered).
 28059 | D:7      | 28059 ||| Stepping ~*~*~tactically~*~*~ (outnumbered).
 28061 | D:7      | 28061 ||| Stepping ~*~*~tactically~*~*~ (outnumbered).
 28063 | D:7      | 28063 ||| Stepping ~*~*~tactically~*~*~ (outnumbered).
 28065 | D:7      | 28065 ||| Stepping ~*~*~tactically~*~*~ (outnumbered).
 28077 | D:7      | 28077 ||| Stepping ~*~*~tactically~*~*~ (outnumbered).
 28079 | D:7      | 28079 ||| Stepping ~*~*~tactically~*~*~ (outnumbered).
 28081 | D:7      | 28081 ||| Stepping ~*~*~tactically~*~*~ (outnumbered).
 28083 | D:7      | 28083 ||| Stepping ~*~*~tactically~*~*~ (outnumbered).
 28085 | D:7      | 28085 ||| Stepping ~*~*~tactically~*~*~ (outnumbered).
 28097 | D:7      | 28097 ||| Stepping ~*~*~tactically~*~*~ (outnumbered).
 28099 | D:7      | 28099 ||| Stepping ~*~*~tactically~*~*~ (outnumbered).
 28101 | D:7      | 28101 ||| Stepping ~*~*~tactically~*~*~ (outnumbered).
 28103 | D:7      | 28103 ||| Stepping ~*~*~tactically~*~*~ (outnumbered).
 28105 | D:7      | 28105 ||| Stepping ~*~*~tactically~*~*~ (outnumbered).
 28117 | D:7      | 28117 ||| Stepping ~*~*~tactically~*~*~ (outnumbered).
 28119 | D:7      | 28119 ||| Stepping ~*~*~tactically~*~*~ (outnumbered).
 28121 | D:7      | 28121 ||| Stepping ~*~*~tactically~*~*~ (outnumbered).
 28123 | D:7      | 28123 ||| Stepping ~*~*~tactically~*~*~ (outnumbered).
 28125 | D:7      | 28125 ||| Stepping ~*~*~tactically~*~*~ (outnumbered).
 28137 | D:7      | 28137 ||| Stepping ~*~*~tactically~*~*~ (outnumbered).
 28139 | D:7      | 28139 ||| Stepping ~*~*~tactically~*~*~ (outnumbered).
 28141 | D:7      | 28141 ||| Stepping ~*~*~tactically~*~*~ (outnumbered).
 28143 | D:7      | 28143 ||| Stepping ~*~*~tactically~*~*~ (outnumbered).
 28145 | D:7      | 28145 ||| Stepping ~*~*~tactically~*~*~ (outnumbered).
 28157 | D:7      | 28157 ||| Stepping ~*~*~tactically~*~*~ (outnumbered).
 28159 | D:7      | 28159 ||| Stepping ~*~*~tactically~*~*~ (outnumbered).
 28161 | D:7      | 28161 ||| Stepping ~*~*~tactically~*~*~ (outnumbered).
 28163 | D:7      | 28163 ||| Stepping ~*~*~tactically~*~*~ (outnumbered).
 28165 | D:7      | 28165 ||| Stepping ~*~*~tactically~*~*~ (outnumbered).
 28177 | D:7      | 28177 ||| Stepping ~*~*~tactically~*~*~ (outnumbered).
 28177 | D:7      | Fell from the grace of Okawaru
 28179 | D:7      | 28179 ||| Stepping ~*~*~tactically~*~*~ (outnumbered).
 28181 | D:7      | 28181 ||| Stepping ~*~*~tactically~*~*~ (outnumbered).
 28183 | D:7      | 28183 ||| Stepping ~*~*~tactically~*~*~ (outnumbered).
 28185 | D:7      | 28185 ||| Stepping ~*~*~tactically~*~*~ (outnumbered).
 28197 | D:7      | 28197 ||| Stepping ~*~*~tactically~*~*~ (outnumbered).
 28199 | D:7      | 28199 ||| Stepping ~*~*~tactically~*~*~ (outnumbered).
 28201 | D:7      | 28201 ||| Stepping ~*~*~tactically~*~*~ (outnumbered).
 28203 | D:7      | 28203 ||| Stepping ~*~*~tactically~*~*~ (outnumbered).
 28205 | D:7      | 28205 ||| Stepping ~*~*~tactically~*~*~ (outnumbered).
 28217 | D:7      | 28217 ||| Stepping ~*~*~tactically~*~*~ (outnumbered).
 28219 | D:7      | 28219 ||| Stepping ~*~*~tactically~*~*~ (outnumbered).
 28221 | D:7      | 28221 ||| Stepping ~*~*~tactically~*~*~ (outnumbered).
 28223 | D:7      | 28223 ||| Stepping ~*~*~tactically~*~*~ (outnumbered).
 28225 | D:7      | 28225 ||| Stepping ~*~*~tactically~*~*~ (outnumbered).
 28237 | D:7      | 28237 ||| Stepping ~*~*~tactically~*~*~ (outnumbered).
 28239 | D:7      | 28239 ||| Stepping ~*~*~tactically~*~*~ (outnumbered).
 28241 | D:7      | 28241 ||| Stepping ~*~*~tactically~*~*~ (outnumbered).
 28243 | D:7      | 28243 ||| Stepping ~*~*~tactically~*~*~ (outnumbered).
 28245 | D:7      | 28245 ||| Stepping ~*~*~tactically~*~*~ (outnumbered).
 28257 | D:7      | 28257 ||| Stepping ~*~*~tactically~*~*~ (outnumbered).
 28259 | D:7      | 28259 ||| Stepping ~*~*~tactically~*~*~ (outnumbered).
 28261 | D:7      | 28261 ||| Stepping ~*~*~tactically~*~*~ (outnumbered).
 28263 | D:7      | 28263 ||| Stepping ~*~*~tactically~*~*~ (outnumbered).
 28265 | D:7      | 28265 ||| Stepping ~*~*~tactically~*~*~ (outnumbered).
 28277 | D:7      | 28277 ||| Stepping ~*~*~tactically~*~*~ (outnumbered).
 28279 | D:7      | 28279 ||| Stepping ~*~*~tactically~*~*~ (outnumbered).
 28281 | D:7      | 28281 ||| Stepping ~*~*~tactically~*~*~ (outnumbered).
 28283 | D:7      | 28283 ||| Stepping ~*~*~tactically~*~*~ (outnumbered).
 28285 | D:7      | 28285 ||| Stepping ~*~*~tactically~*~*~ (outnumbered).
 28297 | D:7      | 28297 ||| Stepping ~*~*~tactically~*~*~ (outnumbered).
 28299 | D:7      | 28299 ||| Stepping ~*~*~tactically~*~*~ (outnumbered).
 28301 | D:7      | 28301 ||| Stepping ~*~*~tactically~*~*~ (outnumbered).
 28303 | D:7      | 28303 ||| Stepping ~*~*~tactically~*~*~ (outnumbered).
 28305 | D:7      | 28305 ||| Stepping ~*~*~tactically~*~*~ (outnumbered).
 28317 | D:7      | 28317 ||| Stepping ~*~*~tactically~*~*~ (outnumbered).
 28319 | D:7      | 28319 ||| Stepping ~*~*~tactically~*~*~ (outnumbered).
 28321 | D:7      | 28321 ||| Stepping ~*~*~tactically~*~*~ (outnumbered).
 28323 | D:7      | 28323 ||| Stepping ~*~*~tactically~*~*~ (outnumbered).
 28325 | D:7      | 28325 ||| Stepping ~*~*~tactically~*~*~ (outnumbered).
 28337 | D:7      | 28337 ||| Stepping ~*~*~tactically~*~*~ (outnumbered).
 28339 | D:7      | 28339 ||| Stepping ~*~*~tactically~*~*~ (outnumbered).
 28341 | D:7      | 28341 ||| Stepping ~*~*~tactically~*~*~ (outnumbered).
 28343 | D:7      | 28343 ||| Stepping ~*~*~tactically~*~*~ (outnumbered).
 28345 | D:7      | 28345 ||| Stepping ~*~*~tactically~*~*~ (outnumbered).
 28357 | D:7      | 28357 ||| Stepping ~*~*~tactically~*~*~ (outnumbered).
 28359 | D:7      | 28359 ||| Stepping ~*~*~tactically~*~*~ (outnumbered).
 28361 | D:7      | 28361 ||| Stepping ~*~*~tactically~*~*~ (outnumbered).
 28363 | D:7      | 28363 ||| Stepping ~*~*~tactically~*~*~ (outnumbered).
 28365 | D:7      | 28365 ||| Stepping ~*~*~tactically~*~*~ (outnumbered).
 28377 | D:7      | 28377 ||| Stepping ~*~*~tactically~*~*~ (outnumbered).
 28379 | D:7      | 28379 ||| Stepping ~*~*~tactically~*~*~ (outnumbered).
 28381 | D:7      | 28381 ||| Stepping ~*~*~tactically~*~*~ (outnumbered).
 28383 | D:7      | 28383 ||| Stepping ~*~*~tactically~*~*~ (outnumbered).
 28385 | D:7      | 28385 ||| Stepping ~*~*~tactically~*~*~ (outnumbered).
 28397 | D:7      | 28397 ||| Stepping ~*~*~tactically~*~*~ (outnumbered).
 28399 | D:7      | 28399 ||| Stepping ~*~*~tactically~*~*~ (outnumbered).
 28401 | D:7      | 28401 ||| Stepping ~*~*~tactically~*~*~ (outnumbered).
 28403 | D:7      | 28403 ||| Stepping ~*~*~tactically~*~*~ (outnumbered).
 28405 | D:7      | 28405 ||| Stepping ~*~*~tactically~*~*~ (outnumbered).
 28417 | D:7      | 28417 ||| Stepping ~*~*~tactically~*~*~ (outnumbered).
 28419 | D:7      | 28419 ||| Stepping ~*~*~tactically~*~*~ (outnumbered).
 28421 | D:7      | 28421 ||| Stepping ~*~*~tactically~*~*~ (outnumbered).
 28423 | D:7      | 28423 ||| Stepping ~*~*~tactically~*~*~ (outnumbered).
 28425 | D:7      | 28425 ||| Stepping ~*~*~tactically~*~*~ (outnumbered).
 28437 | D:7      | 28437 ||| Stepping ~*~*~tactically~*~*~ (outnumbered).
 28439 | D:7      | 28439 ||| Stepping ~*~*~tactically~*~*~ (outnumbered).
 28441 | D:7      | 28441 ||| Stepping ~*~*~tactically~*~*~ (outnumbered).
 28443 | D:7      | 28443 ||| Stepping ~*~*~tactically~*~*~ (outnumbered).
 28445 | D:7      | 28445 ||| Stepping ~*~*~tactically~*~*~ (outnumbered).
 28457 | D:7      | 28457 ||| Stepping ~*~*~tactically~*~*~ (outnumbered).
 28459 | D:7      | 28459 ||| Stepping ~*~*~tactically~*~*~ (outnumbered).
 28461 | D:7      | 28461 ||| Stepping ~*~*~tactically~*~*~ (outnumbered).
 28463 | D:7      | 28463 ||| Stepping ~*~*~tactically~*~*~ (outnumbered).
 28465 | D:7      | 28465 ||| Stepping ~*~*~tactically~*~*~ (outnumbered).
 28477 | D:7      | 28477 ||| Stepping ~*~*~tactically~*~*~ (outnumbered).
 28479 | D:7      | 28479 ||| Stepping ~*~*~tactically~*~*~ (outnumbered).
 28481 | D:7      | 28481 ||| Stepping ~*~*~tactically~*~*~ (outnumbered).
 28483 | D:7      | 28483 ||| Stepping ~*~*~tactically~*~*~ (outnumbered).
 28485 | D:7      | 28485 ||| Stepping ~*~*~tactically~*~*~ (outnumbered).
 28497 | D:7      | 28497 ||| Stepping ~*~*~tactically~*~*~ (outnumbered).
 28499 | D:7      | 28499 ||| Stepping ~*~*~tactically~*~*~ (outnumbered).
 28501 | D:7      | 28501 ||| Stepping ~*~*~tactically~*~*~ (outnumbered).
 28503 | D:7      | 28503 ||| Stepping ~*~*~tactically~*~*~ (outnumbered).
 28505 | D:7      | 28505 ||| Stepping ~*~*~tactically~*~*~ (outnumbered).
 28517 | D:7      | 28517 ||| Stepping ~*~*~tactically~*~*~ (outnumbered).
 28519 | D:7      | 28519 ||| Stepping ~*~*~tactically~*~*~ (outnumbered).
 28521 | D:7      | 28521 ||| Stepping ~*~*~tactically~*~*~ (outnumbered).
 28523 | D:7      | 28523 ||| Stepping ~*~*~tactically~*~*~ (outnumbered).
 28525 | D:7      | 28525 ||| Stepping ~*~*~tactically~*~*~ (outnumbered).
 28537 | D:7      | 28537 ||| Stepping ~*~*~tactically~*~*~ (outnumbered).
 28539 | D:7      | 28539 ||| Stepping ~*~*~tactically~*~*~ (outnumbered).
 28541 | D:7      | 28541 ||| Stepping ~*~*~tactically~*~*~ (outnumbered).
 28543 | D:7      | 28543 ||| Stepping ~*~*~tactically~*~*~ (outnumbered).
 28545 | D:7      | 28545 ||| Stepping ~*~*~tactically~*~*~ (outnumbered).
 28557 | D:7      | 28557 ||| Stepping ~*~*~tactically~*~*~ (outnumbered).
 28559 | D:7      | 28559 ||| Stepping ~*~*~tactically~*~*~ (outnumbered).
 28561 | D:7      | 28561 ||| Stepping ~*~*~tactically~*~*~ (outnumbered).
 28563 | D:7      | 28563 ||| Stepping ~*~*~tactically~*~*~ (outnumbered).
 28565 | D:7      | 28565 ||| Stepping ~*~*~tactically~*~*~ (outnumbered).
 28577 | D:7      | 28577 ||| Stepping ~*~*~tactically~*~*~ (outnumbered).
 28579 | D:7      | 28579 ||| Stepping ~*~*~tactically~*~*~ (outnumbered).
 28581 | D:7      | 28581 ||| Stepping ~*~*~tactically~*~*~ (outnumbered).
 28583 | D:7      | 28583 ||| Stepping ~*~*~tactically~*~*~ (outnumbered).
 28585 | D:7      | 28585 ||| Stepping ~*~*~tactically~*~*~ (outnumbered).
 28597 | D:7      | 28597 ||| Stepping ~*~*~tactically~*~*~ (outnumbered).
 28599 | D:7      | 28599 ||| Stepping ~*~*~tactically~*~*~ (outnumbered).
 28601 | D:7      | 28601 ||| Stepping ~*~*~tactically~*~*~ (outnumbered).
 28603 | D:7      | 28603 ||| Stepping ~*~*~tactically~*~*~ (outnumbered).
 28605 | D:7      | 28605 ||| Stepping ~*~*~tactically~*~*~ (outnumbered).
 28617 | D:7      | 28617 ||| Stepping ~*~*~tactically~*~*~ (outnumbered).
 28619 | D:7      | 28619 ||| Stepping ~*~*~tactically~*~*~ (outnumbered).
 28621 | D:7      | 28621 ||| Stepping ~*~*~tactically~*~*~ (outnumbered).
 28623 | D:7      | 28623 ||| Stepping ~*~*~tactically~*~*~ (outnumbered).
 28625 | D:7      | 28625 ||| Stepping ~*~*~tactically~*~*~ (outnumbered).
 28637 | D:7      | 28637 ||| Stepping ~*~*~tactically~*~*~ (outnumbered).
 28639 | D:7      | 28639 ||| Stepping ~*~*~tactically~*~*~ (outnumbered).
 28641 | D:7      | 28641 ||| Stepping ~*~*~tactically~*~*~ (outnumbered).
 28643 | D:7      | 28643 ||| Stepping ~*~*~tactically~*~*~ (outnumbered).
 28645 | D:7      | 28645 ||| Stepping ~*~*~tactically~*~*~ (outnumbered).
 28657 | D:7      | 28657 ||| Stepping ~*~*~tactically~*~*~ (outnumbered).
 28659 | D:7      | 28659 ||| Stepping ~*~*~tactically~*~*~ (outnumbered).
 28661 | D:7      | 28661 ||| Stepping ~*~*~tactically~*~*~ (outnumbered).
 28663 | D:7      | 28663 ||| Stepping ~*~*~tactically~*~*~ (outnumbered).
 28665 | D:7      | 28665 ||| Stepping ~*~*~tactically~*~*~ (outnumbered).
 28677 | D:7      | 28677 ||| Stepping ~*~*~tactically~*~*~ (outnumbered).
 28679 | D:7      | 28679 ||| Stepping ~*~*~tactically~*~*~ (outnumbered).
 28681 | D:7      | 28681 ||| Stepping ~*~*~tactically~*~*~ (outnumbered).
 28683 | D:7      | 28683 ||| Stepping ~*~*~tactically~*~*~ (outnumbered).
 28685 | D:7      | 28685 ||| Stepping ~*~*~tactically~*~*~ (outnumbered).
 28697 | D:7      | 28697 ||| Stepping ~*~*~tactically~*~*~ (outnumbered).
 28699 | D:7      | 28699 ||| Stepping ~*~*~tactically~*~*~ (outnumbered).
 28701 | D:7      | 28701 ||| Stepping ~*~*~tactically~*~*~ (outnumbered).
 28703 | D:7      | 28703 ||| Stepping ~*~*~tactically~*~*~ (outnumbered).
 28705 | D:7      | 28705 ||| Stepping ~*~*~tactically~*~*~ (outnumbered).
 28717 | D:7      | 28717 ||| Stepping ~*~*~tactically~*~*~ (outnumbered).
 28719 | D:7      | 28719 ||| Stepping ~*~*~tactically~*~*~ (outnumbered).
 28721 | D:7      | 28721 ||| Stepping ~*~*~tactically~*~*~ (outnumbered).
 28723 | D:7      | 28723 ||| Stepping ~*~*~tactically~*~*~ (outnumbered).
 28725 | D:7      | 28725 ||| Stepping ~*~*~tactically~*~*~ (outnumbered).
 28737 | D:7      | 28737 ||| Stepping ~*~*~tactically~*~*~ (outnumbered).
 28739 | D:7      | 28739 ||| Stepping ~*~*~tactically~*~*~ (outnumbered).
 28741 | D:7      | 28741 ||| Stepping ~*~*~tactically~*~*~ (outnumbered).
 28743 | D:7      | 28743 ||| Stepping ~*~*~tactically~*~*~ (outnumbered).
 28745 | D:7      | 28745 ||| Stepping ~*~*~tactically~*~*~ (outnumbered).
 28757 | D:7      | 28757 ||| Stepping ~*~*~tactically~*~*~ (outnumbered).
 28759 | D:7      | 28759 ||| Stepping ~*~*~tactically~*~*~ (outnumbered).
 28761 | D:7      | 28761 ||| Stepping ~*~*~tactically~*~*~ (outnumbered).
 28763 | D:7      | 28763 ||| Stepping ~*~*~tactically~*~*~ (outnumbered).
 28765 | D:7      | 28765 ||| Stepping ~*~*~tactically~*~*~ (outnumbered).
 28777 | D:7      | 28777 ||| Stepping ~*~*~tactically~*~*~ (outnumbered).
 28779 | D:7      | 28779 ||| Stepping ~*~*~tactically~*~*~ (outnumbered).
 28781 | D:7      | 28781 ||| Stepping ~*~*~tactically~*~*~ (outnumbered).
 28783 | D:7      | 28783 ||| Stepping ~*~*~tactically~*~*~ (outnumbered).
 28785 | D:7      | 28785 ||| Stepping ~*~*~tactically~*~*~ (outnumbered).
 28797 | D:7      | 28797 ||| Stepping ~*~*~tactically~*~*~ (outnumbered).
 28799 | D:7      | 28799 ||| Stepping ~*~*~tactically~*~*~ (outnumbered).
 28801 | D:7      | 28801 ||| Stepping ~*~*~tactically~*~*~ (outnumbered).
 28803 | D:7      | 28803 ||| Stepping ~*~*~tactically~*~*~ (outnumbered).
 28805 | D:7      | 28805 ||| Stepping ~*~*~tactically~*~*~ (outnumbered).
 28817 | D:7      | 28817 ||| Stepping ~*~*~tactically~*~*~ (outnumbered).
 28819 | D:7      | 28819 ||| Stepping ~*~*~tactically~*~*~ (outnumbered).
 28821 | D:7      | 28821 ||| Stepping ~*~*~tactically~*~*~ (outnumbered).
 28823 | D:7      | 28823 ||| Stepping ~*~*~tactically~*~*~ (outnumbered).
 28825 | D:7      | 28825 ||| Stepping ~*~*~tactically~*~*~ (outnumbered).
 28837 | D:7      | 28837 ||| Stepping ~*~*~tactically~*~*~ (outnumbered).
 28839 | D:7      | 28839 ||| Stepping ~*~*~tactically~*~*~ (outnumbered).
 28841 | D:7      | 28841 ||| Stepping ~*~*~tactically~*~*~ (outnumbered).
 28843 | D:7      | 28843 ||| Stepping ~*~*~tactically~*~*~ (outnumbered).
 28845 | D:7      | 28845 ||| Stepping ~*~*~tactically~*~*~ (outnumbered).
 28857 | D:7      | 28857 ||| Stepping ~*~*~tactically~*~*~ (outnumbered).
 28859 | D:7      | 28859 ||| Stepping ~*~*~tactically~*~*~ (outnumbered).
 28861 | D:7      | 28861 ||| Stepping ~*~*~tactically~*~*~ (outnumbered).
 28863 | D:7      | 28863 ||| Stepping ~*~*~tactically~*~*~ (outnumbered).
 28865 | D:7      | 28865 ||| Stepping ~*~*~tactically~*~*~ (outnumbered).
 28877 | D:7      | 28877 ||| Stepping ~*~*~tactically~*~*~ (outnumbered).
 28879 | D:7      | 28879 ||| Stepping ~*~*~tactically~*~*~ (outnumbered).
 28881 | D:7      | 28881 ||| Stepping ~*~*~tactically~*~*~ (outnumbered).
 28883 | D:7      | 28883 ||| Stepping ~*~*~tactically~*~*~ (outnumbered).
 28885 | D:7      | 28885 ||| Stepping ~*~*~tactically~*~*~ (outnumbered).
 28897 | D:7      | 28897 ||| Stepping ~*~*~tactically~*~*~ (outnumbered).
 28899 | D:7      | 28899 ||| Stepping ~*~*~tactically~*~*~ (outnumbered).
 28901 | D:7      | 28901 ||| Stepping ~*~*~tactically~*~*~ (outnumbered).
 28903 | D:7      | 28903 ||| Stepping ~*~*~tactically~*~*~ (outnumbered).
 28905 | D:7      | 28905 ||| Stepping ~*~*~tactically~*~*~ (outnumbered).
 28917 | D:7      | 28917 ||| Stepping ~*~*~tactically~*~*~ (outnumbered).
 28919 | D:7      | 28919 ||| Stepping ~*~*~tactically~*~*~ (outnumbered).
 28921 | D:7      | 28921 ||| Stepping ~*~*~tactically~*~*~ (outnumbered).
 28923 | D:7      | 28923 ||| Stepping ~*~*~tactically~*~*~ (outnumbered).
 28925 | D:7      | 28925 ||| Stepping ~*~*~tactically~*~*~ (outnumbered).
 28937 | D:7      | 28937 ||| Stepping ~*~*~tactically~*~*~ (outnumbered).
 28939 | D:7      | 28939 ||| Stepping ~*~*~tactically~*~*~ (outnumbered).
 28941 | D:7      | 28941 ||| Stepping ~*~*~tactically~*~*~ (outnumbered).
 28943 | D:7      | 28943 ||| Stepping ~*~*~tactically~*~*~ (outnumbered).
 28945 | D:7      | 28945 ||| Stepping ~*~*~tactically~*~*~ (outnumbered).
 28957 | D:7      | 28957 ||| Stepping ~*~*~tactically~*~*~ (outnumbered).
 28959 | D:7      | 28959 ||| Stepping ~*~*~tactically~*~*~ (outnumbered).
 28961 | D:7      | 28961 ||| Stepping ~*~*~tactically~*~*~ (outnumbered).
 28963 | D:7      | 28963 ||| Stepping ~*~*~tactically~*~*~ (outnumbered).
 28965 | D:7      | 28965 ||| Stepping ~*~*~tactically~*~*~ (outnumbered).
 28977 | D:7      | 28977 ||| Stepping ~*~*~tactically~*~*~ (outnumbered).
 28979 | D:7      | 28979 ||| Stepping ~*~*~tactically~*~*~ (outnumbered).
 28981 | D:7      | 28981 ||| Stepping ~*~*~tactically~*~*~ (outnumbered).
 28983 | D:7      | 28983 ||| Stepping ~*~*~tactically~*~*~ (outnumbered).
 28985 | D:7      | 28985 ||| Stepping ~*~*~tactically~*~*~ (outnumbered).
 28997 | D:7      | 28997 ||| Stepping ~*~*~tactically~*~*~ (outnumbered).
 28999 | D:7      | 28999 ||| Stepping ~*~*~tactically~*~*~ (outnumbered).
 29001 | D:7      | 29001 ||| Stepping ~*~*~tactically~*~*~ (outnumbered).
 29003 | D:7      | 29003 ||| Stepping ~*~*~tactically~*~*~ (outnumbered).
 29005 | D:7      | 29005 ||| Stepping ~*~*~tactically~*~*~ (outnumbered).
 29017 | D:7      | 29017 ||| Stepping ~*~*~tactically~*~*~ (outnumbered).
 29019 | D:7      | 29019 ||| Stepping ~*~*~tactically~*~*~ (outnumbered).
 29021 | D:7      | 29021 ||| Stepping ~*~*~tactically~*~*~ (outnumbered).
 29023 | D:7      | 29023 ||| Stepping ~*~*~tactically~*~*~ (outnumbered).
 29025 | D:7      | 29025 ||| Stepping ~*~*~tactically~*~*~ (outnumbered).
 29037 | D:7      | 29037 ||| Stepping ~*~*~tactically~*~*~ (outnumbered).
 29039 | D:7      | 29039 ||| Stepping ~*~*~tactically~*~*~ (outnumbered).
 29041 | D:7      | 29041 ||| Stepping ~*~*~tactically~*~*~ (outnumbered).
 29043 | D:7      | 29043 ||| Stepping ~*~*~tactically~*~*~ (outnumbered).
 29045 | D:7      | 29045 ||| Stepping ~*~*~tactically~*~*~ (outnumbered).
 29057 | D:7      | 29057 ||| Stepping ~*~*~tactically~*~*~ (outnumbered).
 29059 | D:7      | 29059 ||| Stepping ~*~*~tactically~*~*~ (outnumbered).
 29061 | D:7      | 29061 ||| Stepping ~*~*~tactically~*~*~ (outnumbered).
 29063 | D:7      | 29063 ||| Stepping ~*~*~tactically~*~*~ (outnumbered).
 29065 | D:7      | 29065 ||| Stepping ~*~*~tactically~*~*~ (outnumbered).
 29077 | D:7      | 29077 ||| Stepping ~*~*~tactically~*~*~ (outnumbered).
 29079 | D:7      | 29079 ||| Stepping ~*~*~tactically~*~*~ (outnumbered).
 29081 | D:7      | 29081 ||| Stepping ~*~*~tactically~*~*~ (outnumbered).
 29083 | D:7      | 29083 ||| Stepping ~*~*~tactically~*~*~ (outnumbered).
 29085 | D:7      | 29085 ||| Stepping ~*~*~tactically~*~*~ (outnumbered).
 29097 | D:7      | 29097 ||| Stepping ~*~*~tactically~*~*~ (outnumbered).
 29099 | D:7      | 29099 ||| Stepping ~*~*~tactically~*~*~ (outnumbered).
 29101 | D:7      | 29101 ||| Stepping ~*~*~tactically~*~*~ (outnumbered).
 29103 | D:7      | 29103 ||| Stepping ~*~*~tactically~*~*~ (outnumbered).
 29105 | D:7      | 29105 ||| Stepping ~*~*~tactically~*~*~ (outnumbered).
 29117 | D:7      | 29117 ||| Stepping ~*~*~tactically~*~*~ (outnumbered).
 29119 | D:7      | 29119 ||| Stepping ~*~*~tactically~*~*~ (outnumbered).
 29121 | D:7      | 29121 ||| Stepping ~*~*~tactically~*~*~ (outnumbered).
 29123 | D:7      | 29123 ||| Stepping ~*~*~tactically~*~*~ (outnumbered).
 29125 | D:7      | 29125 ||| Stepping ~*~*~tactically~*~*~ (outnumbered).
 29137 | D:7      | 29137 ||| Stepping ~*~*~tactically~*~*~ (outnumbered).
 29139 | D:7      | 29139 ||| Stepping ~*~*~tactically~*~*~ (outnumbered).
 29141 | D:7      | 29141 ||| Stepping ~*~*~tactically~*~*~ (outnumbered).
 29143 | D:7      | 29143 ||| Stepping ~*~*~tactically~*~*~ (outnumbered).
 29145 | D:7      | 29145 ||| Stepping ~*~*~tactically~*~*~ (outnumbered).
 29157 | D:7      | 29157 ||| Stepping ~*~*~tactically~*~*~ (outnumbered).
 29159 | D:7      | 29159 ||| Stepping ~*~*~tactically~*~*~ (outnumbered).
 29161 | D:7      | 29161 ||| Stepping ~*~*~tactically~*~*~ (outnumbered).
 29163 | D:7      | 29163 ||| Stepping ~*~*~tactically~*~*~ (outnumbered).
 29165 | D:7      | 29165 ||| Stepping ~*~*~tactically~*~*~ (outnumbered).
 29177 | D:7      | 29177 ||| Stepping ~*~*~tactically~*~*~ (outnumbered).
 29179 | D:7      | 29179 ||| Stepping ~*~*~tactically~*~*~ (outnumbered).
 29181 | D:7      | 29181 ||| Stepping ~*~*~tactically~*~*~ (outnumbered).
 29183 | D:7      | 29183 ||| Stepping ~*~*~tactically~*~*~ (outnumbered).
 29185 | D:7      | 29185 ||| Stepping ~*~*~tactically~*~*~ (outnumbered).
 29197 | D:7      | 29197 ||| Stepping ~*~*~tactically~*~*~ (outnumbered).
 29199 | D:7      | 29199 ||| Stepping ~*~*~tactically~*~*~ (outnumbered).
 29201 | D:7      | 29201 ||| Stepping ~*~*~tactically~*~*~ (outnumbered).
 29203 | D:7      | 29203 ||| Stepping ~*~*~tactically~*~*~ (outnumbered).
 29205 | D:7      | 29205 ||| Stepping ~*~*~tactically~*~*~ (outnumbered).
 29217 | D:7      | 29217 ||| Stepping ~*~*~tactically~*~*~ (outnumbered).
 29219 | D:7      | 29219 ||| Stepping ~*~*~tactically~*~*~ (outnumbered).
 29221 | D:7      | 29221 ||| Stepping ~*~*~tactically~*~*~ (outnumbered).
 29223 | D:7      | 29223 ||| Stepping ~*~*~tactically~*~*~ (outnumbered).
 29225 | D:7      | 29225 ||| Stepping ~*~*~tactically~*~*~ (outnumbered).
 29237 | D:7      | 29237 ||| Stepping ~*~*~tactically~*~*~ (outnumbered).
 29239 | D:7      | 29239 ||| Stepping ~*~*~tactically~*~*~ (outnumbered).
 29241 | D:7      | 29241 ||| Stepping ~*~*~tactically~*~*~ (outnumbered).
 29243 | D:7      | 29243 ||| Stepping ~*~*~tactically~*~*~ (outnumbered).
 29245 | D:7      | 29245 ||| Stepping ~*~*~tactically~*~*~ (outnumbered).
 29257 | D:7      | 29257 ||| Stepping ~*~*~tactically~*~*~ (outnumbered).
 29259 | D:7      | 29259 ||| Stepping ~*~*~tactically~*~*~ (outnumbered).
 29261 | D:7      | 29261 ||| Stepping ~*~*~tactically~*~*~ (outnumbered).
 29263 | D:7      | 29263 ||| Stepping ~*~*~tactically~*~*~ (outnumbered).
 29265 | D:7      | 29265 ||| Stepping ~*~*~tactically~*~*~ (outnumbered).
 29277 | D:7      | 29277 ||| Stepping ~*~*~tactically~*~*~ (outnumbered).
 29279 | D:7      | 29279 ||| Stepping ~*~*~tactically~*~*~ (outnumbered).
 29281 | D:7      | 29281 ||| Stepping ~*~*~tactically~*~*~ (outnumbered).
 29283 | D:7      | 29283 ||| Stepping ~*~*~tactically~*~*~ (outnumbered).
 29285 | D:7      | 29285 ||| Stepping ~*~*~tactically~*~*~ (outnumbered).
 29297 | D:7      | 29297 ||| Stepping ~*~*~tactically~*~*~ (outnumbered).
 29299 | D:7      | 29299 ||| Stepping ~*~*~tactically~*~*~ (outnumbered).
 29301 | D:7      | 29301 ||| Stepping ~*~*~tactically~*~*~ (outnumbered).
 29303 | D:7      | 29303 ||| Stepping ~*~*~tactically~*~*~ (outnumbered).
 29305 | D:7      | 29305 ||| Stepping ~*~*~tactically~*~*~ (outnumbered).
 29317 | D:7      | 29317 ||| Stepping ~*~*~tactically~*~*~ (outnumbered).
 29319 | D:7      | 29319 ||| Stepping ~*~*~tactically~*~*~ (outnumbered).
 29321 | D:7      | 29321 ||| Stepping ~*~*~tactically~*~*~ (outnumbered).
 29323 | D:7      | 29323 ||| Stepping ~*~*~tactically~*~*~ (outnumbered).
 29325 | D:7      | 29325 ||| Stepping ~*~*~tactically~*~*~ (outnumbered).
 29337 | D:7      | 29337 ||| Stepping ~*~*~tactically~*~*~ (outnumbered).
 29339 | D:7      | 29339 ||| Stepping ~*~*~tactically~*~*~ (outnumbered).
 29341 | D:7      | 29341 ||| Stepping ~*~*~tactically~*~*~ (outnumbered).
 29343 | D:7      | 29343 ||| Stepping ~*~*~tactically~*~*~ (outnumbered).
 29345 | D:7      | 29345 ||| Stepping ~*~*~tactically~*~*~ (outnumbered).
 29357 | D:7      | 29357 ||| Stepping ~*~*~tactically~*~*~ (outnumbered).
 29359 | D:7      | 29359 ||| Stepping ~*~*~tactically~*~*~ (outnumbered).
 29361 | D:7      | 29361 ||| Stepping ~*~*~tactically~*~*~ (outnumbered).
 29363 | D:7      | 29363 ||| Stepping ~*~*~tactically~*~*~ (outnumbered).
 29365 | D:7      | 29365 ||| Stepping ~*~*~tactically~*~*~ (outnumbered).
 29377 | D:7      | 29377 ||| Stepping ~*~*~tactically~*~*~ (outnumbered).
 29379 | D:7      | 29379 ||| Stepping ~*~*~tactically~*~*~ (outnumbered).
 29381 | D:7      | 29381 ||| Stepping ~*~*~tactically~*~*~ (outnumbered).
 29383 | D:7      | 29383 ||| Stepping ~*~*~tactically~*~*~ (outnumbered).
 29385 | D:7      | 29385 ||| Stepping ~*~*~tactically~*~*~ (outnumbered).
 29397 | D:7      | 29397 ||| Stepping ~*~*~tactically~*~*~ (outnumbered).
 29399 | D:7      | 29399 ||| Stepping ~*~*~tactically~*~*~ (outnumbered).
 29401 | D:7      | 29401 ||| Stepping ~*~*~tactically~*~*~ (outnumbered).
 29403 | D:7      | 29403 ||| Stepping ~*~*~tactically~*~*~ (outnumbered).
 29405 | D:7      | 29405 ||| Stepping ~*~*~tactically~*~*~ (outnumbered).
 29417 | D:7      | 29417 ||| Stepping ~*~*~tactically~*~*~ (outnumbered).
 29419 | D:7      | 29419 ||| Stepping ~*~*~tactically~*~*~ (outnumbered).
 29421 | D:7      | 29421 ||| Stepping ~*~*~tactically~*~*~ (outnumbered).
 29423 | D:7      | 29423 ||| Stepping ~*~*~tactically~*~*~ (outnumbered).
 29425 | D:7      | 29425 ||| Stepping ~*~*~tactically~*~*~ (outnumbered).
 29437 | D:7      | 29437 ||| Stepping ~*~*~tactically~*~*~ (outnumbered).
 29439 | D:7      | 29439 ||| Stepping ~*~*~tactically~*~*~ (outnumbered).
 29441 | D:7      | 29441 ||| Stepping ~*~*~tactically~*~*~ (outnumbered).
 29443 | D:7      | 29443 ||| Stepping ~*~*~tactically~*~*~ (outnumbered).
 29445 | D:7      | 29445 ||| Stepping ~*~*~tactically~*~*~ (outnumbered).
 29457 | D:7      | 29457 ||| Stepping ~*~*~tactically~*~*~ (outnumbered).
 29459 | D:7      | 29459 ||| Stepping ~*~*~tactically~*~*~ (outnumbered).
 29461 | D:7      | 29461 ||| Stepping ~*~*~tactically~*~*~ (outnumbered).
 29463 | D:7      | 29463 ||| Stepping ~*~*~tactically~*~*~ (outnumbered).
 29465 | D:7      | 29465 ||| Stepping ~*~*~tactically~*~*~ (outnumbered).
 29477 | D:7      | 29477 ||| Stepping ~*~*~tactically~*~*~ (outnumbered).
 29479 | D:7      | 29479 ||| Stepping ~*~*~tactically~*~*~ (outnumbered).
 29481 | D:7      | 29481 ||| Stepping ~*~*~tactically~*~*~ (outnumbered).
 29483 | D:7      | 29483 ||| Stepping ~*~*~tactically~*~*~ (outnumbered).
 29485 | D:7      | 29485 ||| Stepping ~*~*~tactically~*~*~ (outnumbered).
 29497 | D:7      | 29497 ||| Stepping ~*~*~tactically~*~*~ (outnumbered).
 29499 | D:7      | 29499 ||| Stepping ~*~*~tactically~*~*~ (outnumbered).
 29501 | D:7      | 29501 ||| Stepping ~*~*~tactically~*~*~ (outnumbered).
 29503 | D:7      | 29503 ||| Stepping ~*~*~tactically~*~*~ (outnumbered).
 29505 | D:7      | 29505 ||| Stepping ~*~*~tactically~*~*~ (outnumbered).
 29517 | D:7      | 29517 ||| Stepping ~*~*~tactically~*~*~ (outnumbered).
 29519 | D:7      | 29519 ||| Stepping ~*~*~tactically~*~*~ (outnumbered).
 29521 | D:7      | 29521 ||| Stepping ~*~*~tactically~*~*~ (outnumbered).
 29523 | D:7      | 29523 ||| Stepping ~*~*~tactically~*~*~ (outnumbered).
 29525 | D:7      | 29525 ||| Stepping ~*~*~tactically~*~*~ (outnumbered).
 29537 | D:7      | 29537 ||| Stepping ~*~*~tactically~*~*~ (outnumbered).
 29539 | D:7      | 29539 ||| Stepping ~*~*~tactically~*~*~ (outnumbered).
 29541 | D:7      | 29541 ||| Stepping ~*~*~tactically~*~*~ (outnumbered).
 29543 | D:7      | 29543 ||| Stepping ~*~*~tactically~*~*~ (outnumbered).
 29545 | D:7      | 29545 ||| Stepping ~*~*~tactically~*~*~ (outnumbered).
 29557 | D:7      | 29557 ||| Stepping ~*~*~tactically~*~*~ (outnumbered).
 29559 | D:7      | 29559 ||| Stepping ~*~*~tactically~*~*~ (outnumbered).
 29561 | D:7      | 29561 ||| Stepping ~*~*~tactically~*~*~ (outnumbered).
 29563 | D:7      | 29563 ||| Stepping ~*~*~tactically~*~*~ (outnumbered).
 29565 | D:7      | 29565 ||| Stepping ~*~*~tactically~*~*~ (outnumbered).
 29577 | D:7      | 29577 ||| Stepping ~*~*~tactically~*~*~ (outnumbered).
 29579 | D:7      | 29579 ||| Stepping ~*~*~tactically~*~*~ (outnumbered).
 29581 | D:7      | 29581 ||| Stepping ~*~*~tactically~*~*~ (outnumbered).
 29583 | D:7      | 29583 ||| Stepping ~*~*~tactically~*~*~ (outnumbered).
 29585 | D:7      | 29585 ||| Stepping ~*~*~tactically~*~*~ (outnumbered).
 29597 | D:7      | 29597 ||| Stepping ~*~*~tactically~*~*~ (outnumbered).
 29599 | D:7      | 29599 ||| Stepping ~*~*~tactically~*~*~ (outnumbered).
 29601 | D:7      | 29601 ||| Stepping ~*~*~tactically~*~*~ (outnumbered).
 29603 | D:7      | 29603 ||| Stepping ~*~*~tactically~*~*~ (outnumbered).
 29605 | D:7      | 29605 ||| Stepping ~*~*~tactically~*~*~ (outnumbered).
 29617 | D:7      | 29617 ||| Stepping ~*~*~tactically~*~*~ (outnumbered).
 29619 | D:7      | 29619 ||| Stepping ~*~*~tactically~*~*~ (outnumbered).
 29621 | D:7      | 29621 ||| Stepping ~*~*~tactically~*~*~ (outnumbered).
 29623 | D:7      | 29623 ||| Stepping ~*~*~tactically~*~*~ (outnumbered).
 29625 | D:7      | 29625 ||| Stepping ~*~*~tactically~*~*~ (outnumbered).
 29637 | D:7      | 29637 ||| Stepping ~*~*~tactically~*~*~ (outnumbered).
 29639 | D:7      | 29639 ||| Stepping ~*~*~tactically~*~*~ (outnumbered).
 29641 | D:7      | 29641 ||| Stepping ~*~*~tactically~*~*~ (outnumbered).
 29643 | D:7      | 29643 ||| Stepping ~*~*~tactically~*~*~ (outnumbered).
 29645 | D:7      | 29645 ||| Stepping ~*~*~tactically~*~*~ (outnumbered).
 29657 | D:7      | 29657 ||| Stepping ~*~*~tactically~*~*~ (outnumbered).
 29659 | D:7      | 29659 ||| Stepping ~*~*~tactically~*~*~ (outnumbered).
 29661 | D:7      | 29661 ||| Stepping ~*~*~tactically~*~*~ (outnumbered).
 29663 | D:7      | 29663 ||| Stepping ~*~*~tactically~*~*~ (outnumbered).
 29665 | D:7      | 29665 ||| Stepping ~*~*~tactically~*~*~ (outnumbered).
 29677 | D:7      | 29677 ||| Stepping ~*~*~tactically~*~*~ (outnumbered).
 29679 | D:7      | 29679 ||| Stepping ~*~*~tactically~*~*~ (outnumbered).
 29681 | D:7      | 29681 ||| Stepping ~*~*~tactically~*~*~ (outnumbered).
 29683 | D:7      | 29683 ||| Stepping ~*~*~tactically~*~*~ (outnumbered).
 29685 | D:7      | 29685 ||| Stepping ~*~*~tactically~*~*~ (outnumbered).
 29697 | D:7      | 29697 ||| Stepping ~*~*~tactically~*~*~ (outnumbered).
 29699 | D:7      | 29699 ||| Stepping ~*~*~tactically~*~*~ (outnumbered).
 29701 | D:7      | 29701 ||| Stepping ~*~*~tactically~*~*~ (outnumbered).
 29703 | D:7      | 29703 ||| Stepping ~*~*~tactically~*~*~ (outnumbered).
 29705 | D:7      | 29705 ||| Stepping ~*~*~tactically~*~*~ (outnumbered).
 29717 | D:7      | 29717 ||| Stepping ~*~*~tactically~*~*~ (outnumbered).
 29719 | D:7      | 29719 ||| Stepping ~*~*~tactically~*~*~ (outnumbered).
 29721 | D:7      | 29721 ||| Stepping ~*~*~tactically~*~*~ (outnumbered).
 29723 | D:7      | 29723 ||| Stepping ~*~*~tactically~*~*~ (outnumbered).
 29725 | D:7      | 29725 ||| Stepping ~*~*~tactically~*~*~ (outnumbered).
 29737 | D:7      | 29737 ||| Stepping ~*~*~tactically~*~*~ (outnumbered).
 29739 | D:7      | 29739 ||| Stepping ~*~*~tactically~*~*~ (outnumbered).
 29741 | D:7      | 29741 ||| Stepping ~*~*~tactically~*~*~ (outnumbered).
 29743 | D:7      | 29743 ||| Stepping ~*~*~tactically~*~*~ (outnumbered).
 29745 | D:7      | 29745 ||| Stepping ~*~*~tactically~*~*~ (outnumbered).
 29757 | D:7      | 29757 ||| Stepping ~*~*~tactically~*~*~ (outnumbered).
 29759 | D:7      | 29759 ||| Stepping ~*~*~tactically~*~*~ (outnumbered).
 29761 | D:7      | 29761 ||| Stepping ~*~*~tactically~*~*~ (outnumbered).
 29763 | D:7      | 29763 ||| Stepping ~*~*~tactically~*~*~ (outnumbered).
 29765 | D:7      | 29765 ||| Stepping ~*~*~tactically~*~*~ (outnumbered).
 29777 | D:7      | 29777 ||| Stepping ~*~*~tactically~*~*~ (outnumbered).
 29779 | D:7      | 29779 ||| Stepping ~*~*~tactically~*~*~ (outnumbered).
 29781 | D:7      | 29781 ||| Stepping ~*~*~tactically~*~*~ (outnumbered).
 29783 | D:7      | 29783 ||| Stepping ~*~*~tactically~*~*~ (outnumbered).
 29785 | D:7      | 29785 ||| Stepping ~*~*~tactically~*~*~ (outnumbered).
 29797 | D:7      | 29797 ||| Stepping ~*~*~tactically~*~*~ (outnumbered).
 29799 | D:7      | 29799 ||| Stepping ~*~*~tactically~*~*~ (outnumbered).
 29801 | D:7      | 29801 ||| Stepping ~*~*~tactically~*~*~ (outnumbered).
 29803 | D:7      | 29803 ||| Stepping ~*~*~tactically~*~*~ (outnumbered).
 29805 | D:7      | 29805 ||| Stepping ~*~*~tactically~*~*~ (outnumbered).
 29817 | D:7      | 29817 ||| Stepping ~*~*~tactically~*~*~ (outnumbered).
 29819 | D:7      | 29819 ||| Stepping ~*~*~tactically~*~*~ (outnumbered).
 29821 | D:7      | 29821 ||| Stepping ~*~*~tactically~*~*~ (outnumbered).
 29823 | D:7      | 29823 ||| Stepping ~*~*~tactically~*~*~ (outnumbered).
 29825 | D:7      | 29825 ||| Stepping ~*~*~tactically~*~*~ (outnumbered).
 29837 | D:7      | 29837 ||| Stepping ~*~*~tactically~*~*~ (outnumbered).
 29839 | D:7      | 29839 ||| Stepping ~*~*~tactically~*~*~ (outnumbered).
 29841 | D:7      | 29841 ||| Stepping ~*~*~tactically~*~*~ (outnumbered).
 29843 | D:7      | 29843 ||| Stepping ~*~*~tactically~*~*~ (outnumbered).
 29845 | D:7      | 29845 ||| Stepping ~*~*~tactically~*~*~ (outnumbered).
 29857 | D:7      | 29857 ||| Stepping ~*~*~tactically~*~*~ (outnumbered).
 29859 | D:7      | 29859 ||| Stepping ~*~*~tactically~*~*~ (outnumbered).
 29861 | D:7      | 29861 ||| Stepping ~*~*~tactically~*~*~ (outnumbered).
 29863 | D:7      | 29863 ||| Stepping ~*~*~tactically~*~*~ (outnumbered).
 29865 | D:7      | 29865 ||| Stepping ~*~*~tactically~*~*~ (outnumbered).
 29877 | D:7      | 29877 ||| Stepping ~*~*~tactically~*~*~ (outnumbered).
 29879 | D:7      | 29879 ||| Stepping ~*~*~tactically~*~*~ (outnumbered).
 29881 | D:7      | 29881 ||| Stepping ~*~*~tactically~*~*~ (outnumbered).
 29883 | D:7      | 29883 ||| Stepping ~*~*~tactically~*~*~ (outnumbered).
 29885 | D:7      | 29885 ||| Stepping ~*~*~tactically~*~*~ (outnumbered).
 29897 | D:7      | 29897 ||| Stepping ~*~*~tactically~*~*~ (outnumbered).
 29899 | D:7      | 29899 ||| Stepping ~*~*~tactically~*~*~ (outnumbered).
 29901 | D:7      | 29901 ||| Stepping ~*~*~tactically~*~*~ (outnumbered).
 29903 | D:7      | 29903 ||| Stepping ~*~*~tactically~*~*~ (outnumbered).
 29905 | D:7      | 29905 ||| Stepping ~*~*~tactically~*~*~ (outnumbered).
 29917 | D:7      | 29917 ||| Stepping ~*~*~tactically~*~*~ (outnumbered).
 29919 | D:7      | 29919 ||| Stepping ~*~*~tactically~*~*~ (outnumbered).
 29921 | D:7      | 29921 ||| Stepping ~*~*~tactically~*~*~ (outnumbered).
 29923 | D:7      | 29923 ||| Stepping ~*~*~tactically~*~*~ (outnumbered).
 29925 | D:7      | 29925 ||| Stepping ~*~*~tactically~*~*~ (outnumbered).
 29937 | D:7      | 29937 ||| Stepping ~*~*~tactically~*~*~ (outnumbered).
 29939 | D:7      | 29939 ||| Stepping ~*~*~tactically~*~*~ (outnumbered).
 29941 | D:7      | 29941 ||| Stepping ~*~*~tactically~*~*~ (outnumbered).
 29943 | D:7      | 29943 ||| Stepping ~*~*~tactically~*~*~ (outnumbered).
 29945 | D:7      | 29945 ||| Stepping ~*~*~tactically~*~*~ (outnumbered).
 29957 | D:7      | 29957 ||| Stepping ~*~*~tactically~*~*~ (outnumbered).
 29959 | D:7      | 29959 ||| Stepping ~*~*~tactically~*~*~ (outnumbered).
 29961 | D:7      | 29961 ||| Stepping ~*~*~tactically~*~*~ (outnumbered).
 29963 | D:7      | 29963 ||| Stepping ~*~*~tactically~*~*~ (outnumbered).
 29965 | D:7      | 29965 ||| Stepping ~*~*~tactically~*~*~ (outnumbered).
 29977 | D:7      | 29977 ||| Stepping ~*~*~tactically~*~*~ (outnumbered).
 29979 | D:7      | 29979 ||| Stepping ~*~*~tactically~*~*~ (outnumbered).
 29981 | D:7      | 29981 ||| Stepping ~*~*~tactically~*~*~ (outnumbered).
 29983 | D:7      | 29983 ||| Stepping ~*~*~tactically~*~*~ (outnumbered).
 29985 | D:7      | 29985 ||| Stepping ~*~*~tactically~*~*~ (outnumbered).
 29997 | D:7      | 29997 ||| Stepping ~*~*~tactically~*~*~ (outnumbered).
 29999 | D:7      | 29999 ||| Stepping ~*~*~tactically~*~*~ (outnumbered).
 30001 | D:7      | 30001 ||| Stepping ~*~*~tactically~*~*~ (outnumbered).
 30003 | D:7      | 30003 ||| Stepping ~*~*~tactically~*~*~ (outnumbered).
 30005 | D:7      | 30005 ||| Stepping ~*~*~tactically~*~*~ (outnumbered).
 30017 | D:7      | 30017 ||| Stepping ~*~*~tactically~*~*~ (outnumbered).
 30019 | D:7      | 30019 ||| Stepping ~*~*~tactically~*~*~ (outnumbered).
 30021 | D:7      | 30021 ||| Stepping ~*~*~tactically~*~*~ (outnumbered).
 30023 | D:7      | 30023 ||| Stepping ~*~*~tactically~*~*~ (outnumbered).
 30025 | D:7      | 30025 ||| Stepping ~*~*~tactically~*~*~ (outnumbered).
 30037 | D:7      | 30037 ||| Stepping ~*~*~tactically~*~*~ (outnumbered).
 30039 | D:7      | 30039 ||| Stepping ~*~*~tactically~*~*~ (outnumbered).
 30041 | D:7      | 30041 ||| Stepping ~*~*~tactically~*~*~ (outnumbered).
 30043 | D:7      | 30043 ||| Stepping ~*~*~tactically~*~*~ (outnumbered).
 30045 | D:7      | 30045 ||| Stepping ~*~*~tactically~*~*~ (outnumbered).
 30057 | D:7      | 30057 ||| Stepping ~*~*~tactically~*~*~ (outnumbered).
 30059 | D:7      | 30059 ||| Stepping ~*~*~tactically~*~*~ (outnumbered).
 30061 | D:7      | 30061 ||| Stepping ~*~*~tactically~*~*~ (outnumbered).
 30063 | D:7      | 30063 ||| Stepping ~*~*~tactically~*~*~ (outnumbered).
 30065 | D:7      | 30065 ||| Stepping ~*~*~tactically~*~*~ (outnumbered).
 30077 | D:7      | 30077 ||| Stepping ~*~*~tactically~*~*~ (outnumbered).
 30079 | D:7      | 30079 ||| Stepping ~*~*~tactically~*~*~ (outnumbered).
 30081 | D:7      | 30081 ||| Stepping ~*~*~tactically~*~*~ (outnumbered).
 30083 | D:7      | 30083 ||| Stepping ~*~*~tactically~*~*~ (outnumbered).
 30085 | D:7      | 30085 ||| Stepping ~*~*~tactically~*~*~ (outnumbered).
 30097 | D:7      | 30097 ||| Stepping ~*~*~tactically~*~*~ (outnumbered).
 30099 | D:7      | 30099 ||| Stepping ~*~*~tactically~*~*~ (outnumbered).
 30101 | D:7      | 30101 ||| Stepping ~*~*~tactically~*~*~ (outnumbered).
 30103 | D:7      | 30103 ||| Stepping ~*~*~tactically~*~*~ (outnumbered).
 30105 | D:7      | 30105 ||| Stepping ~*~*~tactically~*~*~ (outnumbered).
 30117 | D:7      | 30117 ||| Stepping ~*~*~tactically~*~*~ (outnumbered).
 30119 | D:7      | 30119 ||| Stepping ~*~*~tactically~*~*~ (outnumbered).
 30121 | D:7      | 30121 ||| Stepping ~*~*~tactically~*~*~ (outnumbered).
 30123 | D:7      | 30123 ||| Stepping ~*~*~tactically~*~*~ (outnumbered).
 30125 | D:7      | 30125 ||| Stepping ~*~*~tactically~*~*~ (outnumbered).
 30137 | D:7      | 30137 ||| Stepping ~*~*~tactically~*~*~ (outnumbered).
 30139 | D:7      | 30139 ||| Stepping ~*~*~tactically~*~*~ (outnumbered).
 30141 | D:7      | 30141 ||| Stepping ~*~*~tactically~*~*~ (outnumbered).
 30143 | D:7      | 30143 ||| Stepping ~*~*~tactically~*~*~ (outnumbered).
 30145 | D:7      | 30145 ||| Stepping ~*~*~tactically~*~*~ (outnumbered).
 30157 | D:7      | 30157 ||| Stepping ~*~*~tactically~*~*~ (outnumbered).
 30159 | D:7      | 30159 ||| Stepping ~*~*~tactically~*~*~ (outnumbered).
 30161 | D:7      | 30161 ||| Stepping ~*~*~tactically~*~*~ (outnumbered).
 30163 | D:7      | 30163 ||| Stepping ~*~*~tactically~*~*~ (outnumbered).
 30165 | D:7      | 30165 ||| Stepping ~*~*~tactically~*~*~ (outnumbered).
 30177 | D:7      | 30177 ||| Stepping ~*~*~tactically~*~*~ (outnumbered).
 30179 | D:7      | 30179 ||| Stepping ~*~*~tactically~*~*~ (outnumbered).
 30181 | D:7      | 30181 ||| Stepping ~*~*~tactically~*~*~ (outnumbered).
 30183 | D:7      | 30183 ||| Stepping ~*~*~tactically~*~*~ (outnumbered).
 30185 | D:7      | 30185 ||| Stepping ~*~*~tactically~*~*~ (outnumbered).
 30197 | D:7      | 30197 ||| Stepping ~*~*~tactically~*~*~ (outnumbered).
 30199 | D:7      | 30199 ||| Stepping ~*~*~tactically~*~*~ (outnumbered).
 30201 | D:7      | 30201 ||| Stepping ~*~*~tactically~*~*~ (outnumbered).
 30203 | D:7      | 30203 ||| Stepping ~*~*~tactically~*~*~ (outnumbered).
 30205 | D:7      | 30205 ||| Stepping ~*~*~tactically~*~*~ (outnumbered).
 30217 | D:7      | 30217 ||| Stepping ~*~*~tactically~*~*~ (outnumbered).
 30219 | D:7      | 30219 ||| Stepping ~*~*~tactically~*~*~ (outnumbered).
 30221 | D:7      | 30221 ||| Stepping ~*~*~tactically~*~*~ (outnumbered).
 30223 | D:7      | 30223 ||| Stepping ~*~*~tactically~*~*~ (outnumbered).
 30225 | D:7      | 30225 ||| Stepping ~*~*~tactically~*~*~ (outnumbered).
 30237 | D:7      | 30237 ||| Stepping ~*~*~tactically~*~*~ (outnumbered).
 30239 | D:7      | 30239 ||| Stepping ~*~*~tactically~*~*~ (outnumbered).
 30241 | D:7      | 30241 ||| Stepping ~*~*~tactically~*~*~ (outnumbered).
 30243 | D:7      | 30243 ||| Stepping ~*~*~tactically~*~*~ (outnumbered).
 30245 | D:7      | 30245 ||| Stepping ~*~*~tactically~*~*~ (outnumbered).
 30257 | D:7      | 30257 ||| Stepping ~*~*~tactically~*~*~ (outnumbered).
 30259 | D:7      | 30259 ||| Stepping ~*~*~tactically~*~*~ (outnumbered).
 30261 | D:7      | 30261 ||| Stepping ~*~*~tactically~*~*~ (outnumbered).
 30263 | D:7      | 30263 ||| Stepping ~*~*~tactically~*~*~ (outnumbered).
 30265 | D:7      | 30265 ||| Stepping ~*~*~tactically~*~*~ (outnumbered).
 30277 | D:7      | 30277 ||| Stepping ~*~*~tactically~*~*~ (outnumbered).
 30279 | D:7      | 30279 ||| Stepping ~*~*~tactically~*~*~ (outnumbered).
 30281 | D:7      | 30281 ||| Stepping ~*~*~tactically~*~*~ (outnumbered).
 30283 | D:7      | 30283 ||| Stepping ~*~*~tactically~*~*~ (outnumbered).
 30285 | D:7      | 30285 ||| Stepping ~*~*~tactically~*~*~ (outnumbered).
 30297 | D:7      | 30297 ||| Stepping ~*~*~tactically~*~*~ (outnumbered).
 30299 | D:7      | 30299 ||| Stepping ~*~*~tactically~*~*~ (outnumbered).
 30301 | D:7      | 30301 ||| Stepping ~*~*~tactically~*~*~ (outnumbered).
 30303 | D:7      | 30303 ||| Stepping ~*~*~tactically~*~*~ (outnumbered).
 30305 | D:7      | 30305 ||| Stepping ~*~*~tactically~*~*~ (outnumbered).
 30317 | D:7      | 30317 ||| Stepping ~*~*~tactically~*~*~ (outnumbered).
 30319 | D:7      | 30319 ||| Stepping ~*~*~tactically~*~*~ (outnumbered).
 30321 | D:7      | 30321 ||| Stepping ~*~*~tactically~*~*~ (outnumbered).
 30323 | D:7      | 30323 ||| Stepping ~*~*~tactically~*~*~ (outnumbered).
 30325 | D:7      | 30325 ||| Stepping ~*~*~tactically~*~*~ (outnumbered).
 30337 | D:7      | 30337 ||| Stepping ~*~*~tactically~*~*~ (outnumbered).
 30339 | D:7      | 30339 ||| Stepping ~*~*~tactically~*~*~ (outnumbered).
 30341 | D:7      | 30341 ||| Stepping ~*~*~tactically~*~*~ (outnumbered).
 30343 | D:7      | 30343 ||| Stepping ~*~*~tactically~*~*~ (outnumbered).
 30345 | D:7      | 30345 ||| Stepping ~*~*~tactically~*~*~ (outnumbered).
 30357 | D:7      | 30357 ||| Stepping ~*~*~tactically~*~*~ (outnumbered).
 30359 | D:7      | 30359 ||| Stepping ~*~*~tactically~*~*~ (outnumbered).
 30361 | D:7      | 30361 ||| Stepping ~*~*~tactically~*~*~ (outnumbered).
 30363 | D:7      | 30363 ||| Stepping ~*~*~tactically~*~*~ (outnumbered).
 30365 | D:7      | 30365 ||| Stepping ~*~*~tactically~*~*~ (outnumbered).
 30377 | D:7      | 30377 ||| Stepping ~*~*~tactically~*~*~ (outnumbered).
 30379 | D:7      | 30379 ||| Stepping ~*~*~tactically~*~*~ (outnumbered).
 30381 | D:7      | 30381 ||| Stepping ~*~*~tactically~*~*~ (outnumbered).
 30383 | D:7      | 30383 ||| Stepping ~*~*~tactically~*~*~ (outnumbered).
 30385 | D:7      | 30385 ||| Stepping ~*~*~tactically~*~*~ (outnumbered).
 30397 | D:7      | 30397 ||| Stepping ~*~*~tactically~*~*~ (outnumbered).
 30399 | D:7      | 30399 ||| Stepping ~*~*~tactically~*~*~ (outnumbered).
 30401 | D:7      | 30401 ||| Stepping ~*~*~tactically~*~*~ (outnumbered).
 30403 | D:7      | 30403 ||| Stepping ~*~*~tactically~*~*~ (outnumbered).
 30405 | D:7      | 30405 ||| Stepping ~*~*~tactically~*~*~ (outnumbered).
 30417 | D:7      | 30417 ||| Stepping ~*~*~tactically~*~*~ (outnumbered).
 30419 | D:7      | 30419 ||| Stepping ~*~*~tactically~*~*~ (outnumbered).
 30421 | D:7      | 30421 ||| Stepping ~*~*~tactically~*~*~ (outnumbered).
 30423 | D:7      | 30423 ||| Stepping ~*~*~tactically~*~*~ (outnumbered).
 30425 | D:7      | 30425 ||| Stepping ~*~*~tactically~*~*~ (outnumbered).
 30437 | D:7      | 30437 ||| Stepping ~*~*~tactically~*~*~ (outnumbered).
 30439 | D:7      | 30439 ||| Stepping ~*~*~tactically~*~*~ (outnumbered).
 30441 | D:7      | 30441 ||| Stepping ~*~*~tactically~*~*~ (outnumbered).
 30443 | D:7      | 30443 ||| Stepping ~*~*~tactically~*~*~ (outnumbered).
 30445 | D:7      | 30445 ||| Stepping ~*~*~tactically~*~*~ (outnumbered).
 30457 | D:7      | 30457 ||| Stepping ~*~*~tactically~*~*~ (outnumbered).
 30459 | D:7      | 30459 ||| Stepping ~*~*~tactically~*~*~ (outnumbered).
 30461 | D:7      | 30461 ||| Stepping ~*~*~tactically~*~*~ (outnumbered).
 30463 | D:7      | 30463 ||| Stepping ~*~*~tactically~*~*~ (outnumbered).
 30465 | D:7      | 30465 ||| Stepping ~*~*~tactically~*~*~ (outnumbered).
 30477 | D:7      | 30477 ||| Stepping ~*~*~tactically~*~*~ (outnumbered).
 30479 | D:7      | 30479 ||| Stepping ~*~*~tactically~*~*~ (outnumbered).
 30481 | D:7      | 30481 ||| Stepping ~*~*~tactically~*~*~ (outnumbered).
 30483 | D:7      | 30483 ||| Stepping ~*~*~tactically~*~*~ (outnumbered).
 30485 | D:7      | 30485 ||| Stepping ~*~*~tactically~*~*~ (outnumbered).
 30497 | D:7      | 30497 ||| Stepping ~*~*~tactically~*~*~ (outnumbered).
 30499 | D:7      | 30499 ||| Stepping ~*~*~tactically~*~*~ (outnumbered).
 30501 | D:7      | 30501 ||| Stepping ~*~*~tactically~*~*~ (outnumbered).
 30503 | D:7      | 30503 ||| Stepping ~*~*~tactically~*~*~ (outnumbered).
 30505 | D:7      | 30505 ||| Stepping ~*~*~tactically~*~*~ (outnumbered).
 30517 | D:7      | 30517 ||| Stepping ~*~*~tactically~*~*~ (outnumbered).
 30519 | D:7      | 30519 ||| Stepping ~*~*~tactically~*~*~ (outnumbered).
 30521 | D:7      | 30521 ||| Stepping ~*~*~tactically~*~*~ (outnumbered).
 30523 | D:7      | 30523 ||| Stepping ~*~*~tactically~*~*~ (outnumbered).
 30525 | D:7      | 30525 ||| Stepping ~*~*~tactically~*~*~ (outnumbered).
 30537 | D:7      | 30537 ||| Stepping ~*~*~tactically~*~*~ (outnumbered).
 30539 | D:7      | 30539 ||| Stepping ~*~*~tactically~*~*~ (outnumbered).
 30541 | D:7      | 30541 ||| Stepping ~*~*~tactically~*~*~ (outnumbered).
 30543 | D:7      | 30543 ||| Stepping ~*~*~tactically~*~*~ (outnumbered).
 30545 | D:7      | 30545 ||| Stepping ~*~*~tactically~*~*~ (outnumbered).
 30557 | D:7      | 30557 ||| Stepping ~*~*~tactically~*~*~ (outnumbered).
 30559 | D:7      | 30559 ||| Stepping ~*~*~tactically~*~*~ (outnumbered).
 30561 | D:7      | 30561 ||| Stepping ~*~*~tactically~*~*~ (outnumbered).
 30563 | D:7      | 30563 ||| Stepping ~*~*~tactically~*~*~ (outnumbered).
 30565 | D:7      | 30565 ||| Stepping ~*~*~tactically~*~*~ (outnumbered).
 30577 | D:7      | 30577 ||| Stepping ~*~*~tactically~*~*~ (outnumbered).
 30579 | D:7      | 30579 ||| Stepping ~*~*~tactically~*~*~ (outnumbered).
 30581 | D:7      | 30581 ||| Stepping ~*~*~tactically~*~*~ (outnumbered).
 30583 | D:7      | 30583 ||| Stepping ~*~*~tactically~*~*~ (outnumbered).
 30585 | D:7      | 30585 ||| Stepping ~*~*~tactically~*~*~ (outnumbered).
 30597 | D:7      | 30597 ||| Stepping ~*~*~tactically~*~*~ (outnumbered).
 30599 | D:7      | 30599 ||| Stepping ~*~*~tactically~*~*~ (outnumbered).
 30601 | D:7      | 30601 ||| Stepping ~*~*~tactically~*~*~ (outnumbered).
 30603 | D:7      | 30603 ||| Stepping ~*~*~tactically~*~*~ (outnumbered).
 30605 | D:7      | 30605 ||| Stepping ~*~*~tactically~*~*~ (outnumbered).
 30617 | D:7      | 30617 ||| Stepping ~*~*~tactically~*~*~ (outnumbered).
 30619 | D:7      | 30619 ||| Stepping ~*~*~tactically~*~*~ (outnumbered).
 30621 | D:7      | 30621 ||| Stepping ~*~*~tactically~*~*~ (outnumbered).
 30623 | D:7      | 30623 ||| Stepping ~*~*~tactically~*~*~ (outnumbered).
 30625 | D:7      | 30625 ||| Stepping ~*~*~tactically~*~*~ (outnumbered).
 30637 | D:7      | 30637 ||| Stepping ~*~*~tactically~*~*~ (outnumbered).
 30639 | D:7      | 30639 ||| Stepping ~*~*~tactically~*~*~ (outnumbered).
 30641 | D:7      | 30641 ||| Stepping ~*~*~tactically~*~*~ (outnumbered).
 30643 | D:7      | 30643 ||| Stepping ~*~*~tactically~*~*~ (outnumbered).
 30645 | D:7      | 30645 ||| Stepping ~*~*~tactically~*~*~ (outnumbered).
 30657 | D:7      | 30657 ||| Stepping ~*~*~tactically~*~*~ (outnumbered).
 30659 | D:7      | 30659 ||| Stepping ~*~*~tactically~*~*~ (outnumbered).
 30661 | D:7      | 30661 ||| Stepping ~*~*~tactically~*~*~ (outnumbered).
 30663 | D:7      | 30663 ||| Stepping ~*~*~tactically~*~*~ (outnumbered).
 30665 | D:7      | 30665 ||| Stepping ~*~*~tactically~*~*~ (outnumbered).
 30677 | D:7      | 30677 ||| Stepping ~*~*~tactically~*~*~ (outnumbered).
 30679 | D:7      | 30679 ||| Stepping ~*~*~tactically~*~*~ (outnumbered).
 30681 | D:7      | 30681 ||| Stepping ~*~*~tactically~*~*~ (outnumbered).
 30683 | D:7      | 30683 ||| Stepping ~*~*~tactically~*~*~ (outnumbered).
 30685 | D:7      | 30685 ||| Stepping ~*~*~tactically~*~*~ (outnumbered).
 30697 | D:7      | 30697 ||| Stepping ~*~*~tactically~*~*~ (outnumbered).
 30699 | D:7      | 30699 ||| Stepping ~*~*~tactically~*~*~ (outnumbered).
 30701 | D:7      | 30701 ||| Stepping ~*~*~tactically~*~*~ (outnumbered).
 30703 | D:7      | 30703 ||| Stepping ~*~*~tactically~*~*~ (outnumbered).
 30705 | D:7      | 30705 ||| Stepping ~*~*~tactically~*~*~ (outnumbered).
 30717 | D:7      | 30717 ||| Stepping ~*~*~tactically~*~*~ (outnumbered).
 30719 | D:7      | 30719 ||| Stepping ~*~*~tactically~*~*~ (outnumbered).
 30721 | D:7      | 30721 ||| Stepping ~*~*~tactically~*~*~ (outnumbered).
 30723 | D:7      | 30723 ||| Stepping ~*~*~tactically~*~*~ (outnumbered).
 30725 | D:7      | 30725 ||| Stepping ~*~*~tactically~*~*~ (outnumbered).
 30737 | D:7      | 30737 ||| Stepping ~*~*~tactically~*~*~ (outnumbered).
 30739 | D:7      | 30739 ||| Stepping ~*~*~tactically~*~*~ (outnumbered).
 30741 | D:7      | 30741 ||| Stepping ~*~*~tactically~*~*~ (outnumbered).
 30743 | D:7      | 30743 ||| Stepping ~*~*~tactically~*~*~ (outnumbered).
 30745 | D:7      | 30745 ||| Stepping ~*~*~tactically~*~*~ (outnumbered).
 30757 | D:7      | 30757 ||| Stepping ~*~*~tactically~*~*~ (outnumbered).
 30759 | D:7      | 30759 ||| Stepping ~*~*~tactically~*~*~ (outnumbered).
 30761 | D:7      | 30761 ||| Stepping ~*~*~tactically~*~*~ (outnumbered).
 30763 | D:7      | 30763 ||| Stepping ~*~*~tactically~*~*~ (outnumbered).
 30765 | D:7      | 30765 ||| Stepping ~*~*~tactically~*~*~ (outnumbered).
 30777 | D:7      | 30777 ||| Stepping ~*~*~tactically~*~*~ (outnumbered).
 30779 | D:7      | 30779 ||| Stepping ~*~*~tactically~*~*~ (outnumbered).
 30781 | D:7      | 30781 ||| Stepping ~*~*~tactically~*~*~ (outnumbered).
 30783 | D:7      | 30783 ||| Stepping ~*~*~tactically~*~*~ (outnumbered).
 30785 | D:7      | 30785 ||| Stepping ~*~*~tactically~*~*~ (outnumbered).
 30797 | D:7      | 30797 ||| Stepping ~*~*~tactically~*~*~ (outnumbered).
 30799 | D:7      | 30799 ||| Stepping ~*~*~tactically~*~*~ (outnumbered).
 30801 | D:7      | 30801 ||| Stepping ~*~*~tactically~*~*~ (outnumbered).
 30803 | D:7      | 30803 ||| Stepping ~*~*~tactically~*~*~ (outnumbered).
 30805 | D:7      | 30805 ||| Stepping ~*~*~tactically~*~*~ (outnumbered).
 30817 | D:7      | 30817 ||| Stepping ~*~*~tactically~*~*~ (outnumbered).
 30819 | D:7      | 30819 ||| Stepping ~*~*~tactically~*~*~ (outnumbered).
 30821 | D:7      | 30821 ||| Stepping ~*~*~tactically~*~*~ (outnumbered).
 30823 | D:7      | 30823 ||| Stepping ~*~*~tactically~*~*~ (outnumbered).
 30825 | D:7      | 30825 ||| Stepping ~*~*~tactically~*~*~ (outnumbered).
 30837 | D:7      | 30837 ||| Stepping ~*~*~tactically~*~*~ (outnumbered).
 30839 | D:7      | 30839 ||| Stepping ~*~*~tactically~*~*~ (outnumbered).
 30841 | D:7      | 30841 ||| Stepping ~*~*~tactically~*~*~ (outnumbered).
 30843 | D:7      | 30843 ||| Stepping ~*~*~tactically~*~*~ (outnumbered).
 30845 | D:7      | 30845 ||| Stepping ~*~*~tactically~*~*~ (outnumbered).
 30857 | D:7      | 30857 ||| Stepping ~*~*~tactically~*~*~ (outnumbered).
 30859 | D:7      | 30859 ||| Stepping ~*~*~tactically~*~*~ (outnumbered).
 30861 | D:7      | 30861 ||| Stepping ~*~*~tactically~*~*~ (outnumbered).
 30863 | D:7      | 30863 ||| Stepping ~*~*~tactically~*~*~ (outnumbered).
 30865 | D:7      | 30865 ||| Stepping ~*~*~tactically~*~*~ (outnumbered).
 30877 | D:7      | 30877 ||| Stepping ~*~*~tactically~*~*~ (outnumbered).
 30879 | D:7      | 30879 ||| Stepping ~*~*~tactically~*~*~ (outnumbered).
 30881 | D:7      | 30881 ||| Stepping ~*~*~tactically~*~*~ (outnumbered).
 30883 | D:7      | 30883 ||| Stepping ~*~*~tactically~*~*~ (outnumbered).
 30885 | D:7      | 30885 ||| Stepping ~*~*~tactically~*~*~ (outnumbered).
 30897 | D:7      | 30897 ||| Stepping ~*~*~tactically~*~*~ (outnumbered).
 30899 | D:7      | 30899 ||| Stepping ~*~*~tactically~*~*~ (outnumbered).
 30901 | D:7      | 30901 ||| Stepping ~*~*~tactically~*~*~ (outnumbered).
 30903 | D:7      | 30903 ||| Stepping ~*~*~tactically~*~*~ (outnumbered).
 30905 | D:7      | 30905 ||| Stepping ~*~*~tactically~*~*~ (outnumbered).
 30917 | D:7      | 30917 ||| Stepping ~*~*~tactically~*~*~ (outnumbered).
 30919 | D:7      | 30919 ||| Stepping ~*~*~tactically~*~*~ (outnumbered).
 30921 | D:7      | 30921 ||| Stepping ~*~*~tactically~*~*~ (outnumbered).
 30923 | D:7      | 30923 ||| Stepping ~*~*~tactically~*~*~ (outnumbered).
 30925 | D:7      | 30925 ||| Stepping ~*~*~tactically~*~*~ (outnumbered).
 30937 | D:7      | 30937 ||| Stepping ~*~*~tactically~*~*~ (outnumbered).
 30939 | D:7      | 30939 ||| Stepping ~*~*~tactically~*~*~ (outnumbered).
 30941 | D:7      | 30941 ||| Stepping ~*~*~tactically~*~*~ (outnumbered).
 30943 | D:7      | 30943 ||| Stepping ~*~*~tactically~*~*~ (outnumbered).
 30945 | D:7      | 30945 ||| Stepping ~*~*~tactically~*~*~ (outnumbered).
 30957 | D:7      | 30957 ||| Stepping ~*~*~tactically~*~*~ (outnumbered).
 30959 | D:7      | 30959 ||| Stepping ~*~*~tactically~*~*~ (outnumbered).
 30961 | D:7      | 30961 ||| Stepping ~*~*~tactically~*~*~ (outnumbered).
 30963 | D:7      | 30963 ||| Stepping ~*~*~tactically~*~*~ (outnumbered).
 30965 | D:7      | 30965 ||| Stepping ~*~*~tactically~*~*~ (outnumbered).
 30977 | D:7      | 30977 ||| Stepping ~*~*~tactically~*~*~ (outnumbered).
 30979 | D:7      | 30979 ||| Stepping ~*~*~tactically~*~*~ (outnumbered).
 30981 | D:7      | 30981 ||| Stepping ~*~*~tactically~*~*~ (outnumbered).
 30983 | D:7      | 30983 ||| Stepping ~*~*~tactically~*~*~ (outnumbered).
 30985 | D:7      | 30985 ||| Stepping ~*~*~tactically~*~*~ (outnumbered).
 30997 | D:7      | 30997 ||| Stepping ~*~*~tactically~*~*~ (outnumbered).
 30999 | D:7      | 30999 ||| Stepping ~*~*~tactically~*~*~ (outnumbered).
 31001 | D:7      | 31001 ||| Stepping ~*~*~tactically~*~*~ (outnumbered).
 31003 | D:7      | 31003 ||| Stepping ~*~*~tactically~*~*~ (outnumbered).
 31005 | D:7      | 31005 ||| Stepping ~*~*~tactically~*~*~ (outnumbered).
 31017 | D:7      | 31017 ||| Stepping ~*~*~tactically~*~*~ (outnumbered).
 31019 | D:7      | 31019 ||| Stepping ~*~*~tactically~*~*~ (outnumbered).
 31021 | D:7      | 31021 ||| Stepping ~*~*~tactically~*~*~ (outnumbered).
 31023 | D:7      | 31023 ||| Stepping ~*~*~tactically~*~*~ (outnumbered).
 31025 | D:7      | 31025 ||| Stepping ~*~*~tactically~*~*~ (outnumbered).
 31037 | D:7      | 31037 ||| Stepping ~*~*~tactically~*~*~ (outnumbered).
 31039 | D:7      | 31039 ||| Stepping ~*~*~tactically~*~*~ (outnumbered).
 31041 | D:7      | 31041 ||| Stepping ~*~*~tactically~*~*~ (outnumbered).
 31043 | D:7      | 31043 ||| Stepping ~*~*~tactically~*~*~ (outnumbered).
 31045 | D:7      | 31045 ||| Stepping ~*~*~tactically~*~*~ (outnumbered).
 31057 | D:7      | 31057 ||| Stepping ~*~*~tactically~*~*~ (outnumbered).
 31059 | D:7      | 31059 ||| Stepping ~*~*~tactically~*~*~ (outnumbered).
 31061 | D:7      | 31061 ||| Stepping ~*~*~tactically~*~*~ (outnumbered).
 31063 | D:7      | 31063 ||| Stepping ~*~*~tactically~*~*~ (outnumbered).
 31065 | D:7      | 31065 ||| Stepping ~*~*~tactically~*~*~ (outnumbered).
 31077 | D:7      | 31077 ||| Stepping ~*~*~tactically~*~*~ (outnumbered).
 31079 | D:7      | 31079 ||| Stepping ~*~*~tactically~*~*~ (outnumbered).
 31081 | D:7      | 31081 ||| Stepping ~*~*~tactically~*~*~ (outnumbered).
 31083 | D:7      | 31083 ||| Stepping ~*~*~tactically~*~*~ (outnumbered).
 31085 | D:7      | 31085 ||| Stepping ~*~*~tactically~*~*~ (outnumbered).
 31097 | D:7      | 31097 ||| Stepping ~*~*~tactically~*~*~ (outnumbered).
 31099 | D:7      | 31099 ||| Stepping ~*~*~tactically~*~*~ (outnumbered).
 31101 | D:7      | 31101 ||| Stepping ~*~*~tactically~*~*~ (outnumbered).
 31103 | D:7      | 31103 ||| Stepping ~*~*~tactically~*~*~ (outnumbered).
 31105 | D:7      | 31105 ||| Stepping ~*~*~tactically~*~*~ (outnumbered).
 31117 | D:7      | 31117 ||| Stepping ~*~*~tactically~*~*~ (outnumbered).
 31119 | D:7      | 31119 ||| Stepping ~*~*~tactically~*~*~ (outnumbered).
 31121 | D:7      | 31121 ||| Stepping ~*~*~tactically~*~*~ (outnumbered).
 31123 | D:7      | 31123 ||| Stepping ~*~*~tactically~*~*~ (outnumbered).
 31125 | D:7      | 31125 ||| Stepping ~*~*~tactically~*~*~ (outnumbered).
 31137 | D:7      | 31137 ||| Stepping ~*~*~tactically~*~*~ (outnumbered).
 31139 | D:7      | 31139 ||| Stepping ~*~*~tactically~*~*~ (outnumbered).
 31141 | D:7      | 31141 ||| Stepping ~*~*~tactically~*~*~ (outnumbered).
 31143 | D:7      | 31143 ||| Stepping ~*~*~tactically~*~*~ (outnumbered).
 31145 | D:7      | 31145 ||| Stepping ~*~*~tactically~*~*~ (outnumbered).
 31157 | D:7      | 31157 ||| Stepping ~*~*~tactically~*~*~ (outnumbered).
 31159 | D:7      | 31159 ||| Stepping ~*~*~tactically~*~*~ (outnumbered).
 31161 | D:7      | 31161 ||| Stepping ~*~*~tactically~*~*~ (outnumbered).
 31163 | D:7      | 31163 ||| Stepping ~*~*~tactically~*~*~ (outnumbered).
 31165 | D:7      | 31165 ||| Stepping ~*~*~tactically~*~*~ (outnumbered).
 31177 | D:7      | 31177 ||| Stepping ~*~*~tactically~*~*~ (outnumbered).
 31179 | D:7      | 31179 ||| Stepping ~*~*~tactically~*~*~ (outnumbered).
 31181 | D:7      | 31181 ||| Stepping ~*~*~tactically~*~*~ (outnumbered).
 31183 | D:7      | 31183 ||| Stepping ~*~*~tactically~*~*~ (outnumbered).
 31185 | D:7      | 31185 ||| Stepping ~*~*~tactically~*~*~ (outnumbered).
 31197 | D:7      | 31197 ||| Stepping ~*~*~tactically~*~*~ (outnumbered).
 31199 | D:7      | 31199 ||| Stepping ~*~*~tactically~*~*~ (outnumbered).
 31201 | D:7      | 31201 ||| Stepping ~*~*~tactically~*~*~ (outnumbered).
 31203 | D:7      | 31203 ||| Stepping ~*~*~tactically~*~*~ (outnumbered).
 31205 | D:7      | 31205 ||| Stepping ~*~*~tactically~*~*~ (outnumbered).
 31217 | D:7      | 31217 ||| Stepping ~*~*~tactically~*~*~ (outnumbered).
 31219 | D:7      | 31219 ||| Stepping ~*~*~tactically~*~*~ (outnumbered).
 31221 | D:7      | 31221 ||| Stepping ~*~*~tactically~*~*~ (outnumbered).
 31223 | D:7      | 31223 ||| Stepping ~*~*~tactically~*~*~ (outnumbered).
 31225 | D:7      | 31225 ||| Stepping ~*~*~tactically~*~*~ (outnumbered).
 31237 | D:7      | 31237 ||| Stepping ~*~*~tactically~*~*~ (outnumbered).
 31239 | D:7      | 31239 ||| Stepping ~*~*~tactically~*~*~ (outnumbered).
 31241 | D:7      | 31241 ||| Stepping ~*~*~tactically~*~*~ (outnumbered).
 31243 | D:7      | 31243 ||| Stepping ~*~*~tactically~*~*~ (outnumbered).
 31245 | D:7      | 31245 ||| Stepping ~*~*~tactically~*~*~ (outnumbered).
 31257 | D:7      | 31257 ||| Stepping ~*~*~tactically~*~*~ (outnumbered).
 31259 | D:7      | 31259 ||| Stepping ~*~*~tactically~*~*~ (outnumbered).
 31261 | D:7      | 31261 ||| Stepping ~*~*~tactically~*~*~ (outnumbered).
 31263 | D:7      | 31263 ||| Stepping ~*~*~tactically~*~*~ (outnumbered).
 31265 | D:7      | 31265 ||| Stepping ~*~*~tactically~*~*~ (outnumbered).
 31277 | D:7      | 31277 ||| Stepping ~*~*~tactically~*~*~ (outnumbered).
 31279 | D:7      | 31279 ||| Stepping ~*~*~tactically~*~*~ (outnumbered).
 31281 | D:7      | 31281 ||| Stepping ~*~*~tactically~*~*~ (outnumbered).
 31283 | D:7      | 31283 ||| Stepping ~*~*~tactically~*~*~ (outnumbered).
 31285 | D:7      | 31285 ||| Stepping ~*~*~tactically~*~*~ (outnumbered).
 31297 | D:7      | 31297 ||| Stepping ~*~*~tactically~*~*~ (outnumbered).
 31299 | D:7      | 31299 ||| Stepping ~*~*~tactically~*~*~ (outnumbered).
 31301 | D:7      | 31301 ||| Stepping ~*~*~tactically~*~*~ (outnumbered).
 31303 | D:7      | 31303 ||| Stepping ~*~*~tactically~*~*~ (outnumbered).
 31305 | D:7      | 31305 ||| Stepping ~*~*~tactically~*~*~ (outnumbered).
 31317 | D:7      | 31317 ||| Stepping ~*~*~tactically~*~*~ (outnumbered).
 31319 | D:7      | 31319 ||| Stepping ~*~*~tactically~*~*~ (outnumbered).
 31321 | D:7      | 31321 ||| Stepping ~*~*~tactically~*~*~ (outnumbered).
 31323 | D:7      | 31323 ||| Stepping ~*~*~tactically~*~*~ (outnumbered).
 31325 | D:7      | 31325 ||| Stepping ~*~*~tactically~*~*~ (outnumbered).
 31337 | D:7      | 31337 ||| Stepping ~*~*~tactically~*~*~ (outnumbered).
 31339 | D:7      | 31339 ||| Stepping ~*~*~tactically~*~*~ (outnumbered).
 31341 | D:7      | 31341 ||| Stepping ~*~*~tactically~*~*~ (outnumbered).
 31343 | D:7      | 31343 ||| Stepping ~*~*~tactically~*~*~ (outnumbered).
 31345 | D:7      | 31345 ||| Stepping ~*~*~tactically~*~*~ (outnumbered).
 31357 | D:7      | 31357 ||| Stepping ~*~*~tactically~*~*~ (outnumbered).
 31359 | D:7      | 31359 ||| Stepping ~*~*~tactically~*~*~ (outnumbered).
 31361 | D:7      | 31361 ||| Stepping ~*~*~tactically~*~*~ (outnumbered).
 31363 | D:7      | 31363 ||| Stepping ~*~*~tactically~*~*~ (outnumbered).
 31365 | D:7      | 31365 ||| Stepping ~*~*~tactically~*~*~ (outnumbered).
 31377 | D:7      | 31377 ||| Stepping ~*~*~tactically~*~*~ (outnumbered).
 31379 | D:7      | 31379 ||| Stepping ~*~*~tactically~*~*~ (outnumbered).
 31381 | D:7      | 31381 ||| Stepping ~*~*~tactically~*~*~ (outnumbered).
 31383 | D:7      | 31383 ||| Stepping ~*~*~tactically~*~*~ (outnumbered).
 31385 | D:7      | 31385 ||| Stepping ~*~*~tactically~*~*~ (outnumbered).
 31397 | D:7      | 31397 ||| Stepping ~*~*~tactically~*~*~ (outnumbered).
 31399 | D:7      | 31399 ||| Stepping ~*~*~tactically~*~*~ (outnumbered).
 31401 | D:7      | 31401 ||| Stepping ~*~*~tactically~*~*~ (outnumbered).
 31403 | D:7      | 31403 ||| Stepping ~*~*~tactically~*~*~ (outnumbered).
 31405 | D:7      | 31405 ||| Stepping ~*~*~tactically~*~*~ (outnumbered).
 31417 | D:7      | 31417 ||| Stepping ~*~*~tactically~*~*~ (outnumbered).
 31419 | D:7      | 31419 ||| Stepping ~*~*~tactically~*~*~ (outnumbered).
 31421 | D:7      | 31421 ||| Stepping ~*~*~tactically~*~*~ (outnumbered).
 31423 | D:7      | 31423 ||| Stepping ~*~*~tactically~*~*~ (outnumbered).
 31425 | D:7      | 31425 ||| Stepping ~*~*~tactically~*~*~ (outnumbered).
 31437 | D:7      | 31437 ||| Stepping ~*~*~tactically~*~*~ (outnumbered).
 31439 | D:7      | 31439 ||| Stepping ~*~*~tactically~*~*~ (outnumbered).
 31441 | D:7      | 31441 ||| Stepping ~*~*~tactically~*~*~ (outnumbered).
 31443 | D:7      | 31443 ||| Stepping ~*~*~tactically~*~*~ (outnumbered).
 31445 | D:7      | 31445 ||| Stepping ~*~*~tactically~*~*~ (outnumbered).
 31457 | D:7      | 31457 ||| Stepping ~*~*~tactically~*~*~ (outnumbered).
 31459 | D:7      | 31459 ||| Stepping ~*~*~tactically~*~*~ (outnumbered).
 31461 | D:7      | 31461 ||| Stepping ~*~*~tactically~*~*~ (outnumbered).
 31463 | D:7      | 31463 ||| Stepping ~*~*~tactically~*~*~ (outnumbered).
 31465 | D:7      | 31465 ||| Stepping ~*~*~tactically~*~*~ (outnumbered).
 31477 | D:7      | 31477 ||| Stepping ~*~*~tactically~*~*~ (outnumbered).
 31479 | D:7      | 31479 ||| Stepping ~*~*~tactically~*~*~ (outnumbered).
 31481 | D:7      | 31481 ||| Stepping ~*~*~tactically~*~*~ (outnumbered).
 31483 | D:7      | 31483 ||| Stepping ~*~*~tactically~*~*~ (outnumbered).
 31485 | D:7      | 31485 ||| Stepping ~*~*~tactically~*~*~ (outnumbered).
 31497 | D:7      | 31497 ||| Stepping ~*~*~tactically~*~*~ (outnumbered).
 31499 | D:7      | 31499 ||| Stepping ~*~*~tactically~*~*~ (outnumbered).
 31501 | D:7      | 31501 ||| Stepping ~*~*~tactically~*~*~ (outnumbered).
 31503 | D:7      | 31503 ||| Stepping ~*~*~tactically~*~*~ (outnumbered).
 31505 | D:7      | 31505 ||| Stepping ~*~*~tactically~*~*~ (outnumbered).
 31517 | D:7      | 31517 ||| Stepping ~*~*~tactically~*~*~ (outnumbered).
 31519 | D:7      | 31519 ||| Stepping ~*~*~tactically~*~*~ (outnumbered).
 31521 | D:7      | 31521 ||| Stepping ~*~*~tactically~*~*~ (outnumbered).
 31523 | D:7      | 31523 ||| Stepping ~*~*~tactically~*~*~ (outnumbered).
 31525 | D:7      | 31525 ||| Stepping ~*~*~tactically~*~*~ (outnumbered).
 31537 | D:7      | 31537 ||| Stepping ~*~*~tactically~*~*~ (outnumbered).
 31539 | D:7      | 31539 ||| Stepping ~*~*~tactically~*~*~ (outnumbered).
 31541 | D:7      | 31541 ||| Stepping ~*~*~tactically~*~*~ (outnumbered).
 31543 | D:7      | 31543 ||| Stepping ~*~*~tactically~*~*~ (outnumbered).
 31545 | D:7      | 31545 ||| Stepping ~*~*~tactically~*~*~ (outnumbered).
 31557 | D:7      | 31557 ||| Stepping ~*~*~tactically~*~*~ (outnumbered).
 31559 | D:7      | 31559 ||| Stepping ~*~*~tactically~*~*~ (outnumbered).
 31561 | D:7      | 31561 ||| Stepping ~*~*~tactically~*~*~ (outnumbered).
 31563 | D:7      | 31563 ||| Stepping ~*~*~tactically~*~*~ (outnumbered).
 31565 | D:7      | 31565 ||| Stepping ~*~*~tactically~*~*~ (outnumbered).
 31577 | D:7      | 31577 ||| Stepping ~*~*~tactically~*~*~ (outnumbered).
 31579 | D:7      | 31579 ||| Stepping ~*~*~tactically~*~*~ (outnumbered).
 31581 | D:7      | 31581 ||| Stepping ~*~*~tactically~*~*~ (outnumbered).
 31583 | D:7      | 31583 ||| Stepping ~*~*~tactically~*~*~ (outnumbered).
 31585 | D:7      | 31585 ||| Stepping ~*~*~tactically~*~*~ (outnumbered).
 31597 | D:7      | 31597 ||| Stepping ~*~*~tactically~*~*~ (outnumbered).
 31599 | D:7      | 31599 ||| Stepping ~*~*~tactically~*~*~ (outnumbered).
 31601 | D:7      | 31601 ||| Stepping ~*~*~tactically~*~*~ (outnumbered).
 31603 | D:7      | 31603 ||| Stepping ~*~*~tactically~*~*~ (outnumbered).
 31605 | D:7      | 31605 ||| Stepping ~*~*~tactically~*~*~ (outnumbered).
 31617 | D:7      | 31617 ||| Stepping ~*~*~tactically~*~*~ (outnumbered).
 31619 | D:7      | 31619 ||| Stepping ~*~*~tactically~*~*~ (outnumbered).
 31621 | D:7      | 31621 ||| Stepping ~*~*~tactically~*~*~ (outnumbered).
 31623 | D:7      | 31623 ||| Stepping ~*~*~tactically~*~*~ (outnumbered).
 31625 | D:7      | 31625 ||| Stepping ~*~*~tactically~*~*~ (outnumbered).
 31637 | D:7      | 31637 ||| Stepping ~*~*~tactically~*~*~ (outnumbered).
 31639 | D:7      | 31639 ||| Stepping ~*~*~tactically~*~*~ (outnumbered).
 31641 | D:7      | 31641 ||| Stepping ~*~*~tactically~*~*~ (outnumbered).
 31643 | D:7      | 31643 ||| Stepping ~*~*~tactically~*~*~ (outnumbered).
 31645 | D:7      | 31645 ||| Stepping ~*~*~tactically~*~*~ (outnumbered).
 31657 | D:7      | 31657 ||| Stepping ~*~*~tactically~*~*~ (outnumbered).
 31659 | D:7      | 31659 ||| Stepping ~*~*~tactically~*~*~ (outnumbered).
 31661 | D:7      | 31661 ||| Stepping ~*~*~tactically~*~*~ (outnumbered).
 31663 | D:7      | 31663 ||| Stepping ~*~*~tactically~*~*~ (outnumbered).
 31665 | D:7      | 31665 ||| Stepping ~*~*~tactically~*~*~ (outnumbered).
 31677 | D:7      | 31677 ||| Stepping ~*~*~tactically~*~*~ (outnumbered).
 31679 | D:7      | 31679 ||| Stepping ~*~*~tactically~*~*~ (outnumbered).
 31681 | D:7      | 31681 ||| Stepping ~*~*~tactically~*~*~ (outnumbered).
 31683 | D:7      | 31683 ||| Stepping ~*~*~tactically~*~*~ (outnumbered).
 31685 | D:7      | 31685 ||| Stepping ~*~*~tactically~*~*~ (outnumbered).
 31697 | D:7      | 31697 ||| Stepping ~*~*~tactically~*~*~ (outnumbered).
 31699 | D:7      | 31699 ||| Stepping ~*~*~tactically~*~*~ (outnumbered).
 31701 | D:7      | 31701 ||| Stepping ~*~*~tactically~*~*~ (outnumbered).
 31703 | D:7      | 31703 ||| Stepping ~*~*~tactically~*~*~ (outnumbered).
 31705 | D:7      | 31705 ||| Stepping ~*~*~tactically~*~*~ (outnumbered).
 31717 | D:7      | 31717 ||| Stepping ~*~*~tactically~*~*~ (outnumbered).
 31719 | D:7      | 31719 ||| Stepping ~*~*~tactically~*~*~ (outnumbered).
 31721 | D:7      | 31721 ||| Stepping ~*~*~tactically~*~*~ (outnumbered).
 31723 | D:7      | 31723 ||| Stepping ~*~*~tactically~*~*~ (outnumbered).
 31725 | D:7      | 31725 ||| Stepping ~*~*~tactically~*~*~ (outnumbered).
 31737 | D:7      | 31737 ||| Stepping ~*~*~tactically~*~*~ (outnumbered).
 31739 | D:7      | 31739 ||| Stepping ~*~*~tactically~*~*~ (outnumbered).
 31741 | D:7      | 31741 ||| Stepping ~*~*~tactically~*~*~ (outnumbered).
 31743 | D:7      | 31743 ||| Stepping ~*~*~tactically~*~*~ (outnumbered).
 31745 | D:7      | 31745 ||| Stepping ~*~*~tactically~*~*~ (outnumbered).
 31757 | D:7      | 31757 ||| Stepping ~*~*~tactically~*~*~ (outnumbered).
 31759 | D:7      | 31759 ||| Stepping ~*~*~tactically~*~*~ (outnumbered).
 31761 | D:7      | 31761 ||| Stepping ~*~*~tactically~*~*~ (outnumbered).
 31763 | D:7      | 31763 ||| Stepping ~*~*~tactically~*~*~ (outnumbered).
 31765 | D:7      | 31765 ||| Stepping ~*~*~tactically~*~*~ (outnumbered).
 31777 | D:7      | 31777 ||| Stepping ~*~*~tactically~*~*~ (outnumbered).
 31779 | D:7      | 31779 ||| Stepping ~*~*~tactically~*~*~ (outnumbered).
 31781 | D:7      | 31781 ||| Stepping ~*~*~tactically~*~*~ (outnumbered).
 31783 | D:7      | 31783 ||| Stepping ~*~*~tactically~*~*~ (outnumbered).
 31785 | D:7      | 31785 ||| Stepping ~*~*~tactically~*~*~ (outnumbered).
 31797 | D:7      | 31797 ||| Stepping ~*~*~tactically~*~*~ (outnumbered).
 31799 | D:7      | 31799 ||| Stepping ~*~*~tactically~*~*~ (outnumbered).
 31801 | D:7      | 31801 ||| Stepping ~*~*~tactically~*~*~ (outnumbered).
 31803 | D:7      | 31803 ||| Stepping ~*~*~tactically~*~*~ (outnumbered).
 31805 | D:7      | 31805 ||| Stepping ~*~*~tactically~*~*~ (outnumbered).
 31817 | D:7      | 31817 ||| Stepping ~*~*~tactically~*~*~ (outnumbered).
 31819 | D:7      | 31819 ||| Stepping ~*~*~tactically~*~*~ (outnumbered).
 31821 | D:7      | 31821 ||| Stepping ~*~*~tactically~*~*~ (outnumbered).
 31823 | D:7      | 31823 ||| Stepping ~*~*~tactically~*~*~ (outnumbered).
 31825 | D:7      | 31825 ||| Stepping ~*~*~tactically~*~*~ (outnumbered).
 31837 | D:7      | 31837 ||| Stepping ~*~*~tactically~*~*~ (outnumbered).
 31839 | D:7      | 31839 ||| Stepping ~*~*~tactically~*~*~ (outnumbered).
 31841 | D:7      | 31841 ||| Stepping ~*~*~tactically~*~*~ (outnumbered).
 31843 | D:7      | 31843 ||| Stepping ~*~*~tactically~*~*~ (outnumbered).
 31845 | D:7      | 31845 ||| Stepping ~*~*~tactically~*~*~ (outnumbered).
 31857 | D:7      | 31857 ||| Stepping ~*~*~tactically~*~*~ (outnumbered).
 31859 | D:7      | 31859 ||| Stepping ~*~*~tactically~*~*~ (outnumbered).
 31861 | D:7      | 31861 ||| Stepping ~*~*~tactically~*~*~ (outnumbered).
 31863 | D:7      | 31863 ||| Stepping ~*~*~tactically~*~*~ (outnumbered).
 31865 | D:7      | 31865 ||| Stepping ~*~*~tactically~*~*~ (outnumbered).
 31877 | D:7      | 31877 ||| Stepping ~*~*~tactically~*~*~ (outnumbered).
 31879 | D:7      | 31879 ||| Stepping ~*~*~tactically~*~*~ (outnumbered).
 31881 | D:7      | 31881 ||| Stepping ~*~*~tactically~*~*~ (outnumbered).
 31883 | D:7      | 31883 ||| Stepping ~*~*~tactically~*~*~ (outnumbered).
 31885 | D:7      | 31885 ||| Stepping ~*~*~tactically~*~*~ (outnumbered).
 31897 | D:7      | 31897 ||| Stepping ~*~*~tactically~*~*~ (outnumbered).
 31899 | D:7      | 31899 ||| Stepping ~*~*~tactically~*~*~ (outnumbered).
 31901 | D:7      | 31901 ||| Stepping ~*~*~tactically~*~*~ (outnumbered).
 31903 | D:7      | 31903 ||| Stepping ~*~*~tactically~*~*~ (outnumbered).
 31905 | D:7      | 31905 ||| Stepping ~*~*~tactically~*~*~ (outnumbered).
 31917 | D:7      | 31917 ||| Stepping ~*~*~tactically~*~*~ (outnumbered).
 31919 | D:7      | 31919 ||| Stepping ~*~*~tactically~*~*~ (outnumbered).
 31921 | D:7      | 31921 ||| Stepping ~*~*~tactically~*~*~ (outnumbered).
 31923 | D:7      | 31923 ||| Stepping ~*~*~tactically~*~*~ (outnumbered).
 31925 | D:7      | 31925 ||| Stepping ~*~*~tactically~*~*~ (outnumbered).
 31937 | D:7      | 31937 ||| Stepping ~*~*~tactically~*~*~ (outnumbered).
 31939 | D:7      | 31939 ||| Stepping ~*~*~tactically~*~*~ (outnumbered).
 31941 | D:7      | 31941 ||| Stepping ~*~*~tactically~*~*~ (outnumbered).
 31943 | D:7      | 31943 ||| Stepping ~*~*~tactically~*~*~ (outnumbered).
 31945 | D:7      | 31945 ||| Stepping ~*~*~tactically~*~*~ (outnumbered).
 31957 | D:7      | 31957 ||| Stepping ~*~*~tactically~*~*~ (outnumbered).
 31959 | D:7      | 31959 ||| Stepping ~*~*~tactically~*~*~ (outnumbered).
 31961 | D:7      | 31961 ||| Stepping ~*~*~tactically~*~*~ (outnumbered).
 31963 | D:7      | 31963 ||| Stepping ~*~*~tactically~*~*~ (outnumbered).
 31965 | D:7      | 31965 ||| Stepping ~*~*~tactically~*~*~ (outnumbered).
 31977 | D:7      | 31977 ||| Stepping ~*~*~tactically~*~*~ (outnumbered).
 31979 | D:7      | 31979 ||| Stepping ~*~*~tactically~*~*~ (outnumbered).
 31981 | D:7      | 31981 ||| Stepping ~*~*~tactically~*~*~ (outnumbered).
 31983 | D:7      | 31983 ||| Stepping ~*~*~tactically~*~*~ (outnumbered).
 31985 | D:7      | 31985 ||| Stepping ~*~*~tactically~*~*~ (outnumbered).
 31997 | D:7      | 31997 ||| Stepping ~*~*~tactically~*~*~ (outnumbered).
 31999 | D:7      | 31999 ||| Stepping ~*~*~tactically~*~*~ (outnumbered).
 32001 | D:7      | 32001 ||| Stepping ~*~*~tactically~*~*~ (outnumbered).
 32003 | D:7      | 32003 ||| Stepping ~*~*~tactically~*~*~ (outnumbered).
 32005 | D:7      | 32005 ||| Stepping ~*~*~tactically~*~*~ (outnumbered).
 32017 | D:7      | 32017 ||| Stepping ~*~*~tactically~*~*~ (outnumbered).
 32019 | D:7      | 32019 ||| Stepping ~*~*~tactically~*~*~ (outnumbered).
 32021 | D:7      | 32021 ||| Stepping ~*~*~tactically~*~*~ (outnumbered).
 32023 | D:7      | 32023 ||| Stepping ~*~*~tactically~*~*~ (outnumbered).
 32025 | D:7      | 32025 ||| Stepping ~*~*~tactically~*~*~ (outnumbered).
 32037 | D:7      | 32037 ||| Stepping ~*~*~tactically~*~*~ (outnumbered).
 32039 | D:7      | 32039 ||| Stepping ~*~*~tactically~*~*~ (outnumbered).
 32041 | D:7      | 32041 ||| Stepping ~*~*~tactically~*~*~ (outnumbered).
 32043 | D:7      | 32043 ||| Stepping ~*~*~tactically~*~*~ (outnumbered).
 32045 | D:7      | 32045 ||| Stepping ~*~*~tactically~*~*~ (outnumbered).
 32057 | D:7      | 32057 ||| Stepping ~*~*~tactically~*~*~ (outnumbered).
 32059 | D:7      | 32059 ||| Stepping ~*~*~tactically~*~*~ (outnumbered).
 32061 | D:7      | 32061 ||| Stepping ~*~*~tactically~*~*~ (outnumbered).
 32063 | D:7      | 32063 ||| Stepping ~*~*~tactically~*~*~ (outnumbered).
 32065 | D:7      | 32065 ||| Stepping ~*~*~tactically~*~*~ (outnumbered).
 32077 | D:7      | 32077 ||| Stepping ~*~*~tactically~*~*~ (outnumbered).
 32079 | D:7      | 32079 ||| Stepping ~*~*~tactically~*~*~ (outnumbered).
 32081 | D:7      | 32081 ||| Stepping ~*~*~tactically~*~*~ (outnumbered).
 32083 | D:7      | 32083 ||| Stepping ~*~*~tactically~*~*~ (outnumbered).
 32085 | D:7      | 32085 ||| Stepping ~*~*~tactically~*~*~ (outnumbered).
 32097 | D:7      | 32097 ||| Stepping ~*~*~tactically~*~*~ (outnumbered).
 32099 | D:7      | 32099 ||| Stepping ~*~*~tactically~*~*~ (outnumbered).
 32101 | D:7      | 32101 ||| Stepping ~*~*~tactically~*~*~ (outnumbered).
 32103 | D:7      | 32103 ||| Stepping ~*~*~tactically~*~*~ (outnumbered).
 32105 | D:7      | 32105 ||| Stepping ~*~*~tactically~*~*~ (outnumbered).
 32117 | D:7      | 32117 ||| Stepping ~*~*~tactically~*~*~ (outnumbered).
 32119 | D:7      | 32119 ||| Stepping ~*~*~tactically~*~*~ (outnumbered).
 32121 | D:7      | 32121 ||| Stepping ~*~*~tactically~*~*~ (outnumbered).
 32123 | D:7      | 32123 ||| Stepping ~*~*~tactically~*~*~ (outnumbered).
 32125 | D:7      | 32125 ||| Stepping ~*~*~tactically~*~*~ (outnumbered).
 32137 | D:7      | 32137 ||| Stepping ~*~*~tactically~*~*~ (outnumbered).
 32139 | D:7      | 32139 ||| Stepping ~*~*~tactically~*~*~ (outnumbered).
 32141 | D:7      | 32141 ||| Stepping ~*~*~tactically~*~*~ (outnumbered).
 32143 | D:7      | 32143 ||| Stepping ~*~*~tactically~*~*~ (outnumbered).
 32145 | D:7      | 32145 ||| Stepping ~*~*~tactically~*~*~ (outnumbered).
 32157 | D:7      | 32157 ||| Stepping ~*~*~tactically~*~*~ (outnumbered).
 32159 | D:7      | 32159 ||| Stepping ~*~*~tactically~*~*~ (outnumbered).
 32161 | D:7      | 32161 ||| Stepping ~*~*~tactically~*~*~ (outnumbered).
 32163 | D:7      | 32163 ||| Stepping ~*~*~tactically~*~*~ (outnumbered).
 32165 | D:7      | 32165 ||| Stepping ~*~*~tactically~*~*~ (outnumbered).
 32177 | D:7      | 32177 ||| Stepping ~*~*~tactically~*~*~ (outnumbered).
 32179 | D:7      | 32179 ||| Stepping ~*~*~tactically~*~*~ (outnumbered).
 32181 | D:7      | 32181 ||| Stepping ~*~*~tactically~*~*~ (outnumbered).
 32183 | D:7      | 32183 ||| Stepping ~*~*~tactically~*~*~ (outnumbered).
 32185 | D:7      | 32185 ||| Stepping ~*~*~tactically~*~*~ (outnumbered).
 32197 | D:7      | 32197 ||| Stepping ~*~*~tactically~*~*~ (outnumbered).
 32199 | D:7      | 32199 ||| Stepping ~*~*~tactically~*~*~ (outnumbered).
 32201 | D:7      | 32201 ||| Stepping ~*~*~tactically~*~*~ (outnumbered).
 32203 | D:7      | 32203 ||| Stepping ~*~*~tactically~*~*~ (outnumbered).
 32205 | D:7      | 32205 ||| Stepping ~*~*~tactically~*~*~ (outnumbered).
 32217 | D:7      | 32217 ||| Stepping ~*~*~tactically~*~*~ (outnumbered).
 32219 | D:7      | 32219 ||| Stepping ~*~*~tactically~*~*~ (outnumbered).
 32221 | D:7      | 32221 ||| Stepping ~*~*~tactically~*~*~ (outnumbered).
 32223 | D:7      | 32223 ||| Stepping ~*~*~tactically~*~*~ (outnumbered).
 32225 | D:7      | 32225 ||| Stepping ~*~*~tactically~*~*~ (outnumbered).
 32237 | D:7      | 32237 ||| Stepping ~*~*~tactically~*~*~ (outnumbered).
 32239 | D:7      | 32239 ||| Stepping ~*~*~tactically~*~*~ (outnumbered).
 32241 | D:7      | 32241 ||| Stepping ~*~*~tactically~*~*~ (outnumbered).
 32243 | D:7      | 32243 ||| Stepping ~*~*~tactically~*~*~ (outnumbered).
 32245 | D:7      | 32245 ||| Stepping ~*~*~tactically~*~*~ (outnumbered).
 32257 | D:7      | 32257 ||| Stepping ~*~*~tactically~*~*~ (outnumbered).
 32259 | D:7      | 32259 ||| Stepping ~*~*~tactically~*~*~ (outnumbered).
 32261 | D:7      | 32261 ||| Stepping ~*~*~tactically~*~*~ (outnumbered).
 32263 | D:7      | 32263 ||| Stepping ~*~*~tactically~*~*~ (outnumbered).
 32265 | D:7      | 32265 ||| Stepping ~*~*~tactically~*~*~ (outnumbered).
 32277 | D:7      | 32277 ||| Stepping ~*~*~tactically~*~*~ (outnumbered).
 32279 | D:7      | 32279 ||| Stepping ~*~*~tactically~*~*~ (outnumbered).
 32281 | D:7      | 32281 ||| Stepping ~*~*~tactically~*~*~ (outnumbered).
 32283 | D:7      | 32283 ||| Stepping ~*~*~tactically~*~*~ (outnumbered).
 32285 | D:7      | 32285 ||| Stepping ~*~*~tactically~*~*~ (outnumbered).
 32297 | D:7      | 32297 ||| Stepping ~*~*~tactically~*~*~ (outnumbered).
 32299 | D:7      | 32299 ||| Stepping ~*~*~tactically~*~*~ (outnumbered).
 32301 | D:7      | 32301 ||| Stepping ~*~*~tactically~*~*~ (outnumbered).
 32303 | D:7      | 32303 ||| Stepping ~*~*~tactically~*~*~ (outnumbered).
 32305 | D:7      | 32305 ||| Stepping ~*~*~tactically~*~*~ (outnumbered).
 32317 | D:7      | 32317 ||| Stepping ~*~*~tactically~*~*~ (outnumbered).
 32319 | D:7      | 32319 ||| Stepping ~*~*~tactically~*~*~ (outnumbered).
 32321 | D:7      | 32321 ||| Stepping ~*~*~tactically~*~*~ (outnumbered).
 32323 | D:7      | 32323 ||| Stepping ~*~*~tactically~*~*~ (outnumbered).
 32325 | D:7      | 32325 ||| Stepping ~*~*~tactically~*~*~ (outnumbered).
 32337 | D:7      | 32337 ||| Stepping ~*~*~tactically~*~*~ (outnumbered).
 32339 | D:7      | 32339 ||| Stepping ~*~*~tactically~*~*~ (outnumbered).
 32341 | D:7      | 32341 ||| Stepping ~*~*~tactically~*~*~ (outnumbered).
 32343 | D:7      | 32343 ||| Stepping ~*~*~tactically~*~*~ (outnumbered).
 32345 | D:7      | 32345 ||| Stepping ~*~*~tactically~*~*~ (outnumbered).
 32357 | D:7      | 32357 ||| Stepping ~*~*~tactically~*~*~ (outnumbered).
 32359 | D:7      | 32359 ||| Stepping ~*~*~tactically~*~*~ (outnumbered).
 32361 | D:7      | 32361 ||| Stepping ~*~*~tactically~*~*~ (outnumbered).
 32363 | D:7      | 32363 ||| Stepping ~*~*~tactically~*~*~ (outnumbered).
 32365 | D:7      | 32365 ||| Stepping ~*~*~tactically~*~*~ (outnumbered).
 32377 | D:7      | 32377 ||| Stepping ~*~*~tactically~*~*~ (outnumbered).
 32379 | D:7      | 32379 ||| Stepping ~*~*~tactically~*~*~ (outnumbered).
 32381 | D:7      | 32381 ||| Stepping ~*~*~tactically~*~*~ (outnumbered).
 32383 | D:7      | 32383 ||| Stepping ~*~*~tactically~*~*~ (outnumbered).
 32385 | D:7      | 32385 ||| Stepping ~*~*~tactically~*~*~ (outnumbered).
 32397 | D:7      | 32397 ||| Stepping ~*~*~tactically~*~*~ (outnumbered).
 32399 | D:7      | 32399 ||| Stepping ~*~*~tactically~*~*~ (outnumbered).
 32401 | D:7      | 32401 ||| Stepping ~*~*~tactically~*~*~ (outnumbered).
 32403 | D:7      | 32403 ||| Stepping ~*~*~tactically~*~*~ (outnumbered).
 32405 | D:7      | 32405 ||| Stepping ~*~*~tactically~*~*~ (outnumbered).
 32417 | D:7      | 32417 ||| Stepping ~*~*~tactically~*~*~ (outnumbered).
 32419 | D:7      | 32419 ||| Stepping ~*~*~tactically~*~*~ (outnumbered).
 32421 | D:7      | 32421 ||| Stepping ~*~*~tactically~*~*~ (outnumbered).
 32423 | D:7      | 32423 ||| Stepping ~*~*~tactically~*~*~ (outnumbered).
 32425 | D:7      | 32425 ||| Stepping ~*~*~tactically~*~*~ (outnumbered).
 32437 | D:7      | 32437 ||| Stepping ~*~*~tactically~*~*~ (outnumbered).
 32439 | D:7      | 32439 ||| Stepping ~*~*~tactically~*~*~ (outnumbered).
 32441 | D:7      | 32441 ||| Stepping ~*~*~tactically~*~*~ (outnumbered).
 32443 | D:7      | 32443 ||| Stepping ~*~*~tactically~*~*~ (outnumbered).
 32445 | D:7      | 32445 ||| Stepping ~*~*~tactically~*~*~ (outnumbered).
 32457 | D:7      | 32457 ||| Stepping ~*~*~tactically~*~*~ (outnumbered).
 32459 | D:7      | 32459 ||| Stepping ~*~*~tactically~*~*~ (outnumbered).
 32461 | D:7      | 32461 ||| Stepping ~*~*~tactically~*~*~ (outnumbered).
 32463 | D:7      | 32463 ||| Stepping ~*~*~tactically~*~*~ (outnumbered).
 32465 | D:7      | 32465 ||| Stepping ~*~*~tactically~*~*~ (outnumbered).
 32477 | D:7      | 32477 ||| Stepping ~*~*~tactically~*~*~ (outnumbered).
 32479 | D:7      | 32479 ||| Stepping ~*~*~tactically~*~*~ (outnumbered).
 32481 | D:7      | 32481 ||| Stepping ~*~*~tactically~*~*~ (outnumbered).
 32483 | D:7      | 32483 ||| Stepping ~*~*~tactically~*~*~ (outnumbered).
 32485 | D:7      | 32485 ||| Stepping ~*~*~tactically~*~*~ (outnumbered).
 32497 | D:7      | 32497 ||| Stepping ~*~*~tactically~*~*~ (outnumbered).
 32499 | D:7      | 32499 ||| Stepping ~*~*~tactically~*~*~ (outnumbered).
 32501 | D:7      | 32501 ||| Stepping ~*~*~tactically~*~*~ (outnumbered).
 32503 | D:7      | 32503 ||| Stepping ~*~*~tactically~*~*~ (outnumbered).
 32505 | D:7      | 32505 ||| Stepping ~*~*~tactically~*~*~ (outnumbered).
 32517 | D:7      | 32517 ||| Stepping ~*~*~tactically~*~*~ (outnumbered).
 32519 | D:7      | 32519 ||| Stepping ~*~*~tactically~*~*~ (outnumbered).
 32521 | D:7      | 32521 ||| Stepping ~*~*~tactically~*~*~ (outnumbered).
 32523 | D:7      | 32523 ||| Stepping ~*~*~tactically~*~*~ (outnumbered).
 32525 | D:7      | 32525 ||| Stepping ~*~*~tactically~*~*~ (outnumbered).
 32537 | D:7      | 32537 ||| Stepping ~*~*~tactically~*~*~ (outnumbered).
 32539 | D:7      | 32539 ||| Stepping ~*~*~tactically~*~*~ (outnumbered).
 32541 | D:7      | 32541 ||| Stepping ~*~*~tactically~*~*~ (outnumbered).
 32543 | D:7      | 32543 ||| Stepping ~*~*~tactically~*~*~ (outnumbered).
 32545 | D:7      | 32545 ||| Stepping ~*~*~tactically~*~*~ (outnumbered).
 32557 | D:7      | 32557 ||| Stepping ~*~*~tactically~*~*~ (outnumbered).
 32559 | D:7      | 32559 ||| Stepping ~*~*~tactically~*~*~ (outnumbered).
 32561 | D:7      | 32561 ||| Stepping ~*~*~tactically~*~*~ (outnumbered).
 32563 | D:7      | 32563 ||| Stepping ~*~*~tactically~*~*~ (outnumbered).
 32565 | D:7      | 32565 ||| Stepping ~*~*~tactically~*~*~ (outnumbered).
 32577 | D:7      | 32577 ||| Stepping ~*~*~tactically~*~*~ (outnumbered).
 32579 | D:7      | 32579 ||| Stepping ~*~*~tactically~*~*~ (outnumbered).
 32581 | D:7      | 32581 ||| Stepping ~*~*~tactically~*~*~ (outnumbered).
 32583 | D:7      | 32583 ||| Stepping ~*~*~tactically~*~*~ (outnumbered).
 32585 | D:7      | 32585 ||| Stepping ~*~*~tactically~*~*~ (outnumbered).
 32597 | D:7      | 32597 ||| Stepping ~*~*~tactically~*~*~ (outnumbered).
 32599 | D:7      | 32599 ||| Stepping ~*~*~tactically~*~*~ (outnumbered).
 32601 | D:7      | 32601 ||| Stepping ~*~*~tactically~*~*~ (outnumbered).
 32603 | D:7      | 32603 ||| Stepping ~*~*~tactically~*~*~ (outnumbered).
 32605 | D:7      | 32605 ||| Stepping ~*~*~tactically~*~*~ (outnumbered).
 32617 | D:7      | 32617 ||| Stepping ~*~*~tactically~*~*~ (outnumbered).
 32619 | D:7      | 32619 ||| Stepping ~*~*~tactically~*~*~ (outnumbered).
 32621 | D:7      | 32621 ||| Stepping ~*~*~tactically~*~*~ (outnumbered).
 32623 | D:7      | 32623 ||| Stepping ~*~*~tactically~*~*~ (outnumbered).
 32625 | D:7      | 32625 ||| Stepping ~*~*~tactically~*~*~ (outnumbered).
 32637 | D:7      | 32637 ||| Stepping ~*~*~tactically~*~*~ (outnumbered).
 32639 | D:7      | 32639 ||| Stepping ~*~*~tactically~*~*~ (outnumbered).
 32641 | D:7      | 32641 ||| Stepping ~*~*~tactically~*~*~ (outnumbered).
 32643 | D:7      | 32643 ||| Stepping ~*~*~tactically~*~*~ (outnumbered).
 32645 | D:7      | 32645 ||| Stepping ~*~*~tactically~*~*~ (outnumbered).
 32657 | D:7      | 32657 ||| Stepping ~*~*~tactically~*~*~ (outnumbered).
 32659 | D:7      | 32659 ||| Stepping ~*~*~tactically~*~*~ (outnumbered).
 32661 | D:7      | 32661 ||| Stepping ~*~*~tactically~*~*~ (outnumbered).
 32663 | D:7      | 32663 ||| Stepping ~*~*~tactically~*~*~ (outnumbered).
 32665 | D:7      | 32665 ||| Stepping ~*~*~tactically~*~*~ (outnumbered).
 32677 | D:7      | 32677 ||| Stepping ~*~*~tactically~*~*~ (outnumbered).
 32679 | D:7      | 32679 ||| Stepping ~*~*~tactically~*~*~ (outnumbered).
 32681 | D:7      | 32681 ||| Stepping ~*~*~tactically~*~*~ (outnumbered).
 32683 | D:7      | 32683 ||| Stepping ~*~*~tactically~*~*~ (outnumbered).
 32685 | D:7      | 32685 ||| Stepping ~*~*~tactically~*~*~ (outnumbered).
 32697 | D:7      | 32697 ||| Stepping ~*~*~tactically~*~*~ (outnumbered).
 32699 | D:7      | 32699 ||| Stepping ~*~*~tactically~*~*~ (outnumbered).
 32701 | D:7      | 32701 ||| Stepping ~*~*~tactically~*~*~ (outnumbered).
 32703 | D:7      | 32703 ||| Stepping ~*~*~tactically~*~*~ (outnumbered).
 32705 | D:7      | 32705 ||| Stepping ~*~*~tactically~*~*~ (outnumbered).
 32717 | D:7      | 32717 ||| Stepping ~*~*~tactically~*~*~ (outnumbered).
 32719 | D:7      | 32719 ||| Stepping ~*~*~tactically~*~*~ (outnumbered).
 32721 | D:7      | 32721 ||| Stepping ~*~*~tactically~*~*~ (outnumbered).
 32723 | D:7      | 32723 ||| Stepping ~*~*~tactically~*~*~ (outnumbered).
 32725 | D:7      | 32725 ||| Stepping ~*~*~tactically~*~*~ (outnumbered).
 32737 | D:7      | 32737 ||| Stepping ~*~*~tactically~*~*~ (outnumbered).
 32739 | D:7      | 32739 ||| Stepping ~*~*~tactically~*~*~ (outnumbered).
 32741 | D:7      | 32741 ||| Stepping ~*~*~tactically~*~*~ (outnumbered).
 32743 | D:7      | 32743 ||| Stepping ~*~*~tactically~*~*~ (outnumbered).
 32745 | D:7      | 32745 ||| Stepping ~*~*~tactically~*~*~ (outnumbered).
 32757 | D:7      | 32757 ||| Stepping ~*~*~tactically~*~*~ (outnumbered).
 32759 | D:7      | 32759 ||| Stepping ~*~*~tactically~*~*~ (outnumbered).
 32761 | D:7      | 32761 ||| Stepping ~*~*~tactically~*~*~ (outnumbered).
 32763 | D:7      | 32763 ||| Stepping ~*~*~tactically~*~*~ (outnumbered).
 32765 | D:7      | 32765 ||| Stepping ~*~*~tactically~*~*~ (outnumbered).
 32777 | D:7      | 32777 ||| Stepping ~*~*~tactically~*~*~ (outnumbered).
 32779 | D:7      | 32779 ||| Stepping ~*~*~tactically~*~*~ (outnumbered).
 32781 | D:7      | 32781 ||| Stepping ~*~*~tactically~*~*~ (outnumbered).
 32783 | D:7      | 32783 ||| Stepping ~*~*~tactically~*~*~ (outnumbered).
 32785 | D:7      | 32785 ||| Stepping ~*~*~tactically~*~*~ (outnumbered).
 32797 | D:7      | 32797 ||| Stepping ~*~*~tactically~*~*~ (outnumbered).
 32799 | D:7      | 32799 ||| Stepping ~*~*~tactically~*~*~ (outnumbered).
 32801 | D:7      | 32801 ||| Stepping ~*~*~tactically~*~*~ (outnumbered).
 32803 | D:7      | 32803 ||| Stepping ~*~*~tactically~*~*~ (outnumbered).
 32805 | D:7      | 32805 ||| Stepping ~*~*~tactically~*~*~ (outnumbered).
 32817 | D:7      | 32817 ||| Stepping ~*~*~tactically~*~*~ (outnumbered).
 32819 | D:7      | 32819 ||| Stepping ~*~*~tactically~*~*~ (outnumbered).
 32821 | D:7      | 32821 ||| Stepping ~*~*~tactically~*~*~ (outnumbered).
 32823 | D:7      | 32823 ||| Stepping ~*~*~tactically~*~*~ (outnumbered).
 32825 | D:7      | 32825 ||| Stepping ~*~*~tactically~*~*~ (outnumbered).
 32837 | D:7      | 32837 ||| Stepping ~*~*~tactically~*~*~ (outnumbered).
 32839 | D:7      | 32839 ||| Stepping ~*~*~tactically~*~*~ (outnumbered).
 32841 | D:7      | 32841 ||| Stepping ~*~*~tactically~*~*~ (outnumbered).
 32843 | D:7      | 32843 ||| Stepping ~*~*~tactically~*~*~ (outnumbered).
 32845 | D:7      | 32845 ||| Stepping ~*~*~tactically~*~*~ (outnumbered).
 32857 | D:7      | 32857 ||| Stepping ~*~*~tactically~*~*~ (outnumbered).
 32859 | D:7      | 32859 ||| Stepping ~*~*~tactically~*~*~ (outnumbered).
 32861 | D:7      | 32861 ||| Stepping ~*~*~tactically~*~*~ (outnumbered).
 32863 | D:7      | 32863 ||| Stepping ~*~*~tactically~*~*~ (outnumbered).
 32865 | D:7      | 32865 ||| Stepping ~*~*~tactically~*~*~ (outnumbered).
 32872 | D:7      | Glimpsed the power of Zot.
 32877 | D:7      | 32877 ||| Stepping ~*~*~tactically~*~*~ (outnumbered).
 32879 | D:7      | 32879 ||| Stepping ~*~*~tactically~*~*~ (outnumbered).
 32881 | D:7      | 32881 ||| Stepping ~*~*~tactically~*~*~ (outnumbered).
 32883 | D:7      | 32883 ||| Stepping ~*~*~tactically~*~*~ (outnumbered).
 32885 | D:7      | 32885 ||| Stepping ~*~*~tactically~*~*~ (outnumbered).
 32897 | D:7      | 32897 ||| Stepping ~*~*~tactically~*~*~ (outnumbered).
 32899 | D:7      | 32899 ||| Stepping ~*~*~tactically~*~*~ (outnumbered).
 32901 | D:7      | 32901 ||| Stepping ~*~*~tactically~*~*~ (outnumbered).
 32903 | D:7      | 32903 ||| Stepping ~*~*~tactically~*~*~ (outnumbered).
 32905 | D:7      | 32905 ||| Stepping ~*~*~tactically~*~*~ (outnumbered).
 32917 | D:7      | 32917 ||| Stepping ~*~*~tactically~*~*~ (outnumbered).
 32919 | D:7      | 32919 ||| Stepping ~*~*~tactically~*~*~ (outnumbered).
 32921 | D:7      | 32921 ||| Stepping ~*~*~tactically~*~*~ (outnumbered).
 32923 | D:7      | 32923 ||| Stepping ~*~*~tactically~*~*~ (outnumbered).
 32925 | D:7      | 32925 ||| Stepping ~*~*~tactically~*~*~ (outnumbered).
 32937 | D:7      | 32937 ||| Stepping ~*~*~tactically~*~*~ (outnumbered).
 32939 | D:7      | 32939 ||| Stepping ~*~*~tactically~*~*~ (outnumbered).
 32941 | D:7      | 32941 ||| Stepping ~*~*~tactically~*~*~ (outnumbered).
 32943 | D:7      | 32943 ||| Stepping ~*~*~tactically~*~*~ (outnumbered).
 32945 | D:7      | 32945 ||| Stepping ~*~*~tactically~*~*~ (outnumbered).
 32957 | D:7      | 32957 ||| Stepping ~*~*~tactically~*~*~ (outnumbered).
 32959 | D:7      | 32959 ||| Stepping ~*~*~tactically~*~*~ (outnumbered).
 32961 | D:7      | 32961 ||| Stepping ~*~*~tactically~*~*~ (outnumbered).
 32963 | D:7      | 32963 ||| Stepping ~*~*~tactically~*~*~ (outnumbered).
 32965 | D:7      | 32965 ||| Stepping ~*~*~tactically~*~*~ (outnumbered).
 32977 | D:7      | 32977 ||| Stepping ~*~*~tactically~*~*~ (outnumbered).
 32979 | D:7      | 32979 ||| Stepping ~*~*~tactically~*~*~ (outnumbered).
 32981 | D:7      | 32981 ||| Stepping ~*~*~tactically~*~*~ (outnumbered).
 32983 | D:7      | 32983 ||| Stepping ~*~*~tactically~*~*~ (outnumbered).
 32985 | D:7      | 32985 ||| Stepping ~*~*~tactically~*~*~ (outnumbered).
 32997 | D:7      | 32997 ||| Stepping ~*~*~tactically~*~*~ (outnumbered).
 32999 | D:7      | 32999 ||| Stepping ~*~*~tactically~*~*~ (outnumbered).
 33001 | D:7      | 33001 ||| Stepping ~*~*~tactically~*~*~ (outnumbered).
 33003 | D:7      | 33003 ||| Stepping ~*~*~tactically~*~*~ (outnumbered).
 33005 | D:7      | 33005 ||| Stepping ~*~*~tactically~*~*~ (outnumbered).
 33017 | D:7      | 33017 ||| Stepping ~*~*~tactically~*~*~ (outnumbered).
 33019 | D:7      | 33019 ||| Stepping ~*~*~tactically~*~*~ (outnumbered).
 33021 | D:7      | 33021 ||| Stepping ~*~*~tactically~*~*~ (outnumbered).
 33023 | D:7      | 33023 ||| Stepping ~*~*~tactically~*~*~ (outnumbered).
 33025 | D:7      | 33025 ||| Stepping ~*~*~tactically~*~*~ (outnumbered).
 33037 | D:7      | 33037 ||| Stepping ~*~*~tactically~*~*~ (outnumbered).
 33039 | D:7      | 33039 ||| Stepping ~*~*~tactically~*~*~ (outnumbered).
 33041 | D:7      | 33041 ||| Stepping ~*~*~tactically~*~*~ (outnumbered).
 33043 | D:7      | 33043 ||| Stepping ~*~*~tactically~*~*~ (outnumbered).
 33045 | D:7      | 33045 ||| Stepping ~*~*~tactically~*~*~ (outnumbered).
 33057 | D:7      | 33057 ||| Stepping ~*~*~tactically~*~*~ (outnumbered).
 33059 | D:7      | 33059 ||| Stepping ~*~*~tactically~*~*~ (outnumbered).
 33061 | D:7      | 33061 ||| Stepping ~*~*~tactically~*~*~ (outnumbered).
 33063 | D:7      | 33063 ||| Stepping ~*~*~tactically~*~*~ (outnumbered).
 33065 | D:7      | 33065 ||| Stepping ~*~*~tactically~*~*~ (outnumbered).
 33077 | D:7      | 33077 ||| Stepping ~*~*~tactically~*~*~ (outnumbered).
 33079 | D:7      | 33079 ||| Stepping ~*~*~tactically~*~*~ (outnumbered).
 33081 | D:7      | 33081 ||| Stepping ~*~*~tactically~*~*~ (outnumbered).
 33083 | D:7      | 33083 ||| Stepping ~*~*~tactically~*~*~ (outnumbered).
 33085 | D:7      | 33085 ||| Stepping ~*~*~tactically~*~*~ (outnumbered).
 33097 | D:7      | 33097 ||| Stepping ~*~*~tactically~*~*~ (outnumbered).
 33099 | D:7      | 33099 ||| Stepping ~*~*~tactically~*~*~ (outnumbered).
 33101 | D:7      | 33101 ||| Stepping ~*~*~tactically~*~*~ (outnumbered).
 33103 | D:7      | 33103 ||| Stepping ~*~*~tactically~*~*~ (outnumbered).
 33105 | D:7      | 33105 ||| Stepping ~*~*~tactically~*~*~ (outnumbered).
 33117 | D:7      | 33117 ||| Stepping ~*~*~tactically~*~*~ (outnumbered).
 33119 | D:7      | 33119 ||| Stepping ~*~*~tactically~*~*~ (outnumbered).
 33121 | D:7      | 33121 ||| Stepping ~*~*~tactically~*~*~ (outnumbered).
 33123 | D:7      | 33123 ||| Stepping ~*~*~tactically~*~*~ (outnumbered).
 33125 | D:7      | 33125 ||| Stepping ~*~*~tactically~*~*~ (outnumbered).
 33137 | D:7      | 33137 ||| Stepping ~*~*~tactically~*~*~ (outnumbered).
 33139 | D:7      | 33139 ||| Stepping ~*~*~tactically~*~*~ (outnumbered).
 33141 | D:7      | 33141 ||| Stepping ~*~*~tactically~*~*~ (outnumbered).
 33143 | D:7      | 33143 ||| Stepping ~*~*~tactically~*~*~ (outnumbered).
 33145 | D:7      | 33145 ||| Stepping ~*~*~tactically~*~*~ (outnumbered).
 33157 | D:7      | 33157 ||| Stepping ~*~*~tactically~*~*~ (outnumbered).
 33159 | D:7      | 33159 ||| Stepping ~*~*~tactically~*~*~ (outnumbered).
 33161 | D:7      | 33161 ||| Stepping ~*~*~tactically~*~*~ (outnumbered).
 33163 | D:7      | 33163 ||| Stepping ~*~*~tactically~*~*~ (outnumbered).
 33165 | D:7      | 33165 ||| Stepping ~*~*~tactically~*~*~ (outnumbered).
 33177 | D:7      | 33177 ||| Stepping ~*~*~tactically~*~*~ (outnumbered).
 33179 | D:7      | 33179 ||| Stepping ~*~*~tactically~*~*~ (outnumbered).
 33181 | D:7      | 33181 ||| Stepping ~*~*~tactically~*~*~ (outnumbered).
 33183 | D:7      | 33183 ||| Stepping ~*~*~tactically~*~*~ (outnumbered).
 33185 | D:7      | 33185 ||| Stepping ~*~*~tactically~*~*~ (outnumbered).
 33197 | D:7      | 33197 ||| Stepping ~*~*~tactically~*~*~ (outnumbered).
 33199 | D:7      | 33199 ||| Stepping ~*~*~tactically~*~*~ (outnumbered).
 33201 | D:7      | 33201 ||| Stepping ~*~*~tactically~*~*~ (outnumbered).
 33203 | D:7      | 33203 ||| Stepping ~*~*~tactically~*~*~ (outnumbered).
 33205 | D:7      | 33205 ||| Stepping ~*~*~tactically~*~*~ (outnumbered).
 33217 | D:7      | 33217 ||| Stepping ~*~*~tactically~*~*~ (outnumbered).
 33219 | D:7      | 33219 ||| Stepping ~*~*~tactically~*~*~ (outnumbered).
 33221 | D:7      | 33221 ||| Stepping ~*~*~tactically~*~*~ (outnumbered).
 33223 | D:7      | 33223 ||| Stepping ~*~*~tactically~*~*~ (outnumbered).
 33225 | D:7      | 33225 ||| Stepping ~*~*~tactically~*~*~ (outnumbered).
 33237 | D:7      | 33237 ||| Stepping ~*~*~tactically~*~*~ (outnumbered).
 33239 | D:7      | 33239 ||| Stepping ~*~*~tactically~*~*~ (outnumbered).
 33241 | D:7      | 33241 ||| Stepping ~*~*~tactically~*~*~ (outnumbered).
 33243 | D:7      | 33243 ||| Stepping ~*~*~tactically~*~*~ (outnumbered).
 33245 | D:7      | 33245 ||| Stepping ~*~*~tactically~*~*~ (outnumbered).
 33257 | D:7      | 33257 ||| Stepping ~*~*~tactically~*~*~ (outnumbered).
 33259 | D:7      | 33259 ||| Stepping ~*~*~tactically~*~*~ (outnumbered).
 33261 | D:7      | 33261 ||| Stepping ~*~*~tactically~*~*~ (outnumbered).
 33263 | D:7      | 33263 ||| Stepping ~*~*~tactically~*~*~ (outnumbered).
 33265 | D:7      | 33265 ||| Stepping ~*~*~tactically~*~*~ (outnumbered).
 33277 | D:7      | 33277 ||| Stepping ~*~*~tactically~*~*~ (outnumbered).
 33279 | D:7      | 33279 ||| Stepping ~*~*~tactically~*~*~ (outnumbered).
 33281 | D:7      | 33281 ||| Stepping ~*~*~tactically~*~*~ (outnumbered).
 33283 | D:7      | 33283 ||| Stepping ~*~*~tactically~*~*~ (outnumbered).
 33285 | D:7      | 33285 ||| Stepping ~*~*~tactically~*~*~ (outnumbered).
 33297 | D:7      | 33297 ||| Stepping ~*~*~tactically~*~*~ (outnumbered).
 33299 | D:7      | 33299 ||| Stepping ~*~*~tactically~*~*~ (outnumbered).
 33301 | D:7      | 33301 ||| Stepping ~*~*~tactically~*~*~ (outnumbered).
 33303 | D:7      | 33303 ||| Stepping ~*~*~tactically~*~*~ (outnumbered).
 33305 | D:7      | 33305 ||| Stepping ~*~*~tactically~*~*~ (outnumbered).
 33317 | D:7      | 33317 ||| Stepping ~*~*~tactically~*~*~ (outnumbered).
 33319 | D:7      | 33319 ||| Stepping ~*~*~tactically~*~*~ (outnumbered).
 33321 | D:7      | 33321 ||| Stepping ~*~*~tactically~*~*~ (outnumbered).
 33323 | D:7      | 33323 ||| Stepping ~*~*~tactically~*~*~ (outnumbered).
 33325 | D:7      | 33325 ||| Stepping ~*~*~tactically~*~*~ (outnumbered).
 33337 | D:7      | 33337 ||| Stepping ~*~*~tactically~*~*~ (outnumbered).
 33339 | D:7      | 33339 ||| Stepping ~*~*~tactically~*~*~ (outnumbered).
 33341 | D:7      | 33341 ||| Stepping ~*~*~tactically~*~*~ (outnumbered).
 33343 | D:7      | 33343 ||| Stepping ~*~*~tactically~*~*~ (outnumbered).
 33345 | D:7      | 33345 ||| Stepping ~*~*~tactically~*~*~ (outnumbered).
 33357 | D:7      | 33357 ||| Stepping ~*~*~tactically~*~*~ (outnumbered).
 33359 | D:7      | 33359 ||| Stepping ~*~*~tactically~*~*~ (outnumbered).
 33361 | D:7      | 33361 ||| Stepping ~*~*~tactically~*~*~ (outnumbered).
 33363 | D:7      | 33363 ||| Stepping ~*~*~tactically~*~*~ (outnumbered).
 33365 | D:7      | 33365 ||| Stepping ~*~*~tactically~*~*~ (outnumbered).
 33372 | D:7      | Glimpsed the power of Zot.
 33377 | D:7      | 33377 ||| Stepping ~*~*~tactically~*~*~ (outnumbered).
 33379 | D:7      | 33379 ||| Stepping ~*~*~tactically~*~*~ (outnumbered).
 33381 | D:7      | 33381 ||| Stepping ~*~*~tactically~*~*~ (outnumbered).
 33383 | D:7      | 33383 ||| Stepping ~*~*~tactically~*~*~ (outnumbered).
 33385 | D:7      | 33385 ||| Stepping ~*~*~tactically~*~*~ (outnumbered).
 33397 | D:7      | 33397 ||| Stepping ~*~*~tactically~*~*~ (outnumbered).
 33399 | D:7      | 33399 ||| Stepping ~*~*~tactically~*~*~ (outnumbered).
 33401 | D:7      | 33401 ||| Stepping ~*~*~tactically~*~*~ (outnumbered).
 33403 | D:7      | 33403 ||| Stepping ~*~*~tactically~*~*~ (outnumbered).
 33405 | D:7      | 33405 ||| Stepping ~*~*~tactically~*~*~ (outnumbered).
 33417 | D:7      | 33417 ||| Stepping ~*~*~tactically~*~*~ (outnumbered).
 33419 | D:7      | 33419 ||| Stepping ~*~*~tactically~*~*~ (outnumbered).
 33421 | D:7      | 33421 ||| Stepping ~*~*~tactically~*~*~ (outnumbered).
 33423 | D:7      | 33423 ||| Stepping ~*~*~tactically~*~*~ (outnumbered).
 33425 | D:7      | 33425 ||| Stepping ~*~*~tactically~*~*~ (outnumbered).
 33437 | D:7      | 33437 ||| Stepping ~*~*~tactically~*~*~ (outnumbered).
 33439 | D:7      | 33439 ||| Stepping ~*~*~tactically~*~*~ (outnumbered).
 33441 | D:7      | 33441 ||| Stepping ~*~*~tactically~*~*~ (outnumbered).
 33443 | D:7      | 33443 ||| Stepping ~*~*~tactically~*~*~ (outnumbered).
 33445 | D:7      | 33445 ||| Stepping ~*~*~tactically~*~*~ (outnumbered).
 33457 | D:7      | 33457 ||| Stepping ~*~*~tactically~*~*~ (outnumbered).
 33459 | D:7      | 33459 ||| Stepping ~*~*~tactically~*~*~ (outnumbered).
 33461 | D:7      | 33461 ||| Stepping ~*~*~tactically~*~*~ (outnumbered).
 33463 | D:7      | 33463 ||| Stepping ~*~*~tactically~*~*~ (outnumbered).
 33465 | D:7      | 33465 ||| Stepping ~*~*~tactically~*~*~ (outnumbered).
 33477 | D:7      | 33477 ||| Stepping ~*~*~tactically~*~*~ (outnumbered).
 33479 | D:7      | 33479 ||| Stepping ~*~*~tactically~*~*~ (outnumbered).
 33481 | D:7      | 33481 ||| Stepping ~*~*~tactically~*~*~ (outnumbered).
 33483 | D:7      | 33483 ||| Stepping ~*~*~tactically~*~*~ (outnumbered).
 33485 | D:7      | 33485 ||| Stepping ~*~*~tactically~*~*~ (outnumbered).
 33497 | D:7      | 33497 ||| Stepping ~*~*~tactically~*~*~ (outnumbered).
 33499 | D:7      | 33499 ||| Stepping ~*~*~tactically~*~*~ (outnumbered).
 33501 | D:7      | 33501 ||| Stepping ~*~*~tactically~*~*~ (outnumbered).
 33503 | D:7      | 33503 ||| Stepping ~*~*~tactically~*~*~ (outnumbered).
 33505 | D:7      | 33505 ||| Stepping ~*~*~tactically~*~*~ (outnumbered).
 33517 | D:7      | 33517 ||| Stepping ~*~*~tactically~*~*~ (outnumbered).
 33519 | D:7      | 33519 ||| Stepping ~*~*~tactically~*~*~ (outnumbered).
 33521 | D:7      | 33521 ||| Stepping ~*~*~tactically~*~*~ (outnumbered).
 33523 | D:7      | 33523 ||| Stepping ~*~*~tactically~*~*~ (outnumbered).
 33525 | D:7      | 33525 ||| Stepping ~*~*~tactically~*~*~ (outnumbered).
 33537 | D:7      | 33537 ||| Stepping ~*~*~tactically~*~*~ (outnumbered).
 33539 | D:7      | 33539 ||| Stepping ~*~*~tactically~*~*~ (outnumbered).
 33541 | D:7      | 33541 ||| Stepping ~*~*~tactically~*~*~ (outnumbered).
 33543 | D:7      | 33543 ||| Stepping ~*~*~tactically~*~*~ (outnumbered).
 33545 | D:7      | 33545 ||| Stepping ~*~*~tactically~*~*~ (outnumbered).
 33557 | D:7      | 33557 ||| Stepping ~*~*~tactically~*~*~ (outnumbered).
 33559 | D:7      | 33559 ||| Stepping ~*~*~tactically~*~*~ (outnumbered).
 33561 | D:7      | 33561 ||| Stepping ~*~*~tactically~*~*~ (outnumbered).
 33563 | D:7      | 33563 ||| Stepping ~*~*~tactically~*~*~ (outnumbered).
 33565 | D:7      | 33565 ||| Stepping ~*~*~tactically~*~*~ (outnumbered).
 33577 | D:7      | 33577 ||| Stepping ~*~*~tactically~*~*~ (outnumbered).
 33579 | D:7      | 33579 ||| Stepping ~*~*~tactically~*~*~ (outnumbered).
 33581 | D:7      | 33581 ||| Stepping ~*~*~tactically~*~*~ (outnumbered).
 33583 | D:7      | 33583 ||| Stepping ~*~*~tactically~*~*~ (outnumbered).
 33585 | D:7      | 33585 ||| Stepping ~*~*~tactically~*~*~ (outnumbered).
 33597 | D:7      | 33597 ||| Stepping ~*~*~tactically~*~*~ (outnumbered).
 33599 | D:7      | 33599 ||| Stepping ~*~*~tactically~*~*~ (outnumbered).
 33601 | D:7      | 33601 ||| Stepping ~*~*~tactically~*~*~ (outnumbered).
 33603 | D:7      | 33603 ||| Stepping ~*~*~tactically~*~*~ (outnumbered).
 33605 | D:7      | 33605 ||| Stepping ~*~*~tactically~*~*~ (outnumbered).
 33617 | D:7      | 33617 ||| Stepping ~*~*~tactically~*~*~ (outnumbered).
 33619 | D:7      | 33619 ||| Stepping ~*~*~tactically~*~*~ (outnumbered).
 33621 | D:7      | 33621 ||| Stepping ~*~*~tactically~*~*~ (outnumbered).
 33623 | D:7      | 33623 ||| Stepping ~*~*~tactically~*~*~ (outnumbered).
 33625 | D:7      | 33625 ||| Stepping ~*~*~tactically~*~*~ (outnumbered).
 33637 | D:7      | 33637 ||| Stepping ~*~*~tactically~*~*~ (outnumbered).
 33639 | D:7      | 33639 ||| Stepping ~*~*~tactically~*~*~ (outnumbered).
 33641 | D:7      | 33641 ||| Stepping ~*~*~tactically~*~*~ (outnumbered).
 33643 | D:7      | 33643 ||| Stepping ~*~*~tactically~*~*~ (outnumbered).
 33645 | D:7      | 33645 ||| Stepping ~*~*~tactically~*~*~ (outnumbered).
 33657 | D:7      | 33657 ||| Stepping ~*~*~tactically~*~*~ (outnumbered).
 33659 | D:7      | 33659 ||| Stepping ~*~*~tactically~*~*~ (outnumbered).
 33661 | D:7      | 33661 ||| Stepping ~*~*~tactically~*~*~ (outnumbered).
 33663 | D:7      | 33663 ||| Stepping ~*~*~tactically~*~*~ (outnumbered).
 33665 | D:7      | 33665 ||| Stepping ~*~*~tactically~*~*~ (outnumbered).
 33677 | D:7      | 33677 ||| Stepping ~*~*~tactically~*~*~ (outnumbered).
 33679 | D:7      | 33679 ||| Stepping ~*~*~tactically~*~*~ (outnumbered).
 33681 | D:7      | 33681 ||| Stepping ~*~*~tactically~*~*~ (outnumbered).
 33683 | D:7      | 33683 ||| Stepping ~*~*~tactically~*~*~ (outnumbered).
 33685 | D:7      | 33685 ||| Stepping ~*~*~tactically~*~*~ (outnumbered).
 33697 | D:7      | 33697 ||| Stepping ~*~*~tactically~*~*~ (outnumbered).
 33699 | D:7      | 33699 ||| Stepping ~*~*~tactically~*~*~ (outnumbered).
 33701 | D:7      | 33701 ||| Stepping ~*~*~tactically~*~*~ (outnumbered).
 33703 | D:7      | 33703 ||| Stepping ~*~*~tactically~*~*~ (outnumbered).
 33705 | D:7      | 33705 ||| Stepping ~*~*~tactically~*~*~ (outnumbered).
 33717 | D:7      | 33717 ||| Stepping ~*~*~tactically~*~*~ (outnumbered).
 33719 | D:7      | 33719 ||| Stepping ~*~*~tactically~*~*~ (outnumbered).
 33721 | D:7      | 33721 ||| Stepping ~*~*~tactically~*~*~ (outnumbered).
 33723 | D:7      | 33723 ||| Stepping ~*~*~tactically~*~*~ (outnumbered).
 33725 | D:7      | 33725 ||| Stepping ~*~*~tactically~*~*~ (outnumbered).
 33737 | D:7      | 33737 ||| Stepping ~*~*~tactically~*~*~ (outnumbered).
 33739 | D:7      | 33739 ||| Stepping ~*~*~tactically~*~*~ (outnumbered).
 33741 | D:7      | 33741 ||| Stepping ~*~*~tactically~*~*~ (outnumbered).
 33743 | D:7      | 33743 ||| Stepping ~*~*~tactically~*~*~ (outnumbered).
 33745 | D:7      | 33745 ||| Stepping ~*~*~tactically~*~*~ (outnumbered).
 33757 | D:7      | 33757 ||| Stepping ~*~*~tactically~*~*~ (outnumbered).
 33759 | D:7      | 33759 ||| Stepping ~*~*~tactically~*~*~ (outnumbered).
 33761 | D:7      | 33761 ||| Stepping ~*~*~tactically~*~*~ (outnumbered).
 33763 | D:7      | 33763 ||| Stepping ~*~*~tactically~*~*~ (outnumbered).
 33765 | D:7      | 33765 ||| Stepping ~*~*~tactically~*~*~ (outnumbered).
 33772 | D:7      | Glimpsed the power of Zot.
 33777 | D:7      | 33777 ||| Stepping ~*~*~tactically~*~*~ (outnumbered).
 33779 | D:7      | 33779 ||| Stepping ~*~*~tactically~*~*~ (outnumbered).
 33781 | D:7      | 33781 ||| Stepping ~*~*~tactically~*~*~ (outnumbered).
 33783 | D:7      | 33783 ||| Stepping ~*~*~tactically~*~*~ (outnumbered).
 33785 | D:7      | 33785 ||| Stepping ~*~*~tactically~*~*~ (outnumbered).
 33797 | D:7      | 33797 ||| Stepping ~*~*~tactically~*~*~ (outnumbered).
 33799 | D:7      | 33799 ||| Stepping ~*~*~tactically~*~*~ (outnumbered).
 33801 | D:7      | 33801 ||| Stepping ~*~*~tactically~*~*~ (outnumbered).
 33803 | D:7      | 33803 ||| Stepping ~*~*~tactically~*~*~ (outnumbered).
 33805 | D:7      | 33805 ||| Stepping ~*~*~tactically~*~*~ (outnumbered).
 33817 | D:7      | 33817 ||| Stepping ~*~*~tactically~*~*~ (outnumbered).
 33819 | D:7      | 33819 ||| Stepping ~*~*~tactically~*~*~ (outnumbered).
 33821 | D:7      | 33821 ||| Stepping ~*~*~tactically~*~*~ (outnumbered).
 33823 | D:7      | 33823 ||| Stepping ~*~*~tactically~*~*~ (outnumbered).
 33825 | D:7      | 33825 ||| Stepping ~*~*~tactically~*~*~ (outnumbered).
 33837 | D:7      | 33837 ||| Stepping ~*~*~tactically~*~*~ (outnumbered).
 33839 | D:7      | 33839 ||| Stepping ~*~*~tactically~*~*~ (outnumbered).
 33841 | D:7      | 33841 ||| Stepping ~*~*~tactically~*~*~ (outnumbered).
 33843 | D:7      | 33843 ||| Stepping ~*~*~tactically~*~*~ (outnumbered).
 33845 | D:7      | 33845 ||| Stepping ~*~*~tactically~*~*~ (outnumbered).
 33857 | D:7      | 33857 ||| Stepping ~*~*~tactically~*~*~ (outnumbered).
 33859 | D:7      | 33859 ||| Stepping ~*~*~tactically~*~*~ (outnumbered).
 33861 | D:7      | 33861 ||| Stepping ~*~*~tactically~*~*~ (outnumbered).
 33863 | D:7      | 33863 ||| Stepping ~*~*~tactically~*~*~ (outnumbered).
 33865 | D:7      | 33865 ||| Stepping ~*~*~tactically~*~*~ (outnumbered).
 33872 | D:7      | Touched by the power of Zot.
 33873 | D:7      | Glimpsed the power of Zot.
 33877 | D:7      | 33877 ||| Stepping ~*~*~tactically~*~*~ (outnumbered).
 33879 | D:7      | 33879 ||| Stepping ~*~*~tactically~*~*~ (outnumbered).
 33881 | D:7      | 33881 ||| Stepping ~*~*~tactically~*~*~ (outnumbered).
 33883 | D:7      | 33883 ||| Stepping ~*~*~tactically~*~*~ (outnumbered).
 33885 | D:7      | 33885 ||| Stepping ~*~*~tactically~*~*~ (outnumbered).
 33897 | D:7      | 33897 ||| Stepping ~*~*~tactically~*~*~ (outnumbered).
 33899 | D:7      | 33899 ||| Stepping ~*~*~tactically~*~*~ (outnumbered).
 33901 | D:7      | 33901 ||| Stepping ~*~*~tactically~*~*~ (outnumbered).
 33903 | D:7      | 33903 ||| Stepping ~*~*~tactically~*~*~ (outnumbered).
 33905 | D:7      | 33905 ||| Stepping ~*~*~tactically~*~*~ (outnumbered).
 33917 | D:7      | 33917 ||| Stepping ~*~*~tactically~*~*~ (outnumbered).
 33919 | D:7      | 33919 ||| Stepping ~*~*~tactically~*~*~ (outnumbered).
 33921 | D:7      | 33921 ||| Stepping ~*~*~tactically~*~*~ (outnumbered).
 33923 | D:7      | 33923 ||| Stepping ~*~*~tactically~*~*~ (outnumbered).
 33925 | D:7      | 33925 ||| Stepping ~*~*~tactically~*~*~ (outnumbered).
 33937 | D:7      | 33937 ||| Stepping ~*~*~tactically~*~*~ (outnumbered).
 33939 | D:7      | 33939 ||| Stepping ~*~*~tactically~*~*~ (outnumbered).
 33941 | D:7      | 33941 ||| Stepping ~*~*~tactically~*~*~ (outnumbered).
 33943 | D:7      | 33943 ||| Stepping ~*~*~tactically~*~*~ (outnumbered).
 33945 | D:7      | 33945 ||| Stepping ~*~*~tactically~*~*~ (outnumbered).
 33957 | D:7      | 33957 ||| Stepping ~*~*~tactically~*~*~ (outnumbered).
 33959 | D:7      | 33959 ||| Stepping ~*~*~tactically~*~*~ (outnumbered).
 33961 | D:7      | 33961 ||| Stepping ~*~*~tactically~*~*~ (outnumbered).
 33963 | D:7      | 33963 ||| Stepping ~*~*~tactically~*~*~ (outnumbered).
 33965 | D:7      | 33965 ||| Stepping ~*~*~tactically~*~*~ (outnumbered).
 33977 | D:7      | 33977 ||| Stepping ~*~*~tactically~*~*~ (outnumbered).
 33979 | D:7      | 33979 ||| Stepping ~*~*~tactically~*~*~ (outnumbered).
 33981 | D:7      | 33981 ||| Stepping ~*~*~tactically~*~*~ (outnumbered).
 33983 | D:7      | 33983 ||| Stepping ~*~*~tactically~*~*~ (outnumbered).
 33985 | D:7      | 33985 ||| Stepping ~*~*~tactically~*~*~ (outnumbered).
 33997 | D:7      | 33997 ||| Stepping ~*~*~tactically~*~*~ (outnumbered).
 33999 | D:7      | 33999 ||| Stepping ~*~*~tactically~*~*~ (outnumbered).
 34001 | D:7      | 34001 ||| Stepping ~*~*~tactically~*~*~ (outnumbered).
 34003 | D:7      | 34003 ||| Stepping ~*~*~tactically~*~*~ (outnumbered).
 34005 | D:7      | 34005 ||| Stepping ~*~*~tactically~*~*~ (outnumbered).
 34017 | D:7      | 34017 ||| Stepping ~*~*~tactically~*~*~ (outnumbered).
 34019 | D:7      | 34019 ||| Stepping ~*~*~tactically~*~*~ (outnumbered).
 34021 | D:7      | 34021 ||| Stepping ~*~*~tactically~*~*~ (outnumbered).
 34023 | D:7      | 34023 ||| Stepping ~*~*~tactically~*~*~ (outnumbered).
 34025 | D:7      | 34025 ||| Stepping ~*~*~tactically~*~*~ (outnumbered).
 34037 | D:7      | 34037 ||| Stepping ~*~*~tactically~*~*~ (outnumbered).
 34039 | D:7      | 34039 ||| Stepping ~*~*~tactically~*~*~ (outnumbered).
 34041 | D:7      | 34041 ||| Stepping ~*~*~tactically~*~*~ (outnumbered).
 34043 | D:7      | 34043 ||| Stepping ~*~*~tactically~*~*~ (outnumbered).
 34045 | D:7      | 34045 ||| Stepping ~*~*~tactically~*~*~ (outnumbered).
 34057 | D:7      | 34057 ||| Stepping ~*~*~tactically~*~*~ (outnumbered).
 34059 | D:7      | 34059 ||| Stepping ~*~*~tactically~*~*~ (outnumbered).
 34061 | D:7      | 34061 ||| Stepping ~*~*~tactically~*~*~ (outnumbered).
 34063 | D:7      | 34063 ||| Stepping ~*~*~tactically~*~*~ (outnumbered).
 34065 | D:7      | 34065 ||| Stepping ~*~*~tactically~*~*~ (outnumbered).
 34077 | D:7      | 34077 ||| Stepping ~*~*~tactically~*~*~ (outnumbered).
 34079 | D:7      | 34079 ||| Stepping ~*~*~tactically~*~*~ (outnumbered).
 34081 | D:7      | 34081 ||| Stepping ~*~*~tactically~*~*~ (outnumbered).
 34083 | D:7      | 34083 ||| Stepping ~*~*~tactically~*~*~ (outnumbered).
 34085 | D:7      | 34085 ||| Stepping ~*~*~tactically~*~*~ (outnumbered).
 34097 | D:7      | 34097 ||| Stepping ~*~*~tactically~*~*~ (outnumbered).
 34099 | D:7      | 34099 ||| Stepping ~*~*~tactically~*~*~ (outnumbered).
 34101 | D:7      | 34101 ||| Stepping ~*~*~tactically~*~*~ (outnumbered).
 34103 | D:7      | 34103 ||| Stepping ~*~*~tactically~*~*~ (outnumbered).
 34105 | D:7      | 34105 ||| Stepping ~*~*~tactically~*~*~ (outnumbered).
 34117 | D:7      | 34117 ||| Stepping ~*~*~tactically~*~*~ (outnumbered).
 34119 | D:7      | 34119 ||| Stepping ~*~*~tactically~*~*~ (outnumbered).
 34121 | D:7      | 34121 ||| Stepping ~*~*~tactically~*~*~ (outnumbered).
 34123 | D:7      | 34123 ||| Stepping ~*~*~tactically~*~*~ (outnumbered).
 34125 | D:7      | 34125 ||| Stepping ~*~*~tactically~*~*~ (outnumbered).
 34137 | D:7      | 34137 ||| Stepping ~*~*~tactically~*~*~ (outnumbered).
 34139 | D:7      | 34139 ||| Stepping ~*~*~tactically~*~*~ (outnumbered).
 34141 | D:7      | 34141 ||| Stepping ~*~*~tactically~*~*~ (outnumbered).
 34143 | D:7      | 34143 ||| Stepping ~*~*~tactically~*~*~ (outnumbered).
 34145 | D:7      | 34145 ||| Stepping ~*~*~tactically~*~*~ (outnumbered).
 34157 | D:7      | 34157 ||| Stepping ~*~*~tactically~*~*~ (outnumbered).
 34159 | D:7      | 34159 ||| Stepping ~*~*~tactically~*~*~ (outnumbered).
 34161 | D:7      | 34161 ||| Stepping ~*~*~tactically~*~*~ (outnumbered).
 34163 | D:7      | 34163 ||| Stepping ~*~*~tactically~*~*~ (outnumbered).
 34165 | D:7      | 34165 ||| Stepping ~*~*~tactically~*~*~ (outnumbered).
 34177 | D:7      | 34177 ||| Stepping ~*~*~tactically~*~*~ (outnumbered).
 34179 | D:7      | 34179 ||| Stepping ~*~*~tactically~*~*~ (outnumbered).
 34181 | D:7      | 34181 ||| Stepping ~*~*~tactically~*~*~ (outnumbered).
 34183 | D:7      | 34183 ||| Stepping ~*~*~tactically~*~*~ (outnumbered).
 34185 | D:7      | 34185 ||| Stepping ~*~*~tactically~*~*~ (outnumbered).
 34197 | D:7      | 34197 ||| Stepping ~*~*~tactically~*~*~ (outnumbered).
 34199 | D:7      | 34199 ||| Stepping ~*~*~tactically~*~*~ (outnumbered).
 34201 | D:7      | 34201 ||| Stepping ~*~*~tactically~*~*~ (outnumbered).
 34203 | D:7      | 34203 ||| Stepping ~*~*~tactically~*~*~ (outnumbered).
 34205 | D:7      | 34205 ||| Stepping ~*~*~tactically~*~*~ (outnumbered).
 34217 | D:7      | 34217 ||| Stepping ~*~*~tactically~*~*~ (outnumbered).
 34219 | D:7      | 34219 ||| Stepping ~*~*~tactically~*~*~ (outnumbered).
 34221 | D:7      | 34221 ||| Stepping ~*~*~tactically~*~*~ (outnumbered).
 34223 | D:7      | 34223 ||| Stepping ~*~*~tactically~*~*~ (outnumbered).
 34225 | D:7      | 34225 ||| Stepping ~*~*~tactically~*~*~ (outnumbered).
 34237 | D:7      | 34237 ||| Stepping ~*~*~tactically~*~*~ (outnumbered).
 34239 | D:7      | 34239 ||| Stepping ~*~*~tactically~*~*~ (outnumbered).
 34241 | D:7      | 34241 ||| Stepping ~*~*~tactically~*~*~ (outnumbered).
 34243 | D:7      | 34243 ||| Stepping ~*~*~tactically~*~*~ (outnumbered).
 34245 | D:7      | 34245 ||| Stepping ~*~*~tactically~*~*~ (outnumbered).
 34257 | D:7      | 34257 ||| Stepping ~*~*~tactically~*~*~ (outnumbered).
 34259 | D:7      | 34259 ||| Stepping ~*~*~tactically~*~*~ (outnumbered).
 34261 | D:7      | 34261 ||| Stepping ~*~*~tactically~*~*~ (outnumbered).
 34263 | D:7      | 34263 ||| Stepping ~*~*~tactically~*~*~ (outnumbered).
 34265 | D:7      | 34265 ||| Stepping ~*~*~tactically~*~*~ (outnumbered).
 34277 | D:7      | 34277 ||| Stepping ~*~*~tactically~*~*~ (outnumbered).
 34279 | D:7      | 34279 ||| Stepping ~*~*~tactically~*~*~ (outnumbered).
 34281 | D:7      | 34281 ||| Stepping ~*~*~tactically~*~*~ (outnumbered).
 34283 | D:7      | 34283 ||| Stepping ~*~*~tactically~*~*~ (outnumbered).
 34285 | D:7      | 34285 ||| Stepping ~*~*~tactically~*~*~ (outnumbered).
 34297 | D:7      | 34297 ||| Stepping ~*~*~tactically~*~*~ (outnumbered).
 34299 | D:7      | 34299 ||| Stepping ~*~*~tactically~*~*~ (outnumbered).
 34301 | D:7      | 34301 ||| Stepping ~*~*~tactically~*~*~ (outnumbered).
 34303 | D:7      | 34303 ||| Stepping ~*~*~tactically~*~*~ (outnumbered).
 34305 | D:7      | 34305 ||| Stepping ~*~*~tactically~*~*~ (outnumbered).
 34317 | D:7      | 34317 ||| Stepping ~*~*~tactically~*~*~ (outnumbered).
 34319 | D:7      | 34319 ||| Stepping ~*~*~tactically~*~*~ (outnumbered).
 34321 | D:7      | 34321 ||| Stepping ~*~*~tactically~*~*~ (outnumbered).
 34323 | D:7      | 34323 ||| Stepping ~*~*~tactically~*~*~ (outnumbered).
 34325 | D:7      | 34325 ||| Stepping ~*~*~tactically~*~*~ (outnumbered).
 34337 | D:7      | 34337 ||| Stepping ~*~*~tactically~*~*~ (outnumbered).
 34339 | D:7      | 34339 ||| Stepping ~*~*~tactically~*~*~ (outnumbered).
 34341 | D:7      | 34341 ||| Stepping ~*~*~tactically~*~*~ (outnumbered).
 34343 | D:7      | 34343 ||| Stepping ~*~*~tactically~*~*~ (outnumbered).
 34345 | D:7      | 34345 ||| Stepping ~*~*~tactically~*~*~ (outnumbered).
 34357 | D:7      | 34357 ||| Stepping ~*~*~tactically~*~*~ (outnumbered).
 34359 | D:7      | 34359 ||| Stepping ~*~*~tactically~*~*~ (outnumbered).
 34361 | D:7      | 34361 ||| Stepping ~*~*~tactically~*~*~ (outnumbered).
 34363 | D:7      | 34363 ||| Stepping ~*~*~tactically~*~*~ (outnumbered).
 34365 | D:7      | 34365 ||| Stepping ~*~*~tactically~*~*~ (outnumbered).
 34373 | D:7      | Glimpsed the power of Zot.
 34377 | D:7      | 34377 ||| Stepping ~*~*~tactically~*~*~ (outnumbered).
 34379 | D:7      | 34379 ||| Stepping ~*~*~tactically~*~*~ (outnumbered).
 34381 | D:7      | 34381 ||| Stepping ~*~*~tactically~*~*~ (outnumbered).
 34383 | D:7      | 34383 ||| Stepping ~*~*~tactically~*~*~ (outnumbered).
 34385 | D:7      | 34385 ||| Stepping ~*~*~tactically~*~*~ (outnumbered).
 34397 | D:7      | 34397 ||| Stepping ~*~*~tactically~*~*~ (outnumbered).
 34399 | D:7      | 34399 ||| Stepping ~*~*~tactically~*~*~ (outnumbered).
 34401 | D:7      | 34401 ||| Stepping ~*~*~tactically~*~*~ (outnumbered).
 34403 | D:7      | 34403 ||| Stepping ~*~*~tactically~*~*~ (outnumbered).
 34405 | D:7      | 34405 ||| Stepping ~*~*~tactically~*~*~ (outnumbered).
 34417 | D:7      | 34417 ||| Stepping ~*~*~tactically~*~*~ (outnumbered).
 34419 | D:7      | 34419 ||| Stepping ~*~*~tactically~*~*~ (outnumbered).
 34421 | D:7      | 34421 ||| Stepping ~*~*~tactically~*~*~ (outnumbered).
 34423 | D:7      | 34423 ||| Stepping ~*~*~tactically~*~*~ (outnumbered).
 34425 | D:7      | 34425 ||| Stepping ~*~*~tactically~*~*~ (outnumbered).
 34437 | D:7      | 34437 ||| Stepping ~*~*~tactically~*~*~ (outnumbered).
 34439 | D:7      | 34439 ||| Stepping ~*~*~tactically~*~*~ (outnumbered).
 34441 | D:7      | 34441 ||| Stepping ~*~*~tactically~*~*~ (outnumbered).
 34443 | D:7      | 34443 ||| Stepping ~*~*~tactically~*~*~ (outnumbered).
 34445 | D:7      | 34445 ||| Stepping ~*~*~tactically~*~*~ (outnumbered).
 34457 | D:7      | 34457 ||| Stepping ~*~*~tactically~*~*~ (outnumbered).
 34459 | D:7      | 34459 ||| Stepping ~*~*~tactically~*~*~ (outnumbered).
 34461 | D:7      | 34461 ||| Stepping ~*~*~tactically~*~*~ (outnumbered).
 34463 | D:7      | 34463 ||| Stepping ~*~*~tactically~*~*~ (outnumbered).
 34465 | D:7      | 34465 ||| Stepping ~*~*~tactically~*~*~ (outnumbered).
 34477 | D:7      | 34477 ||| Stepping ~*~*~tactically~*~*~ (outnumbered).
 34479 | D:7      | 34479 ||| Stepping ~*~*~tactically~*~*~ (outnumbered).
 34481 | D:7      | 34481 ||| Stepping ~*~*~tactically~*~*~ (outnumbered).
 34483 | D:7      | 34483 ||| Stepping ~*~*~tactically~*~*~ (outnumbered).
 34485 | D:7      | 34485 ||| Stepping ~*~*~tactically~*~*~ (outnumbered).
 34497 | D:7      | 34497 ||| Stepping ~*~*~tactically~*~*~ (outnumbered).
 34499 | D:7      | 34499 ||| Stepping ~*~*~tactically~*~*~ (outnumbered).
 34501 | D:7      | 34501 ||| Stepping ~*~*~tactically~*~*~ (outnumbered).
 34503 | D:7      | 34503 ||| Stepping ~*~*~tactically~*~*~ (outnumbered).
 34505 | D:7      | 34505 ||| Stepping ~*~*~tactically~*~*~ (outnumbered).
 34517 | D:7      | 34517 ||| Stepping ~*~*~tactically~*~*~ (outnumbered).
 34519 | D:7      | 34519 ||| Stepping ~*~*~tactically~*~*~ (outnumbered).
 34521 | D:7      | 34521 ||| Stepping ~*~*~tactically~*~*~ (outnumbered).
 34523 | D:7      | 34523 ||| Stepping ~*~*~tactically~*~*~ (outnumbered).
 34525 | D:7      | 34525 ||| Stepping ~*~*~tactically~*~*~ (outnumbered).
 34537 | D:7      | 34537 ||| Stepping ~*~*~tactically~*~*~ (outnumbered).
 34539 | D:7      | 34539 ||| Stepping ~*~*~tactically~*~*~ (outnumbered).
 34541 | D:7      | 34541 ||| Stepping ~*~*~tactically~*~*~ (outnumbered).
 34543 | D:7      | 34543 ||| Stepping ~*~*~tactically~*~*~ (outnumbered).
 34545 | D:7      | 34545 ||| Stepping ~*~*~tactically~*~*~ (outnumbered).
 34557 | D:7      | 34557 ||| Stepping ~*~*~tactically~*~*~ (outnumbered).
 34559 | D:7      | 34559 ||| Stepping ~*~*~tactically~*~*~ (outnumbered).
 34561 | D:7      | 34561 ||| Stepping ~*~*~tactically~*~*~ (outnumbered).
 34563 | D:7      | 34563 ||| Stepping ~*~*~tactically~*~*~ (outnumbered).
 34565 | D:7      | 34565 ||| Stepping ~*~*~tactically~*~*~ (outnumbered).
 34577 | D:7      | 34577 ||| Stepping ~*~*~tactically~*~*~ (outnumbered).
 34579 | D:7      | 34579 ||| Stepping ~*~*~tactically~*~*~ (outnumbered).
 34581 | D:7      | 34581 ||| Stepping ~*~*~tactically~*~*~ (outnumbered).
 34583 | D:7      | 34583 ||| Stepping ~*~*~tactically~*~*~ (outnumbered).
 34585 | D:7      | 34585 ||| Stepping ~*~*~tactically~*~*~ (outnumbered).
 34597 | D:7      | 34597 ||| Stepping ~*~*~tactically~*~*~ (outnumbered).
 34599 | D:7      | 34599 ||| Stepping ~*~*~tactically~*~*~ (outnumbered).
 34601 | D:7      | 34601 ||| Stepping ~*~*~tactically~*~*~ (outnumbered).
 34603 | D:7      | 34603 ||| Stepping ~*~*~tactically~*~*~ (outnumbered).
 34605 | D:7      | 34605 ||| Stepping ~*~*~tactically~*~*~ (outnumbered).
 34617 | D:7      | 34617 ||| Stepping ~*~*~tactically~*~*~ (outnumbered).
 34619 | D:7      | 34619 ||| Stepping ~*~*~tactically~*~*~ (outnumbered).
 34621 | D:7      | 34621 ||| Stepping ~*~*~tactically~*~*~ (outnumbered).
 34623 | D:7      | 34623 ||| Stepping ~*~*~tactically~*~*~ (outnumbered).
 34625 | D:7      | 34625 ||| Stepping ~*~*~tactically~*~*~ (outnumbered).
 34637 | D:7      | 34637 ||| Stepping ~*~*~tactically~*~*~ (outnumbered).
 34639 | D:7      | 34639 ||| Stepping ~*~*~tactically~*~*~ (outnumbered).
 34641 | D:7      | 34641 ||| Stepping ~*~*~tactically~*~*~ (outnumbered).
 34643 | D:7      | 34643 ||| Stepping ~*~*~tactically~*~*~ (outnumbered).
 34645 | D:7      | 34645 ||| Stepping ~*~*~tactically~*~*~ (outnumbered).
 34657 | D:7      | 34657 ||| Stepping ~*~*~tactically~*~*~ (outnumbered).
 34659 | D:7      | 34659 ||| Stepping ~*~*~tactically~*~*~ (outnumbered).
 34661 | D:7      | 34661 ||| Stepping ~*~*~tactically~*~*~ (outnumbered).
 34663 | D:7      | 34663 ||| Stepping ~*~*~tactically~*~*~ (outnumbered).
 34665 | D:7      | 34665 ||| Stepping ~*~*~tactically~*~*~ (outnumbered).
 34677 | D:7      | 34677 ||| Stepping ~*~*~tactically~*~*~ (outnumbered).
 34679 | D:7      | 34679 ||| Stepping ~*~*~tactically~*~*~ (outnumbered).
 34681 | D:7      | 34681 ||| Stepping ~*~*~tactically~*~*~ (outnumbered).
 34683 | D:7      | 34683 ||| Stepping ~*~*~tactically~*~*~ (outnumbered).
 34685 | D:7      | 34685 ||| Stepping ~*~*~tactically~*~*~ (outnumbered).
 34697 | D:7      | 34697 ||| Stepping ~*~*~tactically~*~*~ (outnumbered).
 34699 | D:7      | 34699 ||| Stepping ~*~*~tactically~*~*~ (outnumbered).
 34701 | D:7      | 34701 ||| Stepping ~*~*~tactically~*~*~ (outnumbered).
 34703 | D:7      | 34703 ||| Stepping ~*~*~tactically~*~*~ (outnumbered).
 34705 | D:7      | 34705 ||| Stepping ~*~*~tactically~*~*~ (outnumbered).
 34717 | D:7      | 34717 ||| Stepping ~*~*~tactically~*~*~ (outnumbered).
 34719 | D:7      | 34719 ||| Stepping ~*~*~tactically~*~*~ (outnumbered).
 34721 | D:7      | 34721 ||| Stepping ~*~*~tactically~*~*~ (outnumbered).
 34723 | D:7      | 34723 ||| Stepping ~*~*~tactically~*~*~ (outnumbered).
 34725 | D:7      | 34725 ||| Stepping ~*~*~tactically~*~*~ (outnumbered).
 34737 | D:7      | 34737 ||| Stepping ~*~*~tactically~*~*~ (outnumbered).
 34739 | D:7      | 34739 ||| Stepping ~*~*~tactically~*~*~ (outnumbered).
 34741 | D:7      | 34741 ||| Stepping ~*~*~tactically~*~*~ (outnumbered).
 34743 | D:7      | 34743 ||| Stepping ~*~*~tactically~*~*~ (outnumbered).
 34745 | D:7      | 34745 ||| Stepping ~*~*~tactically~*~*~ (outnumbered).
 34757 | D:7      | 34757 ||| Stepping ~*~*~tactically~*~*~ (outnumbered).
 34759 | D:7      | 34759 ||| Stepping ~*~*~tactically~*~*~ (outnumbered).
 34761 | D:7      | 34761 ||| Stepping ~*~*~tactically~*~*~ (outnumbered).
 34763 | D:7      | 34763 ||| Stepping ~*~*~tactically~*~*~ (outnumbered).
 34765 | D:7      | 34765 ||| Stepping ~*~*~tactically~*~*~ (outnumbered).
 34773 | D:7      | Glimpsed the power of Zot.
 34777 | D:7      | 34777 ||| Stepping ~*~*~tactically~*~*~ (outnumbered).
 34779 | D:7      | 34779 ||| Stepping ~*~*~tactically~*~*~ (outnumbered).
 34781 | D:7      | 34781 ||| Stepping ~*~*~tactically~*~*~ (outnumbered).
 34783 | D:7      | 34783 ||| Stepping ~*~*~tactically~*~*~ (outnumbered).
 34785 | D:7      | 34785 ||| Stepping ~*~*~tactically~*~*~ (outnumbered).
 34797 | D:7      | 34797 ||| Stepping ~*~*~tactically~*~*~ (outnumbered).
 34799 | D:7      | 34799 ||| Stepping ~*~*~tactically~*~*~ (outnumbered).
 34801 | D:7      | 34801 ||| Stepping ~*~*~tactically~*~*~ (outnumbered).
 34803 | D:7      | 34803 ||| Stepping ~*~*~tactically~*~*~ (outnumbered).
 34805 | D:7      | 34805 ||| Stepping ~*~*~tactically~*~*~ (outnumbered).
 34817 | D:7      | 34817 ||| Stepping ~*~*~tactically~*~*~ (outnumbered).
 34819 | D:7      | 34819 ||| Stepping ~*~*~tactically~*~*~ (outnumbered).
 34821 | D:7      | 34821 ||| Stepping ~*~*~tactically~*~*~ (outnumbered).
 34823 | D:7      | 34823 ||| Stepping ~*~*~tactically~*~*~ (outnumbered).
 34825 | D:7      | 34825 ||| Stepping ~*~*~tactically~*~*~ (outnumbered).
 34837 | D:7      | 34837 ||| Stepping ~*~*~tactically~*~*~ (outnumbered).
 34839 | D:7      | 34839 ||| Stepping ~*~*~tactically~*~*~ (outnumbered).
 34841 | D:7      | 34841 ||| Stepping ~*~*~tactically~*~*~ (outnumbered).
 34843 | D:7      | 34843 ||| Stepping ~*~*~tactically~*~*~ (outnumbered).
 34845 | D:7      | 34845 ||| Stepping ~*~*~tactically~*~*~ (outnumbered).
 34857 | D:7      | 34857 ||| Stepping ~*~*~tactically~*~*~ (outnumbered).
 34859 | D:7      | 34859 ||| Stepping ~*~*~tactically~*~*~ (outnumbered).
 34861 | D:7      | 34861 ||| Stepping ~*~*~tactically~*~*~ (outnumbered).
 34863 | D:7      | 34863 ||| Stepping ~*~*~tactically~*~*~ (outnumbered).
 34865 | D:7      | 34865 ||| Stepping ~*~*~tactically~*~*~ (outnumbered).
 34872 | D:7      | Touched by the power of Zot.
 34873 | D:7      | Glimpsed the power of Zot.
 34877 | D:7      | 34877 ||| Stepping ~*~*~tactically~*~*~ (outnumbered).
 34879 | D:7      | 34879 ||| Stepping ~*~*~tactically~*~*~ (outnumbered).
 34881 | D:7      | 34881 ||| Stepping ~*~*~tactically~*~*~ (outnumbered).
 34883 | D:7      | 34883 ||| Stepping ~*~*~tactically~*~*~ (outnumbered).
 34885 | D:7      | 34885 ||| Stepping ~*~*~tactically~*~*~ (outnumbered).
 34897 | D:7      | 34897 ||| Stepping ~*~*~tactically~*~*~ (outnumbered).
 34899 | D:7      | 34899 ||| Stepping ~*~*~tactically~*~*~ (outnumbered).
 34901 | D:7      | 34901 ||| Stepping ~*~*~tactically~*~*~ (outnumbered).
 34903 | D:7      | 34903 ||| Stepping ~*~*~tactically~*~*~ (outnumbered).
 34905 | D:7      | 34905 ||| Stepping ~*~*~tactically~*~*~ (outnumbered).
 34917 | D:7      | 34917 ||| Stepping ~*~*~tactically~*~*~ (outnumbered).
 34919 | D:7      | 34919 ||| Stepping ~*~*~tactically~*~*~ (outnumbered).
 34921 | D:7      | 34921 ||| Stepping ~*~*~tactically~*~*~ (outnumbered).
 34923 | D:7      | 34923 ||| Stepping ~*~*~tactically~*~*~ (outnumbered).
 34925 | D:7      | 34925 ||| Stepping ~*~*~tactically~*~*~ (outnumbered).
 34937 | D:7      | 34937 ||| Stepping ~*~*~tactically~*~*~ (outnumbered).
 34939 | D:7      | 34939 ||| Stepping ~*~*~tactically~*~*~ (outnumbered).
 34941 | D:7      | 34941 ||| Stepping ~*~*~tactically~*~*~ (outnumbered).
 34943 | D:7      | 34943 ||| Stepping ~*~*~tactically~*~*~ (outnumbered).
 34945 | D:7      | 34945 ||| Stepping ~*~*~tactically~*~*~ (outnumbered).
 34957 | D:7      | 34957 ||| Stepping ~*~*~tactically~*~*~ (outnumbered).
 34959 | D:7      | 34959 ||| Stepping ~*~*~tactically~*~*~ (outnumbered).
 34961 | D:7      | 34961 ||| Stepping ~*~*~tactically~*~*~ (outnumbered).
 34963 | D:7      | 34963 ||| Stepping ~*~*~tactically~*~*~ (outnumbered).
 34965 | D:7      | 34965 ||| Stepping ~*~*~tactically~*~*~ (outnumbered).
 34977 | D:7      | 34977 ||| Stepping ~*~*~tactically~*~*~ (outnumbered).
 34979 | D:7      | 34979 ||| Stepping ~*~*~tactically~*~*~ (outnumbered).
 34981 | D:7      | 34981 ||| Stepping ~*~*~tactically~*~*~ (outnumbered).
 34983 | D:7      | 34983 ||| Stepping ~*~*~tactically~*~*~ (outnumbered).
 34985 | D:7      | 34985 ||| Stepping ~*~*~tactically~*~*~ (outnumbered).
 34997 | D:7      | 34997 ||| Stepping ~*~*~tactically~*~*~ (outnumbered).
 34999 | D:7      | 34999 ||| Stepping ~*~*~tactically~*~*~ (outnumbered).
 35001 | D:7      | 35001 ||| Stepping ~*~*~tactically~*~*~ (outnumbered).
 35003 | D:7      | 35003 ||| Stepping ~*~*~tactically~*~*~ (outnumbered).
 35005 | D:7      | 35005 ||| Stepping ~*~*~tactically~*~*~ (outnumbered).
 35017 | D:7      | 35017 ||| Stepping ~*~*~tactically~*~*~ (outnumbered).
 35019 | D:7      | 35019 ||| Stepping ~*~*~tactically~*~*~ (outnumbered).
 35021 | D:7      | 35021 ||| Stepping ~*~*~tactically~*~*~ (outnumbered).
 35023 | D:7      | 35023 ||| Stepping ~*~*~tactically~*~*~ (outnumbered).
 35025 | D:7      | 35025 ||| Stepping ~*~*~tactically~*~*~ (outnumbered).
 35037 | D:7      | 35037 ||| Stepping ~*~*~tactically~*~*~ (outnumbered).
 35039 | D:7      | 35039 ||| Stepping ~*~*~tactically~*~*~ (outnumbered).
 35041 | D:7      | 35041 ||| Stepping ~*~*~tactically~*~*~ (outnumbered).
 35043 | D:7      | 35043 ||| Stepping ~*~*~tactically~*~*~ (outnumbered).
 35045 | D:7      | 35045 ||| Stepping ~*~*~tactically~*~*~ (outnumbered).
 35057 | D:7      | 35057 ||| Stepping ~*~*~tactically~*~*~ (outnumbered).
 35059 | D:7      | 35059 ||| Stepping ~*~*~tactically~*~*~ (outnumbered).
 35061 | D:7      | 35061 ||| Stepping ~*~*~tactically~*~*~ (outnumbered).
 35063 | D:7      | 35063 ||| Stepping ~*~*~tactically~*~*~ (outnumbered).
 35065 | D:7      | 35065 ||| Stepping ~*~*~tactically~*~*~ (outnumbered).
 35077 | D:7      | 35077 ||| Stepping ~*~*~tactically~*~*~ (outnumbered).
 35079 | D:7      | 35079 ||| Stepping ~*~*~tactically~*~*~ (outnumbered).
 35081 | D:7      | 35081 ||| Stepping ~*~*~tactically~*~*~ (outnumbered).
 35083 | D:7      | 35083 ||| Stepping ~*~*~tactically~*~*~ (outnumbered).
 35085 | D:7      | 35085 ||| Stepping ~*~*~tactically~*~*~ (outnumbered).
 35097 | D:7      | 35097 ||| Stepping ~*~*~tactically~*~*~ (outnumbered).
 35099 | D:7      | 35099 ||| Stepping ~*~*~tactically~*~*~ (outnumbered).
 35101 | D:7      | 35101 ||| Stepping ~*~*~tactically~*~*~ (outnumbered).
 35103 | D:7      | 35103 ||| Stepping ~*~*~tactically~*~*~ (outnumbered).
 35105 | D:7      | 35105 ||| Stepping ~*~*~tactically~*~*~ (outnumbered).
 35117 | D:7      | 35117 ||| Stepping ~*~*~tactically~*~*~ (outnumbered).
 35119 | D:7      | 35119 ||| Stepping ~*~*~tactically~*~*~ (outnumbered).
 35121 | D:7      | 35121 ||| Stepping ~*~*~tactically~*~*~ (outnumbered).
 35123 | D:7      | 35123 ||| Stepping ~*~*~tactically~*~*~ (outnumbered).
 35125 | D:7      | 35125 ||| Stepping ~*~*~tactically~*~*~ (outnumbered).
 35137 | D:7      | 35137 ||| Stepping ~*~*~tactically~*~*~ (outnumbered).
 35139 | D:7      | 35139 ||| Stepping ~*~*~tactically~*~*~ (outnumbered).
 35141 | D:7      | 35141 ||| Stepping ~*~*~tactically~*~*~ (outnumbered).
 35143 | D:7      | 35143 ||| Stepping ~*~*~tactically~*~*~ (outnumbered).
 35145 | D:7      | 35145 ||| Stepping ~*~*~tactically~*~*~ (outnumbered).
 35157 | D:7      | 35157 ||| Stepping ~*~*~tactically~*~*~ (outnumbered).
 35159 | D:7      | 35159 ||| Stepping ~*~*~tactically~*~*~ (outnumbered).
 35161 | D:7      | 35161 ||| Stepping ~*~*~tactically~*~*~ (outnumbered).
 35163 | D:7      | 35163 ||| Stepping ~*~*~tactically~*~*~ (outnumbered).
 35165 | D:7      | 35165 ||| Stepping ~*~*~tactically~*~*~ (outnumbered).
 35177 | D:7      | 35177 ||| Stepping ~*~*~tactically~*~*~ (outnumbered).
 35179 | D:7      | 35179 ||| Stepping ~*~*~tactically~*~*~ (outnumbered).
 35181 | D:7      | 35181 ||| Stepping ~*~*~tactically~*~*~ (outnumbered).
 35183 | D:7      | 35183 ||| Stepping ~*~*~tactically~*~*~ (outnumbered).
 35185 | D:7      | 35185 ||| Stepping ~*~*~tactically~*~*~ (outnumbered).
 35197 | D:7      | 35197 ||| Stepping ~*~*~tactically~*~*~ (outnumbered).
 35199 | D:7      | 35199 ||| Stepping ~*~*~tactically~*~*~ (outnumbered).
 35201 | D:7      | 35201 ||| Stepping ~*~*~tactically~*~*~ (outnumbered).
 35203 | D:7      | 35203 ||| Stepping ~*~*~tactically~*~*~ (outnumbered).
 35205 | D:7      | 35205 ||| Stepping ~*~*~tactically~*~*~ (outnumbered).
 35217 | D:7      | 35217 ||| Stepping ~*~*~tactically~*~*~ (outnumbered).
 35219 | D:7      | 35219 ||| Stepping ~*~*~tactically~*~*~ (outnumbered).
 35221 | D:7      | 35221 ||| Stepping ~*~*~tactically~*~*~ (outnumbered).
 35223 | D:7      | 35223 ||| Stepping ~*~*~tactically~*~*~ (outnumbered).
 35225 | D:7      | 35225 ||| Stepping ~*~*~tactically~*~*~ (outnumbered).
 35237 | D:7      | 35237 ||| Stepping ~*~*~tactically~*~*~ (outnumbered).
 35239 | D:7      | 35239 ||| Stepping ~*~*~tactically~*~*~ (outnumbered).
 35241 | D:7      | 35241 ||| Stepping ~*~*~tactically~*~*~ (outnumbered).
 35243 | D:7      | 35243 ||| Stepping ~*~*~tactically~*~*~ (outnumbered).
 35245 | D:7      | 35245 ||| Stepping ~*~*~tactically~*~*~ (outnumbered).
 35257 | D:7      | 35257 ||| Stepping ~*~*~tactically~*~*~ (outnumbered).
 35259 | D:7      | 35259 ||| Stepping ~*~*~tactically~*~*~ (outnumbered).
 35261 | D:7      | 35261 ||| Stepping ~*~*~tactically~*~*~ (outnumbered).
 35263 | D:7      | 35263 ||| Stepping ~*~*~tactically~*~*~ (outnumbered).
 35265 | D:7      | 35265 ||| Stepping ~*~*~tactically~*~*~ (outnumbered).
 35277 | D:7      | 35277 ||| Stepping ~*~*~tactically~*~*~ (outnumbered).
 35279 | D:7      | 35279 ||| Stepping ~*~*~tactically~*~*~ (outnumbered).
 35281 | D:7      | 35281 ||| Stepping ~*~*~tactically~*~*~ (outnumbered).
 35283 | D:7      | 35283 ||| Stepping ~*~*~tactically~*~*~ (outnumbered).
 35285 | D:7      | 35285 ||| Stepping ~*~*~tactically~*~*~ (outnumbered).
 35297 | D:7      | 35297 ||| Stepping ~*~*~tactically~*~*~ (outnumbered).
 35299 | D:7      | 35299 ||| Stepping ~*~*~tactically~*~*~ (outnumbered).
 35301 | D:7      | 35301 ||| Stepping ~*~*~tactically~*~*~ (outnumbered).
 35303 | D:7      | 35303 ||| Stepping ~*~*~tactically~*~*~ (outnumbered).
 35305 | D:7      | 35305 ||| Stepping ~*~*~tactically~*~*~ (outnumbered).
 35317 | D:7      | 35317 ||| Stepping ~*~*~tactically~*~*~ (outnumbered).
 35319 | D:7      | 35319 ||| Stepping ~*~*~tactically~*~*~ (outnumbered).
 35321 | D:7      | 35321 ||| Stepping ~*~*~tactically~*~*~ (outnumbered).
 35323 | D:7      | 35323 ||| Stepping ~*~*~tactically~*~*~ (outnumbered).
 35325 | D:7      | 35325 ||| Stepping ~*~*~tactically~*~*~ (outnumbered).
 35337 | D:7      | 35337 ||| Stepping ~*~*~tactically~*~*~ (outnumbered).
 35339 | D:7      | 35339 ||| Stepping ~*~*~tactically~*~*~ (outnumbered).
 35341 | D:7      | 35341 ||| Stepping ~*~*~tactically~*~*~ (outnumbered).
 35343 | D:7      | 35343 ||| Stepping ~*~*~tactically~*~*~ (outnumbered).
 35345 | D:7      | 35345 ||| Stepping ~*~*~tactically~*~*~ (outnumbered).
 35357 | D:7      | 35357 ||| Stepping ~*~*~tactically~*~*~ (outnumbered).
 35359 | D:7      | 35359 ||| Stepping ~*~*~tactically~*~*~ (outnumbered).
 35361 | D:7      | 35361 ||| Stepping ~*~*~tactically~*~*~ (outnumbered).
 35363 | D:7      | 35363 ||| Stepping ~*~*~tactically~*~*~ (outnumbered).
 35365 | D:7      | 35365 ||| Stepping ~*~*~tactically~*~*~ (outnumbered).
 35373 | D:7      | Glimpsed the power of Zot.
 35377 | D:7      | 35377 ||| Stepping ~*~*~tactically~*~*~ (outnumbered).
 35379 | D:7      | 35379 ||| Stepping ~*~*~tactically~*~*~ (outnumbered).
 35381 | D:7      | 35381 ||| Stepping ~*~*~tactically~*~*~ (outnumbered).
 35383 | D:7      | 35383 ||| Stepping ~*~*~tactically~*~*~ (outnumbered).
 35385 | D:7      | 35385 ||| Stepping ~*~*~tactically~*~*~ (outnumbered).
 35397 | D:7      | 35397 ||| Stepping ~*~*~tactically~*~*~ (outnumbered).
 35399 | D:7      | 35399 ||| Stepping ~*~*~tactically~*~*~ (outnumbered).
 35401 | D:7      | 35401 ||| Stepping ~*~*~tactically~*~*~ (outnumbered).
 35403 | D:7      | 35403 ||| Stepping ~*~*~tactically~*~*~ (outnumbered).
 35405 | D:7      | 35405 ||| Stepping ~*~*~tactically~*~*~ (outnumbered).
 35417 | D:7      | 35417 ||| Stepping ~*~*~tactically~*~*~ (outnumbered).
 35419 | D:7      | 35419 ||| Stepping ~*~*~tactically~*~*~ (outnumbered).
 35421 | D:7      | 35421 ||| Stepping ~*~*~tactically~*~*~ (outnumbered).
 35423 | D:7      | 35423 ||| Stepping ~*~*~tactically~*~*~ (outnumbered).
 35425 | D:7      | 35425 ||| Stepping ~*~*~tactically~*~*~ (outnumbered).
 35437 | D:7      | 35437 ||| Stepping ~*~*~tactically~*~*~ (outnumbered).
 35439 | D:7      | 35439 ||| Stepping ~*~*~tactically~*~*~ (outnumbered).
 35441 | D:7      | 35441 ||| Stepping ~*~*~tactically~*~*~ (outnumbered).
 35443 | D:7      | 35443 ||| Stepping ~*~*~tactically~*~*~ (outnumbered).
 35445 | D:7      | 35445 ||| Stepping ~*~*~tactically~*~*~ (outnumbered).
 35457 | D:7      | 35457 ||| Stepping ~*~*~tactically~*~*~ (outnumbered).
 35459 | D:7      | 35459 ||| Stepping ~*~*~tactically~*~*~ (outnumbered).
 35461 | D:7      | 35461 ||| Stepping ~*~*~tactically~*~*~ (outnumbered).
 35463 | D:7      | 35463 ||| Stepping ~*~*~tactically~*~*~ (outnumbered).
 35465 | D:7      | 35465 ||| Stepping ~*~*~tactically~*~*~ (outnumbered).
 35477 | D:7      | 35477 ||| Stepping ~*~*~tactically~*~*~ (outnumbered).
 35479 | D:7      | 35479 ||| Stepping ~*~*~tactically~*~*~ (outnumbered).
 35481 | D:7      | 35481 ||| Stepping ~*~*~tactically~*~*~ (outnumbered).
 35483 | D:7      | 35483 ||| Stepping ~*~*~tactically~*~*~ (outnumbered).
 35485 | D:7      | 35485 ||| Stepping ~*~*~tactically~*~*~ (outnumbered).
 35497 | D:7      | 35497 ||| Stepping ~*~*~tactically~*~*~ (outnumbered).
 35499 | D:7      | 35499 ||| Stepping ~*~*~tactically~*~*~ (outnumbered).
 35501 | D:7      | 35501 ||| Stepping ~*~*~tactically~*~*~ (outnumbered).
 35503 | D:7      | 35503 ||| Stepping ~*~*~tactically~*~*~ (outnumbered).
 35505 | D:7      | 35505 ||| Stepping ~*~*~tactically~*~*~ (outnumbered).
 35517 | D:7      | 35517 ||| Stepping ~*~*~tactically~*~*~ (outnumbered).
 35519 | D:7      | 35519 ||| Stepping ~*~*~tactically~*~*~ (outnumbered).
 35521 | D:7      | 35521 ||| Stepping ~*~*~tactically~*~*~ (outnumbered).
 35523 | D:7      | 35523 ||| Stepping ~*~*~tactically~*~*~ (outnumbered).
 35525 | D:7      | 35525 ||| Stepping ~*~*~tactically~*~*~ (outnumbered).
 35537 | D:7      | 35537 ||| Stepping ~*~*~tactically~*~*~ (outnumbered).
 35539 | D:7      | 35539 ||| Stepping ~*~*~tactically~*~*~ (outnumbered).
 35541 | D:7      | 35541 ||| Stepping ~*~*~tactically~*~*~ (outnumbered).
 35543 | D:7      | 35543 ||| Stepping ~*~*~tactically~*~*~ (outnumbered).
 35545 | D:7      | 35545 ||| Stepping ~*~*~tactically~*~*~ (outnumbered).
 35557 | D:7      | 35557 ||| Stepping ~*~*~tactically~*~*~ (outnumbered).
 35559 | D:7      | 35559 ||| Stepping ~*~*~tactically~*~*~ (outnumbered).
 35561 | D:7      | 35561 ||| Stepping ~*~*~tactically~*~*~ (outnumbered).
 35563 | D:7      | 35563 ||| Stepping ~*~*~tactically~*~*~ (outnumbered).
 35565 | D:7      | 35565 ||| Stepping ~*~*~tactically~*~*~ (outnumbered).
 35577 | D:7      | 35577 ||| Stepping ~*~*~tactically~*~*~ (outnumbered).
 35579 | D:7      | 35579 ||| Stepping ~*~*~tactically~*~*~ (outnumbered).
 35581 | D:7      | 35581 ||| Stepping ~*~*~tactically~*~*~ (outnumbered).
 35583 | D:7      | 35583 ||| Stepping ~*~*~tactically~*~*~ (outnumbered).
 35585 | D:7      | 35585 ||| Stepping ~*~*~tactically~*~*~ (outnumbered).
 35597 | D:7      | 35597 ||| Stepping ~*~*~tactically~*~*~ (outnumbered).
 35599 | D:7      | 35599 ||| Stepping ~*~*~tactically~*~*~ (outnumbered).
 35601 | D:7      | 35601 ||| Stepping ~*~*~tactically~*~*~ (outnumbered).
 35603 | D:7      | 35603 ||| Stepping ~*~*~tactically~*~*~ (outnumbered).
 35605 | D:7      | 35605 ||| Stepping ~*~*~tactically~*~*~ (outnumbered).
 35617 | D:7      | 35617 ||| Stepping ~*~*~tactically~*~*~ (outnumbered).
 35619 | D:7      | 35619 ||| Stepping ~*~*~tactically~*~*~ (outnumbered).
 35621 | D:7      | 35621 ||| Stepping ~*~*~tactically~*~*~ (outnumbered).
 35623 | D:7      | 35623 ||| Stepping ~*~*~tactically~*~*~ (outnumbered).
 35625 | D:7      | 35625 ||| Stepping ~*~*~tactically~*~*~ (outnumbered).
 35637 | D:7      | 35637 ||| Stepping ~*~*~tactically~*~*~ (outnumbered).
 35639 | D:7      | 35639 ||| Stepping ~*~*~tactically~*~*~ (outnumbered).
 35641 | D:7      | 35641 ||| Stepping ~*~*~tactically~*~*~ (outnumbered).
 35643 | D:7      | 35643 ||| Stepping ~*~*~tactically~*~*~ (outnumbered).
 35645 | D:7      | 35645 ||| Stepping ~*~*~tactically~*~*~ (outnumbered).
 35657 | D:7      | 35657 ||| Stepping ~*~*~tactically~*~*~ (outnumbered).
 35659 | D:7      | 35659 ||| Stepping ~*~*~tactically~*~*~ (outnumbered).
 35661 | D:7      | 35661 ||| Stepping ~*~*~tactically~*~*~ (outnumbered).
 35663 | D:7      | 35663 ||| Stepping ~*~*~tactically~*~*~ (outnumbered).
 35665 | D:7      | 35665 ||| Stepping ~*~*~tactically~*~*~ (outnumbered).
 35677 | D:7      | 35677 ||| Stepping ~*~*~tactically~*~*~ (outnumbered).
 35679 | D:7      | 35679 ||| Stepping ~*~*~tactically~*~*~ (outnumbered).
 35681 | D:7      | 35681 ||| Stepping ~*~*~tactically~*~*~ (outnumbered).
 35683 | D:7      | 35683 ||| Stepping ~*~*~tactically~*~*~ (outnumbered).
 35685 | D:7      | 35685 ||| Stepping ~*~*~tactically~*~*~ (outnumbered).
 35697 | D:7      | 35697 ||| Stepping ~*~*~tactically~*~*~ (outnumbered).
 35699 | D:7      | 35699 ||| Stepping ~*~*~tactically~*~*~ (outnumbered).
 35701 | D:7      | 35701 ||| Stepping ~*~*~tactically~*~*~ (outnumbered).
 35703 | D:7      | 35703 ||| Stepping ~*~*~tactically~*~*~ (outnumbered).
 35705 | D:7      | 35705 ||| Stepping ~*~*~tactically~*~*~ (outnumbered).
 35717 | D:7      | 35717 ||| Stepping ~*~*~tactically~*~*~ (outnumbered).
 35719 | D:7      | 35719 ||| Stepping ~*~*~tactically~*~*~ (outnumbered).
 35721 | D:7      | 35721 ||| Stepping ~*~*~tactically~*~*~ (outnumbered).
 35723 | D:7      | 35723 ||| Stepping ~*~*~tactically~*~*~ (outnumbered).
 35725 | D:7      | 35725 ||| Stepping ~*~*~tactically~*~*~ (outnumbered).
 35737 | D:7      | 35737 ||| Stepping ~*~*~tactically~*~*~ (outnumbered).
 35739 | D:7      | 35739 ||| Stepping ~*~*~tactically~*~*~ (outnumbered).
 35741 | D:7      | 35741 ||| Stepping ~*~*~tactically~*~*~ (outnumbered).
 35743 | D:7      | 35743 ||| Stepping ~*~*~tactically~*~*~ (outnumbered).
 35745 | D:7      | 35745 ||| Stepping ~*~*~tactically~*~*~ (outnumbered).
 35757 | D:7      | 35757 ||| Stepping ~*~*~tactically~*~*~ (outnumbered).
 35759 | D:7      | 35759 ||| Stepping ~*~*~tactically~*~*~ (outnumbered).
 35761 | D:7      | 35761 ||| Stepping ~*~*~tactically~*~*~ (outnumbered).
 35763 | D:7      | 35763 ||| Stepping ~*~*~tactically~*~*~ (outnumbered).
 35765 | D:7      | 35765 ||| Stepping ~*~*~tactically~*~*~ (outnumbered).
 35773 | D:7      | Glimpsed the power of Zot.
 35777 | D:7      | 35777 ||| Stepping ~*~*~tactically~*~*~ (outnumbered).
 35779 | D:7      | 35779 ||| Stepping ~*~*~tactically~*~*~ (outnumbered).
 35781 | D:7      | 35781 ||| Stepping ~*~*~tactically~*~*~ (outnumbered).
 35783 | D:7      | 35783 ||| Stepping ~*~*~tactically~*~*~ (outnumbered).
 35785 | D:7      | 35785 ||| Stepping ~*~*~tactically~*~*~ (outnumbered).
 35797 | D:7      | 35797 ||| Stepping ~*~*~tactically~*~*~ (outnumbered).
 35799 | D:7      | 35799 ||| Stepping ~*~*~tactically~*~*~ (outnumbered).
 35801 | D:7      | 35801 ||| Stepping ~*~*~tactically~*~*~ (outnumbered).
 35803 | D:7      | 35803 ||| Stepping ~*~*~tactically~*~*~ (outnumbered).
 35805 | D:7      | 35805 ||| Stepping ~*~*~tactically~*~*~ (outnumbered).
 35817 | D:7      | 35817 ||| Stepping ~*~*~tactically~*~*~ (outnumbered).
 35819 | D:7      | 35819 ||| Stepping ~*~*~tactically~*~*~ (outnumbered).
 35821 | D:7      | 35821 ||| Stepping ~*~*~tactically~*~*~ (outnumbered).
 35823 | D:7      | 35823 ||| Stepping ~*~*~tactically~*~*~ (outnumbered).
 35825 | D:7      | 35825 ||| Stepping ~*~*~tactically~*~*~ (outnumbered).
 35837 | D:7      | 35837 ||| Stepping ~*~*~tactically~*~*~ (outnumbered).
 35839 | D:7      | 35839 ||| Stepping ~*~*~tactically~*~*~ (outnumbered).
 35841 | D:7      | 35841 ||| Stepping ~*~*~tactically~*~*~ (outnumbered).
 35843 | D:7      | 35843 ||| Stepping ~*~*~tactically~*~*~ (outnumbered).
 35845 | D:7      | 35845 ||| Stepping ~*~*~tactically~*~*~ (outnumbered).
 35857 | D:7      | 35857 ||| Stepping ~*~*~tactically~*~*~ (outnumbered).
 35859 | D:7      | 35859 ||| Stepping ~*~*~tactically~*~*~ (outnumbered).
 35861 | D:7      | 35861 ||| Stepping ~*~*~tactically~*~*~ (outnumbered).
 35863 | D:7      | 35863 ||| Stepping ~*~*~tactically~*~*~ (outnumbered).
 35865 | D:7      | 35865 ||| Stepping ~*~*~tactically~*~*~ (outnumbered).
 35872 | D:7      | Touched by the power of Zot.
 35873 | D:7      | Glimpsed the power of Zot.
 35877 | D:7      | 35877 ||| Stepping ~*~*~tactically~*~*~ (outnumbered).
 35879 | D:7      | 35879 ||| Stepping ~*~*~tactically~*~*~ (outnumbered).
 35881 | D:7      | 35881 ||| Stepping ~*~*~tactically~*~*~ (outnumbered).
 35883 | D:7      | 35883 ||| Stepping ~*~*~tactically~*~*~ (outnumbered).
 35885 | D:7      | 35885 ||| Stepping ~*~*~tactically~*~*~ (outnumbered).
 35897 | D:7      | 35897 ||| Stepping ~*~*~tactically~*~*~ (outnumbered).
 35899 | D:7      | 35899 ||| Stepping ~*~*~tactically~*~*~ (outnumbered).
 35901 | D:7      | 35901 ||| Stepping ~*~*~tactically~*~*~ (outnumbered).
 35903 | D:7      | 35903 ||| Stepping ~*~*~tactically~*~*~ (outnumbered).
 35905 | D:7      | 35905 ||| Stepping ~*~*~tactically~*~*~ (outnumbered).
 35917 | D:7      | 35917 ||| Stepping ~*~*~tactically~*~*~ (outnumbered).
 35919 | D:7      | 35919 ||| Stepping ~*~*~tactically~*~*~ (outnumbered).
 35921 | D:7      | 35921 ||| Stepping ~*~*~tactically~*~*~ (outnumbered).
 35923 | D:7      | 35923 ||| Stepping ~*~*~tactically~*~*~ (outnumbered).
 35925 | D:7      | 35925 ||| Stepping ~*~*~tactically~*~*~ (outnumbered).
 35937 | D:7      | 35937 ||| Stepping ~*~*~tactically~*~*~ (outnumbered).
 35939 | D:7      | 35939 ||| Stepping ~*~*~tactically~*~*~ (outnumbered).
 35941 | D:7      | 35941 ||| Stepping ~*~*~tactically~*~*~ (outnumbered).
 35943 | D:7      | 35943 ||| Stepping ~*~*~tactically~*~*~ (outnumbered).
 35945 | D:7      | 35945 ||| Stepping ~*~*~tactically~*~*~ (outnumbered).
 35957 | D:7      | 35957 ||| Stepping ~*~*~tactically~*~*~ (outnumbered).
 35959 | D:7      | 35959 ||| Stepping ~*~*~tactically~*~*~ (outnumbered).
 35961 | D:7      | 35961 ||| Stepping ~*~*~tactically~*~*~ (outnumbered).
 35963 | D:7      | 35963 ||| Stepping ~*~*~tactically~*~*~ (outnumbered).
 35965 | D:7      | 35965 ||| Stepping ~*~*~tactically~*~*~ (outnumbered).
 35977 | D:7      | 35977 ||| Stepping ~*~*~tactically~*~*~ (outnumbered).
 35979 | D:7      | 35979 ||| Stepping ~*~*~tactically~*~*~ (outnumbered).
 35981 | D:7      | 35981 ||| Stepping ~*~*~tactically~*~*~ (outnumbered).
 35983 | D:7      | 35983 ||| Stepping ~*~*~tactically~*~*~ (outnumbered).
 35985 | D:7      | 35985 ||| Stepping ~*~*~tactically~*~*~ (outnumbered).
 35997 | D:7      | 35997 ||| Stepping ~*~*~tactically~*~*~ (outnumbered).
 35999 | D:7      | 35999 ||| Stepping ~*~*~tactically~*~*~ (outnumbered).
 36001 | D:7      | 36001 ||| Stepping ~*~*~tactically~*~*~ (outnumbered).
 36003 | D:7      | 36003 ||| Stepping ~*~*~tactically~*~*~ (outnumbered).
 36005 | D:7      | 36005 ||| Stepping ~*~*~tactically~*~*~ (outnumbered).
 36017 | D:7      | 36017 ||| Stepping ~*~*~tactically~*~*~ (outnumbered).
 36019 | D:7      | 36019 ||| Stepping ~*~*~tactically~*~*~ (outnumbered).
 36021 | D:7      | 36021 ||| Stepping ~*~*~tactically~*~*~ (outnumbered).
 36023 | D:7      | 36023 ||| Stepping ~*~*~tactically~*~*~ (outnumbered).
 36025 | D:7      | 36025 ||| Stepping ~*~*~tactically~*~*~ (outnumbered).
 36037 | D:7      | 36037 ||| Stepping ~*~*~tactically~*~*~ (outnumbered).
 36039 | D:7      | 36039 ||| Stepping ~*~*~tactically~*~*~ (outnumbered).
 36041 | D:7      | 36041 ||| Stepping ~*~*~tactically~*~*~ (outnumbered).
 36043 | D:7      | 36043 ||| Stepping ~*~*~tactically~*~*~ (outnumbered).
 36045 | D:7      | 36045 ||| Stepping ~*~*~tactically~*~*~ (outnumbered).
 36057 | D:7      | 36057 ||| Stepping ~*~*~tactically~*~*~ (outnumbered).
 36059 | D:7      | 36059 ||| Stepping ~*~*~tactically~*~*~ (outnumbered).
 36061 | D:7      | 36061 ||| Stepping ~*~*~tactically~*~*~ (outnumbered).
 36063 | D:7      | 36063 ||| Stepping ~*~*~tactically~*~*~ (outnumbered).
 36065 | D:7      | 36065 ||| Stepping ~*~*~tactically~*~*~ (outnumbered).
 36077 | D:7      | 36077 ||| Stepping ~*~*~tactically~*~*~ (outnumbered).
 36079 | D:7      | 36079 ||| Stepping ~*~*~tactically~*~*~ (outnumbered).
 36081 | D:7      | 36081 ||| Stepping ~*~*~tactically~*~*~ (outnumbered).
 36083 | D:7      | 36083 ||| Stepping ~*~*~tactically~*~*~ (outnumbered).
 36085 | D:7      | 36085 ||| Stepping ~*~*~tactically~*~*~ (outnumbered).
 36097 | D:7      | 36097 ||| Stepping ~*~*~tactically~*~*~ (outnumbered).
 36099 | D:7      | 36099 ||| Stepping ~*~*~tactically~*~*~ (outnumbered).
 36101 | D:7      | 36101 ||| Stepping ~*~*~tactically~*~*~ (outnumbered).
 36103 | D:7      | 36103 ||| Stepping ~*~*~tactically~*~*~ (outnumbered).
 36105 | D:7      | 36105 ||| Stepping ~*~*~tactically~*~*~ (outnumbered).
 36117 | D:7      | 36117 ||| Stepping ~*~*~tactically~*~*~ (outnumbered).
 36119 | D:7      | 36119 ||| Stepping ~*~*~tactically~*~*~ (outnumbered).
 36121 | D:7      | 36121 ||| Stepping ~*~*~tactically~*~*~ (outnumbered).
 36123 | D:7      | 36123 ||| Stepping ~*~*~tactically~*~*~ (outnumbered).
 36125 | D:7      | 36125 ||| Stepping ~*~*~tactically~*~*~ (outnumbered).
 36137 | D:7      | 36137 ||| Stepping ~*~*~tactically~*~*~ (outnumbered).
 36139 | D:7      | 36139 ||| Stepping ~*~*~tactically~*~*~ (outnumbered).
 36141 | D:7      | 36141 ||| Stepping ~*~*~tactically~*~*~ (outnumbered).
 36143 | D:7      | 36143 ||| Stepping ~*~*~tactically~*~*~ (outnumbered).
 36145 | D:7      | 36145 ||| Stepping ~*~*~tactically~*~*~ (outnumbered).
 36157 | D:7      | 36157 ||| Stepping ~*~*~tactically~*~*~ (outnumbered).
 36159 | D:7      | 36159 ||| Stepping ~*~*~tactically~*~*~ (outnumbered).
 36161 | D:7      | 36161 ||| Stepping ~*~*~tactically~*~*~ (outnumbered).
 36163 | D:7      | 36163 ||| Stepping ~*~*~tactically~*~*~ (outnumbered).
 36165 | D:7      | 36165 ||| Stepping ~*~*~tactically~*~*~ (outnumbered).
 36177 | D:7      | 36177 ||| Stepping ~*~*~tactically~*~*~ (outnumbered).
 36179 | D:7      | 36179 ||| Stepping ~*~*~tactically~*~*~ (outnumbered).
 36181 | D:7      | 36181 ||| Stepping ~*~*~tactically~*~*~ (outnumbered).
 36183 | D:7      | 36183 ||| Stepping ~*~*~tactically~*~*~ (outnumbered).
 36185 | D:7      | 36185 ||| Stepping ~*~*~tactically~*~*~ (outnumbered).
 36197 | D:7      | 36197 ||| Stepping ~*~*~tactically~*~*~ (outnumbered).
 36199 | D:7      | 36199 ||| Stepping ~*~*~tactically~*~*~ (outnumbered).
 36201 | D:7      | 36201 ||| Stepping ~*~*~tactically~*~*~ (outnumbered).
 36203 | D:7      | 36203 ||| Stepping ~*~*~tactically~*~*~ (outnumbered).
 36205 | D:7      | 36205 ||| Stepping ~*~*~tactically~*~*~ (outnumbered).
 36217 | D:7      | 36217 ||| Stepping ~*~*~tactically~*~*~ (outnumbered).
 36219 | D:7      | 36219 ||| Stepping ~*~*~tactically~*~*~ (outnumbered).
 36221 | D:7      | 36221 ||| Stepping ~*~*~tactically~*~*~ (outnumbered).
 36223 | D:7      | 36223 ||| Stepping ~*~*~tactically~*~*~ (outnumbered).
 36225 | D:7      | 36225 ||| Stepping ~*~*~tactically~*~*~ (outnumbered).
 36237 | D:7      | 36237 ||| Stepping ~*~*~tactically~*~*~ (outnumbered).
 36239 | D:7      | 36239 ||| Stepping ~*~*~tactically~*~*~ (outnumbered).
 36241 | D:7      | 36241 ||| Stepping ~*~*~tactically~*~*~ (outnumbered).
 36243 | D:7      | 36243 ||| Stepping ~*~*~tactically~*~*~ (outnumbered).
 36245 | D:7      | 36245 ||| Stepping ~*~*~tactically~*~*~ (outnumbered).
 36257 | D:7      | 36257 ||| Stepping ~*~*~tactically~*~*~ (outnumbered).
 36259 | D:7      | 36259 ||| Stepping ~*~*~tactically~*~*~ (outnumbered).
 36261 | D:7      | 36261 ||| Stepping ~*~*~tactically~*~*~ (outnumbered).
 36263 | D:7      | 36263 ||| Stepping ~*~*~tactically~*~*~ (outnumbered).
 36265 | D:7      | 36265 ||| Stepping ~*~*~tactically~*~*~ (outnumbered).
 36277 | D:7      | 36277 ||| Stepping ~*~*~tactically~*~*~ (outnumbered).
 36279 | D:7      | 36279 ||| Stepping ~*~*~tactically~*~*~ (outnumbered).
 36281 | D:7      | 36281 ||| Stepping ~*~*~tactically~*~*~ (outnumbered).
 36283 | D:7      | 36283 ||| Stepping ~*~*~tactically~*~*~ (outnumbered).
 36285 | D:7      | 36285 ||| Stepping ~*~*~tactically~*~*~ (outnumbered).
 36297 | D:7      | 36297 ||| Stepping ~*~*~tactically~*~*~ (outnumbered).
 36299 | D:7      | 36299 ||| Stepping ~*~*~tactically~*~*~ (outnumbered).
 36301 | D:7      | 36301 ||| Stepping ~*~*~tactically~*~*~ (outnumbered).
 36303 | D:7      | 36303 ||| Stepping ~*~*~tactically~*~*~ (outnumbered).
 36305 | D:7      | 36305 ||| Stepping ~*~*~tactically~*~*~ (outnumbered).
 36317 | D:7      | 36317 ||| Stepping ~*~*~tactically~*~*~ (outnumbered).
 36319 | D:7      | 36319 ||| Stepping ~*~*~tactically~*~*~ (outnumbered).
 36321 | D:7      | 36321 ||| Stepping ~*~*~tactically~*~*~ (outnumbered).
 36323 | D:7      | 36323 ||| Stepping ~*~*~tactically~*~*~ (outnumbered).
 36325 | D:7      | 36325 ||| Stepping ~*~*~tactically~*~*~ (outnumbered).
 36337 | D:7      | 36337 ||| Stepping ~*~*~tactically~*~*~ (outnumbered).
 36339 | D:7      | 36339 ||| Stepping ~*~*~tactically~*~*~ (outnumbered).
 36341 | D:7      | 36341 ||| Stepping ~*~*~tactically~*~*~ (outnumbered).
 36343 | D:7      | 36343 ||| Stepping ~*~*~tactically~*~*~ (outnumbered).
 36345 | D:7      | 36345 ||| Stepping ~*~*~tactically~*~*~ (outnumbered).
 36357 | D:7      | 36357 ||| Stepping ~*~*~tactically~*~*~ (outnumbered).
 36359 | D:7      | 36359 ||| Stepping ~*~*~tactically~*~*~ (outnumbered).
 36361 | D:7      | 36361 ||| Stepping ~*~*~tactically~*~*~ (outnumbered).
 36363 | D:7      | 36363 ||| Stepping ~*~*~tactically~*~*~ (outnumbered).
 36365 | D:7      | 36365 ||| Stepping ~*~*~tactically~*~*~ (outnumbered).
 36373 | D:7      | Glimpsed the power of Zot.
 36377 | D:7      | 36377 ||| Stepping ~*~*~tactically~*~*~ (outnumbered).
 36379 | D:7      | 36379 ||| Stepping ~*~*~tactically~*~*~ (outnumbered).
 36381 | D:7      | 36381 ||| Stepping ~*~*~tactically~*~*~ (outnumbered).
 36383 | D:7      | 36383 ||| Stepping ~*~*~tactically~*~*~ (outnumbered).
 36385 | D:7      | 36385 ||| Stepping ~*~*~tactically~*~*~ (outnumbered).
 36397 | D:7      | 36397 ||| Stepping ~*~*~tactically~*~*~ (outnumbered).
 36399 | D:7      | 36399 ||| Stepping ~*~*~tactically~*~*~ (outnumbered).
 36401 | D:7      | 36401 ||| Stepping ~*~*~tactically~*~*~ (outnumbered).
 36403 | D:7      | 36403 ||| Stepping ~*~*~tactically~*~*~ (outnumbered).
 36405 | D:7      | 36405 ||| Stepping ~*~*~tactically~*~*~ (outnumbered).
 36417 | D:7      | 36417 ||| Stepping ~*~*~tactically~*~*~ (outnumbered).
 36419 | D:7      | 36419 ||| Stepping ~*~*~tactically~*~*~ (outnumbered).
 36421 | D:7      | 36421 ||| Stepping ~*~*~tactically~*~*~ (outnumbered).
 36423 | D:7      | 36423 ||| Stepping ~*~*~tactically~*~*~ (outnumbered).
 36425 | D:7      | 36425 ||| Stepping ~*~*~tactically~*~*~ (outnumbered).
 36437 | D:7      | 36437 ||| Stepping ~*~*~tactically~*~*~ (outnumbered).
 36439 | D:7      | 36439 ||| Stepping ~*~*~tactically~*~*~ (outnumbered).
 36441 | D:7      | 36441 ||| Stepping ~*~*~tactically~*~*~ (outnumbered).
 36443 | D:7      | 36443 ||| Stepping ~*~*~tactically~*~*~ (outnumbered).
 36445 | D:7      | 36445 ||| Stepping ~*~*~tactically~*~*~ (outnumbered).
 36457 | D:7      | 36457 ||| Stepping ~*~*~tactically~*~*~ (outnumbered).
 36459 | D:7      | 36459 ||| Stepping ~*~*~tactically~*~*~ (outnumbered).
 36461 | D:7      | 36461 ||| Stepping ~*~*~tactically~*~*~ (outnumbered).
 36463 | D:7      | 36463 ||| Stepping ~*~*~tactically~*~*~ (outnumbered).
 36465 | D:7      | 36465 ||| Stepping ~*~*~tactically~*~*~ (outnumbered).
 36477 | D:7      | 36477 ||| Stepping ~*~*~tactically~*~*~ (outnumbered).
 36479 | D:7      | 36479 ||| Stepping ~*~*~tactically~*~*~ (outnumbered).
 36481 | D:7      | 36481 ||| Stepping ~*~*~tactically~*~*~ (outnumbered).
 36483 | D:7      | 36483 ||| Stepping ~*~*~tactically~*~*~ (outnumbered).
 36485 | D:7      | 36485 ||| Stepping ~*~*~tactically~*~*~ (outnumbered).
 36497 | D:7      | 36497 ||| Stepping ~*~*~tactically~*~*~ (outnumbered).
 36499 | D:7      | 36499 ||| Stepping ~*~*~tactically~*~*~ (outnumbered).
 36501 | D:7      | 36501 ||| Stepping ~*~*~tactically~*~*~ (outnumbered).
 36503 | D:7      | 36503 ||| Stepping ~*~*~tactically~*~*~ (outnumbered).
 36505 | D:7      | 36505 ||| Stepping ~*~*~tactically~*~*~ (outnumbered).
 36517 | D:7      | 36517 ||| Stepping ~*~*~tactically~*~*~ (outnumbered).
 36519 | D:7      | 36519 ||| Stepping ~*~*~tactically~*~*~ (outnumbered).
 36521 | D:7      | 36521 ||| Stepping ~*~*~tactically~*~*~ (outnumbered).
 36523 | D:7      | 36523 ||| Stepping ~*~*~tactically~*~*~ (outnumbered).
 36525 | D:7      | 36525 ||| Stepping ~*~*~tactically~*~*~ (outnumbered).
 36537 | D:7      | 36537 ||| Stepping ~*~*~tactically~*~*~ (outnumbered).
 36539 | D:7      | 36539 ||| Stepping ~*~*~tactically~*~*~ (outnumbered).
 36541 | D:7      | 36541 ||| Stepping ~*~*~tactically~*~*~ (outnumbered).
 36543 | D:7      | 36543 ||| Stepping ~*~*~tactically~*~*~ (outnumbered).
 36545 | D:7      | 36545 ||| Stepping ~*~*~tactically~*~*~ (outnumbered).
 36557 | D:7      | 36557 ||| Stepping ~*~*~tactically~*~*~ (outnumbered).
 36559 | D:7      | 36559 ||| Stepping ~*~*~tactically~*~*~ (outnumbered).
 36561 | D:7      | 36561 ||| Stepping ~*~*~tactically~*~*~ (outnumbered).
 36563 | D:7      | 36563 ||| Stepping ~*~*~tactically~*~*~ (outnumbered).
 36565 | D:7      | 36565 ||| Stepping ~*~*~tactically~*~*~ (outnumbered).
 36577 | D:7      | 36577 ||| Stepping ~*~*~tactically~*~*~ (outnumbered).
 36579 | D:7      | 36579 ||| Stepping ~*~*~tactically~*~*~ (outnumbered).
 36581 | D:7      | 36581 ||| Stepping ~*~*~tactically~*~*~ (outnumbered).
 36583 | D:7      | 36583 ||| Stepping ~*~*~tactically~*~*~ (outnumbered).
 36585 | D:7      | 36585 ||| Stepping ~*~*~tactically~*~*~ (outnumbered).
 36597 | D:7      | 36597 ||| Stepping ~*~*~tactically~*~*~ (outnumbered).
 36599 | D:7      | 36599 ||| Stepping ~*~*~tactically~*~*~ (outnumbered).
 36601 | D:7      | 36601 ||| Stepping ~*~*~tactically~*~*~ (outnumbered).
 36603 | D:7      | 36603 ||| Stepping ~*~*~tactically~*~*~ (outnumbered).
 36605 | D:7      | 36605 ||| Stepping ~*~*~tactically~*~*~ (outnumbered).
 36617 | D:7      | 36617 ||| Stepping ~*~*~tactically~*~*~ (outnumbered).
 36619 | D:7      | 36619 ||| Stepping ~*~*~tactically~*~*~ (outnumbered).
 36621 | D:7      | 36621 ||| Stepping ~*~*~tactically~*~*~ (outnumbered).
 36623 | D:7      | 36623 ||| Stepping ~*~*~tactically~*~*~ (outnumbered).
 36625 | D:7      | 36625 ||| Stepping ~*~*~tactically~*~*~ (outnumbered).
 36637 | D:7      | 36637 ||| Stepping ~*~*~tactically~*~*~ (outnumbered).
 36639 | D:7      | 36639 ||| Stepping ~*~*~tactically~*~*~ (outnumbered).
 36641 | D:7      | 36641 ||| Stepping ~*~*~tactically~*~*~ (outnumbered).
 36643 | D:7      | 36643 ||| Stepping ~*~*~tactically~*~*~ (outnumbered).
 36645 | D:7      | 36645 ||| Stepping ~*~*~tactically~*~*~ (outnumbered).
 36657 | D:7      | 36657 ||| Stepping ~*~*~tactically~*~*~ (outnumbered).
 36659 | D:7      | 36659 ||| Stepping ~*~*~tactically~*~*~ (outnumbered).
 36661 | D:7      | 36661 ||| Stepping ~*~*~tactically~*~*~ (outnumbered).
 36663 | D:7      | 36663 ||| Stepping ~*~*~tactically~*~*~ (outnumbered).
 36665 | D:7      | 36665 ||| Stepping ~*~*~tactically~*~*~ (outnumbered).
 36677 | D:7      | 36677 ||| Stepping ~*~*~tactically~*~*~ (outnumbered).
 36679 | D:7      | 36679 ||| Stepping ~*~*~tactically~*~*~ (outnumbered).
 36681 | D:7      | 36681 ||| Stepping ~*~*~tactically~*~*~ (outnumbered).
 36683 | D:7      | 36683 ||| Stepping ~*~*~tactically~*~*~ (outnumbered).
 36685 | D:7      | 36685 ||| Stepping ~*~*~tactically~*~*~ (outnumbered).
 36697 | D:7      | 36697 ||| Stepping ~*~*~tactically~*~*~ (outnumbered).
 36699 | D:7      | 36699 ||| Stepping ~*~*~tactically~*~*~ (outnumbered).
 36701 | D:7      | 36701 ||| Stepping ~*~*~tactically~*~*~ (outnumbered).
 36703 | D:7      | 36703 ||| Stepping ~*~*~tactically~*~*~ (outnumbered).
 36705 | D:7      | 36705 ||| Stepping ~*~*~tactically~*~*~ (outnumbered).
 36717 | D:7      | 36717 ||| Stepping ~*~*~tactically~*~*~ (outnumbered).
 36719 | D:7      | 36719 ||| Stepping ~*~*~tactically~*~*~ (outnumbered).
 36721 | D:7      | 36721 ||| Stepping ~*~*~tactically~*~*~ (outnumbered).
 36723 | D:7      | 36723 ||| Stepping ~*~*~tactically~*~*~ (outnumbered).
 36725 | D:7      | 36725 ||| Stepping ~*~*~tactically~*~*~ (outnumbered).
 36737 | D:7      | 36737 ||| Stepping ~*~*~tactically~*~*~ (outnumbered).
 36739 | D:7      | 36739 ||| Stepping ~*~*~tactically~*~*~ (outnumbered).
 36741 | D:7      | 36741 ||| Stepping ~*~*~tactically~*~*~ (outnumbered).
 36743 | D:7      | 36743 ||| Stepping ~*~*~tactically~*~*~ (outnumbered).
 36745 | D:7      | 36745 ||| Stepping ~*~*~tactically~*~*~ (outnumbered).
 36757 | D:7      | 36757 ||| Stepping ~*~*~tactically~*~*~ (outnumbered).
 36759 | D:7      | 36759 ||| Stepping ~*~*~tactically~*~*~ (outnumbered).
 36761 | D:7      | 36761 ||| Stepping ~*~*~tactically~*~*~ (outnumbered).
 36763 | D:7      | 36763 ||| Stepping ~*~*~tactically~*~*~ (outnumbered).
 36765 | D:7      | 36765 ||| Stepping ~*~*~tactically~*~*~ (outnumbered).
 36773 | D:7      | Glimpsed the power of Zot.
 36777 | D:7      | 36777 ||| Stepping ~*~*~tactically~*~*~ (outnumbered).
 36779 | D:7      | 36779 ||| Stepping ~*~*~tactically~*~*~ (outnumbered).
 36781 | D:7      | 36781 ||| Stepping ~*~*~tactically~*~*~ (outnumbered).
 36783 | D:7      | 36783 ||| Stepping ~*~*~tactically~*~*~ (outnumbered).
 36785 | D:7      | 36785 ||| Stepping ~*~*~tactically~*~*~ (outnumbered).
 36797 | D:7      | 36797 ||| Stepping ~*~*~tactically~*~*~ (outnumbered).
 36799 | D:7      | 36799 ||| Stepping ~*~*~tactically~*~*~ (outnumbered).
 36801 | D:7      | 36801 ||| Stepping ~*~*~tactically~*~*~ (outnumbered).
 36803 | D:7      | 36803 ||| Stepping ~*~*~tactically~*~*~ (outnumbered).
 36805 | D:7      | 36805 ||| Stepping ~*~*~tactically~*~*~ (outnumbered).
 36817 | D:7      | 36817 ||| Stepping ~*~*~tactically~*~*~ (outnumbered).
 36819 | D:7      | 36819 ||| Stepping ~*~*~tactically~*~*~ (outnumbered).
 36821 | D:7      | 36821 ||| Stepping ~*~*~tactically~*~*~ (outnumbered).
 36823 | D:7      | 36823 ||| Stepping ~*~*~tactically~*~*~ (outnumbered).
 36825 | D:7      | 36825 ||| Stepping ~*~*~tactically~*~*~ (outnumbered).
 36837 | D:7      | 36837 ||| Stepping ~*~*~tactically~*~*~ (outnumbered).
 36839 | D:7      | 36839 ||| Stepping ~*~*~tactically~*~*~ (outnumbered).
 36841 | D:7      | 36841 ||| Stepping ~*~*~tactically~*~*~ (outnumbered).
 36843 | D:7      | 36843 ||| Stepping ~*~*~tactically~*~*~ (outnumbered).
 36845 | D:7      | 36845 ||| Stepping ~*~*~tactically~*~*~ (outnumbered).
 36857 | D:7      | 36857 ||| Stepping ~*~*~tactically~*~*~ (outnumbered).
 36859 | D:7      | 36859 ||| Stepping ~*~*~tactically~*~*~ (outnumbered).
 36861 | D:7      | 36861 ||| Stepping ~*~*~tactically~*~*~ (outnumbered).
 36863 | D:7      | 36863 ||| Stepping ~*~*~tactically~*~*~ (outnumbered).
 36865 | D:7      | 36865 ||| Stepping ~*~*~tactically~*~*~ (outnumbered).
 36872 | D:7      | Tarried too long and was consumed by Zot

Levels and vault maps discovered:
D:1:      minmay_arrival_wavy_path, layout_loops_corners, minmay_misc_feat_tower
D:2:      layout_rooms, basic_ecumenical_altar, basic_altar
D:3:      layout_rooms, minmay_door_square, bh_walls_and_bars
D:4:      layout_basic, mainiacjoe_overflow_two_lobes,
          nicolae_overflow_crystal_walls, mainiacjoe_overflow_boulevard
D:5:      layout_loops_ring, kennysheep_cross_bottleneck
D:6:      layout_basic, nemelex_altar_shiori, uniq_pikel
D:7:      layout_loops_ring, temple_pool_b, serial_shops, shop,
          nicolae_shop_firing_range

Skill      XL: |  1  2  3  4  5  6  7  8  9 |
---------------+----------------------------+-----
Unarmed Combat | 1 2 3 4 5 6 8 9 |  9.2
Fighting       | 1 2 4 |  4.0
Armour         | 1 2 3 |  3.1
Shields        | 2 3 4 |  4.0
Invocations    | 1 4 |  4.5
Dodging        | |  1.7
Stealth        | |  2.1
Spellcasting   | |  1.7
Conjurations   | |  0.7
Fire Magic     | |  2.4

Action                   |  1- 3 |  4- 6 |  7- 9 || total
-------------------------+-------+-------+-------++-------
Melee: Unarmed           |   138 |   189 |   204 ||   531
       Punch             |     3 |     1 |       ||     4
Invok: Heroism           |       |     3 |    12 ||    15
  Use: Scroll            |     6 |     5 |     4 ||    15
       Potion            |     3 |     3 |       ||     6
 Stab: Invisible         |       |     2 |       ||     2
Armor: Robe              |     7 |       |       ||     7
       Plate armour      |   111 |   125 |    92 ||   328
Dodge: Dodged            |    39 |    11 |    21 ||    71
Block: Kite shield       |       |    35 |    66 ||   101

Table legend:
 A = Non-vault XP
 B = Vault XP
 C = Vault XP percentage of total XP
 D = Non-vault monster count
 E = Vault monster count
 F = Vault count percentage of total count
                 A         B        C        D         E       F
            +---------+---------+-------+---------+---------+-------
      Total |    2289 |     651 |  22.1 |     106 |       1 |   0.9
            +---------+---------+-------+---------+---------+-------
        D:1 |      33 |       0 |   0.0 |      12 |       0 |   0.0
        D:2 |      41 |       0 |   0.0 |      17 |       0 |   0.0
        D:3 |      55 |       0 |   0.0 |      18 |       0 |   0.0
        D:4 |     260 |       0 |   0.0 |      14 |       0 |   0.0
        D:5 |     251 |       0 |   0.0 |      12 |       0 |   0.0
        D:6 |     972 |     651 |  40.1 |      20 |       1 |   4.8
        D:7 |     677 |       0 |   0.0 |      13 |       0 |   0.0
            +---------+---------+-------+---------+---------+-------
